 Dungeon Crawl Stone Soup version 0.31-a0-149-g3fdcc5976a (webtiles) character file.

Game seed: 12083605424378767770

252 qw the Shooter (level 5, 0/2 HPs)
             Began as a Minotaur Hunter on June 7, 2023.
             Slain by a goblin
             ... wielding a +0 spear
              (2 damage)
             ... on level 4 of the Dungeon.
             The game lasted 00:46:31 (28969 turns).

qw the Shooter (Minotaur Hunter)                   Turns: 28969, Time: 00:46:32

Health: 0/2        AC:  7    Str: 15    XL:     5   Next: 89%
Magic:  4/4        EV: 12    Int:  6    God:
Gold:   211        SH:  0    Dex: 16    Spells: 4/4 levels left

rFire   . . .        Y - +1 shortbow
rCold   . . .        (shield currently unavailable)
rNeg    . . .        c - +0 leather armour
rPois   .            (helmet restricted)
rElec   .            (no cloak)
rCorr   .            (no gloves)
SInv    .            (no boots)
Will    .....        e - amulet of faith
Stlth   +            a - +4 ring of protection
HPRegen 0.20/turn    (no ring)
MPRegen 0.09/turn

%: faith
@: bezotted
A: horns 2, retaliatory headbutt
a: no special abilities


You were on level 4 of the Dungeon.
You visited 1 branch of the dungeon, and saw 4 of its levels.

You collected 211 gold pieces.


Innate Abilities, Weirdness & Mutations

You have a pair of horns on your head.
You reflexively headbutt those who attack you in melee.


   Skills:
 - Level 4.0 Fighting
 + Level 7.3 Ranged Weapons
 - Level 2.1 Dodging
 - Level 0.7 Stealth


You had 4 spell levels left.
You didn't know any spells.
Your spell library was empty.

Inventory:

Hand Weapons
 Y - a +1 shortbow (weapon)
Armour
 c - a +0 leather armour (worn)
Jewellery
 a - a +4 ring of protection (left hand)
 d - an amulet of reflection
 e - an amulet of faith (around neck)
Scrolls
 g - a scroll of identify
Potions
 b - a potion of curing
 f - a potion of haste
 i - a potion of attraction {unknown}

Dungeon Overview and Level Annotations

Branches:
Dungeon (4/15) Zot: 995
 Temple: D:4-7

Altars:
Makhleb
Okawaru


Message History

28941 ||| Stepping ~*~*~tactically~*~*~ (outnumbered).
Really rest while Zot is near?
Really rest while Zot is near?
Really rest while Zot is near?
Really rest while Zot is near?
Really rest while Zot is near?
Really rest while Zot is near?
Really rest while Zot is near?
Really rest while Zot is near?
Really rest while Zot is near?
Really rest while Zot is near?
Really rest while Zot is near?
Really rest while Zot is near?
Really rest while Zot is near?
Really rest while Zot is near?
Really rest while Zot is near?
The goblin hits you but does no damage.
You see here a +0 mace.
28958 ||| Stepping ~*~*~tactically~*~*~ (outnumbered).
The goblin misses you.
You see here a +0 mace.
28960 ||| Stepping ~*~*~tactically~*~*~ (outnumbered).
The goblin closely misses you.
You see here a +0 mace.
28962 ||| Stepping ~*~*~tactically~*~*~ (outnumbered).
The goblin closely misses you.
You see here a +0 mace.
28964 ||| Stepping ~*~*~tactically~*~*~ (outnumbered).
Zot's power touches on you...
Buggy note passed: unknown note type You have lingered too long.
Zot senses you.
Dive deeper or flee this branch before you suffer!
The goblin barely misses you.
You see here a +0 mace.
28966 ||| Stepping ~*~*~tactically~*~*~ (outnumbered).
The goblin barely misses you.
You see here a +0 mace.
28968 ||| Stepping ~*~*~tactically~*~*~ (outnumbered).
The goblin hits you from afar with a +0 spear.
Ouch! That really hurt!
You die...

.#..
##########.#.#$
#...~g~........
#.8.~~~....)).#
#8_8..........#
#.8.~~~..)...#
#...~g~.....###
####@....)..
#...###..... ..
#.##.#######.#
#.
#............#
#.# #.
#######.######
#.# #.
.#######.#######
#.# #.
......(.).......
..# #.
?#######.#######
#.####. ###.###
#......


You could see 2 goblins.

Vanquished Creatures
  A scorpion (D:4)
  An iguana (D:4)
  A gnoll (D:1)
  7 adders
  A dart slug (D:1)
  9 orcs
  6 ball pythons
  10 endoplasms
  A giant cockroach (D:1)
  6 goblins
  10 hobgoblins
  4 jackals (D:4)
  12 kobolds
  5 bats
  4 frilled lizards
  7 rats
85 creatures vanquished.

Notes
Turn   | Place    | Note
-------+----------+-------------------------------------------
     0 | D:1      | qw the Minotaur Hunter began the quest for the Orb.
     0 | D:1      | Reached XP level 1. HP: 18/18 MP: 0/0
     0 | D:1      | 0 ||| qw: Version: 0.2-a-117-gc6b5c8b
     0 | D:1      | 0 ||| qw: Game counter: 2651
     0 | D:1      | 0 ||| qw: Always use a shield: true
     0 | D:1      | 0 ||| qw: God list: Okawaru
     0 | D:1      | 0 ||| qw: Allow faded altars: false
     0 | D:1      | 0 ||| qw: Do Orc after D:15 true
     0 | D:1      | 0 ||| qw: Do second Lair branch before Depths: true
     0 | D:1      | 0 ||| qw: Lair rune preference: random
     0 | D:1      | 0 ||| qw: Plans: Normal
     0 | D:1      | 0 ||| PLANNING D:1-11
   119 | D:1      | Reached XP level 2. HP: 25/25 MP: 1/1
   125 | D:1      | HP: 6/25 [hobgoblin (1)]
   125 | D:1      | HP: 2/25 [frozen (4)]
   127 | D:1      | Reached skill level 5 in Ranged Weapons
   300 | D:1      | Found a faded altar of an unknown god.
   422 | D:1      | Reached skill level 3 in Fighting
   449 | D:1      | Reached XP level 3. HP: 31/31 MP: 2/2
   881 | D:1      | 881 ||| UPGRADING to amulet of reflection.
   886 | D:1      | 886 ||| READING scroll labelled JALEARHOLYH.
   887 | D:1      | 887 ||| READING 2 scrolls labelled GAWIQU KIGEIR.
   888 | D:1      | 888 ||| READING scroll labelled PIRRAO VEICOATAE.
   889 | D:1      | 889 ||| READING scroll labelled BUOSEM RET.
   892 | D:1      | 892 ||| READING scroll labelled RIUMEUR VUDDUM.
   893 | D:1      | 893 ||| DROPPING scroll of butterflies.
  1052 | D:2      | Reached skill level 6 in Ranged Weapons
  1052 | D:2      | Reached XP level 4. HP: 38/38 MP: 3/3
  1598 | D:2      | 1598 ||| UPGRADING to amulet of faith.
  1608 | D:2      | 1608 ||| READING scroll labelled FAFOSH EXEES.
  1609 | D:2      | 1609 ||| READING scroll labelled SIHUSINTA.
  1610 | D:2      | 1610 ||| READING 2 scrolls of identify.
  1610 | D:2      | 1610 ||| IDENTIFYING purple potion
  1997 | D:3      | Reached XP level 5. HP: 46/46 MP: 4/4
  2124 | D:3      | Found a burning altar of Makhleb.
  2289 | D:3      | 2289 ||| READING scroll labelled LOESOI ZUMUOKA.
  2290 | D:3      | 2290 ||| DRINKING 2 green potions.
  2291 | D:3      | 2291 ||| READING 2 scrolls of identify.
  2291 | D:3      | 2291 ||| IDENTIFYING black potion
  2292 | D:3      | 2292 ||| DROPPING potion of ambrosia.
  2375 | D:4      | 2375 ||| FLEEEEING.
  2376 | D:4      | 2376 ||| FLEEEEING.
  2377 | D:4      | 2377 ||| FLEEEEING.
  2378 | D:4      | 2378 ||| FLEEEEING.
  2379 | D:4      | 2379 ||| FLEEEEING.
  2380 | D:4      | 2380 ||| FLEEEEING.
  2381 | D:4      | 2381 ||| FLEEEEING.
  2382 | D:4      | 2382 ||| FLEEEEING.
  2383 | D:4      | 2383 ||| FLEEEEING.
  2384 | D:4      | 2384 ||| FLEEEEING.
  2385 | D:4      | 2385 ||| FLEEEEING.
  2435 | D:4      | Reached skill level 7 in Ranged Weapons
  2466 | D:4      | Found an iron altar of Okawaru.
  2467 | D:4      | 2467 ||| PLANNING OKAWARU WORSHIP
  2467 | D:4      | 2467 ||| Stepping ~*~*~tactically~*~*~ (outnumbered).
  2468 | D:4      | 2468 ||| UPGRADING to +4 ring of protection.
  2469 | D:4      | 2469 ||| READING scroll labelled QYVUOZ YSUEPS.
  2471 | D:4      | 2471 ||| Stepping ~*~*~tactically~*~*~ (outnumbered).
  2480 | D:4      | 2480 ||| Stepping ~*~*~tactically~*~*~ (outnumbered).
  2482 | D:4      | 2482 ||| Stepping ~*~*~tactically~*~*~ (outnumbered).
  2484 | D:4      | 2484 ||| Stepping ~*~*~tactically~*~*~ (outnumbered).
  2486 | D:4      | 2486 ||| Stepping ~*~*~tactically~*~*~ (outnumbered).
  2488 | D:4      | 2488 ||| Stepping ~*~*~tactically~*~*~ (outnumbered).
  2490 | D:4      | 2490 ||| Stepping ~*~*~tactically~*~*~ (outnumbered).
  2492 | D:4      | 2492 ||| Stepping ~*~*~tactically~*~*~ (outnumbered).
  2494 | D:4      | 2494 ||| Stepping ~*~*~tactically~*~*~ (outnumbered).
  2496 | D:4      | 2496 ||| Stepping ~*~*~tactically~*~*~ (outnumbered).
  2498 | D:4      | 2498 ||| Stepping ~*~*~tactically~*~*~ (outnumbered).
  2500 | D:4      | 2500 ||| Stepping ~*~*~tactically~*~*~ (outnumbered).
  2502 | D:4      | 2502 ||| Stepping ~*~*~tactically~*~*~ (outnumbered).
  2504 | D:4      | 2504 ||| Stepping ~*~*~tactically~*~*~ (outnumbered).
  2506 | D:4      | 2506 ||| Stepping ~*~*~tactically~*~*~ (outnumbered).
  2508 | D:4      | 2508 ||| Stepping ~*~*~tactically~*~*~ (outnumbered).
  2517 | D:4      | 2517 ||| Stepping ~*~*~tactically~*~*~ (outnumbered).
  2519 | D:4      | 2519 ||| Stepping ~*~*~tactically~*~*~ (outnumbered).
  2521 | D:4      | 2521 ||| FLEEEEING.
  2580 | D:4      | 2580 ||| Stepping ~*~*~tactically~*~*~ (outnumbered).
  2582 | D:4      | 2582 ||| Stepping ~*~*~tactically~*~*~ (outnumbered).
  2584 | D:4      | 2584 ||| Stepping ~*~*~tactically~*~*~ (outnumbered).
  2586 | D:4      | 2586 ||| Stepping ~*~*~tactically~*~*~ (outnumbered).
  2588 | D:4      | 2588 ||| Stepping ~*~*~tactically~*~*~ (outnumbered).
  2602 | D:4      | 2602 ||| Stepping ~*~*~tactically~*~*~ (outnumbered).
  2604 | D:4      | 2604 ||| Stepping ~*~*~tactically~*~*~ (outnumbered).
  2606 | D:4      | 2606 ||| Stepping ~*~*~tactically~*~*~ (outnumbered).
  2608 | D:4      | 2608 ||| Stepping ~*~*~tactically~*~*~ (outnumbered).
  2610 | D:4      | 2610 ||| Stepping ~*~*~tactically~*~*~ (outnumbered).
  2612 | D:4      | 2612 ||| Stepping ~*~*~tactically~*~*~ (outnumbered).
  2614 | D:4      | 2614 ||| Stepping ~*~*~tactically~*~*~ (outnumbered).
  2616 | D:4      | 2616 ||| Stepping ~*~*~tactically~*~*~ (outnumbered).
  2618 | D:4      | 2618 ||| Stepping ~*~*~tactically~*~*~ (outnumbered).
  2620 | D:4      | 2620 ||| Stepping ~*~*~tactically~*~*~ (outnumbered).
  2622 | D:4      | 2622 ||| Stepping ~*~*~tactically~*~*~ (outnumbered).
  2628 | D:4      | 2628 ||| Stepping ~*~*~tactically~*~*~ (outnumbered).
  2630 | D:4      | 2630 ||| Stepping ~*~*~tactically~*~*~ (outnumbered).
  2632 | D:4      | 2632 ||| Stepping ~*~*~tactically~*~*~ (outnumbered).
  2634 | D:4      | 2634 ||| Stepping ~*~*~tactically~*~*~ (outnumbered).
  2636 | D:4      | 2636 ||| Stepping ~*~*~tactically~*~*~ (outnumbered).
  2642 | D:4      | 2642 ||| Stepping ~*~*~tactically~*~*~ (outnumbered).
  2644 | D:4      | 2644 ||| Stepping ~*~*~tactically~*~*~ (outnumbered).
  2646 | D:4      | 2646 ||| Stepping ~*~*~tactically~*~*~ (outnumbered).
  2648 | D:4      | 2648 ||| Stepping ~*~*~tactically~*~*~ (outnumbered).
  2650 | D:4      | 2650 ||| Stepping ~*~*~tactically~*~*~ (outnumbered).
  2652 | D:4      | 2652 ||| Stepping ~*~*~tactically~*~*~ (outnumbered).
  2654 | D:4      | 2654 ||| Stepping ~*~*~tactically~*~*~ (outnumbered).
  2656 | D:4      | 2656 ||| Stepping ~*~*~tactically~*~*~ (outnumbered).
  2658 | D:4      | 2658 ||| Stepping ~*~*~tactically~*~*~ (outnumbered).
  2660 | D:4      | 2660 ||| Stepping ~*~*~tactically~*~*~ (outnumbered).
  2662 | D:4      | 2662 ||| Stepping ~*~*~tactically~*~*~ (outnumbered).
  2664 | D:4      | 2664 ||| Stepping ~*~*~tactically~*~*~ (outnumbered).
  2672 | D:4      | 2672 ||| Stepping ~*~*~tactically~*~*~ (outnumbered).
  2674 | D:4      | 2674 ||| Stepping ~*~*~tactically~*~*~ (outnumbered).
  2676 | D:4      | 2676 ||| Stepping ~*~*~tactically~*~*~ (outnumbered).
  2678 | D:4      | 2678 ||| Stepping ~*~*~tactically~*~*~ (outnumbered).
  2680 | D:4      | 2680 ||| Stepping ~*~*~tactically~*~*~ (outnumbered).
  2682 | D:4      | 2682 ||| Stepping ~*~*~tactically~*~*~ (outnumbered).
  2698 | D:4      | 2698 ||| Stepping ~*~*~tactically~*~*~ (outnumbered).
  2700 | D:4      | 2700 ||| Stepping ~*~*~tactically~*~*~ (outnumbered).
  2702 | D:4      | 2702 ||| Stepping ~*~*~tactically~*~*~ (outnumbered).
  2704 | D:4      | 2704 ||| Stepping ~*~*~tactically~*~*~ (outnumbered).
  2706 | D:4      | 2706 ||| Stepping ~*~*~tactically~*~*~ (outnumbered).
  2708 | D:4      | 2708 ||| Stepping ~*~*~tactically~*~*~ (outnumbered).
  2710 | D:4      | 2710 ||| Stepping ~*~*~tactically~*~*~ (outnumbered).
  2712 | D:4      | 2712 ||| Stepping ~*~*~tactically~*~*~ (outnumbered).
  2714 | D:4      | 2714 ||| Stepping ~*~*~tactically~*~*~ (outnumbered).
  2716 | D:4      | 2716 ||| Stepping ~*~*~tactically~*~*~ (outnumbered).
  2720 | D:4      | 2720 ||| Stepping ~*~*~tactically~*~*~ (outnumbered).
  2722 | D:4      | 2722 ||| FLEEEEING.
  2748 | D:4      | 2748 ||| Stepping ~*~*~tactically~*~*~ (outnumbered).
  2753 | D:4      | 2753 ||| Stepping ~*~*~tactically~*~*~ (outnumbered).
  2767 | D:4      | 2767 ||| Stepping ~*~*~tactically~*~*~ (outnumbered).
  2782 | D:4      | 2782 ||| Stepping ~*~*~tactically~*~*~ (outnumbered).
  2784 | D:4      | 2784 ||| Stepping ~*~*~tactically~*~*~ (outnumbered).
  2797 | D:4      | 2797 ||| Stepping ~*~*~tactically~*~*~ (outnumbered).
  2801 | D:4      | 2801 ||| Stepping ~*~*~tactically~*~*~ (outnumbered).
  2803 | D:4      | 2803 ||| Stepping ~*~*~tactically~*~*~ (outnumbered).
  2805 | D:4      | 2805 ||| Stepping ~*~*~tactically~*~*~ (outnumbered).
  2807 | D:4      | 2807 ||| Stepping ~*~*~tactically~*~*~ (outnumbered).
  2809 | D:4      | 2809 ||| Stepping ~*~*~tactically~*~*~ (outnumbered).
  2811 | D:4      | 2811 ||| Stepping ~*~*~tactically~*~*~ (outnumbered).
  2813 | D:4      | 2813 ||| Stepping ~*~*~tactically~*~*~ (outnumbered).
  2815 | D:4      | 2815 ||| Stepping ~*~*~tactically~*~*~ (outnumbered).
  2817 | D:4      | 2817 ||| Stepping ~*~*~tactically~*~*~ (outnumbered).
  2819 | D:4      | 2819 ||| Stepping ~*~*~tactically~*~*~ (outnumbered).
  2821 | D:4      | 2821 ||| Stepping ~*~*~tactically~*~*~ (outnumbered).
  2830 | D:4      | 2830 ||| Stepping ~*~*~tactically~*~*~ (outnumbered).
  2841 | D:4      | 2841 ||| Stepping ~*~*~tactically~*~*~ (outnumbered).
  2843 | D:4      | 2843 ||| Stepping ~*~*~tactically~*~*~ (outnumbered).
  2845 | D:4      | 2845 ||| Stepping ~*~*~tactically~*~*~ (outnumbered).
  2849 | D:4      | 2849 ||| Stepping ~*~*~tactically~*~*~ (outnumbered).
  2852 | D:4      | 2852 ||| Stepping ~*~*~tactically~*~*~ (outnumbered).
  2854 | D:4      | 2854 ||| Stepping ~*~*~tactically~*~*~ (outnumbered).
  2864 | D:4      | 2864 ||| Stepping ~*~*~tactically~*~*~ (outnumbered).
  2866 | D:4      | 2866 ||| Stepping ~*~*~tactically~*~*~ (outnumbered).
  2868 | D:4      | 2868 ||| Stepping ~*~*~tactically~*~*~ (outnumbered).
  2870 | D:4      | 2870 ||| Stepping ~*~*~tactically~*~*~ (outnumbered).
  2872 | D:4      | 2872 ||| Stepping ~*~*~tactically~*~*~ (outnumbered).
  2874 | D:4      | 2874 ||| Stepping ~*~*~tactically~*~*~ (outnumbered).
  2876 | D:4      | 2876 ||| Stepping ~*~*~tactically~*~*~ (outnumbered).
  2878 | D:4      | 2878 ||| Stepping ~*~*~tactically~*~*~ (outnumbered).
  2880 | D:4      | 2880 ||| Stepping ~*~*~tactically~*~*~ (outnumbered).
  2882 | D:4      | 2882 ||| Stepping ~*~*~tactically~*~*~ (outnumbered).
  2884 | D:4      | 2884 ||| Stepping ~*~*~tactically~*~*~ (outnumbered).
  2886 | D:4      | 2886 ||| Stepping ~*~*~tactically~*~*~ (outnumbered).
  2888 | D:4      | 2888 ||| Stepping ~*~*~tactically~*~*~ (outnumbered).
  2897 | D:4      | 2897 ||| Stepping ~*~*~tactically~*~*~ (outnumbered).
  2912 | D:4      | 2912 ||| Stepping ~*~*~tactically~*~*~ (outnumbered).
  2914 | D:4      | 2914 ||| Stepping ~*~*~tactically~*~*~ (outnumbered).
  2916 | D:4      | 2916 ||| Stepping ~*~*~tactically~*~*~ (outnumbered).
  2918 | D:4      | 2918 ||| Stepping ~*~*~tactically~*~*~ (outnumbered).
  2920 | D:4      | 2920 ||| Stepping ~*~*~tactically~*~*~ (outnumbered).
  2922 | D:4      | 2922 ||| Stepping ~*~*~tactically~*~*~ (outnumbered).
  2924 | D:4      | 2924 ||| Stepping ~*~*~tactically~*~*~ (outnumbered).
  2926 | D:4      | 2926 ||| Stepping ~*~*~tactically~*~*~ (outnumbered).
  2928 | D:4      | 2928 ||| Stepping ~*~*~tactically~*~*~ (outnumbered).
  2930 | D:4      | 2930 ||| Stepping ~*~*~tactically~*~*~ (outnumbered).
  2938 | D:4      | 2938 ||| Stepping ~*~*~tactically~*~*~ (outnumbered).
  2940 | D:4      | 2940 ||| Stepping ~*~*~tactically~*~*~ (outnumbered).
  2942 | D:4      | 2942 ||| Stepping ~*~*~tactically~*~*~ (outnumbered).
  2944 | D:4      | 2944 ||| Stepping ~*~*~tactically~*~*~ (outnumbered).
  2946 | D:4      | 2946 ||| Stepping ~*~*~tactically~*~*~ (outnumbered).
  2948 | D:4      | 2948 ||| Stepping ~*~*~tactically~*~*~ (outnumbered).
  2950 | D:4      | 2950 ||| Stepping ~*~*~tactically~*~*~ (outnumbered).
  2952 | D:4      | 2952 ||| Stepping ~*~*~tactically~*~*~ (outnumbered).
  2954 | D:4      | 2954 ||| FLEEEEING.
  2980 | D:4      | 2980 ||| Stepping ~*~*~tactically~*~*~ (outnumbered).
  2982 | D:4      | 2982 ||| Stepping ~*~*~tactically~*~*~ (outnumbered).
  2984 | D:4      | 2984 ||| Stepping ~*~*~tactically~*~*~ (outnumbered).
  2989 | D:4      | 2989 ||| Stepping ~*~*~tactically~*~*~ (outnumbered).
  2991 | D:4      | 2991 ||| Stepping ~*~*~tactically~*~*~ (outnumbered).
  3004 | D:4      | 3004 ||| Stepping ~*~*~tactically~*~*~ (outnumbered).
  3006 | D:4      | 3006 ||| Stepping ~*~*~tactically~*~*~ (outnumbered).
  3008 | D:4      | 3008 ||| Stepping ~*~*~tactically~*~*~ (outnumbered).
  3015 | D:4      | 3015 ||| Stepping ~*~*~tactically~*~*~ (outnumbered).
  3017 | D:4      | 3017 ||| Stepping ~*~*~tactically~*~*~ (outnumbered).
  3030 | D:4      | 3030 ||| Stepping ~*~*~tactically~*~*~ (outnumbered).
  3032 | D:4      | 3032 ||| Stepping ~*~*~tactically~*~*~ (outnumbered).
  3034 | D:4      | 3034 ||| Stepping ~*~*~tactically~*~*~ (outnumbered).
  3036 | D:4      | 3036 ||| Stepping ~*~*~tactically~*~*~ (outnumbered).
  3038 | D:4      | 3038 ||| Stepping ~*~*~tactically~*~*~ (outnumbered).
  3041 | D:4      | 3041 ||| Stepping ~*~*~tactically~*~*~ (outnumbered).
  3043 | D:4      | 3043 ||| Stepping ~*~*~tactically~*~*~ (outnumbered).
  3045 | D:4      | 3045 ||| Stepping ~*~*~tactically~*~*~ (outnumbered).
  3049 | D:4      | 3049 ||| Stepping ~*~*~tactically~*~*~ (outnumbered).
  3051 | D:4      | 3051 ||| Stepping ~*~*~tactically~*~*~ (outnumbered).
  3060 | D:4      | 3060 ||| Stepping ~*~*~tactically~*~*~ (outnumbered).
  3062 | D:4      | 3062 ||| Stepping ~*~*~tactically~*~*~ (outnumbered).
  3064 | D:4      | 3064 ||| Stepping ~*~*~tactically~*~*~ (outnumbered).
  3067 | D:4      | 3067 ||| Stepping ~*~*~tactically~*~*~ (outnumbered).
  3069 | D:4      | 3069 ||| Stepping ~*~*~tactically~*~*~ (outnumbered).
  3071 | D:4      | 3071 ||| Stepping ~*~*~tactically~*~*~ (outnumbered).
  3073 | D:4      | 3073 ||| Stepping ~*~*~tactically~*~*~ (outnumbered).
  3075 | D:4      | 3075 ||| Stepping ~*~*~tactically~*~*~ (outnumbered).
  3077 | D:4      | 3077 ||| Stepping ~*~*~tactically~*~*~ (outnumbered).
  3079 | D:4      | 3079 ||| Stepping ~*~*~tactically~*~*~ (outnumbered).
  3081 | D:4      | 3081 ||| Stepping ~*~*~tactically~*~*~ (outnumbered).
  3083 | D:4      | 3083 ||| Stepping ~*~*~tactically~*~*~ (outnumbered).
  3085 | D:4      | 3085 ||| Stepping ~*~*~tactically~*~*~ (outnumbered).
  3087 | D:4      | 3087 ||| Stepping ~*~*~tactically~*~*~ (outnumbered).
  3089 | D:4      | 3089 ||| Stepping ~*~*~tactically~*~*~ (outnumbered).
  3091 | D:4      | 3091 ||| Stepping ~*~*~tactically~*~*~ (outnumbered).
  3093 | D:4      | 3093 ||| Stepping ~*~*~tactically~*~*~ (outnumbered).
  3100 | D:4      | 3100 ||| Stepping ~*~*~tactically~*~*~ (outnumbered).
  3102 | D:4      | 3102 ||| Stepping ~*~*~tactically~*~*~ (outnumbered).
  3104 | D:4      | 3104 ||| Stepping ~*~*~tactically~*~*~ (outnumbered).
  3106 | D:4      | 3106 ||| Stepping ~*~*~tactically~*~*~ (outnumbered).
  3108 | D:4      | 3108 ||| Stepping ~*~*~tactically~*~*~ (outnumbered).
  3110 | D:4      | 3110 ||| Stepping ~*~*~tactically~*~*~ (outnumbered).
  3112 | D:4      | 3112 ||| Stepping ~*~*~tactically~*~*~ (outnumbered).
  3114 | D:4      | 3114 ||| Stepping ~*~*~tactically~*~*~ (outnumbered).
  3116 | D:4      | 3116 ||| Stepping ~*~*~tactically~*~*~ (outnumbered).
  3118 | D:4      | 3118 ||| Stepping ~*~*~tactically~*~*~ (outnumbered).
  3120 | D:4      | 3120 ||| Stepping ~*~*~tactically~*~*~ (outnumbered).
  3122 | D:4      | 3122 ||| Stepping ~*~*~tactically~*~*~ (outnumbered).
  3124 | D:4      | 3124 ||| Stepping ~*~*~tactically~*~*~ (outnumbered).
  3138 | D:4      | 3138 ||| Stepping ~*~*~tactically~*~*~ (outnumbered).
  3145 | D:4      | 3145 ||| Stepping ~*~*~tactically~*~*~ (outnumbered).
  3147 | D:4      | 3147 ||| Stepping ~*~*~tactically~*~*~ (outnumbered).
  3149 | D:4      | 3149 ||| Stepping ~*~*~tactically~*~*~ (outnumbered).
  3151 | D:4      | 3151 ||| Stepping ~*~*~tactically~*~*~ (outnumbered).
  3153 | D:4      | 3153 ||| Stepping ~*~*~tactically~*~*~ (outnumbered).
  3155 | D:4      | 3155 ||| Stepping ~*~*~tactically~*~*~ (outnumbered).
  3157 | D:4      | 3157 ||| Stepping ~*~*~tactically~*~*~ (outnumbered).
  3159 | D:4      | 3159 ||| Stepping ~*~*~tactically~*~*~ (outnumbered).
  3161 | D:4      | 3161 ||| Stepping ~*~*~tactically~*~*~ (outnumbered).
  3163 | D:4      | 3163 ||| Stepping ~*~*~tactically~*~*~ (outnumbered).
  3165 | D:4      | 3165 ||| Stepping ~*~*~tactically~*~*~ (outnumbered).
  3171 | D:4      | 3171 ||| Stepping ~*~*~tactically~*~*~ (outnumbered).
  3173 | D:4      | 3173 ||| Stepping ~*~*~tactically~*~*~ (outnumbered).
  3175 | D:4      | 3175 ||| Stepping ~*~*~tactically~*~*~ (outnumbered).
  3186 | D:4      | 3186 ||| Stepping ~*~*~tactically~*~*~ (outnumbered).
  3189 | D:4      | 3189 ||| Stepping ~*~*~tactically~*~*~ (outnumbered).
  3191 | D:4      | 3191 ||| Stepping ~*~*~tactically~*~*~ (outnumbered).
  3193 | D:4      | 3193 ||| FLEEEEING.
  3221 | D:4      | 3221 ||| Stepping ~*~*~tactically~*~*~ (outnumbered).
  3223 | D:4      | 3223 ||| Stepping ~*~*~tactically~*~*~ (outnumbered).
  3225 | D:4      | 3225 ||| Stepping ~*~*~tactically~*~*~ (outnumbered).
  3227 | D:4      | 3227 ||| Stepping ~*~*~tactically~*~*~ (outnumbered).
  3241 | D:4      | 3241 ||| Stepping ~*~*~tactically~*~*~ (outnumbered).
  3243 | D:4      | 3243 ||| Stepping ~*~*~tactically~*~*~ (outnumbered).
  3245 | D:4      | 3245 ||| Stepping ~*~*~tactically~*~*~ (outnumbered).
  3249 | D:4      | 3249 ||| Stepping ~*~*~tactically~*~*~ (outnumbered).
  3251 | D:4      | 3251 ||| Stepping ~*~*~tactically~*~*~ (outnumbered).
  3253 | D:4      | 3253 ||| Stepping ~*~*~tactically~*~*~ (outnumbered).
  3255 | D:4      | 3255 ||| Stepping ~*~*~tactically~*~*~ (outnumbered).
  3267 | D:4      | 3267 ||| Stepping ~*~*~tactically~*~*~ (outnumbered).
  3269 | D:4      | 3269 ||| Stepping ~*~*~tactically~*~*~ (outnumbered).
  3271 | D:4      | 3271 ||| Stepping ~*~*~tactically~*~*~ (outnumbered).
  3273 | D:4      | 3273 ||| Stepping ~*~*~tactically~*~*~ (outnumbered).
  3275 | D:4      | 3275 ||| Stepping ~*~*~tactically~*~*~ (outnumbered).
  3277 | D:4      | 3277 ||| Stepping ~*~*~tactically~*~*~ (outnumbered).
  3279 | D:4      | 3279 ||| Stepping ~*~*~tactically~*~*~ (outnumbered).
  3289 | D:4      | 3289 ||| Stepping ~*~*~tactically~*~*~ (outnumbered).
  3291 | D:4      | 3291 ||| Stepping ~*~*~tactically~*~*~ (outnumbered).
  3300 | D:4      | 3300 ||| Stepping ~*~*~tactically~*~*~ (outnumbered).
  3302 | D:4      | 3302 ||| Stepping ~*~*~tactically~*~*~ (outnumbered).
  3304 | D:4      | 3304 ||| Stepping ~*~*~tactically~*~*~ (outnumbered).
  3306 | D:4      | 3306 ||| Stepping ~*~*~tactically~*~*~ (outnumbered).
  3308 | D:4      | 3308 ||| Stepping ~*~*~tactically~*~*~ (outnumbered).
  3310 | D:4      | 3310 ||| Stepping ~*~*~tactically~*~*~ (outnumbered).
  3312 | D:4      | 3312 ||| Stepping ~*~*~tactically~*~*~ (outnumbered).
  3314 | D:4      | 3314 ||| Stepping ~*~*~tactically~*~*~ (outnumbered).
  3316 | D:4      | 3316 ||| Stepping ~*~*~tactically~*~*~ (outnumbered).
  3318 | D:4      | 3318 ||| Stepping ~*~*~tactically~*~*~ (outnumbered).
  3320 | D:4      | 3320 ||| Stepping ~*~*~tactically~*~*~ (outnumbered).
  3322 | D:4      | 3322 ||| Stepping ~*~*~tactically~*~*~ (outnumbered).
  3330 | D:4      | 3330 ||| Stepping ~*~*~tactically~*~*~ (outnumbered).
  3332 | D:4      | 3332 ||| Stepping ~*~*~tactically~*~*~ (outnumbered).
  3334 | D:4      | 3334 ||| Stepping ~*~*~tactically~*~*~ (outnumbered).
  3336 | D:4      | 3336 ||| Stepping ~*~*~tactically~*~*~ (outnumbered).
  3338 | D:4      | 3338 ||| Stepping ~*~*~tactically~*~*~ (outnumbered).
  3340 | D:4      | 3340 ||| Stepping ~*~*~tactically~*~*~ (outnumbered).
  3342 | D:4      | 3342 ||| Stepping ~*~*~tactically~*~*~ (outnumbered).
  3344 | D:4      | 3344 ||| Stepping ~*~*~tactically~*~*~ (outnumbered).
  3346 | D:4      | 3346 ||| Stepping ~*~*~tactically~*~*~ (outnumbered).
  3348 | D:4      | 3348 ||| Stepping ~*~*~tactically~*~*~ (outnumbered).
  3350 | D:4      | 3350 ||| Stepping ~*~*~tactically~*~*~ (outnumbered).
  3352 | D:4      | 3352 ||| Stepping ~*~*~tactically~*~*~ (outnumbered).
  3354 | D:4      | 3354 ||| Stepping ~*~*~tactically~*~*~ (outnumbered).
  3356 | D:4      | 3356 ||| Stepping ~*~*~tactically~*~*~ (outnumbered).
  3358 | D:4      | 3358 ||| Stepping ~*~*~tactically~*~*~ (outnumbered).
  3360 | D:4      | 3360 ||| Stepping ~*~*~tactically~*~*~ (outnumbered).
  3362 | D:4      | 3362 ||| Stepping ~*~*~tactically~*~*~ (outnumbered).
  3367 | D:4      | 3367 ||| Stepping ~*~*~tactically~*~*~ (outnumbered).
  3369 | D:4      | 3369 ||| Stepping ~*~*~tactically~*~*~ (outnumbered).
  3371 | D:4      | 3371 ||| Stepping ~*~*~tactically~*~*~ (outnumbered).
  3373 | D:4      | 3373 ||| Stepping ~*~*~tactically~*~*~ (outnumbered).
  3375 | D:4      | 3375 ||| Stepping ~*~*~tactically~*~*~ (outnumbered).
  3377 | D:4      | 3377 ||| Stepping ~*~*~tactically~*~*~ (outnumbered).
  3379 | D:4      | 3379 ||| Stepping ~*~*~tactically~*~*~ (outnumbered).
  3381 | D:4      | 3381 ||| Stepping ~*~*~tactically~*~*~ (outnumbered).
  3386 | D:4      | 3386 ||| Stepping ~*~*~tactically~*~*~ (outnumbered).
  3388 | D:4      | 3388 ||| Stepping ~*~*~tactically~*~*~ (outnumbered).
  3390 | D:4      | 3390 ||| Stepping ~*~*~tactically~*~*~ (outnumbered).
  3392 | D:4      | 3392 ||| Stepping ~*~*~tactically~*~*~ (outnumbered).
  3394 | D:4      | 3394 ||| Stepping ~*~*~tactically~*~*~ (outnumbered).
  3396 | D:4      | 3396 ||| Stepping ~*~*~tactically~*~*~ (outnumbered).
  3398 | D:4      | 3398 ||| Stepping ~*~*~tactically~*~*~ (outnumbered).
  3400 | D:4      | 3400 ||| Stepping ~*~*~tactically~*~*~ (outnumbered).
  3402 | D:4      | 3402 ||| Stepping ~*~*~tactically~*~*~ (outnumbered).
  3404 | D:4      | 3404 ||| Stepping ~*~*~tactically~*~*~ (outnumbered).
  3406 | D:4      | 3406 ||| Stepping ~*~*~tactically~*~*~ (outnumbered).
  3408 | D:4      | 3408 ||| Stepping ~*~*~tactically~*~*~ (outnumbered).
  3410 | D:4      | 3410 ||| Stepping ~*~*~tactically~*~*~ (outnumbered).
  3412 | D:4      | 3412 ||| Stepping ~*~*~tactically~*~*~ (outnumbered).
  3414 | D:4      | 3414 ||| Stepping ~*~*~tactically~*~*~ (outnumbered).
  3416 | D:4      | 3416 ||| Stepping ~*~*~tactically~*~*~ (outnumbered).
  3418 | D:4      | 3418 ||| Stepping ~*~*~tactically~*~*~ (outnumbered).
  3420 | D:4      | 3420 ||| Stepping ~*~*~tactically~*~*~ (outnumbered).
  3422 | D:4      | 3422 ||| Stepping ~*~*~tactically~*~*~ (outnumbered).
  3430 | D:4      | 3430 ||| Stepping ~*~*~tactically~*~*~ (outnumbered).
  3432 | D:4      | 3432 ||| Stepping ~*~*~tactically~*~*~ (outnumbered).
  3434 | D:4      | 3434 ||| Stepping ~*~*~tactically~*~*~ (outnumbered).
  3445 | D:4      | 3445 ||| Stepping ~*~*~tactically~*~*~ (outnumbered).
  3447 | D:4      | 3447 ||| Stepping ~*~*~tactically~*~*~ (outnumbered).
  3449 | D:4      | 3449 ||| Stepping ~*~*~tactically~*~*~ (outnumbered).
  3451 | D:4      | 3451 ||| FLEEEEING.
  3480 | D:4      | 3480 ||| Stepping ~*~*~tactically~*~*~ (outnumbered).
  3482 | D:4      | 3482 ||| Stepping ~*~*~tactically~*~*~ (outnumbered).
  3484 | D:4      | 3484 ||| Stepping ~*~*~tactically~*~*~ (outnumbered).
  3486 | D:4      | 3486 ||| Stepping ~*~*~tactically~*~*~ (outnumbered).
  3488 | D:4      | 3488 ||| Stepping ~*~*~tactically~*~*~ (outnumbered).
  3490 | D:4      | 3490 ||| Stepping ~*~*~tactically~*~*~ (outnumbered).
  3492 | D:4      | 3492 ||| Stepping ~*~*~tactically~*~*~ (outnumbered).
  3494 | D:4      | 3494 ||| Stepping ~*~*~tactically~*~*~ (outnumbered).
  3504 | D:4      | 3504 ||| Stepping ~*~*~tactically~*~*~ (outnumbered).
  3506 | D:4      | 3506 ||| Stepping ~*~*~tactically~*~*~ (outnumbered).
  3515 | D:4      | 3515 ||| Stepping ~*~*~tactically~*~*~ (outnumbered).
  3517 | D:4      | 3517 ||| FLEEEEING.
  3543 | D:4      | 3543 ||| Stepping ~*~*~tactically~*~*~ (outnumbered).
  3545 | D:4      | 3545 ||| FLEEEEING.
  3572 | D:4      | 3572 ||| Stepping ~*~*~tactically~*~*~ (outnumbered).
  3575 | D:4      | 3575 ||| Stepping ~*~*~tactically~*~*~ (outnumbered).
  3577 | D:4      | 3577 ||| Stepping ~*~*~tactically~*~*~ (outnumbered).
  3579 | D:4      | 3579 ||| Stepping ~*~*~tactically~*~*~ (outnumbered).
  3581 | D:4      | 3581 ||| Stepping ~*~*~tactically~*~*~ (outnumbered).
  3583 | D:4      | 3583 ||| Stepping ~*~*~tactically~*~*~ (outnumbered).
  3585 | D:4      | 3585 ||| Stepping ~*~*~tactically~*~*~ (outnumbered).
  3587 | D:4      | 3587 ||| Stepping ~*~*~tactically~*~*~ (outnumbered).
  3589 | D:4      | 3589 ||| Stepping ~*~*~tactically~*~*~ (outnumbered).
  3591 | D:4      | 3591 ||| Stepping ~*~*~tactically~*~*~ (outnumbered).
  3593 | D:4      | 3593 ||| Stepping ~*~*~tactically~*~*~ (outnumbered).
  3595 | D:4      | 3595 ||| Stepping ~*~*~tactically~*~*~ (outnumbered).
  3597 | D:4      | 3597 ||| Stepping ~*~*~tactically~*~*~ (outnumbered).
  3599 | D:4      | 3599 ||| Stepping ~*~*~tactically~*~*~ (outnumbered).
  3601 | D:4      | 3601 ||| Stepping ~*~*~tactically~*~*~ (outnumbered).
  3603 | D:4      | 3603 ||| Stepping ~*~*~tactically~*~*~ (outnumbered).
  3605 | D:4      | 3605 ||| Stepping ~*~*~tactically~*~*~ (outnumbered).
  3607 | D:4      | 3607 ||| Stepping ~*~*~tactically~*~*~ (outnumbered).
  3612 | D:4      | 3612 ||| Stepping ~*~*~tactically~*~*~ (outnumbered).
  3619 | D:4      | 3619 ||| Stepping ~*~*~tactically~*~*~ (outnumbered).
  3621 | D:4      | 3621 ||| Stepping ~*~*~tactically~*~*~ (outnumbered).
  3623 | D:4      | 3623 ||| Stepping ~*~*~tactically~*~*~ (outnumbered).
  3625 | D:4      | 3625 ||| Stepping ~*~*~tactically~*~*~ (outnumbered).
  3627 | D:4      | 3627 ||| Stepping ~*~*~tactically~*~*~ (outnumbered).
  3629 | D:4      | 3629 ||| Stepping ~*~*~tactically~*~*~ (outnumbered).
  3631 | D:4      | 3631 ||| Stepping ~*~*~tactically~*~*~ (outnumbered).
  3633 | D:4      | 3633 ||| Stepping ~*~*~tactically~*~*~ (outnumbered).
  3635 | D:4      | 3635 ||| Stepping ~*~*~tactically~*~*~ (outnumbered).
  3637 | D:4      | 3637 ||| Stepping ~*~*~tactically~*~*~ (outnumbered).
  3639 | D:4      | 3639 ||| Stepping ~*~*~tactically~*~*~ (outnumbered).
  3641 | D:4      | 3641 ||| Stepping ~*~*~tactically~*~*~ (outnumbered).
  3643 | D:4      | 3643 ||| Stepping ~*~*~tactically~*~*~ (outnumbered).
  3645 | D:4      | 3645 ||| FLEEEEING.
  3672 | D:4      | 3672 ||| Stepping ~*~*~tactically~*~*~ (outnumbered).
  3674 | D:4      | 3674 ||| Stepping ~*~*~tactically~*~*~ (outnumbered).
  3676 | D:4      | 3676 ||| Stepping ~*~*~tactically~*~*~ (outnumbered).
  3678 | D:4      | 3678 ||| Stepping ~*~*~tactically~*~*~ (outnumbered).
  3680 | D:4      | 3680 ||| Stepping ~*~*~tactically~*~*~ (outnumbered).
  3682 | D:4      | 3682 ||| Stepping ~*~*~tactically~*~*~ (outnumbered).
  3684 | D:4      | 3684 ||| Stepping ~*~*~tactically~*~*~ (outnumbered).
  3686 | D:4      | 3686 ||| Stepping ~*~*~tactically~*~*~ (outnumbered).
  3693 | D:4      | 3693 ||| Stepping ~*~*~tactically~*~*~ (outnumbered).
  3695 | D:4      | 3695 ||| Stepping ~*~*~tactically~*~*~ (outnumbered).
  3704 | D:4      | 3704 ||| Stepping ~*~*~tactically~*~*~ (outnumbered).
  3706 | D:4      | 3706 ||| FLEEEEING.
  3732 | D:4      | 3732 ||| Stepping ~*~*~tactically~*~*~ (outnumbered).
  3734 | D:4      | 3734 ||| Stepping ~*~*~tactically~*~*~ (outnumbered).
  3736 | D:4      | 3736 ||| Stepping ~*~*~tactically~*~*~ (outnumbered).
  3738 | D:4      | 3738 ||| Stepping ~*~*~tactically~*~*~ (outnumbered).
  3740 | D:4      | 3740 ||| Stepping ~*~*~tactically~*~*~ (outnumbered).
  3745 | D:4      | 3745 ||| Stepping ~*~*~tactically~*~*~ (outnumbered).
  3747 | D:4      | 3747 ||| Stepping ~*~*~tactically~*~*~ (outnumbered).
  3749 | D:4      | 3749 ||| Stepping ~*~*~tactically~*~*~ (outnumbered).
  3751 | D:4      | 3751 ||| Stepping ~*~*~tactically~*~*~ (outnumbered).
  3753 | D:4      | 3753 ||| Stepping ~*~*~tactically~*~*~ (outnumbered).
  3755 | D:4      | 3755 ||| Stepping ~*~*~tactically~*~*~ (outnumbered).
  3757 | D:4      | 3757 ||| Stepping ~*~*~tactically~*~*~ (outnumbered).
  3759 | D:4      | 3759 ||| Stepping ~*~*~tactically~*~*~ (outnumbered).
  3761 | D:4      | 3761 ||| Stepping ~*~*~tactically~*~*~ (outnumbered).
  3763 | D:4      | 3763 ||| Stepping ~*~*~tactically~*~*~ (outnumbered).
  3765 | D:4      | 3765 ||| Stepping ~*~*~tactically~*~*~ (outnumbered).
  3767 | D:4      | 3767 ||| Stepping ~*~*~tactically~*~*~ (outnumbered).
  3778 | D:4      | 3778 ||| Stepping ~*~*~tactically~*~*~ (outnumbered).
  3780 | D:4      | 3780 ||| Stepping ~*~*~tactically~*~*~ (outnumbered).
  3782 | D:4      | 3782 ||| Stepping ~*~*~tactically~*~*~ (outnumbered).
  3784 | D:4      | 3784 ||| Stepping ~*~*~tactically~*~*~ (outnumbered).
  3786 | D:4      | 3786 ||| Stepping ~*~*~tactically~*~*~ (outnumbered).
  3788 | D:4      | 3788 ||| Stepping ~*~*~tactically~*~*~ (outnumbered).
  3790 | D:4      | 3790 ||| Stepping ~*~*~tactically~*~*~ (outnumbered).
  3792 | D:4      | 3792 ||| Stepping ~*~*~tactically~*~*~ (outnumbered).
  3794 | D:4      | 3794 ||| Stepping ~*~*~tactically~*~*~ (outnumbered).
  3796 | D:4      | 3796 ||| Stepping ~*~*~tactically~*~*~ (outnumbered).
  3798 | D:4      | 3798 ||| Stepping ~*~*~tactically~*~*~ (outnumbered).
  3800 | D:4      | 3800 ||| Stepping ~*~*~tactically~*~*~ (outnumbered).
  3802 | D:4      | 3802 ||| Stepping ~*~*~tactically~*~*~ (outnumbered).
  3804 | D:4      | 3804 ||| Stepping ~*~*~tactically~*~*~ (outnumbered).
  3815 | D:4      | 3815 ||| Stepping ~*~*~tactically~*~*~ (outnumbered).
  3823 | D:4      | 3823 ||| Stepping ~*~*~tactically~*~*~ (outnumbered).
  3825 | D:4      | 3825 ||| Stepping ~*~*~tactically~*~*~ (outnumbered).
  3827 | D:4      | 3827 ||| Stepping ~*~*~tactically~*~*~ (outnumbered).
  3829 | D:4      | 3829 ||| Stepping ~*~*~tactically~*~*~ (outnumbered).
  3831 | D:4      | 3831 ||| Stepping ~*~*~tactically~*~*~ (outnumbered).
  3833 | D:4      | 3833 ||| Stepping ~*~*~tactically~*~*~ (outnumbered).
  3845 | D:4      | 3845 ||| Stepping ~*~*~tactically~*~*~ (outnumbered).
  3849 | D:4      | 3849 ||| Stepping ~*~*~tactically~*~*~ (outnumbered).
  3851 | D:4      | 3851 ||| Stepping ~*~*~tactically~*~*~ (outnumbered).
  3853 | D:4      | 3853 ||| Stepping ~*~*~tactically~*~*~ (outnumbered).
  3855 | D:4      | 3855 ||| Stepping ~*~*~tactically~*~*~ (outnumbered).
  3857 | D:4      | 3857 ||| Stepping ~*~*~tactically~*~*~ (outnumbered).
  3859 | D:4      | 3859 ||| Stepping ~*~*~tactically~*~*~ (outnumbered).
  3861 | D:4      | 3861 ||| Stepping ~*~*~tactically~*~*~ (outnumbered).
  3863 | D:4      | 3863 ||| Stepping ~*~*~tactically~*~*~ (outnumbered).
  3865 | D:4      | 3865 ||| Stepping ~*~*~tactically~*~*~ (outnumbered).
  3867 | D:4      | 3867 ||| Stepping ~*~*~tactically~*~*~ (outnumbered).
  3869 | D:4      | 3869 ||| Stepping ~*~*~tactically~*~*~ (outnumbered).
  3871 | D:4      | 3871 ||| Stepping ~*~*~tactically~*~*~ (outnumbered).
  3873 | D:4      | 3873 ||| Stepping ~*~*~tactically~*~*~ (outnumbered).
  3878 | D:4      | 3878 ||| Stepping ~*~*~tactically~*~*~ (outnumbered).
  3880 | D:4      | 3880 ||| Stepping ~*~*~tactically~*~*~ (outnumbered).
  3882 | D:4      | 3882 ||| Stepping ~*~*~tactically~*~*~ (outnumbered).
  3884 | D:4      | 3884 ||| Stepping ~*~*~tactically~*~*~ (outnumbered).
  3886 | D:4      | 3886 ||| Stepping ~*~*~tactically~*~*~ (outnumbered).
  3888 | D:4      | 3888 ||| Stepping ~*~*~tactically~*~*~ (outnumbered).
  3890 | D:4      | 3890 ||| Stepping ~*~*~tactically~*~*~ (outnumbered).
  3904 | D:4      | 3904 ||| Stepping ~*~*~tactically~*~*~ (outnumbered).
  3908 | D:4      | 3908 ||| Stepping ~*~*~tactically~*~*~ (outnumbered).
  3910 | D:4      | 3910 ||| Stepping ~*~*~tactically~*~*~ (outnumbered).
  3912 | D:4      | 3912 ||| Stepping ~*~*~tactically~*~*~ (outnumbered).
  3926 | D:4      | 3926 ||| Stepping ~*~*~tactically~*~*~ (outnumbered).
  3930 | D:4      | 3930 ||| Stepping ~*~*~tactically~*~*~ (outnumbered).
  3932 | D:4      | 3932 ||| Stepping ~*~*~tactically~*~*~ (outnumbered).
  3934 | D:4      | 3934 ||| Stepping ~*~*~tactically~*~*~ (outnumbered).
  3936 | D:4      | 3936 ||| Stepping ~*~*~tactically~*~*~ (outnumbered).
  3938 | D:4      | 3938 ||| Stepping ~*~*~tactically~*~*~ (outnumbered).
  3940 | D:4      | 3940 ||| Stepping ~*~*~tactically~*~*~ (outnumbered).
  3942 | D:4      | 3942 ||| Stepping ~*~*~tactically~*~*~ (outnumbered).
  3944 | D:4      | 3944 ||| Stepping ~*~*~tactically~*~*~ (outnumbered).
  3946 | D:4      | 3946 ||| FLEEEEING.
  3972 | D:4      | 3972 ||| Stepping ~*~*~tactically~*~*~ (outnumbered).
  3974 | D:4      | 3974 ||| Stepping ~*~*~tactically~*~*~ (outnumbered).
  3976 | D:4      | 3976 ||| Stepping ~*~*~tactically~*~*~ (outnumbered).
  3978 | D:4      | 3978 ||| Stepping ~*~*~tactically~*~*~ (outnumbered).
  3980 | D:4      | 3980 ||| Stepping ~*~*~tactically~*~*~ (outnumbered).
  3989 | D:4      | 3989 ||| Stepping ~*~*~tactically~*~*~ (outnumbered).
  3991 | D:4      | 3991 ||| Stepping ~*~*~tactically~*~*~ (outnumbered).
  3993 | D:4      | 3993 ||| Stepping ~*~*~tactically~*~*~ (outnumbered).
  3997 | D:4      | 3997 ||| Stepping ~*~*~tactically~*~*~ (outnumbered).
  3999 | D:4      | 3999 ||| Stepping ~*~*~tactically~*~*~ (outnumbered).
  4004 | D:4      | 4004 ||| Stepping ~*~*~tactically~*~*~ (outnumbered).
  4006 | D:4      | 4006 ||| Stepping ~*~*~tactically~*~*~ (outnumbered).
  4008 | D:4      | 4008 ||| Stepping ~*~*~tactically~*~*~ (outnumbered).
  4010 | D:4      | 4010 ||| Stepping ~*~*~tactically~*~*~ (outnumbered).
  4012 | D:4      | 4012 ||| Stepping ~*~*~tactically~*~*~ (outnumbered).
  4014 | D:4      | 4014 ||| Stepping ~*~*~tactically~*~*~ (outnumbered).
  4016 | D:4      | 4016 ||| Stepping ~*~*~tactically~*~*~ (outnumbered).
  4018 | D:4      | 4018 ||| Stepping ~*~*~tactically~*~*~ (outnumbered).
  4026 | D:4      | 4026 ||| Stepping ~*~*~tactically~*~*~ (outnumbered).
  4041 | D:4      | 4041 ||| Stepping ~*~*~tactically~*~*~ (outnumbered).
  4043 | D:4      | 4043 ||| Stepping ~*~*~tactically~*~*~ (outnumbered).
  4045 | D:4      | 4045 ||| Stepping ~*~*~tactically~*~*~ (outnumbered).
  4047 | D:4      | 4047 ||| Stepping ~*~*~tactically~*~*~ (outnumbered).
  4049 | D:4      | 4049 ||| Stepping ~*~*~tactically~*~*~ (outnumbered).
  4051 | D:4      | 4051 ||| Stepping ~*~*~tactically~*~*~ (outnumbered).
  4053 | D:4      | 4053 ||| Stepping ~*~*~tactically~*~*~ (outnumbered).
  4055 | D:4      | 4055 ||| Stepping ~*~*~tactically~*~*~ (outnumbered).
  4057 | D:4      | 4057 ||| Stepping ~*~*~tactically~*~*~ (outnumbered).
  4059 | D:4      | 4059 ||| Stepping ~*~*~tactically~*~*~ (outnumbered).
  4075 | D:4      | 4075 ||| Stepping ~*~*~tactically~*~*~ (outnumbered).
  4077 | D:4      | 4077 ||| Stepping ~*~*~tactically~*~*~ (outnumbered).
  4079 | D:4      | 4079 ||| Stepping ~*~*~tactically~*~*~ (outnumbered).
  4082 | D:4      | 4082 ||| Stepping ~*~*~tactically~*~*~ (outnumbered).
  4093 | D:4      | 4093 ||| Stepping ~*~*~tactically~*~*~ (outnumbered).
  4095 | D:4      | 4095 ||| Stepping ~*~*~tactically~*~*~ (outnumbered).
  4104 | D:4      | 4104 ||| Stepping ~*~*~tactically~*~*~ (outnumbered).
  4106 | D:4      | 4106 ||| Stepping ~*~*~tactically~*~*~ (outnumbered).
  4108 | D:4      | 4108 ||| Stepping ~*~*~tactically~*~*~ (outnumbered).
  4110 | D:4      | 4110 ||| Stepping ~*~*~tactically~*~*~ (outnumbered).
  4112 | D:4      | 4112 ||| Stepping ~*~*~tactically~*~*~ (outnumbered).
  4114 | D:4      | 4114 ||| Stepping ~*~*~tactically~*~*~ (outnumbered).
  4116 | D:4      | 4116 ||| Stepping ~*~*~tactically~*~*~ (outnumbered).
  4118 | D:4      | 4118 ||| Stepping ~*~*~tactically~*~*~ (outnumbered).
  4120 | D:4      | 4120 ||| Stepping ~*~*~tactically~*~*~ (outnumbered).
  4122 | D:4      | 4122 ||| Stepping ~*~*~tactically~*~*~ (outnumbered).
  4124 | D:4      | 4124 ||| Stepping ~*~*~tactically~*~*~ (outnumbered).
  4138 | D:4      | 4138 ||| Stepping ~*~*~tactically~*~*~ (outnumbered).
  4141 | D:4      | 4141 ||| Stepping ~*~*~tactically~*~*~ (outnumbered).
  4143 | D:4      | 4143 ||| Stepping ~*~*~tactically~*~*~ (outnumbered).
  4145 | D:4      | 4145 ||| Stepping ~*~*~tactically~*~*~ (outnumbered).
  4147 | D:4      | 4147 ||| Stepping ~*~*~tactically~*~*~ (outnumbered).
  4156 | D:4      | 4156 ||| Stepping ~*~*~tactically~*~*~ (outnumbered).
  4158 | D:4      | 4158 ||| Stepping ~*~*~tactically~*~*~ (outnumbered).
  4160 | D:4      | 4160 ||| Stepping ~*~*~tactically~*~*~ (outnumbered).
  4162 | D:4      | 4162 ||| Stepping ~*~*~tactically~*~*~ (outnumbered).
  4171 | D:4      | 4171 ||| Stepping ~*~*~tactically~*~*~ (outnumbered).
  4173 | D:4      | 4173 ||| Stepping ~*~*~tactically~*~*~ (outnumbered).
  4175 | D:4      | 4175 ||| Stepping ~*~*~tactically~*~*~ (outnumbered).
  4177 | D:4      | 4177 ||| Stepping ~*~*~tactically~*~*~ (outnumbered).
  4179 | D:4      | 4179 ||| Stepping ~*~*~tactically~*~*~ (outnumbered).
  4186 | D:4      | 4186 ||| Stepping ~*~*~tactically~*~*~ (outnumbered).
  4188 | D:4      | 4188 ||| Stepping ~*~*~tactically~*~*~ (outnumbered).
  4193 | D:4      | 4193 ||| Stepping ~*~*~tactically~*~*~ (outnumbered).
  4195 | D:4      | 4195 ||| Stepping ~*~*~tactically~*~*~ (outnumbered).
  4197 | D:4      | 4197 ||| Stepping ~*~*~tactically~*~*~ (outnumbered).
  4199 | D:4      | 4199 ||| Stepping ~*~*~tactically~*~*~ (outnumbered).
  4201 | D:4      | 4201 ||| FLEEEEING.
  4228 | D:4      | 4228 ||| Stepping ~*~*~tactically~*~*~ (outnumbered).
  4230 | D:4      | 4230 ||| Stepping ~*~*~tactically~*~*~ (outnumbered).
  4232 | D:4      | 4232 ||| Stepping ~*~*~tactically~*~*~ (outnumbered).
  4234 | D:4      | 4234 ||| Stepping ~*~*~tactically~*~*~ (outnumbered).
  4236 | D:4      | 4236 ||| Stepping ~*~*~tactically~*~*~ (outnumbered).
  4238 | D:4      | 4238 ||| Stepping ~*~*~tactically~*~*~ (outnumbered).
  4240 | D:4      | 4240 ||| Stepping ~*~*~tactically~*~*~ (outnumbered).
  4242 | D:4      | 4242 ||| Stepping ~*~*~tactically~*~*~ (outnumbered).
  4244 | D:4      | 4244 ||| Stepping ~*~*~tactically~*~*~ (outnumbered).
  4246 | D:4      | 4246 ||| Stepping ~*~*~tactically~*~*~ (outnumbered).
  4249 | D:4      | 4249 ||| Stepping ~*~*~tactically~*~*~ (outnumbered).
  4251 | D:4      | 4251 ||| Stepping ~*~*~tactically~*~*~ (outnumbered).
  4253 | D:4      | 4253 ||| Stepping ~*~*~tactically~*~*~ (outnumbered).
  4255 | D:4      | 4255 ||| Stepping ~*~*~tactically~*~*~ (outnumbered).
  4257 | D:4      | 4257 ||| Stepping ~*~*~tactically~*~*~ (outnumbered).
  4259 | D:4      | 4259 ||| Stepping ~*~*~tactically~*~*~ (outnumbered).
  4261 | D:4      | 4261 ||| Stepping ~*~*~tactically~*~*~ (outnumbered).
  4263 | D:4      | 4263 ||| Stepping ~*~*~tactically~*~*~ (outnumbered).
  4275 | D:4      | 4275 ||| Stepping ~*~*~tactically~*~*~ (outnumbered).
  4277 | D:4      | 4277 ||| Stepping ~*~*~tactically~*~*~ (outnumbered).
  4279 | D:4      | 4279 ||| Stepping ~*~*~tactically~*~*~ (outnumbered).
  4281 | D:4      | 4281 ||| Stepping ~*~*~tactically~*~*~ (outnumbered).
  4297 | D:4      | 4297 ||| Stepping ~*~*~tactically~*~*~ (outnumbered).
  4299 | D:4      | 4299 ||| Stepping ~*~*~tactically~*~*~ (outnumbered).
  4301 | D:4      | 4301 ||| Stepping ~*~*~tactically~*~*~ (outnumbered).
  4303 | D:4      | 4303 ||| Stepping ~*~*~tactically~*~*~ (outnumbered).
  4315 | D:4      | 4315 ||| Stepping ~*~*~tactically~*~*~ (outnumbered).
  4317 | D:4      | 4317 ||| Stepping ~*~*~tactically~*~*~ (outnumbered).
  4319 | D:4      | 4319 ||| Stepping ~*~*~tactically~*~*~ (outnumbered).
  4323 | D:4      | 4323 ||| Stepping ~*~*~tactically~*~*~ (outnumbered).
  4325 | D:4      | 4325 ||| Stepping ~*~*~tactically~*~*~ (outnumbered).
  4327 | D:4      | 4327 ||| Stepping ~*~*~tactically~*~*~ (outnumbered).
  4329 | D:4      | 4329 ||| Stepping ~*~*~tactically~*~*~ (outnumbered).
  4331 | D:4      | 4331 ||| Stepping ~*~*~tactically~*~*~ (outnumbered).
  4333 | D:4      | 4333 ||| Stepping ~*~*~tactically~*~*~ (outnumbered).
  4335 | D:4      | 4335 ||| Stepping ~*~*~tactically~*~*~ (outnumbered).
  4337 | D:4      | 4337 ||| Stepping ~*~*~tactically~*~*~ (outnumbered).
  4339 | D:4      | 4339 ||| Stepping ~*~*~tactically~*~*~ (outnumbered).
  4352 | D:4      | 4352 ||| Stepping ~*~*~tactically~*~*~ (outnumbered).
  4363 | D:4      | 4363 ||| Stepping ~*~*~tactically~*~*~ (outnumbered).
  4365 | D:4      | 4365 ||| Stepping ~*~*~tactically~*~*~ (outnumbered).
  4367 | D:4      | 4367 ||| Stepping ~*~*~tactically~*~*~ (outnumbered).
  4369 | D:4      | 4369 ||| Stepping ~*~*~tactically~*~*~ (outnumbered).
  4375 | D:4      | 4375 ||| Stepping ~*~*~tactically~*~*~ (outnumbered).
  4378 | D:4      | 4378 ||| Stepping ~*~*~tactically~*~*~ (outnumbered).
  4380 | D:4      | 4380 ||| Stepping ~*~*~tactically~*~*~ (outnumbered).
  4382 | D:4      | 4382 ||| Stepping ~*~*~tactically~*~*~ (outnumbered).
  4384 | D:4      | 4384 ||| Stepping ~*~*~tactically~*~*~ (outnumbered).
  4386 | D:4      | 4386 ||| Stepping ~*~*~tactically~*~*~ (outnumbered).
  4388 | D:4      | 4388 ||| Stepping ~*~*~tactically~*~*~ (outnumbered).
  4390 | D:4      | 4390 ||| Stepping ~*~*~tactically~*~*~ (outnumbered).
  4392 | D:4      | 4392 ||| Stepping ~*~*~tactically~*~*~ (outnumbered).
  4400 | D:4      | 4400 ||| Stepping ~*~*~tactically~*~*~ (outnumbered).
  4402 | D:4      | 4402 ||| Stepping ~*~*~tactically~*~*~ (outnumbered).
  4404 | D:4      | 4404 ||| Stepping ~*~*~tactically~*~*~ (outnumbered).
  4406 | D:4      | 4406 ||| Stepping ~*~*~tactically~*~*~ (outnumbered).
  4408 | D:4      | 4408 ||| Stepping ~*~*~tactically~*~*~ (outnumbered).
  4410 | D:4      | 4410 ||| Stepping ~*~*~tactically~*~*~ (outnumbered).
  4412 | D:4      | 4412 ||| Stepping ~*~*~tactically~*~*~ (outnumbered).
  4415 | D:4      | 4415 ||| Stepping ~*~*~tactically~*~*~ (outnumbered).
  4417 | D:4      | 4417 ||| FLEEEEING.
  4443 | D:4      | 4443 ||| Stepping ~*~*~tactically~*~*~ (outnumbered).
  4445 | D:4      | 4445 ||| Stepping ~*~*~tactically~*~*~ (outnumbered).
  4447 | D:4      | 4447 ||| Stepping ~*~*~tactically~*~*~ (outnumbered).
  4449 | D:4      | 4449 ||| Stepping ~*~*~tactically~*~*~ (outnumbered).
  4451 | D:4      | 4451 ||| Stepping ~*~*~tactically~*~*~ (outnumbered).
  4453 | D:4      | 4453 ||| Stepping ~*~*~tactically~*~*~ (outnumbered).
  4455 | D:4      | 4455 ||| Stepping ~*~*~tactically~*~*~ (outnumbered).
  4463 | D:4      | 4463 ||| Stepping ~*~*~tactically~*~*~ (outnumbered).
  4465 | D:4      | 4465 ||| Stepping ~*~*~tactically~*~*~ (outnumbered).
  4467 | D:4      | 4467 ||| Stepping ~*~*~tactically~*~*~ (outnumbered).
  4469 | D:4      | 4469 ||| Stepping ~*~*~tactically~*~*~ (outnumbered).
  4471 | D:4      | 4471 ||| Stepping ~*~*~tactically~*~*~ (outnumbered).
  4473 | D:4      | 4473 ||| FLEEEEING.
  4498 | D:4      | 4498 ||| Stepping ~*~*~tactically~*~*~ (outnumbered).
  4504 | D:4      | 4504 ||| Stepping ~*~*~tactically~*~*~ (outnumbered).
  4506 | D:4      | 4506 ||| Stepping ~*~*~tactically~*~*~ (outnumbered).
  4508 | D:4      | 4508 ||| Stepping ~*~*~tactically~*~*~ (outnumbered).
  4510 | D:4      | 4510 ||| Stepping ~*~*~tactically~*~*~ (outnumbered).
  4512 | D:4      | 4512 ||| Stepping ~*~*~tactically~*~*~ (outnumbered).
  4514 | D:4      | 4514 ||| Stepping ~*~*~tactically~*~*~ (outnumbered).
  4516 | D:4      | 4516 ||| Stepping ~*~*~tactically~*~*~ (outnumbered).
  4518 | D:4      | 4518 ||| Stepping ~*~*~tactically~*~*~ (outnumbered).
  4520 | D:4      | 4520 ||| Stepping ~*~*~tactically~*~*~ (outnumbered).
  4522 | D:4      | 4522 ||| Stepping ~*~*~tactically~*~*~ (outnumbered).
  4534 | D:4      | 4534 ||| Stepping ~*~*~tactically~*~*~ (outnumbered).
  4536 | D:4      | 4536 ||| Stepping ~*~*~tactically~*~*~ (outnumbered).
  4538 | D:4      | 4538 ||| Stepping ~*~*~tactically~*~*~ (outnumbered).
  4540 | D:4      | 4540 ||| Stepping ~*~*~tactically~*~*~ (outnumbered).
  4542 | D:4      | 4542 ||| Stepping ~*~*~tactically~*~*~ (outnumbered).
  4545 | D:4      | 4545 ||| Stepping ~*~*~tactically~*~*~ (outnumbered).
  4547 | D:4      | 4547 ||| Stepping ~*~*~tactically~*~*~ (outnumbered).
  4549 | D:4      | 4549 ||| Stepping ~*~*~tactically~*~*~ (outnumbered).
  4551 | D:4      | 4551 ||| Stepping ~*~*~tactically~*~*~ (outnumbered).
  4553 | D:4      | 4553 ||| Stepping ~*~*~tactically~*~*~ (outnumbered).
  4560 | D:4      | 4560 ||| Stepping ~*~*~tactically~*~*~ (outnumbered).
  4562 | D:4      | 4562 ||| FLEEEEING.
  4591 | D:4      | 4591 ||| Stepping ~*~*~tactically~*~*~ (outnumbered).
  4593 | D:4      | 4593 ||| Stepping ~*~*~tactically~*~*~ (outnumbered).
  4595 | D:4      | 4595 ||| Stepping ~*~*~tactically~*~*~ (outnumbered).
  4597 | D:4      | 4597 ||| Stepping ~*~*~tactically~*~*~ (outnumbered).
  4599 | D:4      | 4599 ||| Stepping ~*~*~tactically~*~*~ (outnumbered).
  4601 | D:4      | 4601 ||| Stepping ~*~*~tactically~*~*~ (outnumbered).
  4603 | D:4      | 4603 ||| Stepping ~*~*~tactically~*~*~ (outnumbered).
  4619 | D:4      | 4619 ||| Stepping ~*~*~tactically~*~*~ (outnumbered).
  4621 | D:4      | 4621 ||| Stepping ~*~*~tactically~*~*~ (outnumbered).
  4623 | D:4      | 4623 ||| Stepping ~*~*~tactically~*~*~ (outnumbered).
  4625 | D:4      | 4625 ||| Stepping ~*~*~tactically~*~*~ (outnumbered).
  4627 | D:4      | 4627 ||| Stepping ~*~*~tactically~*~*~ (outnumbered).
  4629 | D:4      | 4629 ||| Stepping ~*~*~tactically~*~*~ (outnumbered).
  4631 | D:4      | 4631 ||| Stepping ~*~*~tactically~*~*~ (outnumbered).
  4645 | D:4      | 4645 ||| Stepping ~*~*~tactically~*~*~ (outnumbered).
  4647 | D:4      | 4647 ||| Stepping ~*~*~tactically~*~*~ (outnumbered).
  4649 | D:4      | 4649 ||| Stepping ~*~*~tactically~*~*~ (outnumbered).
  4651 | D:4      | 4651 ||| Stepping ~*~*~tactically~*~*~ (outnumbered).
  4653 | D:4      | 4653 ||| Stepping ~*~*~tactically~*~*~ (outnumbered).
  4655 | D:4      | 4655 ||| Stepping ~*~*~tactically~*~*~ (outnumbered).
  4657 | D:4      | 4657 ||| Stepping ~*~*~tactically~*~*~ (outnumbered).
  4659 | D:4      | 4659 ||| Stepping ~*~*~tactically~*~*~ (outnumbered).
  4661 | D:4      | 4661 ||| Stepping ~*~*~tactically~*~*~ (outnumbered).
  4663 | D:4      | 4663 ||| Stepping ~*~*~tactically~*~*~ (outnumbered).
  4665 | D:4      | 4665 ||| Stepping ~*~*~tactically~*~*~ (outnumbered).
  4667 | D:4      | 4667 ||| Stepping ~*~*~tactically~*~*~ (outnumbered).
  4669 | D:4      | 4669 ||| Stepping ~*~*~tactically~*~*~ (outnumbered).
  4671 | D:4      | 4671 ||| Stepping ~*~*~tactically~*~*~ (outnumbered).
  4673 | D:4      | 4673 ||| Stepping ~*~*~tactically~*~*~ (outnumbered).
  4675 | D:4      | 4675 ||| Stepping ~*~*~tactically~*~*~ (outnumbered).
  4677 | D:4      | 4677 ||| Stepping ~*~*~tactically~*~*~ (outnumbered).
  4679 | D:4      | 4679 ||| Stepping ~*~*~tactically~*~*~ (outnumbered).
  4689 | D:4      | 4689 ||| Stepping ~*~*~tactically~*~*~ (outnumbered).
  4691 | D:4      | 4691 ||| Stepping ~*~*~tactically~*~*~ (outnumbered).
  4693 | D:4      | 4693 ||| Stepping ~*~*~tactically~*~*~ (outnumbered).
  4695 | D:4      | 4695 ||| Stepping ~*~*~tactically~*~*~ (outnumbered).
  4697 | D:4      | 4697 ||| Stepping ~*~*~tactically~*~*~ (outnumbered).
  4700 | D:4      | 4700 ||| Stepping ~*~*~tactically~*~*~ (outnumbered).
  4702 | D:4      | 4702 ||| Stepping ~*~*~tactically~*~*~ (outnumbered).
  4704 | D:4      | 4704 ||| Stepping ~*~*~tactically~*~*~ (outnumbered).
  4706 | D:4      | 4706 ||| Stepping ~*~*~tactically~*~*~ (outnumbered).
  4708 | D:4      | 4708 ||| Stepping ~*~*~tactically~*~*~ (outnumbered).
  4710 | D:4      | 4710 ||| Stepping ~*~*~tactically~*~*~ (outnumbered).
  4723 | D:4      | 4723 ||| Stepping ~*~*~tactically~*~*~ (outnumbered).
  4725 | D:4      | 4725 ||| FLEEEEING.
  4754 | D:4      | 4754 ||| Stepping ~*~*~tactically~*~*~ (outnumbered).
  4760 | D:4      | 4760 ||| Stepping ~*~*~tactically~*~*~ (outnumbered).
  4762 | D:4      | 4762 ||| Stepping ~*~*~tactically~*~*~ (outnumbered).
  4764 | D:4      | 4764 ||| Stepping ~*~*~tactically~*~*~ (outnumbered).
  4771 | D:4      | 4771 ||| Stepping ~*~*~tactically~*~*~ (outnumbered).
  4773 | D:4      | 4773 ||| Stepping ~*~*~tactically~*~*~ (outnumbered).
  4775 | D:4      | 4775 ||| Stepping ~*~*~tactically~*~*~ (outnumbered).
  4777 | D:4      | 4777 ||| Stepping ~*~*~tactically~*~*~ (outnumbered).
  4779 | D:4      | 4779 ||| Stepping ~*~*~tactically~*~*~ (outnumbered).
  4781 | D:4      | 4781 ||| Stepping ~*~*~tactically~*~*~ (outnumbered).
  4783 | D:4      | 4783 ||| Stepping ~*~*~tactically~*~*~ (outnumbered).
  4785 | D:4      | 4785 ||| Stepping ~*~*~tactically~*~*~ (outnumbered).
  4787 | D:4      | 4787 ||| Stepping ~*~*~tactically~*~*~ (outnumbered).
  4789 | D:4      | 4789 ||| FLEEEEING.
  4817 | D:4      | 4817 ||| Stepping ~*~*~tactically~*~*~ (outnumbered).
  4819 | D:4      | 4819 ||| Stepping ~*~*~tactically~*~*~ (outnumbered).
  4821 | D:4      | 4821 ||| Stepping ~*~*~tactically~*~*~ (outnumbered).
  4826 | D:4      | 4826 ||| Stepping ~*~*~tactically~*~*~ (outnumbered).
  4828 | D:4      | 4828 ||| Stepping ~*~*~tactically~*~*~ (outnumbered).
  4830 | D:4      | 4830 ||| Stepping ~*~*~tactically~*~*~ (outnumbered).
  4841 | D:4      | 4841 ||| Stepping ~*~*~tactically~*~*~ (outnumbered).
  4843 | D:4      | 4843 ||| Stepping ~*~*~tactically~*~*~ (outnumbered).
  4845 | D:4      | 4845 ||| Stepping ~*~*~tactically~*~*~ (outnumbered).
  4847 | D:4      | 4847 ||| Stepping ~*~*~tactically~*~*~ (outnumbered).
  4849 | D:4      | 4849 ||| Stepping ~*~*~tactically~*~*~ (outnumbered).
  4852 | D:4      | 4852 ||| Stepping ~*~*~tactically~*~*~ (outnumbered).
  4854 | D:4      | 4854 ||| Stepping ~*~*~tactically~*~*~ (outnumbered).
  4856 | D:4      | 4856 ||| Stepping ~*~*~tactically~*~*~ (outnumbered).
  4858 | D:4      | 4858 ||| Stepping ~*~*~tactically~*~*~ (outnumbered).
  4860 | D:4      | 4860 ||| Stepping ~*~*~tactically~*~*~ (outnumbered).
  4862 | D:4      | 4862 ||| Stepping ~*~*~tactically~*~*~ (outnumbered).
  4864 | D:4      | 4864 ||| Stepping ~*~*~tactically~*~*~ (outnumbered).
  4871 | D:4      | 4871 ||| Stepping ~*~*~tactically~*~*~ (outnumbered).
  4873 | D:4      | 4873 ||| Stepping ~*~*~tactically~*~*~ (outnumbered).
  4875 | D:4      | 4875 ||| Stepping ~*~*~tactically~*~*~ (outnumbered).
  4877 | D:4      | 4877 ||| Stepping ~*~*~tactically~*~*~ (outnumbered).
  4886 | D:4      | 4886 ||| Stepping ~*~*~tactically~*~*~ (outnumbered).
  4888 | D:4      | 4888 ||| Stepping ~*~*~tactically~*~*~ (outnumbered).
  4890 | D:4      | 4890 ||| Stepping ~*~*~tactically~*~*~ (outnumbered).
  4904 | D:4      | 4904 ||| Stepping ~*~*~tactically~*~*~ (outnumbered).
  4906 | D:4      | 4906 ||| Stepping ~*~*~tactically~*~*~ (outnumbered).
  4908 | D:4      | 4908 ||| Stepping ~*~*~tactically~*~*~ (outnumbered).
  4910 | D:4      | 4910 ||| Stepping ~*~*~tactically~*~*~ (outnumbered).
  4912 | D:4      | 4912 ||| Stepping ~*~*~tactically~*~*~ (outnumbered).
  4926 | D:4      | 4926 ||| Stepping ~*~*~tactically~*~*~ (outnumbered).
  4928 | D:4      | 4928 ||| Stepping ~*~*~tactically~*~*~ (outnumbered).
  4930 | D:4      | 4930 ||| Stepping ~*~*~tactically~*~*~ (outnumbered).
  4932 | D:4      | 4932 ||| FLEEEEING.
  4958 | D:4      | 4958 ||| Stepping ~*~*~tactically~*~*~ (outnumbered).
  4960 | D:4      | 4960 ||| Stepping ~*~*~tactically~*~*~ (outnumbered).
  4962 | D:4      | 4962 ||| Stepping ~*~*~tactically~*~*~ (outnumbered).
  4964 | D:4      | 4964 ||| Stepping ~*~*~tactically~*~*~ (outnumbered).
  4966 | D:4      | 4966 ||| Stepping ~*~*~tactically~*~*~ (outnumbered).
  4968 | D:4      | 4968 ||| Stepping ~*~*~tactically~*~*~ (outnumbered).
  4970 | D:4      | 4970 ||| Stepping ~*~*~tactically~*~*~ (outnumbered).
  4982 | D:4      | 4982 ||| Stepping ~*~*~tactically~*~*~ (outnumbered).
  4984 | D:4      | 4984 ||| Stepping ~*~*~tactically~*~*~ (outnumbered).
  4986 | D:4      | 4986 ||| Stepping ~*~*~tactically~*~*~ (outnumbered).
  4988 | D:4      | 4988 ||| Stepping ~*~*~tactically~*~*~ (outnumbered).
  5004 | D:4      | 5004 ||| Stepping ~*~*~tactically~*~*~ (outnumbered).
  5008 | D:4      | 5008 ||| Stepping ~*~*~tactically~*~*~ (outnumbered).
  5010 | D:4      | 5010 ||| Stepping ~*~*~tactically~*~*~ (outnumbered).
  5012 | D:4      | 5012 ||| Stepping ~*~*~tactically~*~*~ (outnumbered).
  5014 | D:4      | 5014 ||| Stepping ~*~*~tactically~*~*~ (outnumbered).
  5016 | D:4      | 5016 ||| Stepping ~*~*~tactically~*~*~ (outnumbered).
  5018 | D:4      | 5018 ||| Stepping ~*~*~tactically~*~*~ (outnumbered).
  5020 | D:4      | 5020 ||| Stepping ~*~*~tactically~*~*~ (outnumbered).
  5022 | D:4      | 5022 ||| Stepping ~*~*~tactically~*~*~ (outnumbered).
  5024 | D:4      | 5024 ||| Stepping ~*~*~tactically~*~*~ (outnumbered).
  5026 | D:4      | 5026 ||| Stepping ~*~*~tactically~*~*~ (outnumbered).
  5028 | D:4      | 5028 ||| Stepping ~*~*~tactically~*~*~ (outnumbered).
  5030 | D:4      | 5030 ||| Stepping ~*~*~tactically~*~*~ (outnumbered).
  5045 | D:4      | 5045 ||| Stepping ~*~*~tactically~*~*~ (outnumbered).
  5047 | D:4      | 5047 ||| Stepping ~*~*~tactically~*~*~ (outnumbered).
  5049 | D:4      | 5049 ||| Stepping ~*~*~tactically~*~*~ (outnumbered).
  5063 | D:4      | 5063 ||| Stepping ~*~*~tactically~*~*~ (outnumbered).
  5065 | D:4      | 5065 ||| Stepping ~*~*~tactically~*~*~ (outnumbered).
  5067 | D:4      | 5067 ||| Stepping ~*~*~tactically~*~*~ (outnumbered).
  5069 | D:4      | 5069 ||| Stepping ~*~*~tactically~*~*~ (outnumbered).
  5071 | D:4      | 5071 ||| Stepping ~*~*~tactically~*~*~ (outnumbered).
  5073 | D:4      | 5073 ||| Stepping ~*~*~tactically~*~*~ (outnumbered).
  5082 | D:4      | 5082 ||| Stepping ~*~*~tactically~*~*~ (outnumbered).
  5084 | D:4      | 5084 ||| Stepping ~*~*~tactically~*~*~ (outnumbered).
  5086 | D:4      | 5086 ||| Stepping ~*~*~tactically~*~*~ (outnumbered).
  5088 | D:4      | 5088 ||| Stepping ~*~*~tactically~*~*~ (outnumbered).
  5090 | D:4      | 5090 ||| Stepping ~*~*~tactically~*~*~ (outnumbered).
  5104 | D:4      | 5104 ||| Stepping ~*~*~tactically~*~*~ (outnumbered).
  5106 | D:4      | 5106 ||| Stepping ~*~*~tactically~*~*~ (outnumbered).
  5108 | D:4      | 5108 ||| Stepping ~*~*~tactically~*~*~ (outnumbered).
  5112 | D:4      | 5112 ||| Stepping ~*~*~tactically~*~*~ (outnumbered).
  5114 | D:4      | 5114 ||| Stepping ~*~*~tactically~*~*~ (outnumbered).
  5130 | D:4      | 5130 ||| Stepping ~*~*~tactically~*~*~ (outnumbered).
  5132 | D:4      | 5132 ||| Stepping ~*~*~tactically~*~*~ (outnumbered).
  5134 | D:4      | 5134 ||| Stepping ~*~*~tactically~*~*~ (outnumbered).
  5136 | D:4      | 5136 ||| Stepping ~*~*~tactically~*~*~ (outnumbered).
  5145 | D:4      | 5145 ||| Stepping ~*~*~tactically~*~*~ (outnumbered).
  5160 | D:4      | 5160 ||| Stepping ~*~*~tactically~*~*~ (outnumbered).
  5175 | D:4      | 5175 ||| Stepping ~*~*~tactically~*~*~ (outnumbered).
  5177 | D:4      | 5177 ||| Stepping ~*~*~tactically~*~*~ (outnumbered).
  5179 | D:4      | 5179 ||| Stepping ~*~*~tactically~*~*~ (outnumbered).
  5186 | D:4      | 5186 ||| Stepping ~*~*~tactically~*~*~ (outnumbered).
  5188 | D:4      | 5188 ||| Stepping ~*~*~tactically~*~*~ (outnumbered).
  5200 | D:4      | 5200 ||| Stepping ~*~*~tactically~*~*~ (outnumbered).
  5202 | D:4      | 5202 ||| Stepping ~*~*~tactically~*~*~ (outnumbered).
  5204 | D:4      | 5204 ||| Stepping ~*~*~tactically~*~*~ (outnumbered).
  5206 | D:4      | 5206 ||| Stepping ~*~*~tactically~*~*~ (outnumbered).
  5208 | D:4      | 5208 ||| Stepping ~*~*~tactically~*~*~ (outnumbered).
  5210 | D:4      | 5210 ||| Stepping ~*~*~tactically~*~*~ (outnumbered).
  5212 | D:4      | 5212 ||| Stepping ~*~*~tactically~*~*~ (outnumbered).
  5214 | D:4      | 5214 ||| Stepping ~*~*~tactically~*~*~ (outnumbered).
  5216 | D:4      | 5216 ||| Stepping ~*~*~tactically~*~*~ (outnumbered).
  5218 | D:4      | 5218 ||| Stepping ~*~*~tactically~*~*~ (outnumbered).
  5220 | D:4      | 5220 ||| Stepping ~*~*~tactically~*~*~ (outnumbered).
  5222 | D:4      | 5222 ||| Stepping ~*~*~tactically~*~*~ (outnumbered).
  5224 | D:4      | 5224 ||| Stepping ~*~*~tactically~*~*~ (outnumbered).
  5230 | D:4      | 5230 ||| Stepping ~*~*~tactically~*~*~ (outnumbered).
  5238 | D:4      | 5238 ||| Stepping ~*~*~tactically~*~*~ (outnumbered).
  5240 | D:4      | 5240 ||| Stepping ~*~*~tactically~*~*~ (outnumbered).
  5242 | D:4      | 5242 ||| Stepping ~*~*~tactically~*~*~ (outnumbered).
  5244 | D:4      | 5244 ||| Stepping ~*~*~tactically~*~*~ (outnumbered).
  5246 | D:4      | 5246 ||| Stepping ~*~*~tactically~*~*~ (outnumbered).
  5248 | D:4      | 5248 ||| Stepping ~*~*~tactically~*~*~ (outnumbered).
  5250 | D:4      | 5250 ||| Stepping ~*~*~tactically~*~*~ (outnumbered).
  5252 | D:4      | 5252 ||| Stepping ~*~*~tactically~*~*~ (outnumbered).
  5254 | D:4      | 5254 ||| Stepping ~*~*~tactically~*~*~ (outnumbered).
  5263 | D:4      | 5263 ||| Stepping ~*~*~tactically~*~*~ (outnumbered).
  5275 | D:4      | 5275 ||| Stepping ~*~*~tactically~*~*~ (outnumbered).
  5278 | D:4      | 5278 ||| Stepping ~*~*~tactically~*~*~ (outnumbered).
  5280 | D:4      | 5280 ||| Stepping ~*~*~tactically~*~*~ (outnumbered).
  5282 | D:4      | 5282 ||| Stepping ~*~*~tactically~*~*~ (outnumbered).
  5284 | D:4      | 5284 ||| Stepping ~*~*~tactically~*~*~ (outnumbered).
  5286 | D:4      | 5286 ||| Stepping ~*~*~tactically~*~*~ (outnumbered).
  5288 | D:4      | 5288 ||| Stepping ~*~*~tactically~*~*~ (outnumbered).
  5290 | D:4      | 5290 ||| Stepping ~*~*~tactically~*~*~ (outnumbered).
  5297 | D:4      | 5297 ||| Stepping ~*~*~tactically~*~*~ (outnumbered).
  5299 | D:4      | 5299 ||| Stepping ~*~*~tactically~*~*~ (outnumbered).
  5301 | D:4      | 5301 ||| Stepping ~*~*~tactically~*~*~ (outnumbered).
  5303 | D:4      | 5303 ||| Stepping ~*~*~tactically~*~*~ (outnumbered).
  5305 | D:4      | 5305 ||| Stepping ~*~*~tactically~*~*~ (outnumbered).
  5319 | D:4      | 5319 ||| Stepping ~*~*~tactically~*~*~ (outnumbered).
  5321 | D:4      | 5321 ||| Stepping ~*~*~tactically~*~*~ (outnumbered).
  5323 | D:4      | 5323 ||| Stepping ~*~*~tactically~*~*~ (outnumbered).
  5325 | D:4      | 5325 ||| Stepping ~*~*~tactically~*~*~ (outnumbered).
  5327 | D:4      | 5327 ||| Stepping ~*~*~tactically~*~*~ (outnumbered).
  5329 | D:4      | 5329 ||| Stepping ~*~*~tactically~*~*~ (outnumbered).
  5331 | D:4      | 5331 ||| Stepping ~*~*~tactically~*~*~ (outnumbered).
  5333 | D:4      | 5333 ||| Stepping ~*~*~tactically~*~*~ (outnumbered).
  5349 | D:4      | 5349 ||| Stepping ~*~*~tactically~*~*~ (outnumbered).
  5351 | D:4      | 5351 ||| Stepping ~*~*~tactically~*~*~ (outnumbered).
  5353 | D:4      | 5353 ||| Stepping ~*~*~tactically~*~*~ (outnumbered).
  5355 | D:4      | 5355 ||| Stepping ~*~*~tactically~*~*~ (outnumbered).
  5357 | D:4      | 5357 ||| Stepping ~*~*~tactically~*~*~ (outnumbered).
  5359 | D:4      | 5359 ||| Stepping ~*~*~tactically~*~*~ (outnumbered).
  5361 | D:4      | 5361 ||| Stepping ~*~*~tactically~*~*~ (outnumbered).
  5363 | D:4      | 5363 ||| Stepping ~*~*~tactically~*~*~ (outnumbered).
  5365 | D:4      | 5365 ||| Stepping ~*~*~tactically~*~*~ (outnumbered).
  5367 | D:4      | 5367 ||| Stepping ~*~*~tactically~*~*~ (outnumbered).
  5369 | D:4      | 5369 ||| Stepping ~*~*~tactically~*~*~ (outnumbered).
  5371 | D:4      | 5371 ||| Stepping ~*~*~tactically~*~*~ (outnumbered).
  5373 | D:4      | 5373 ||| Stepping ~*~*~tactically~*~*~ (outnumbered).
  5375 | D:4      | 5375 ||| Stepping ~*~*~tactically~*~*~ (outnumbered).
  5377 | D:4      | 5377 ||| Stepping ~*~*~tactically~*~*~ (outnumbered).
  5389 | D:4      | 5389 ||| Stepping ~*~*~tactically~*~*~ (outnumbered).
  5393 | D:4      | 5393 ||| Stepping ~*~*~tactically~*~*~ (outnumbered).
  5395 | D:4      | 5395 ||| Stepping ~*~*~tactically~*~*~ (outnumbered).
  5408 | D:4      | 5408 ||| Stepping ~*~*~tactically~*~*~ (outnumbered).
  5410 | D:4      | 5410 ||| Stepping ~*~*~tactically~*~*~ (outnumbered).
  5412 | D:4      | 5412 ||| Stepping ~*~*~tactically~*~*~ (outnumbered).
  5414 | D:4      | 5414 ||| Stepping ~*~*~tactically~*~*~ (outnumbered).
  5430 | D:4      | 5430 ||| Stepping ~*~*~tactically~*~*~ (outnumbered).
  5432 | D:4      | 5432 ||| Stepping ~*~*~tactically~*~*~ (outnumbered).
  5434 | D:4      | 5434 ||| Stepping ~*~*~tactically~*~*~ (outnumbered).
  5436 | D:4      | 5436 ||| Stepping ~*~*~tactically~*~*~ (outnumbered).
  5438 | D:4      | 5438 ||| Stepping ~*~*~tactically~*~*~ (outnumbered).
  5440 | D:4      | 5440 ||| Stepping ~*~*~tactically~*~*~ (outnumbered).
  5442 | D:4      | 5442 ||| Stepping ~*~*~tactically~*~*~ (outnumbered).
  5444 | D:4      | 5444 ||| Stepping ~*~*~tactically~*~*~ (outnumbered).
  5456 | D:4      | 5456 ||| Stepping ~*~*~tactically~*~*~ (outnumbered).
  5458 | D:4      | 5458 ||| Stepping ~*~*~tactically~*~*~ (outnumbered).
  5460 | D:4      | 5460 ||| Stepping ~*~*~tactically~*~*~ (outnumbered).
  5462 | D:4      | 5462 ||| Stepping ~*~*~tactically~*~*~ (outnumbered).
  5464 | D:4      | 5464 ||| Stepping ~*~*~tactically~*~*~ (outnumbered).
  5466 | D:4      | 5466 ||| Stepping ~*~*~tactically~*~*~ (outnumbered).
  5468 | D:4      | 5468 ||| Stepping ~*~*~tactically~*~*~ (outnumbered).
  5470 | D:4      | 5470 ||| Stepping ~*~*~tactically~*~*~ (outnumbered).
  5472 | D:4      | 5472 ||| Stepping ~*~*~tactically~*~*~ (outnumbered).
  5474 | D:4      | 5474 ||| Stepping ~*~*~tactically~*~*~ (outnumbered).
  5476 | D:4      | 5476 ||| Stepping ~*~*~tactically~*~*~ (outnumbered).
  5478 | D:4      | 5478 ||| Stepping ~*~*~tactically~*~*~ (outnumbered).
  5480 | D:4      | 5480 ||| Stepping ~*~*~tactically~*~*~ (outnumbered).
  5482 | D:4      | 5482 ||| Stepping ~*~*~tactically~*~*~ (outnumbered).
  5484 | D:4      | 5484 ||| Stepping ~*~*~tactically~*~*~ (outnumbered).
  5486 | D:4      | 5486 ||| Stepping ~*~*~tactically~*~*~ (outnumbered).
  5488 | D:4      | 5488 ||| Stepping ~*~*~tactically~*~*~ (outnumbered).
  5490 | D:4      | 5490 ||| Stepping ~*~*~tactically~*~*~ (outnumbered).
  5492 | D:4      | 5492 ||| Stepping ~*~*~tactically~*~*~ (outnumbered).
  5494 | D:4      | 5494 ||| Stepping ~*~*~tactically~*~*~ (outnumbered).
  5496 | D:4      | 5496 ||| Stepping ~*~*~tactically~*~*~ (outnumbered).
  5498 | D:4      | 5498 ||| Stepping ~*~*~tactically~*~*~ (outnumbered).
  5500 | D:4      | 5500 ||| FLEEEEING.
  5528 | D:4      | 5528 ||| Stepping ~*~*~tactically~*~*~ (outnumbered).
  5530 | D:4      | 5530 ||| Stepping ~*~*~tactically~*~*~ (outnumbered).
  5532 | D:4      | 5532 ||| Stepping ~*~*~tactically~*~*~ (outnumbered).
  5536 | D:4      | 5536 ||| Stepping ~*~*~tactically~*~*~ (outnumbered).
  5538 | D:4      | 5538 ||| Stepping ~*~*~tactically~*~*~ (outnumbered).
  5540 | D:4      | 5540 ||| Stepping ~*~*~tactically~*~*~ (outnumbered).
  5542 | D:4      | 5542 ||| Stepping ~*~*~tactically~*~*~ (outnumbered).
  5556 | D:4      | 5556 ||| Stepping ~*~*~tactically~*~*~ (outnumbered).
  5563 | D:4      | 5563 ||| Stepping ~*~*~tactically~*~*~ (outnumbered).
  5565 | D:4      | 5565 ||| Stepping ~*~*~tactically~*~*~ (outnumbered).
  5567 | D:4      | 5567 ||| Stepping ~*~*~tactically~*~*~ (outnumbered).
  5578 | D:4      | 5578 ||| Stepping ~*~*~tactically~*~*~ (outnumbered).
  5580 | D:4      | 5580 ||| Stepping ~*~*~tactically~*~*~ (outnumbered).
  5582 | D:4      | 5582 ||| Stepping ~*~*~tactically~*~*~ (outnumbered).
  5593 | D:4      | 5593 ||| Stepping ~*~*~tactically~*~*~ (outnumbered).
  5595 | D:4      | 5595 ||| Stepping ~*~*~tactically~*~*~ (outnumbered).
  5597 | D:4      | 5597 ||| Stepping ~*~*~tactically~*~*~ (outnumbered).
  5599 | D:4      | 5599 ||| Stepping ~*~*~tactically~*~*~ (outnumbered).
  5601 | D:4      | 5601 ||| Stepping ~*~*~tactically~*~*~ (outnumbered).
  5603 | D:4      | 5603 ||| Stepping ~*~*~tactically~*~*~ (outnumbered).
  5605 | D:4      | 5605 ||| Stepping ~*~*~tactically~*~*~ (outnumbered).
  5607 | D:4      | 5607 ||| Stepping ~*~*~tactically~*~*~ (outnumbered).
  5609 | D:4      | 5609 ||| Stepping ~*~*~tactically~*~*~ (outnumbered).
  5611 | D:4      | 5611 ||| Stepping ~*~*~tactically~*~*~ (outnumbered).
  5613 | D:4      | 5613 ||| Stepping ~*~*~tactically~*~*~ (outnumbered).
  5615 | D:4      | 5615 ||| Stepping ~*~*~tactically~*~*~ (outnumbered).
  5619 | D:4      | 5619 ||| Stepping ~*~*~tactically~*~*~ (outnumbered).
  5623 | D:4      | 5623 ||| Stepping ~*~*~tactically~*~*~ (outnumbered).
  5625 | D:4      | 5625 ||| Stepping ~*~*~tactically~*~*~ (outnumbered).
  5627 | D:4      | 5627 ||| Stepping ~*~*~tactically~*~*~ (outnumbered).
  5637 | D:4      | 5637 ||| Stepping ~*~*~tactically~*~*~ (outnumbered).
  5639 | D:4      | 5639 ||| Stepping ~*~*~tactically~*~*~ (outnumbered).
  5641 | D:4      | 5641 ||| Stepping ~*~*~tactically~*~*~ (outnumbered).
  5645 | D:4      | 5645 ||| Stepping ~*~*~tactically~*~*~ (outnumbered).
  5647 | D:4      | 5647 ||| Stepping ~*~*~tactically~*~*~ (outnumbered).
  5656 | D:4      | 5656 ||| Stepping ~*~*~tactically~*~*~ (outnumbered).
  5671 | D:4      | 5671 ||| Stepping ~*~*~tactically~*~*~ (outnumbered).
  5686 | D:4      | 5686 ||| Stepping ~*~*~tactically~*~*~ (outnumbered).
  5688 | D:4      | 5688 ||| Stepping ~*~*~tactically~*~*~ (outnumbered).
  5697 | D:4      | 5697 ||| Stepping ~*~*~tactically~*~*~ (outnumbered).
  5700 | D:4      | 5700 ||| Stepping ~*~*~tactically~*~*~ (outnumbered).
  5702 | D:4      | 5702 ||| Stepping ~*~*~tactically~*~*~ (outnumbered).
  5704 | D:4      | 5704 ||| Stepping ~*~*~tactically~*~*~ (outnumbered).
  5706 | D:4      | 5706 ||| Stepping ~*~*~tactically~*~*~ (outnumbered).
  5711 | D:4      | 5711 ||| FLEEEEING.
  5739 | D:4      | 5739 ||| Stepping ~*~*~tactically~*~*~ (outnumbered).
  5741 | D:4      | 5741 ||| Stepping ~*~*~tactically~*~*~ (outnumbered).
  5743 | D:4      | 5743 ||| Stepping ~*~*~tactically~*~*~ (outnumbered).
  5745 | D:4      | 5745 ||| Stepping ~*~*~tactically~*~*~ (outnumbered).
  5760 | D:4      | 5760 ||| Stepping ~*~*~tactically~*~*~ (outnumbered).
  5762 | D:4      | 5762 ||| Stepping ~*~*~tactically~*~*~ (outnumbered).
  5764 | D:4      | 5764 ||| Stepping ~*~*~tactically~*~*~ (outnumbered).
  5766 | D:4      | 5766 ||| Stepping ~*~*~tactically~*~*~ (outnumbered).
  5768 | D:4      | 5768 ||| Stepping ~*~*~tactically~*~*~ (outnumbered).
  5782 | D:4      | 5782 ||| Stepping ~*~*~tactically~*~*~ (outnumbered).
  5784 | D:4      | 5784 ||| Stepping ~*~*~tactically~*~*~ (outnumbered).
  5786 | D:4      | 5786 ||| Stepping ~*~*~tactically~*~*~ (outnumbered).
  5788 | D:4      | 5788 ||| Stepping ~*~*~tactically~*~*~ (outnumbered).
  5793 | D:4      | 5793 ||| Stepping ~*~*~tactically~*~*~ (outnumbered).
  5795 | D:4      | 5795 ||| Stepping ~*~*~tactically~*~*~ (outnumbered).
  5797 | D:4      | 5797 ||| Stepping ~*~*~tactically~*~*~ (outnumbered).
  5799 | D:4      | 5799 ||| Stepping ~*~*~tactically~*~*~ (outnumbered).
  5811 | D:4      | 5811 ||| Stepping ~*~*~tactically~*~*~ (outnumbered).
  5813 | D:4      | 5813 ||| Stepping ~*~*~tactically~*~*~ (outnumbered).
  5815 | D:4      | 5815 ||| Stepping ~*~*~tactically~*~*~ (outnumbered).
  5817 | D:4      | 5817 ||| Stepping ~*~*~tactically~*~*~ (outnumbered).
  5819 | D:4      | 5819 ||| Stepping ~*~*~tactically~*~*~ (outnumbered).
  5821 | D:4      | 5821 ||| Stepping ~*~*~tactically~*~*~ (outnumbered).
  5823 | D:4      | 5823 ||| Stepping ~*~*~tactically~*~*~ (outnumbered).
  5825 | D:4      | 5825 ||| Stepping ~*~*~tactically~*~*~ (outnumbered).
  5827 | D:4      | 5827 ||| Stepping ~*~*~tactically~*~*~ (outnumbered).
  5830 | D:4      | 5830 ||| Stepping ~*~*~tactically~*~*~ (outnumbered).
  5832 | D:4      | 5832 ||| Stepping ~*~*~tactically~*~*~ (outnumbered).
  5834 | D:4      | 5834 ||| Stepping ~*~*~tactically~*~*~ (outnumbered).
  5836 | D:4      | 5836 ||| Stepping ~*~*~tactically~*~*~ (outnumbered).
  5838 | D:4      | 5838 ||| Stepping ~*~*~tactically~*~*~ (outnumbered).
  5840 | D:4      | 5840 ||| Stepping ~*~*~tactically~*~*~ (outnumbered).
  5842 | D:4      | 5842 ||| Stepping ~*~*~tactically~*~*~ (outnumbered).
  5844 | D:4      | 5844 ||| Stepping ~*~*~tactically~*~*~ (outnumbered).
  5846 | D:4      | 5846 ||| Stepping ~*~*~tactically~*~*~ (outnumbered).
  5848 | D:4      | 5848 ||| Stepping ~*~*~tactically~*~*~ (outnumbered).
  5850 | D:4      | 5850 ||| Stepping ~*~*~tactically~*~*~ (outnumbered).
  5852 | D:4      | 5852 ||| Stepping ~*~*~tactically~*~*~ (outnumbered).
  5854 | D:4      | 5854 ||| Stepping ~*~*~tactically~*~*~ (outnumbered).
  5856 | D:4      | 5856 ||| Stepping ~*~*~tactically~*~*~ (outnumbered).
  5858 | D:4      | 5858 ||| Stepping ~*~*~tactically~*~*~ (outnumbered).
  5860 | D:4      | 5860 ||| Stepping ~*~*~tactically~*~*~ (outnumbered).
  5862 | D:4      | 5862 ||| Stepping ~*~*~tactically~*~*~ (outnumbered).
  5871 | D:4      | 5871 ||| FLEEEEING.
  5898 | D:4      | 5898 ||| Stepping ~*~*~tactically~*~*~ (outnumbered).
  5900 | D:4      | 5900 ||| Stepping ~*~*~tactically~*~*~ (outnumbered).
  5902 | D:4      | 5902 ||| Stepping ~*~*~tactically~*~*~ (outnumbered).
  5904 | D:4      | 5904 ||| Stepping ~*~*~tactically~*~*~ (outnumbered).
  5906 | D:4      | 5906 ||| Stepping ~*~*~tactically~*~*~ (outnumbered).
  5908 | D:4      | 5908 ||| Stepping ~*~*~tactically~*~*~ (outnumbered).
  5910 | D:4      | 5910 ||| Stepping ~*~*~tactically~*~*~ (outnumbered).
  5912 | D:4      | 5912 ||| Stepping ~*~*~tactically~*~*~ (outnumbered).
  5914 | D:4      | 5914 ||| Stepping ~*~*~tactically~*~*~ (outnumbered).
  5916 | D:4      | 5916 ||| Stepping ~*~*~tactically~*~*~ (outnumbered).
  5918 | D:4      | 5918 ||| Stepping ~*~*~tactically~*~*~ (outnumbered).
  5920 | D:4      | 5920 ||| Stepping ~*~*~tactically~*~*~ (outnumbered).
  5922 | D:4      | 5922 ||| Stepping ~*~*~tactically~*~*~ (outnumbered).
  5924 | D:4      | 5924 ||| Stepping ~*~*~tactically~*~*~ (outnumbered).
  5926 | D:4      | 5926 ||| Stepping ~*~*~tactically~*~*~ (outnumbered).
  5934 | D:4      | 5934 ||| Stepping ~*~*~tactically~*~*~ (outnumbered).
  5937 | D:4      | 5937 ||| Stepping ~*~*~tactically~*~*~ (outnumbered).
  5939 | D:4      | 5939 ||| Stepping ~*~*~tactically~*~*~ (outnumbered).
  5941 | D:4      | 5941 ||| Stepping ~*~*~tactically~*~*~ (outnumbered).
  5945 | D:4      | 5945 ||| Stepping ~*~*~tactically~*~*~ (outnumbered).
  5947 | D:4      | 5947 ||| Stepping ~*~*~tactically~*~*~ (outnumbered).
  5949 | D:4      | 5949 ||| Stepping ~*~*~tactically~*~*~ (outnumbered).
  5951 | D:4      | 5951 ||| Stepping ~*~*~tactically~*~*~ (outnumbered).
  5953 | D:4      | 5953 ||| Stepping ~*~*~tactically~*~*~ (outnumbered).
  5960 | D:4      | 5960 ||| Stepping ~*~*~tactically~*~*~ (outnumbered).
  5962 | D:4      | 5962 ||| Stepping ~*~*~tactically~*~*~ (outnumbered).
  5964 | D:4      | 5964 ||| Stepping ~*~*~tactically~*~*~ (outnumbered).
  5966 | D:4      | 5966 ||| Stepping ~*~*~tactically~*~*~ (outnumbered).
  5968 | D:4      | 5968 ||| Stepping ~*~*~tactically~*~*~ (outnumbered).
  5978 | D:4      | 5978 ||| FLEEEEING.
  6006 | D:4      | 6006 ||| Stepping ~*~*~tactically~*~*~ (outnumbered).
  6008 | D:4      | 6008 ||| Stepping ~*~*~tactically~*~*~ (outnumbered).
  6010 | D:4      | 6010 ||| Stepping ~*~*~tactically~*~*~ (outnumbered).
  6012 | D:4      | 6012 ||| Stepping ~*~*~tactically~*~*~ (outnumbered).
  6014 | D:4      | 6014 ||| Stepping ~*~*~tactically~*~*~ (outnumbered).
  6016 | D:4      | 6016 ||| Stepping ~*~*~tactically~*~*~ (outnumbered).
  6018 | D:4      | 6018 ||| Stepping ~*~*~tactically~*~*~ (outnumbered).
  6020 | D:4      | 6020 ||| Stepping ~*~*~tactically~*~*~ (outnumbered).
  6023 | D:4      | 6023 ||| Stepping ~*~*~tactically~*~*~ (outnumbered).
  6025 | D:4      | 6025 ||| Stepping ~*~*~tactically~*~*~ (outnumbered).
  6027 | D:4      | 6027 ||| Stepping ~*~*~tactically~*~*~ (outnumbered).
  6029 | D:4      | 6029 ||| Stepping ~*~*~tactically~*~*~ (outnumbered).
  6031 | D:4      | 6031 ||| Stepping ~*~*~tactically~*~*~ (outnumbered).
  6045 | D:4      | 6045 ||| Stepping ~*~*~tactically~*~*~ (outnumbered).
  6047 | D:4      | 6047 ||| Stepping ~*~*~tactically~*~*~ (outnumbered).
  6052 | D:4      | 6052 ||| Stepping ~*~*~tactically~*~*~ (outnumbered).
  6067 | D:4      | 6067 ||| Stepping ~*~*~tactically~*~*~ (outnumbered).
  6069 | D:4      | 6069 ||| Stepping ~*~*~tactically~*~*~ (outnumbered).
  6071 | D:4      | 6071 ||| Stepping ~*~*~tactically~*~*~ (outnumbered).
  6073 | D:4      | 6073 ||| Stepping ~*~*~tactically~*~*~ (outnumbered).
  6075 | D:4      | 6075 ||| Stepping ~*~*~tactically~*~*~ (outnumbered).
  6077 | D:4      | 6077 ||| Stepping ~*~*~tactically~*~*~ (outnumbered).
  6079 | D:4      | 6079 ||| Stepping ~*~*~tactically~*~*~ (outnumbered).
  6081 | D:4      | 6081 ||| Stepping ~*~*~tactically~*~*~ (outnumbered).
  6083 | D:4      | 6083 ||| Stepping ~*~*~tactically~*~*~ (outnumbered).
  6085 | D:4      | 6085 ||| Stepping ~*~*~tactically~*~*~ (outnumbered).
  6087 | D:4      | 6087 ||| Stepping ~*~*~tactically~*~*~ (outnumbered).
  6089 | D:4      | 6089 ||| Stepping ~*~*~tactically~*~*~ (outnumbered).
  6091 | D:4      | 6091 ||| Stepping ~*~*~tactically~*~*~ (outnumbered).
  6104 | D:4      | 6104 ||| Stepping ~*~*~tactically~*~*~ (outnumbered).
  6106 | D:4      | 6106 ||| Stepping ~*~*~tactically~*~*~ (outnumbered).
  6108 | D:4      | 6108 ||| Stepping ~*~*~tactically~*~*~ (outnumbered).
  6119 | D:4      | 6119 ||| Stepping ~*~*~tactically~*~*~ (outnumbered).
  6121 | D:4      | 6121 ||| Stepping ~*~*~tactically~*~*~ (outnumbered).
  6123 | D:4      | 6123 ||| Stepping ~*~*~tactically~*~*~ (outnumbered).
  6126 | D:4      | 6126 ||| Stepping ~*~*~tactically~*~*~ (outnumbered).
  6128 | D:4      | 6128 ||| Stepping ~*~*~tactically~*~*~ (outnumbered).
  6130 | D:4      | 6130 ||| Stepping ~*~*~tactically~*~*~ (outnumbered).
  6132 | D:4      | 6132 ||| Stepping ~*~*~tactically~*~*~ (outnumbered).
  6134 | D:4      | 6134 ||| Stepping ~*~*~tactically~*~*~ (outnumbered).
  6136 | D:4      | 6136 ||| Stepping ~*~*~tactically~*~*~ (outnumbered).
  6138 | D:4      | 6138 ||| Stepping ~*~*~tactically~*~*~ (outnumbered).
  6140 | D:4      | 6140 ||| Stepping ~*~*~tactically~*~*~ (outnumbered).
  6142 | D:4      | 6142 ||| Stepping ~*~*~tactically~*~*~ (outnumbered).
  6144 | D:4      | 6144 ||| Stepping ~*~*~tactically~*~*~ (outnumbered).
  6146 | D:4      | 6146 ||| Stepping ~*~*~tactically~*~*~ (outnumbered).
  6148 | D:4      | 6148 ||| Stepping ~*~*~tactically~*~*~ (outnumbered).
  6150 | D:4      | 6150 ||| Stepping ~*~*~tactically~*~*~ (outnumbered).
  6152 | D:4      | 6152 ||| Stepping ~*~*~tactically~*~*~ (outnumbered).
  6160 | D:4      | 6160 ||| Stepping ~*~*~tactically~*~*~ (outnumbered).
  6162 | D:4      | 6162 ||| Stepping ~*~*~tactically~*~*~ (outnumbered).
  6164 | D:4      | 6164 ||| Stepping ~*~*~tactically~*~*~ (outnumbered).
  6166 | D:4      | 6166 ||| Stepping ~*~*~tactically~*~*~ (outnumbered).
  6168 | D:4      | 6168 ||| Stepping ~*~*~tactically~*~*~ (outnumbered).
  6170 | D:4      | 6170 ||| Stepping ~*~*~tactically~*~*~ (outnumbered).
  6186 | D:4      | 6186 ||| Stepping ~*~*~tactically~*~*~ (outnumbered).
  6188 | D:4      | 6188 ||| Stepping ~*~*~tactically~*~*~ (outnumbered).
  6190 | D:4      | 6190 ||| Stepping ~*~*~tactically~*~*~ (outnumbered).
  6192 | D:4      | 6192 ||| FLEEEEING.
  6220 | D:4      | 6220 ||| Stepping ~*~*~tactically~*~*~ (outnumbered).
  6222 | D:4      | 6222 ||| Stepping ~*~*~tactically~*~*~ (outnumbered).
  6230 | D:4      | 6230 ||| Stepping ~*~*~tactically~*~*~ (outnumbered).
  6232 | D:4      | 6232 ||| FLEEEEING.
  6258 | D:4      | 6258 ||| Stepping ~*~*~tactically~*~*~ (outnumbered).
  6260 | D:4      | 6260 ||| Stepping ~*~*~tactically~*~*~ (outnumbered).
  6267 | D:4      | 6267 ||| Stepping ~*~*~tactically~*~*~ (outnumbered).
  6269 | D:4      | 6269 ||| Stepping ~*~*~tactically~*~*~ (outnumbered).
  6271 | D:4      | 6271 ||| Stepping ~*~*~tactically~*~*~ (outnumbered).
  6273 | D:4      | 6273 ||| Stepping ~*~*~tactically~*~*~ (outnumbered).
  6275 | D:4      | 6275 ||| Stepping ~*~*~tactically~*~*~ (outnumbered).
  6277 | D:4      | 6277 ||| Stepping ~*~*~tactically~*~*~ (outnumbered).
  6279 | D:4      | 6279 ||| Stepping ~*~*~tactically~*~*~ (outnumbered).
  6281 | D:4      | 6281 ||| Stepping ~*~*~tactically~*~*~ (outnumbered).
  6283 | D:4      | 6283 ||| Stepping ~*~*~tactically~*~*~ (outnumbered).
  6285 | D:4      | 6285 ||| Stepping ~*~*~tactically~*~*~ (outnumbered).
  6287 | D:4      | 6287 ||| Stepping ~*~*~tactically~*~*~ (outnumbered).
  6289 | D:4      | 6289 ||| Stepping ~*~*~tactically~*~*~ (outnumbered).
  6291 | D:4      | 6291 ||| Stepping ~*~*~tactically~*~*~ (outnumbered).
  6293 | D:4      | 6293 ||| Stepping ~*~*~tactically~*~*~ (outnumbered).
  6295 | D:4      | 6295 ||| Stepping ~*~*~tactically~*~*~ (outnumbered).
  6297 | D:4      | 6297 ||| Stepping ~*~*~tactically~*~*~ (outnumbered).
  6300 | D:4      | 6300 ||| Stepping ~*~*~tactically~*~*~ (outnumbered).
  6308 | D:4      | 6308 ||| Stepping ~*~*~tactically~*~*~ (outnumbered).
  6310 | D:4      | 6310 ||| Stepping ~*~*~tactically~*~*~ (outnumbered).
  6312 | D:4      | 6312 ||| Stepping ~*~*~tactically~*~*~ (outnumbered).
  6314 | D:4      | 6314 ||| Stepping ~*~*~tactically~*~*~ (outnumbered).
  6316 | D:4      | 6316 ||| Stepping ~*~*~tactically~*~*~ (outnumbered).
  6318 | D:4      | 6318 ||| Stepping ~*~*~tactically~*~*~ (outnumbered).
  6320 | D:4      | 6320 ||| Stepping ~*~*~tactically~*~*~ (outnumbered).
  6323 | D:4      | 6323 ||| Stepping ~*~*~tactically~*~*~ (outnumbered).
  6325 | D:4      | 6325 ||| Stepping ~*~*~tactically~*~*~ (outnumbered).
  6327 | D:4      | 6327 ||| Stepping ~*~*~tactically~*~*~ (outnumbered).
  6329 | D:4      | 6329 ||| Stepping ~*~*~tactically~*~*~ (outnumbered).
  6331 | D:4      | 6331 ||| Stepping ~*~*~tactically~*~*~ (outnumbered).
  6333 | D:4      | 6333 ||| Stepping ~*~*~tactically~*~*~ (outnumbered).
  6335 | D:4      | 6335 ||| Stepping ~*~*~tactically~*~*~ (outnumbered).
  6345 | D:4      | 6345 ||| Stepping ~*~*~tactically~*~*~ (outnumbered).
  6347 | D:4      | 6347 ||| Stepping ~*~*~tactically~*~*~ (outnumbered).
  6349 | D:4      | 6349 ||| Stepping ~*~*~tactically~*~*~ (outnumbered).
  6351 | D:4      | 6351 ||| Stepping ~*~*~tactically~*~*~ (outnumbered).
  6353 | D:4      | 6353 ||| Stepping ~*~*~tactically~*~*~ (outnumbered).
  6360 | D:4      | 6360 ||| Stepping ~*~*~tactically~*~*~ (outnumbered).
  6362 | D:4      | 6362 ||| Stepping ~*~*~tactically~*~*~ (outnumbered).
  6364 | D:4      | 6364 ||| Stepping ~*~*~tactically~*~*~ (outnumbered).
  6371 | D:4      | 6371 ||| Stepping ~*~*~tactically~*~*~ (outnumbered).
  6373 | D:4      | 6373 ||| Stepping ~*~*~tactically~*~*~ (outnumbered).
  6375 | D:4      | 6375 ||| Stepping ~*~*~tactically~*~*~ (outnumbered).
  6386 | D:4      | 6386 ||| Stepping ~*~*~tactically~*~*~ (outnumbered).
  6388 | D:4      | 6388 ||| Stepping ~*~*~tactically~*~*~ (outnumbered).
  6390 | D:4      | 6390 ||| Stepping ~*~*~tactically~*~*~ (outnumbered).
  6392 | D:4      | 6392 ||| Stepping ~*~*~tactically~*~*~ (outnumbered).
  6394 | D:4      | 6394 ||| Stepping ~*~*~tactically~*~*~ (outnumbered).
  6396 | D:4      | 6396 ||| Stepping ~*~*~tactically~*~*~ (outnumbered).
  6398 | D:4      | 6398 ||| Stepping ~*~*~tactically~*~*~ (outnumbered).
  6400 | D:4      | 6400 ||| Stepping ~*~*~tactically~*~*~ (outnumbered).
  6402 | D:4      | 6402 ||| Stepping ~*~*~tactically~*~*~ (outnumbered).
  6411 | D:4      | 6411 ||| Stepping ~*~*~tactically~*~*~ (outnumbered).
  6426 | D:4      | 6426 ||| Stepping ~*~*~tactically~*~*~ (outnumbered).
  6428 | D:4      | 6428 ||| Stepping ~*~*~tactically~*~*~ (outnumbered).
  6430 | D:4      | 6430 ||| Stepping ~*~*~tactically~*~*~ (outnumbered).
  6432 | D:4      | 6432 ||| Stepping ~*~*~tactically~*~*~ (outnumbered).
  6434 | D:4      | 6434 ||| Stepping ~*~*~tactically~*~*~ (outnumbered).
  6436 | D:4      | 6436 ||| Stepping ~*~*~tactically~*~*~ (outnumbered).
  6438 | D:4      | 6438 ||| Stepping ~*~*~tactically~*~*~ (outnumbered).
  6440 | D:4      | 6440 ||| Stepping ~*~*~tactically~*~*~ (outnumbered).
  6442 | D:4      | 6442 ||| Stepping ~*~*~tactically~*~*~ (outnumbered).
  6444 | D:4      | 6444 ||| Stepping ~*~*~tactically~*~*~ (outnumbered).
  6460 | D:4      | 6460 ||| Stepping ~*~*~tactically~*~*~ (outnumbered).
  6462 | D:4      | 6462 ||| Stepping ~*~*~tactically~*~*~ (outnumbered).
  6464 | D:4      | 6464 ||| Stepping ~*~*~tactically~*~*~ (outnumbered).
  6466 | D:4      | 6466 ||| Stepping ~*~*~tactically~*~*~ (outnumbered).
  6468 | D:4      | 6468 ||| Stepping ~*~*~tactically~*~*~ (outnumbered).
  6470 | D:4      | 6470 ||| Stepping ~*~*~tactically~*~*~ (outnumbered).
  6472 | D:4      | 6472 ||| Stepping ~*~*~tactically~*~*~ (outnumbered).
  6482 | D:4      | 6482 ||| Stepping ~*~*~tactically~*~*~ (outnumbered).
  6484 | D:4      | 6484 ||| Stepping ~*~*~tactically~*~*~ (outnumbered).
  6489 | D:4      | 6489 ||| Stepping ~*~*~tactically~*~*~ (outnumbered).
  6491 | D:4      | 6491 ||| Stepping ~*~*~tactically~*~*~ (outnumbered).
  6493 | D:4      | 6493 ||| Stepping ~*~*~tactically~*~*~ (outnumbered).
  6495 | D:4      | 6495 ||| Stepping ~*~*~tactically~*~*~ (outnumbered).
  6500 | D:4      | 6500 ||| Stepping ~*~*~tactically~*~*~ (outnumbered).
  6504 | D:4      | 6504 ||| Stepping ~*~*~tactically~*~*~ (outnumbered).
  6506 | D:4      | 6506 ||| Stepping ~*~*~tactically~*~*~ (outnumbered).
  6508 | D:4      | 6508 ||| Stepping ~*~*~tactically~*~*~ (outnumbered).
  6510 | D:4      | 6510 ||| Stepping ~*~*~tactically~*~*~ (outnumbered).
  6515 | D:4      | 6515 ||| Stepping ~*~*~tactically~*~*~ (outnumbered).
  6517 | D:4      | 6517 ||| Stepping ~*~*~tactically~*~*~ (outnumbered).
  6530 | D:4      | 6530 ||| Stepping ~*~*~tactically~*~*~ (outnumbered).
  6532 | D:4      | 6532 ||| Stepping ~*~*~tactically~*~*~ (outnumbered).
  6545 | D:4      | 6545 ||| Stepping ~*~*~tactically~*~*~ (outnumbered).
  6547 | D:4      | 6547 ||| Stepping ~*~*~tactically~*~*~ (outnumbered).
  6549 | D:4      | 6549 ||| Stepping ~*~*~tactically~*~*~ (outnumbered).
  6551 | D:4      | 6551 ||| Stepping ~*~*~tactically~*~*~ (outnumbered).
  6553 | D:4      | 6553 ||| Stepping ~*~*~tactically~*~*~ (outnumbered).
  6555 | D:4      | 6555 ||| Stepping ~*~*~tactically~*~*~ (outnumbered).
  6557 | D:4      | 6557 ||| Stepping ~*~*~tactically~*~*~ (outnumbered).
  6559 | D:4      | 6559 ||| Stepping ~*~*~tactically~*~*~ (outnumbered).
  6561 | D:4      | 6561 ||| Stepping ~*~*~tactically~*~*~ (outnumbered).
  6563 | D:4      | 6563 ||| Stepping ~*~*~tactically~*~*~ (outnumbered).
  6565 | D:4      | 6565 ||| Stepping ~*~*~tactically~*~*~ (outnumbered).
  6567 | D:4      | 6567 ||| Stepping ~*~*~tactically~*~*~ (outnumbered).
  6574 | D:4      | 6574 ||| Stepping ~*~*~tactically~*~*~ (outnumbered).
  6576 | D:4      | 6576 ||| FLEEEEING.
  6602 | D:4      | 6602 ||| Stepping ~*~*~tactically~*~*~ (outnumbered).
  6604 | D:4      | 6604 ||| Stepping ~*~*~tactically~*~*~ (outnumbered).
  6606 | D:4      | 6606 ||| Stepping ~*~*~tactically~*~*~ (outnumbered).
  6608 | D:4      | 6608 ||| Stepping ~*~*~tactically~*~*~ (outnumbered).
  6619 | D:4      | 6619 ||| Stepping ~*~*~tactically~*~*~ (outnumbered).
  6621 | D:4      | 6621 ||| Stepping ~*~*~tactically~*~*~ (outnumbered).
  6634 | D:4      | 6634 ||| Stepping ~*~*~tactically~*~*~ (outnumbered).
  6636 | D:4      | 6636 ||| Stepping ~*~*~tactically~*~*~ (outnumbered).
  6638 | D:4      | 6638 ||| Stepping ~*~*~tactically~*~*~ (outnumbered).
  6640 | D:4      | 6640 ||| Stepping ~*~*~tactically~*~*~ (outnumbered).
  6652 | D:4      | 6652 ||| Stepping ~*~*~tactically~*~*~ (outnumbered).
  6654 | D:4      | 6654 ||| Stepping ~*~*~tactically~*~*~ (outnumbered).
  6656 | D:4      | 6656 ||| Stepping ~*~*~tactically~*~*~ (outnumbered).
  6658 | D:4      | 6658 ||| Stepping ~*~*~tactically~*~*~ (outnumbered).
  6671 | D:4      | 6671 ||| Stepping ~*~*~tactically~*~*~ (outnumbered).
  6673 | D:4      | 6673 ||| Stepping ~*~*~tactically~*~*~ (outnumbered).
  6675 | D:4      | 6675 ||| Stepping ~*~*~tactically~*~*~ (outnumbered).
  6686 | D:4      | 6686 ||| Stepping ~*~*~tactically~*~*~ (outnumbered).
  6688 | D:4      | 6688 ||| Stepping ~*~*~tactically~*~*~ (outnumbered).
  6690 | D:4      | 6690 ||| Stepping ~*~*~tactically~*~*~ (outnumbered).
  6704 | D:4      | 6704 ||| Stepping ~*~*~tactically~*~*~ (outnumbered).
  6706 | D:4      | 6706 ||| Stepping ~*~*~tactically~*~*~ (outnumbered).
  6708 | D:4      | 6708 ||| Stepping ~*~*~tactically~*~*~ (outnumbered).
  6710 | D:4      | 6710 ||| Stepping ~*~*~tactically~*~*~ (outnumbered).
  6712 | D:4      | 6712 ||| Stepping ~*~*~tactically~*~*~ (outnumbered).
  6714 | D:4      | 6714 ||| Stepping ~*~*~tactically~*~*~ (outnumbered).
  6716 | D:4      | 6716 ||| Stepping ~*~*~tactically~*~*~ (outnumbered).
  6726 | D:4      | 6726 ||| Stepping ~*~*~tactically~*~*~ (outnumbered).
  6728 | D:4      | 6728 ||| Stepping ~*~*~tactically~*~*~ (outnumbered).
  6730 | D:4      | 6730 ||| Stepping ~*~*~tactically~*~*~ (outnumbered).
  6732 | D:4      | 6732 ||| Stepping ~*~*~tactically~*~*~ (outnumbered).
  6734 | D:4      | 6734 ||| FLEEEEING.
  6761 | D:4      | 6761 ||| Stepping ~*~*~tactically~*~*~ (outnumbered).
  6763 | D:4      | 6763 ||| Stepping ~*~*~tactically~*~*~ (outnumbered).
  6765 | D:4      | 6765 ||| Stepping ~*~*~tactically~*~*~ (outnumbered).
  6767 | D:4      | 6767 ||| Stepping ~*~*~tactically~*~*~ (outnumbered).
  6769 | D:4      | 6769 ||| Stepping ~*~*~tactically~*~*~ (outnumbered).
  6771 | D:4      | 6771 ||| Stepping ~*~*~tactically~*~*~ (outnumbered).
  6773 | D:4      | 6773 ||| Stepping ~*~*~tactically~*~*~ (outnumbered).
  6775 | D:4      | 6775 ||| Stepping ~*~*~tactically~*~*~ (outnumbered).
  6777 | D:4      | 6777 ||| Stepping ~*~*~tactically~*~*~ (outnumbered).
  6779 | D:4      | 6779 ||| Stepping ~*~*~tactically~*~*~ (outnumbered).
  6781 | D:4      | 6781 ||| Stepping ~*~*~tactically~*~*~ (outnumbered).
  6783 | D:4      | 6783 ||| Stepping ~*~*~tactically~*~*~ (outnumbered).
  6785 | D:4      | 6785 ||| Stepping ~*~*~tactically~*~*~ (outnumbered).
  6789 | D:4      | 6789 ||| Stepping ~*~*~tactically~*~*~ (outnumbered).
  6791 | D:4      | 6791 ||| Stepping ~*~*~tactically~*~*~ (outnumbered).
  6793 | D:4      | 6793 ||| Stepping ~*~*~tactically~*~*~ (outnumbered).
  6795 | D:4      | 6795 ||| Stepping ~*~*~tactically~*~*~ (outnumbered).
  6797 | D:4      | 6797 ||| Stepping ~*~*~tactically~*~*~ (outnumbered).
  6804 | D:4      | 6804 ||| Stepping ~*~*~tactically~*~*~ (outnumbered).
  6806 | D:4      | 6806 ||| Stepping ~*~*~tactically~*~*~ (outnumbered).
  6808 | D:4      | 6808 ||| Stepping ~*~*~tactically~*~*~ (outnumbered).
  6810 | D:4      | 6810 ||| Stepping ~*~*~tactically~*~*~ (outnumbered).
  6812 | D:4      | 6812 ||| Stepping ~*~*~tactically~*~*~ (outnumbered).
  6819 | D:4      | 6819 ||| Stepping ~*~*~tactically~*~*~ (outnumbered).
  6821 | D:4      | 6821 ||| Stepping ~*~*~tactically~*~*~ (outnumbered).
  6830 | D:4      | 6830 ||| Stepping ~*~*~tactically~*~*~ (outnumbered).
  6834 | D:4      | 6834 ||| Stepping ~*~*~tactically~*~*~ (outnumbered).
  6841 | D:4      | 6841 ||| Stepping ~*~*~tactically~*~*~ (outnumbered).
  6843 | D:4      | 6843 ||| Stepping ~*~*~tactically~*~*~ (outnumbered).
  6845 | D:4      | 6845 ||| Stepping ~*~*~tactically~*~*~ (outnumbered).
  6847 | D:4      | 6847 ||| Stepping ~*~*~tactically~*~*~ (outnumbered).
  6849 | D:4      | 6849 ||| Stepping ~*~*~tactically~*~*~ (outnumbered).
  6851 | D:4      | 6851 ||| Stepping ~*~*~tactically~*~*~ (outnumbered).
  6853 | D:4      | 6853 ||| Stepping ~*~*~tactically~*~*~ (outnumbered).
  6855 | D:4      | 6855 ||| Stepping ~*~*~tactically~*~*~ (outnumbered).
  6857 | D:4      | 6857 ||| Stepping ~*~*~tactically~*~*~ (outnumbered).
  6859 | D:4      | 6859 ||| Stepping ~*~*~tactically~*~*~ (outnumbered).
  6861 | D:4      | 6861 ||| Stepping ~*~*~tactically~*~*~ (outnumbered).
  6863 | D:4      | 6863 ||| Stepping ~*~*~tactically~*~*~ (outnumbered).
  6865 | D:4      | 6865 ||| Stepping ~*~*~tactically~*~*~ (outnumbered).
  6867 | D:4      | 6867 ||| Stepping ~*~*~tactically~*~*~ (outnumbered).
  6878 | D:4      | 6878 ||| Stepping ~*~*~tactically~*~*~ (outnumbered).
  6880 | D:4      | 6880 ||| Stepping ~*~*~tactically~*~*~ (outnumbered).
  6882 | D:4      | 6882 ||| Stepping ~*~*~tactically~*~*~ (outnumbered).
  6884 | D:4      | 6884 ||| Stepping ~*~*~tactically~*~*~ (outnumbered).
  6886 | D:4      | 6886 ||| Stepping ~*~*~tactically~*~*~ (outnumbered).
  6897 | D:4      | 6897 ||| Stepping ~*~*~tactically~*~*~ (outnumbered).
  6899 | D:4      | 6899 ||| Stepping ~*~*~tactically~*~*~ (outnumbered).
  6901 | D:4      | 6901 ||| Stepping ~*~*~tactically~*~*~ (outnumbered).
  6903 | D:4      | 6903 ||| Stepping ~*~*~tactically~*~*~ (outnumbered).
  6905 | D:4      | 6905 ||| Stepping ~*~*~tactically~*~*~ (outnumbered).
  6907 | D:4      | 6907 ||| Stepping ~*~*~tactically~*~*~ (outnumbered).
  6909 | D:4      | 6909 ||| Stepping ~*~*~tactically~*~*~ (outnumbered).
  6911 | D:4      | 6911 ||| FLEEEEING.
  6939 | D:4      | 6939 ||| Stepping ~*~*~tactically~*~*~ (outnumbered).
  6941 | D:4      | 6941 ||| FLEEEEING.
  6969 | D:4      | 6969 ||| Stepping ~*~*~tactically~*~*~ (outnumbered).
  6971 | D:4      | 6971 ||| Stepping ~*~*~tactically~*~*~ (outnumbered).
  6973 | D:4      | 6973 ||| Stepping ~*~*~tactically~*~*~ (outnumbered).
  6982 | D:4      | 6982 ||| Stepping ~*~*~tactically~*~*~ (outnumbered).
  6984 | D:4      | 6984 ||| Stepping ~*~*~tactically~*~*~ (outnumbered).
  6986 | D:4      | 6986 ||| Stepping ~*~*~tactically~*~*~ (outnumbered).
  6988 | D:4      | 6988 ||| Stepping ~*~*~tactically~*~*~ (outnumbered).
  6990 | D:4      | 6990 ||| Stepping ~*~*~tactically~*~*~ (outnumbered).
  6992 | D:4      | 6992 ||| Stepping ~*~*~tactically~*~*~ (outnumbered).
  6994 | D:4      | 6994 ||| Stepping ~*~*~tactically~*~*~ (outnumbered).
  6996 | D:4      | 6996 ||| Stepping ~*~*~tactically~*~*~ (outnumbered).
  7004 | D:4      | 7004 ||| Stepping ~*~*~tactically~*~*~ (outnumbered).
  7008 | D:4      | 7008 ||| Stepping ~*~*~tactically~*~*~ (outnumbered).
  7010 | D:4      | 7010 ||| Stepping ~*~*~tactically~*~*~ (outnumbered).
  7012 | D:4      | 7012 ||| Stepping ~*~*~tactically~*~*~ (outnumbered).
  7014 | D:4      | 7014 ||| Stepping ~*~*~tactically~*~*~ (outnumbered).
  7016 | D:4      | 7016 ||| Stepping ~*~*~tactically~*~*~ (outnumbered).
  7018 | D:4      | 7018 ||| Stepping ~*~*~tactically~*~*~ (outnumbered).
  7020 | D:4      | 7020 ||| Stepping ~*~*~tactically~*~*~ (outnumbered).
  7022 | D:4      | 7022 ||| Stepping ~*~*~tactically~*~*~ (outnumbered).
  7024 | D:4      | 7024 ||| Stepping ~*~*~tactically~*~*~ (outnumbered).
  7026 | D:4      | 7026 ||| Stepping ~*~*~tactically~*~*~ (outnumbered).
  7034 | D:4      | 7034 ||| Stepping ~*~*~tactically~*~*~ (outnumbered).
  7036 | D:4      | 7036 ||| Stepping ~*~*~tactically~*~*~ (outnumbered).
  7038 | D:4      | 7038 ||| Stepping ~*~*~tactically~*~*~ (outnumbered).
  7040 | D:4      | 7040 ||| Stepping ~*~*~tactically~*~*~ (outnumbered).
  7042 | D:4      | 7042 ||| Stepping ~*~*~tactically~*~*~ (outnumbered).
  7044 | D:4      | 7044 ||| Stepping ~*~*~tactically~*~*~ (outnumbered).
  7046 | D:4      | 7046 ||| Stepping ~*~*~tactically~*~*~ (outnumbered).
  7048 | D:4      | 7048 ||| Stepping ~*~*~tactically~*~*~ (outnumbered).
  7050 | D:4      | 7050 ||| Stepping ~*~*~tactically~*~*~ (outnumbered).
  7056 | D:4      | 7056 ||| Stepping ~*~*~tactically~*~*~ (outnumbered).
  7058 | D:4      | 7058 ||| Stepping ~*~*~tactically~*~*~ (outnumbered).
  7060 | D:4      | 7060 ||| Stepping ~*~*~tactically~*~*~ (outnumbered).
  7062 | D:4      | 7062 ||| Stepping ~*~*~tactically~*~*~ (outnumbered).
  7064 | D:4      | 7064 ||| Stepping ~*~*~tactically~*~*~ (outnumbered).
  7066 | D:4      | 7066 ||| Stepping ~*~*~tactically~*~*~ (outnumbered).
  7068 | D:4      | 7068 ||| Stepping ~*~*~tactically~*~*~ (outnumbered).
  7070 | D:4      | 7070 ||| Stepping ~*~*~tactically~*~*~ (outnumbered).
  7072 | D:4      | 7072 ||| Stepping ~*~*~tactically~*~*~ (outnumbered).
  7074 | D:4      | 7074 ||| Stepping ~*~*~tactically~*~*~ (outnumbered).
  7076 | D:4      | 7076 ||| Stepping ~*~*~tactically~*~*~ (outnumbered).
  7089 | D:4      | 7089 ||| Stepping ~*~*~tactically~*~*~ (outnumbered).
  7091 | D:4      | 7091 ||| Stepping ~*~*~tactically~*~*~ (outnumbered).
  7093 | D:4      | 7093 ||| Stepping ~*~*~tactically~*~*~ (outnumbered).
  7095 | D:4      | 7095 ||| Stepping ~*~*~tactically~*~*~ (outnumbered).
  7097 | D:4      | 7097 ||| Stepping ~*~*~tactically~*~*~ (outnumbered).
  7099 | D:4      | 7099 ||| Stepping ~*~*~tactically~*~*~ (outnumbered).
  7101 | D:4      | 7101 ||| Stepping ~*~*~tactically~*~*~ (outnumbered).
  7111 | D:4      | 7111 ||| Stepping ~*~*~tactically~*~*~ (outnumbered).
  7126 | D:4      | 7126 ||| Stepping ~*~*~tactically~*~*~ (outnumbered).
  7128 | D:4      | 7128 ||| Stepping ~*~*~tactically~*~*~ (outnumbered).
  7130 | D:4      | 7130 ||| Stepping ~*~*~tactically~*~*~ (outnumbered).
  7132 | D:4      | 7132 ||| Stepping ~*~*~tactically~*~*~ (outnumbered).
  7134 | D:4      | 7134 ||| Stepping ~*~*~tactically~*~*~ (outnumbered).
  7149 | D:4      | 7149 ||| Stepping ~*~*~tactically~*~*~ (outnumbered).
  7151 | D:4      | 7151 ||| Stepping ~*~*~tactically~*~*~ (outnumbered).
  7156 | D:4      | 7156 ||| Stepping ~*~*~tactically~*~*~ (outnumbered).
  7158 | D:4      | 7158 ||| Stepping ~*~*~tactically~*~*~ (outnumbered).
  7160 | D:4      | 7160 ||| Stepping ~*~*~tactically~*~*~ (outnumbered).
  7162 | D:4      | 7162 ||| Stepping ~*~*~tactically~*~*~ (outnumbered).
  7164 | D:4      | 7164 ||| Stepping ~*~*~tactically~*~*~ (outnumbered).
  7171 | D:4      | 7171 ||| Stepping ~*~*~tactically~*~*~ (outnumbered).
  7173 | D:4      | 7173 ||| Stepping ~*~*~tactically~*~*~ (outnumbered).
  7186 | D:4      | 7186 ||| Stepping ~*~*~tactically~*~*~ (outnumbered).
  7188 | D:4      | 7188 ||| Stepping ~*~*~tactically~*~*~ (outnumbered).
  7200 | D:4      | 7200 ||| Stepping ~*~*~tactically~*~*~ (outnumbered).
  7204 | D:4      | 7204 ||| Stepping ~*~*~tactically~*~*~ (outnumbered).
  7206 | D:4      | 7206 ||| Stepping ~*~*~tactically~*~*~ (outnumbered).
  7208 | D:4      | 7208 ||| Stepping ~*~*~tactically~*~*~ (outnumbered).
  7215 | D:4      | 7215 ||| Stepping ~*~*~tactically~*~*~ (outnumbered).
  7219 | D:4      | 7219 ||| Stepping ~*~*~tactically~*~*~ (outnumbered).
  7221 | D:4      | 7221 ||| Stepping ~*~*~tactically~*~*~ (outnumbered).
  7223 | D:4      | 7223 ||| Stepping ~*~*~tactically~*~*~ (outnumbered).
  7230 | D:4      | 7230 ||| Stepping ~*~*~tactically~*~*~ (outnumbered).
  7232 | D:4      | 7232 ||| Stepping ~*~*~tactically~*~*~ (outnumbered).
  7234 | D:4      | 7234 ||| Stepping ~*~*~tactically~*~*~ (outnumbered).
  7241 | D:4      | 7241 ||| Stepping ~*~*~tactically~*~*~ (outnumbered).
  7243 | D:4      | 7243 ||| Stepping ~*~*~tactically~*~*~ (outnumbered).
  7252 | D:4      | 7252 ||| Stepping ~*~*~tactically~*~*~ (outnumbered).
  7263 | D:4      | 7263 ||| Stepping ~*~*~tactically~*~*~ (outnumbered).
  7265 | D:4      | 7265 ||| Stepping ~*~*~tactically~*~*~ (outnumbered).
  7274 | D:4      | 7274 ||| Stepping ~*~*~tactically~*~*~ (outnumbered).
  7278 | D:4      | 7278 ||| Stepping ~*~*~tactically~*~*~ (outnumbered).
  7280 | D:4      | 7280 ||| Stepping ~*~*~tactically~*~*~ (outnumbered).
  7282 | D:4      | 7282 ||| Stepping ~*~*~tactically~*~*~ (outnumbered).
  7289 | D:4      | 7289 ||| Stepping ~*~*~tactically~*~*~ (outnumbered).
  7304 | D:4      | 7304 ||| Stepping ~*~*~tactically~*~*~ (outnumbered).
  7306 | D:4      | 7306 ||| Stepping ~*~*~tactically~*~*~ (outnumbered).
  7308 | D:4      | 7308 ||| Stepping ~*~*~tactically~*~*~ (outnumbered).
  7310 | D:4      | 7310 ||| Stepping ~*~*~tactically~*~*~ (outnumbered).
  7312 | D:4      | 7312 ||| Stepping ~*~*~tactically~*~*~ (outnumbered).
  7314 | D:4      | 7314 ||| Stepping ~*~*~tactically~*~*~ (outnumbered).
  7316 | D:4      | 7316 ||| Stepping ~*~*~tactically~*~*~ (outnumbered).
  7318 | D:4      | 7318 ||| FLEEEEING.
  7346 | D:4      | 7346 ||| Stepping ~*~*~tactically~*~*~ (outnumbered).
  7348 | D:4      | 7348 ||| Stepping ~*~*~tactically~*~*~ (outnumbered).
  7350 | D:4      | 7350 ||| Stepping ~*~*~tactically~*~*~ (outnumbered).
  7352 | D:4      | 7352 ||| Stepping ~*~*~tactically~*~*~ (outnumbered).
  7354 | D:4      | 7354 ||| Stepping ~*~*~tactically~*~*~ (outnumbered).
  7356 | D:4      | 7356 ||| Stepping ~*~*~tactically~*~*~ (outnumbered).
  7358 | D:4      | 7358 ||| Stepping ~*~*~tactically~*~*~ (outnumbered).
  7360 | D:4      | 7360 ||| FLEEEEING.
  7387 | D:4      | 7387 ||| Stepping ~*~*~tactically~*~*~ (outnumbered).
  7389 | D:4      | 7389 ||| Stepping ~*~*~tactically~*~*~ (outnumbered).
  7391 | D:4      | 7391 ||| Stepping ~*~*~tactically~*~*~ (outnumbered).
  7393 | D:4      | 7393 ||| Stepping ~*~*~tactically~*~*~ (outnumbered).
  7395 | D:4      | 7395 ||| Stepping ~*~*~tactically~*~*~ (outnumbered).
  7397 | D:4      | 7397 ||| Stepping ~*~*~tactically~*~*~ (outnumbered).
  7399 | D:4      | 7399 ||| Stepping ~*~*~tactically~*~*~ (outnumbered).
  7401 | D:4      | 7401 ||| Stepping ~*~*~tactically~*~*~ (outnumbered).
  7403 | D:4      | 7403 ||| Stepping ~*~*~tactically~*~*~ (outnumbered).
  7405 | D:4      | 7405 ||| Stepping ~*~*~tactically~*~*~ (outnumbered).
  7407 | D:4      | 7407 ||| Stepping ~*~*~tactically~*~*~ (outnumbered).
  7409 | D:4      | 7409 ||| Stepping ~*~*~tactically~*~*~ (outnumbered).
  7411 | D:4      | 7411 ||| Stepping ~*~*~tactically~*~*~ (outnumbered).
  7413 | D:4      | 7413 ||| Stepping ~*~*~tactically~*~*~ (outnumbered).
  7415 | D:4      | 7415 ||| Stepping ~*~*~tactically~*~*~ (outnumbered).
  7430 | D:4      | 7430 ||| Stepping ~*~*~tactically~*~*~ (outnumbered).
  7432 | D:4      | 7432 ||| Stepping ~*~*~tactically~*~*~ (outnumbered).
  7441 | D:4      | 7441 ||| Stepping ~*~*~tactically~*~*~ (outnumbered).
  7443 | D:4      | 7443 ||| Stepping ~*~*~tactically~*~*~ (outnumbered).
  7445 | D:4      | 7445 ||| Stepping ~*~*~tactically~*~*~ (outnumbered).
  7447 | D:4      | 7447 ||| Stepping ~*~*~tactically~*~*~ (outnumbered).
  7449 | D:4      | 7449 ||| Stepping ~*~*~tactically~*~*~ (outnumbered).
  7451 | D:4      | 7451 ||| Stepping ~*~*~tactically~*~*~ (outnumbered).
  7453 | D:4      | 7453 ||| Stepping ~*~*~tactically~*~*~ (outnumbered).
  7467 | D:4      | 7467 ||| Stepping ~*~*~tactically~*~*~ (outnumbered).
  7469 | D:4      | 7469 ||| Stepping ~*~*~tactically~*~*~ (outnumbered).
  7471 | D:4      | 7471 ||| Stepping ~*~*~tactically~*~*~ (outnumbered).
  7473 | D:4      | 7473 ||| Stepping ~*~*~tactically~*~*~ (outnumbered).
  7475 | D:4      | 7475 ||| Stepping ~*~*~tactically~*~*~ (outnumbered).
  7489 | D:4      | 7489 ||| Stepping ~*~*~tactically~*~*~ (outnumbered).
  7491 | D:4      | 7491 ||| Stepping ~*~*~tactically~*~*~ (outnumbered).
  7493 | D:4      | 7493 ||| Stepping ~*~*~tactically~*~*~ (outnumbered).
  7495 | D:4      | 7495 ||| Stepping ~*~*~tactically~*~*~ (outnumbered).
  7497 | D:4      | 7497 ||| Stepping ~*~*~tactically~*~*~ (outnumbered).
  7499 | D:4      | 7499 ||| Stepping ~*~*~tactically~*~*~ (outnumbered).
  7501 | D:4      | 7501 ||| Stepping ~*~*~tactically~*~*~ (outnumbered).
  7503 | D:4      | 7503 ||| Stepping ~*~*~tactically~*~*~ (outnumbered).
  7505 | D:4      | 7505 ||| Stepping ~*~*~tactically~*~*~ (outnumbered).
  7508 | D:4      | 7508 ||| Stepping ~*~*~tactically~*~*~ (outnumbered).
  7510 | D:4      | 7510 ||| Stepping ~*~*~tactically~*~*~ (outnumbered).
  7526 | D:4      | 7526 ||| Stepping ~*~*~tactically~*~*~ (outnumbered).
  7528 | D:4      | 7528 ||| Stepping ~*~*~tactically~*~*~ (outnumbered).
  7530 | D:4      | 7530 ||| Stepping ~*~*~tactically~*~*~ (outnumbered).
  7541 | D:4      | 7541 ||| Stepping ~*~*~tactically~*~*~ (outnumbered).
  7549 | D:4      | 7549 ||| Stepping ~*~*~tactically~*~*~ (outnumbered).
  7551 | D:4      | 7551 ||| Stepping ~*~*~tactically~*~*~ (outnumbered).
  7553 | D:4      | 7553 ||| Stepping ~*~*~tactically~*~*~ (outnumbered).
  7555 | D:4      | 7555 ||| Stepping ~*~*~tactically~*~*~ (outnumbered).
  7557 | D:4      | 7557 ||| FLEEEEING.
  7583 | D:4      | 7583 ||| Stepping ~*~*~tactically~*~*~ (outnumbered).
  7589 | D:4      | 7589 ||| Stepping ~*~*~tactically~*~*~ (outnumbered).
  7591 | D:4      | 7591 ||| Stepping ~*~*~tactically~*~*~ (outnumbered).
  7593 | D:4      | 7593 ||| Stepping ~*~*~tactically~*~*~ (outnumbered).
  7600 | D:4      | 7600 ||| Stepping ~*~*~tactically~*~*~ (outnumbered).
  7604 | D:4      | 7604 ||| Stepping ~*~*~tactically~*~*~ (outnumbered).
  7615 | D:4      | 7615 ||| Stepping ~*~*~tactically~*~*~ (outnumbered).
  7623 | D:4      | 7623 ||| Stepping ~*~*~tactically~*~*~ (outnumbered).
  7630 | D:4      | 7630 ||| Stepping ~*~*~tactically~*~*~ (outnumbered).
  7632 | D:4      | 7632 ||| Stepping ~*~*~tactically~*~*~ (outnumbered).
  7637 | D:4      | 7637 ||| Stepping ~*~*~tactically~*~*~ (outnumbered).
  7639 | D:4      | 7639 ||| Stepping ~*~*~tactically~*~*~ (outnumbered).
  7641 | D:4      | 7641 ||| Stepping ~*~*~tactically~*~*~ (outnumbered).
  7643 | D:4      | 7643 ||| Stepping ~*~*~tactically~*~*~ (outnumbered).
  7645 | D:4      | 7645 ||| Stepping ~*~*~tactically~*~*~ (outnumbered).
  7647 | D:4      | 7647 ||| Stepping ~*~*~tactically~*~*~ (outnumbered).
  7649 | D:4      | 7649 ||| Stepping ~*~*~tactically~*~*~ (outnumbered).
  7651 | D:4      | 7651 ||| Stepping ~*~*~tactically~*~*~ (outnumbered).
  7653 | D:4      | 7653 ||| Stepping ~*~*~tactically~*~*~ (outnumbered).
  7655 | D:4      | 7655 ||| Stepping ~*~*~tactically~*~*~ (outnumbered).
  7657 | D:4      | 7657 ||| Stepping ~*~*~tactically~*~*~ (outnumbered).
  7667 | D:4      | 7667 ||| Stepping ~*~*~tactically~*~*~ (outnumbered).
  7669 | D:4      | 7669 ||| Stepping ~*~*~tactically~*~*~ (outnumbered).
  7674 | D:4      | 7674 ||| Stepping ~*~*~tactically~*~*~ (outnumbered).
  7678 | D:4      | 7678 ||| Stepping ~*~*~tactically~*~*~ (outnumbered).
  7680 | D:4      | 7680 ||| Stepping ~*~*~tactically~*~*~ (outnumbered).
  7686 | D:4      | 7686 ||| Stepping ~*~*~tactically~*~*~ (outnumbered).
  7688 | D:4      | 7688 ||| Stepping ~*~*~tactically~*~*~ (outnumbered).
  7690 | D:4      | 7690 ||| Stepping ~*~*~tactically~*~*~ (outnumbered).
  7697 | D:4      | 7697 ||| Stepping ~*~*~tactically~*~*~ (outnumbered).
  7708 | D:4      | 7708 ||| Stepping ~*~*~tactically~*~*~ (outnumbered).
  7710 | D:4      | 7710 ||| FLEEEEING.
  7739 | D:4      | 7739 ||| Stepping ~*~*~tactically~*~*~ (outnumbered).
  7749 | D:4      | 7749 ||| Stepping ~*~*~tactically~*~*~ (outnumbered).
  7751 | D:4      | 7751 ||| Stepping ~*~*~tactically~*~*~ (outnumbered).
  7760 | D:4      | 7760 ||| Stepping ~*~*~tactically~*~*~ (outnumbered).
  7762 | D:4      | 7762 ||| Stepping ~*~*~tactically~*~*~ (outnumbered).
  7764 | D:4      | 7764 ||| Stepping ~*~*~tactically~*~*~ (outnumbered).
  7766 | D:4      | 7766 ||| Stepping ~*~*~tactically~*~*~ (outnumbered).
  7768 | D:4      | 7768 ||| Stepping ~*~*~tactically~*~*~ (outnumbered).
  7770 | D:4      | 7770 ||| Stepping ~*~*~tactically~*~*~ (outnumbered).
  7772 | D:4      | 7772 ||| Stepping ~*~*~tactically~*~*~ (outnumbered).
  7774 | D:4      | 7774 ||| FLEEEEING.
  7802 | D:4      | 7802 ||| Stepping ~*~*~tactically~*~*~ (outnumbered).
  7804 | D:4      | 7804 ||| Stepping ~*~*~tactically~*~*~ (outnumbered).
  7806 | D:4      | 7806 ||| Stepping ~*~*~tactically~*~*~ (outnumbered).
  7808 | D:4      | 7808 ||| Stepping ~*~*~tactically~*~*~ (outnumbered).
  7810 | D:4      | 7810 ||| Stepping ~*~*~tactically~*~*~ (outnumbered).
  7812 | D:4      | 7812 ||| Stepping ~*~*~tactically~*~*~ (outnumbered).
  7814 | D:4      | 7814 ||| Stepping ~*~*~tactically~*~*~ (outnumbered).
  7816 | D:4      | 7816 ||| Stepping ~*~*~tactically~*~*~ (outnumbered).
  7818 | D:4      | 7818 ||| Stepping ~*~*~tactically~*~*~ (outnumbered).
  7820 | D:4      | 7820 ||| Stepping ~*~*~tactically~*~*~ (outnumbered).
  7823 | D:4      | 7823 ||| Stepping ~*~*~tactically~*~*~ (outnumbered).
  7825 | D:4      | 7825 ||| Stepping ~*~*~tactically~*~*~ (outnumbered).
  7827 | D:4      | 7827 ||| Stepping ~*~*~tactically~*~*~ (outnumbered).
  7829 | D:4      | 7829 ||| Stepping ~*~*~tactically~*~*~ (outnumbered).
  7841 | D:4      | 7841 ||| Stepping ~*~*~tactically~*~*~ (outnumbered).
  7843 | D:4      | 7843 ||| Stepping ~*~*~tactically~*~*~ (outnumbered).
  7845 | D:4      | 7845 ||| Stepping ~*~*~tactically~*~*~ (outnumbered).
  7847 | D:4      | 7847 ||| Stepping ~*~*~tactically~*~*~ (outnumbered).
  7849 | D:4      | 7849 ||| Stepping ~*~*~tactically~*~*~ (outnumbered).
  7851 | D:4      | 7851 ||| Stepping ~*~*~tactically~*~*~ (outnumbered).
  7853 | D:4      | 7853 ||| Stepping ~*~*~tactically~*~*~ (outnumbered).
  7867 | D:4      | 7867 ||| Stepping ~*~*~tactically~*~*~ (outnumbered).
  7869 | D:4      | 7869 ||| Stepping ~*~*~tactically~*~*~ (outnumbered).
  7871 | D:4      | 7871 ||| Stepping ~*~*~tactically~*~*~ (outnumbered).
  7873 | D:4      | 7873 ||| Stepping ~*~*~tactically~*~*~ (outnumbered).
  7875 | D:4      | 7875 ||| Stepping ~*~*~tactically~*~*~ (outnumbered).
  7877 | D:4      | 7877 ||| Stepping ~*~*~tactically~*~*~ (outnumbered).
  7879 | D:4      | 7879 ||| Stepping ~*~*~tactically~*~*~ (outnumbered).
  7881 | D:4      | 7881 ||| Stepping ~*~*~tactically~*~*~ (outnumbered).
  7889 | D:4      | 7889 ||| Stepping ~*~*~tactically~*~*~ (outnumbered).
  7891 | D:4      | 7891 ||| Stepping ~*~*~tactically~*~*~ (outnumbered).
  7893 | D:4      | 7893 ||| Stepping ~*~*~tactically~*~*~ (outnumbered).
  7895 | D:4      | 7895 ||| Stepping ~*~*~tactically~*~*~ (outnumbered).
  7897 | D:4      | 7897 ||| Stepping ~*~*~tactically~*~*~ (outnumbered).
  7899 | D:4      | 7899 ||| Stepping ~*~*~tactically~*~*~ (outnumbered).
  7901 | D:4      | 7901 ||| Stepping ~*~*~tactically~*~*~ (outnumbered).
  7904 | D:4      | 7904 ||| Stepping ~*~*~tactically~*~*~ (outnumbered).
  7915 | D:4      | 7915 ||| Stepping ~*~*~tactically~*~*~ (outnumbered).
  7917 | D:4      | 7917 ||| Stepping ~*~*~tactically~*~*~ (outnumbered).
  7919 | D:4      | 7919 ||| Stepping ~*~*~tactically~*~*~ (outnumbered).
  7921 | D:4      | 7921 ||| Stepping ~*~*~tactically~*~*~ (outnumbered).
  7923 | D:4      | 7923 ||| Stepping ~*~*~tactically~*~*~ (outnumbered).
  7925 | D:4      | 7925 ||| Stepping ~*~*~tactically~*~*~ (outnumbered).
  7927 | D:4      | 7927 ||| Stepping ~*~*~tactically~*~*~ (outnumbered).
  7929 | D:4      | 7929 ||| Stepping ~*~*~tactically~*~*~ (outnumbered).
  7931 | D:4      | 7931 ||| Stepping ~*~*~tactically~*~*~ (outnumbered).
  7933 | D:4      | 7933 ||| Stepping ~*~*~tactically~*~*~ (outnumbered).
  7937 | D:4      | 7937 ||| Stepping ~*~*~tactically~*~*~ (outnumbered).
  7945 | D:4      | 7945 ||| Stepping ~*~*~tactically~*~*~ (outnumbered).
  7947 | D:4      | 7947 ||| Stepping ~*~*~tactically~*~*~ (outnumbered).
  7949 | D:4      | 7949 ||| Stepping ~*~*~tactically~*~*~ (outnumbered).
  7951 | D:4      | 7951 ||| Stepping ~*~*~tactically~*~*~ (outnumbered).
  7956 | D:4      | 7956 ||| Stepping ~*~*~tactically~*~*~ (outnumbered).
  7960 | D:4      | 7960 ||| Stepping ~*~*~tactically~*~*~ (outnumbered).
  7962 | D:4      | 7962 ||| Stepping ~*~*~tactically~*~*~ (outnumbered).
  7964 | D:4      | 7964 ||| Stepping ~*~*~tactically~*~*~ (outnumbered).
  7966 | D:4      | 7966 ||| Stepping ~*~*~tactically~*~*~ (outnumbered).
  7968 | D:4      | 7968 ||| FLEEEEING.
  7995 | D:4      | 7995 ||| Stepping ~*~*~tactically~*~*~ (outnumbered).
  7997 | D:4      | 7997 ||| Stepping ~*~*~tactically~*~*~ (outnumbered).
  8004 | D:4      | 8004 ||| Stepping ~*~*~tactically~*~*~ (outnumbered).
  8006 | D:4      | 8006 ||| Stepping ~*~*~tactically~*~*~ (outnumbered).
  8008 | D:4      | 8008 ||| Stepping ~*~*~tactically~*~*~ (outnumbered).
  8010 | D:4      | 8010 ||| Stepping ~*~*~tactically~*~*~ (outnumbered).
  8012 | D:4      | 8012 ||| Stepping ~*~*~tactically~*~*~ (outnumbered).
  8014 | D:4      | 8014 ||| Stepping ~*~*~tactically~*~*~ (outnumbered).
  8016 | D:4      | 8016 ||| Stepping ~*~*~tactically~*~*~ (outnumbered).
  8018 | D:4      | 8018 ||| Stepping ~*~*~tactically~*~*~ (outnumbered).
  8020 | D:4      | 8020 ||| Stepping ~*~*~tactically~*~*~ (outnumbered).
  8023 | D:4      | 8023 ||| Stepping ~*~*~tactically~*~*~ (outnumbered).
  8025 | D:4      | 8025 ||| Stepping ~*~*~tactically~*~*~ (outnumbered).
  8027 | D:4      | 8027 ||| Stepping ~*~*~tactically~*~*~ (outnumbered).
  8029 | D:4      | 8029 ||| Stepping ~*~*~tactically~*~*~ (outnumbered).
  8031 | D:4      | 8031 ||| Stepping ~*~*~tactically~*~*~ (outnumbered).
  8033 | D:4      | 8033 ||| Stepping ~*~*~tactically~*~*~ (outnumbered).
  8035 | D:4      | 8035 ||| Stepping ~*~*~tactically~*~*~ (outnumbered).
  8037 | D:4      | 8037 ||| Stepping ~*~*~tactically~*~*~ (outnumbered).
  8039 | D:4      | 8039 ||| Stepping ~*~*~tactically~*~*~ (outnumbered).
  8041 | D:4      | 8041 ||| Stepping ~*~*~tactically~*~*~ (outnumbered).
  8043 | D:4      | 8043 ||| Stepping ~*~*~tactically~*~*~ (outnumbered).
  8049 | D:4      | 8049 ||| Stepping ~*~*~tactically~*~*~ (outnumbered).
  8051 | D:4      | 8051 ||| Stepping ~*~*~tactically~*~*~ (outnumbered).
  8056 | D:4      | 8056 ||| Stepping ~*~*~tactically~*~*~ (outnumbered).
  8058 | D:4      | 8058 ||| Stepping ~*~*~tactically~*~*~ (outnumbered).
  8067 | D:4      | 8067 ||| Stepping ~*~*~tactically~*~*~ (outnumbered).
  8069 | D:4      | 8069 ||| Stepping ~*~*~tactically~*~*~ (outnumbered).
  8071 | D:4      | 8071 ||| Stepping ~*~*~tactically~*~*~ (outnumbered).
  8073 | D:4      | 8073 ||| Stepping ~*~*~tactically~*~*~ (outnumbered).
  8075 | D:4      | 8075 ||| Stepping ~*~*~tactically~*~*~ (outnumbered).
  8077 | D:4      | 8077 ||| Stepping ~*~*~tactically~*~*~ (outnumbered).
  8079 | D:4      | 8079 ||| Stepping ~*~*~tactically~*~*~ (outnumbered).
  8081 | D:4      | 8081 ||| Stepping ~*~*~tactically~*~*~ (outnumbered).
  8083 | D:4      | 8083 ||| Stepping ~*~*~tactically~*~*~ (outnumbered).
  8085 | D:4      | 8085 ||| Stepping ~*~*~tactically~*~*~ (outnumbered).
  8087 | D:4      | 8087 ||| Stepping ~*~*~tactically~*~*~ (outnumbered).
  8089 | D:4      | 8089 ||| Stepping ~*~*~tactically~*~*~ (outnumbered).
  8091 | D:4      | 8091 ||| Stepping ~*~*~tactically~*~*~ (outnumbered).
  8093 | D:4      | 8093 ||| Stepping ~*~*~tactically~*~*~ (outnumbered).
  8095 | D:4      | 8095 ||| Stepping ~*~*~tactically~*~*~ (outnumbered).
  8097 | D:4      | 8097 ||| Stepping ~*~*~tactically~*~*~ (outnumbered).
  8099 | D:4      | 8099 ||| Stepping ~*~*~tactically~*~*~ (outnumbered).
  8111 | D:4      | 8111 ||| Stepping ~*~*~tactically~*~*~ (outnumbered).
  8113 | D:4      | 8113 ||| Stepping ~*~*~tactically~*~*~ (outnumbered).
  8123 | D:4      | 8123 ||| Stepping ~*~*~tactically~*~*~ (outnumbered).
  8125 | D:4      | 8125 ||| Stepping ~*~*~tactically~*~*~ (outnumbered).
  8127 | D:4      | 8127 ||| Stepping ~*~*~tactically~*~*~ (outnumbered).
  8129 | D:4      | 8129 ||| Stepping ~*~*~tactically~*~*~ (outnumbered).
  8131 | D:4      | 8131 ||| Stepping ~*~*~tactically~*~*~ (outnumbered).
  8133 | D:4      | 8133 ||| Stepping ~*~*~tactically~*~*~ (outnumbered).
  8145 | D:4      | 8145 ||| Stepping ~*~*~tactically~*~*~ (outnumbered).
  8147 | D:4      | 8147 ||| Stepping ~*~*~tactically~*~*~ (outnumbered).
  8149 | D:4      | 8149 ||| Stepping ~*~*~tactically~*~*~ (outnumbered).
  8151 | D:4      | 8151 ||| Stepping ~*~*~tactically~*~*~ (outnumbered).
  8153 | D:4      | 8153 ||| Stepping ~*~*~tactically~*~*~ (outnumbered).
  8155 | D:4      | 8155 ||| Stepping ~*~*~tactically~*~*~ (outnumbered).
  8157 | D:4      | 8157 ||| Stepping ~*~*~tactically~*~*~ (outnumbered).
  8159 | D:4      | 8159 ||| Stepping ~*~*~tactically~*~*~ (outnumbered).
  8161 | D:4      | 8161 ||| Stepping ~*~*~tactically~*~*~ (outnumbered).
  8171 | D:4      | 8171 ||| Stepping ~*~*~tactically~*~*~ (outnumbered).
  8173 | D:4      | 8173 ||| Stepping ~*~*~tactically~*~*~ (outnumbered).
  8175 | D:4      | 8175 ||| Stepping ~*~*~tactically~*~*~ (outnumbered).
  8177 | D:4      | 8177 ||| Stepping ~*~*~tactically~*~*~ (outnumbered).
  8179 | D:4      | 8179 ||| Stepping ~*~*~tactically~*~*~ (outnumbered).
  8181 | D:4      | 8181 ||| Stepping ~*~*~tactically~*~*~ (outnumbered).
  8183 | D:4      | 8183 ||| Stepping ~*~*~tactically~*~*~ (outnumbered).
  8185 | D:4      | 8185 ||| Stepping ~*~*~tactically~*~*~ (outnumbered).
  8187 | D:4      | 8187 ||| Stepping ~*~*~tactically~*~*~ (outnumbered).
  8189 | D:4      | 8189 ||| Stepping ~*~*~tactically~*~*~ (outnumbered).
  8191 | D:4      | 8191 ||| Stepping ~*~*~tactically~*~*~ (outnumbered).
  8193 | D:4      | 8193 ||| Stepping ~*~*~tactically~*~*~ (outnumbered).
  8195 | D:4      | 8195 ||| Stepping ~*~*~tactically~*~*~ (outnumbered).
  8197 | D:4      | 8197 ||| Stepping ~*~*~tactically~*~*~ (outnumbered).
  8199 | D:4      | 8199 ||| Stepping ~*~*~tactically~*~*~ (outnumbered).
  8201 | D:4      | 8201 ||| Stepping ~*~*~tactically~*~*~ (outnumbered).
  8203 | D:4      | 8203 ||| Stepping ~*~*~tactically~*~*~ (outnumbered).
  8205 | D:4      | 8205 ||| Stepping ~*~*~tactically~*~*~ (outnumbered).
  8215 | D:4      | 8215 ||| Stepping ~*~*~tactically~*~*~ (outnumbered).
  8217 | D:4      | 8217 ||| Stepping ~*~*~tactically~*~*~ (outnumbered).
  8219 | D:4      | 8219 ||| Stepping ~*~*~tactically~*~*~ (outnumbered).
  8221 | D:4      | 8221 ||| Stepping ~*~*~tactically~*~*~ (outnumbered).
  8223 | D:4      | 8223 ||| Stepping ~*~*~tactically~*~*~ (outnumbered).
  8225 | D:4      | 8225 ||| Stepping ~*~*~tactically~*~*~ (outnumbered).
  8241 | D:4      | 8241 ||| Stepping ~*~*~tactically~*~*~ (outnumbered).
  8243 | D:4      | 8243 ||| Stepping ~*~*~tactically~*~*~ (outnumbered).
  8245 | D:4      | 8245 ||| FLEEEEING.
  8272 | D:4      | 8272 ||| Stepping ~*~*~tactically~*~*~ (outnumbered).
  8274 | D:4      | 8274 ||| Stepping ~*~*~tactically~*~*~ (outnumbered).
  8276 | D:4      | 8276 ||| Stepping ~*~*~tactically~*~*~ (outnumbered).
  8278 | D:4      | 8278 ||| Stepping ~*~*~tactically~*~*~ (outnumbered).
  8280 | D:4      | 8280 ||| Stepping ~*~*~tactically~*~*~ (outnumbered).
  8282 | D:4      | 8282 ||| Stepping ~*~*~tactically~*~*~ (outnumbered).
  8284 | D:4      | 8284 ||| Stepping ~*~*~tactically~*~*~ (outnumbered).
  8286 | D:4      | 8286 ||| Stepping ~*~*~tactically~*~*~ (outnumbered).
  8293 | D:4      | 8293 ||| Stepping ~*~*~tactically~*~*~ (outnumbered).
  8295 | D:4      | 8295 ||| Stepping ~*~*~tactically~*~*~ (outnumbered).
  8304 | D:4      | 8304 ||| Stepping ~*~*~tactically~*~*~ (outnumbered).
  8311 | D:4      | 8311 ||| Stepping ~*~*~tactically~*~*~ (outnumbered).
  8313 | D:4      | 8313 ||| Stepping ~*~*~tactically~*~*~ (outnumbered).
  8323 | D:4      | 8323 ||| Stepping ~*~*~tactically~*~*~ (outnumbered).
  8325 | D:4      | 8325 ||| Stepping ~*~*~tactically~*~*~ (outnumbered).
  8330 | D:4      | 8330 ||| Stepping ~*~*~tactically~*~*~ (outnumbered).
  8332 | D:4      | 8332 ||| Stepping ~*~*~tactically~*~*~ (outnumbered).
  8334 | D:4      | 8334 ||| Stepping ~*~*~tactically~*~*~ (outnumbered).
  8336 | D:4      | 8336 ||| Stepping ~*~*~tactically~*~*~ (outnumbered).
  8338 | D:4      | 8338 ||| Stepping ~*~*~tactically~*~*~ (outnumbered).
  8340 | D:4      | 8340 ||| Stepping ~*~*~tactically~*~*~ (outnumbered).
  8342 | D:4      | 8342 ||| Stepping ~*~*~tactically~*~*~ (outnumbered).
  8344 | D:4      | 8344 ||| Stepping ~*~*~tactically~*~*~ (outnumbered).
  8346 | D:4      | 8346 ||| Stepping ~*~*~tactically~*~*~ (outnumbered).
  8349 | D:4      | 8349 ||| Stepping ~*~*~tactically~*~*~ (outnumbered).
  8351 | D:4      | 8351 ||| Stepping ~*~*~tactically~*~*~ (outnumbered).
  8353 | D:4      | 8353 ||| Stepping ~*~*~tactically~*~*~ (outnumbered).
  8360 | D:4      | 8360 ||| Stepping ~*~*~tactically~*~*~ (outnumbered).
  8362 | D:4      | 8362 ||| Stepping ~*~*~tactically~*~*~ (outnumbered).
  8364 | D:4      | 8364 ||| Stepping ~*~*~tactically~*~*~ (outnumbered).
  8366 | D:4      | 8366 ||| Stepping ~*~*~tactically~*~*~ (outnumbered).
  8368 | D:4      | 8368 ||| Stepping ~*~*~tactically~*~*~ (outnumbered).
  8370 | D:4      | 8370 ||| Stepping ~*~*~tactically~*~*~ (outnumbered).
  8372 | D:4      | 8372 ||| Stepping ~*~*~tactically~*~*~ (outnumbered).
  8374 | D:4      | 8374 ||| Stepping ~*~*~tactically~*~*~ (outnumbered).
  8376 | D:4      | 8376 ||| Stepping ~*~*~tactically~*~*~ (outnumbered).
  8378 | D:4      | 8378 ||| Stepping ~*~*~tactically~*~*~ (outnumbered).
  8380 | D:4      | 8380 ||| Stepping ~*~*~tactically~*~*~ (outnumbered).
  8382 | D:4      | 8382 ||| Stepping ~*~*~tactically~*~*~ (outnumbered).
  8384 | D:4      | 8384 ||| Stepping ~*~*~tactically~*~*~ (outnumbered).
  8386 | D:4      | 8386 ||| Stepping ~*~*~tactically~*~*~ (outnumbered).
  8388 | D:4      | 8388 ||| Stepping ~*~*~tactically~*~*~ (outnumbered).
  8390 | D:4      | 8390 ||| Stepping ~*~*~tactically~*~*~ (outnumbered).
  8392 | D:4      | 8392 ||| Stepping ~*~*~tactically~*~*~ (outnumbered).
  8394 | D:4      | 8394 ||| Stepping ~*~*~tactically~*~*~ (outnumbered).
  8408 | D:4      | 8408 ||| Stepping ~*~*~tactically~*~*~ (outnumbered).
  8410 | D:4      | 8410 ||| Stepping ~*~*~tactically~*~*~ (outnumbered).
  8412 | D:4      | 8412 ||| Stepping ~*~*~tactically~*~*~ (outnumbered).
  8414 | D:4      | 8414 ||| Stepping ~*~*~tactically~*~*~ (outnumbered).
  8416 | D:4      | 8416 ||| Stepping ~*~*~tactically~*~*~ (outnumbered).
  8418 | D:4      | 8418 ||| Stepping ~*~*~tactically~*~*~ (outnumbered).
  8420 | D:4      | 8420 ||| FLEEEEING.
  8446 | D:4      | 8446 ||| Stepping ~*~*~tactically~*~*~ (outnumbered).
  8448 | D:4      | 8448 ||| Stepping ~*~*~tactically~*~*~ (outnumbered).
  8456 | D:4      | 8456 ||| Stepping ~*~*~tactically~*~*~ (outnumbered).
  8463 | D:4      | 8463 ||| Stepping ~*~*~tactically~*~*~ (outnumbered).
  8465 | D:4      | 8465 ||| Stepping ~*~*~tactically~*~*~ (outnumbered).
  8467 | D:4      | 8467 ||| Stepping ~*~*~tactically~*~*~ (outnumbered).
  8469 | D:4      | 8469 ||| Stepping ~*~*~tactically~*~*~ (outnumbered).
  8471 | D:4      | 8471 ||| Stepping ~*~*~tactically~*~*~ (outnumbered).
  8473 | D:4      | 8473 ||| Stepping ~*~*~tactically~*~*~ (outnumbered).
  8475 | D:4      | 8475 ||| Stepping ~*~*~tactically~*~*~ (outnumbered).
  8477 | D:4      | 8477 ||| Stepping ~*~*~tactically~*~*~ (outnumbered).
  8479 | D:4      | 8479 ||| Stepping ~*~*~tactically~*~*~ (outnumbered).
  8481 | D:4      | 8481 ||| Stepping ~*~*~tactically~*~*~ (outnumbered).
  8489 | D:4      | 8489 ||| Stepping ~*~*~tactically~*~*~ (outnumbered).
  8497 | D:4      | 8497 ||| Stepping ~*~*~tactically~*~*~ (outnumbered).
  8499 | D:4      | 8499 ||| Stepping ~*~*~tactically~*~*~ (outnumbered).
  8501 | D:4      | 8501 ||| Stepping ~*~*~tactically~*~*~ (outnumbered).
  8503 | D:4      | 8503 ||| Stepping ~*~*~tactically~*~*~ (outnumbered).
  8505 | D:4      | 8505 ||| Stepping ~*~*~tactically~*~*~ (outnumbered).
  8507 | D:4      | 8507 ||| Stepping ~*~*~tactically~*~*~ (outnumbered).
  8509 | D:4      | 8509 ||| Stepping ~*~*~tactically~*~*~ (outnumbered).
  8511 | D:4      | 8511 ||| Stepping ~*~*~tactically~*~*~ (outnumbered).
  8513 | D:4      | 8513 ||| Stepping ~*~*~tactically~*~*~ (outnumbered).
  8515 | D:4      | 8515 ||| FLEEEEING.
  8543 | D:4      | 8543 ||| Stepping ~*~*~tactically~*~*~ (outnumbered).
  8545 | D:4      | 8545 ||| Stepping ~*~*~tactically~*~*~ (outnumbered).
  8549 | D:4      | 8549 ||| Stepping ~*~*~tactically~*~*~ (outnumbered).
  8556 | D:4      | 8556 ||| Stepping ~*~*~tactically~*~*~ (outnumbered).
  8558 | D:4      | 8558 ||| Stepping ~*~*~tactically~*~*~ (outnumbered).
  8560 | D:4      | 8560 ||| Stepping ~*~*~tactically~*~*~ (outnumbered).
  8567 | D:4      | 8567 ||| Stepping ~*~*~tactically~*~*~ (outnumbered).
  8569 | D:4      | 8569 ||| Stepping ~*~*~tactically~*~*~ (outnumbered).
  8574 | D:4      | 8574 ||| Stepping ~*~*~tactically~*~*~ (outnumbered).
  8576 | D:4      | 8576 ||| Stepping ~*~*~tactically~*~*~ (outnumbered).
  8578 | D:4      | 8578 ||| Stepping ~*~*~tactically~*~*~ (outnumbered).
  8580 | D:4      | 8580 ||| Stepping ~*~*~tactically~*~*~ (outnumbered).
  8582 | D:4      | 8582 ||| Stepping ~*~*~tactically~*~*~ (outnumbered).
  8593 | D:4      | 8593 ||| Stepping ~*~*~tactically~*~*~ (outnumbered).
  8608 | D:4      | 8608 ||| Stepping ~*~*~tactically~*~*~ (outnumbered).
  8615 | D:4      | 8615 ||| Stepping ~*~*~tactically~*~*~ (outnumbered).
  8617 | D:4      | 8617 ||| Stepping ~*~*~tactically~*~*~ (outnumbered).
  8619 | D:4      | 8619 ||| FLEEEEING.
  8646 | D:4      | 8646 ||| Stepping ~*~*~tactically~*~*~ (outnumbered).
  8648 | D:4      | 8648 ||| Stepping ~*~*~tactically~*~*~ (outnumbered).
  8650 | D:4      | 8650 ||| Stepping ~*~*~tactically~*~*~ (outnumbered).
  8652 | D:4      | 8652 ||| Stepping ~*~*~tactically~*~*~ (outnumbered).
  8654 | D:4      | 8654 ||| Stepping ~*~*~tactically~*~*~ (outnumbered).
  8656 | D:4      | 8656 ||| Stepping ~*~*~tactically~*~*~ (outnumbered).
  8658 | D:4      | 8658 ||| Stepping ~*~*~tactically~*~*~ (outnumbered).
  8660 | D:4      | 8660 ||| Stepping ~*~*~tactically~*~*~ (outnumbered).
  8662 | D:4      | 8662 ||| Stepping ~*~*~tactically~*~*~ (outnumbered).
  8667 | D:4      | 8667 ||| Stepping ~*~*~tactically~*~*~ (outnumbered).
  8669 | D:4      | 8669 ||| Stepping ~*~*~tactically~*~*~ (outnumbered).
  8678 | D:4      | 8678 ||| Stepping ~*~*~tactically~*~*~ (outnumbered).
  8693 | D:4      | 8693 ||| Stepping ~*~*~tactically~*~*~ (outnumbered).
  8695 | D:4      | 8695 ||| Stepping ~*~*~tactically~*~*~ (outnumbered).
  8697 | D:4      | 8697 ||| Stepping ~*~*~tactically~*~*~ (outnumbered).
  8708 | D:4      | 8708 ||| Stepping ~*~*~tactically~*~*~ (outnumbered).
  8710 | D:4      | 8710 ||| Stepping ~*~*~tactically~*~*~ (outnumbered).
  8715 | D:4      | 8715 ||| Stepping ~*~*~tactically~*~*~ (outnumbered).
  8717 | D:4      | 8717 ||| Stepping ~*~*~tactically~*~*~ (outnumbered).
  8719 | D:4      | 8719 ||| Stepping ~*~*~tactically~*~*~ (outnumbered).
  8721 | D:4      | 8721 ||| Stepping ~*~*~tactically~*~*~ (outnumbered).
  8723 | D:4      | 8723 ||| Stepping ~*~*~tactically~*~*~ (outnumbered).
  8725 | D:4      | 8725 ||| Stepping ~*~*~tactically~*~*~ (outnumbered).
  8727 | D:4      | 8727 ||| Stepping ~*~*~tactically~*~*~ (outnumbered).
  8734 | D:4      | 8734 ||| Stepping ~*~*~tactically~*~*~ (outnumbered).
  8736 | D:4      | 8736 ||| Stepping ~*~*~tactically~*~*~ (outnumbered).
  8738 | D:4      | 8738 ||| Stepping ~*~*~tactically~*~*~ (outnumbered).
  8740 | D:4      | 8740 ||| Stepping ~*~*~tactically~*~*~ (outnumbered).
  8742 | D:4      | 8742 ||| Stepping ~*~*~tactically~*~*~ (outnumbered).
  8744 | D:4      | 8744 ||| Stepping ~*~*~tactically~*~*~ (outnumbered).
  8746 | D:4      | 8746 ||| Stepping ~*~*~tactically~*~*~ (outnumbered).
  8748 | D:4      | 8748 ||| Stepping ~*~*~tactically~*~*~ (outnumbered).
  8750 | D:4      | 8750 ||| Stepping ~*~*~tactically~*~*~ (outnumbered).
  8752 | D:4      | 8752 ||| Stepping ~*~*~tactically~*~*~ (outnumbered).
  8754 | D:4      | 8754 ||| Stepping ~*~*~tactically~*~*~ (outnumbered).
  8756 | D:4      | 8756 ||| Stepping ~*~*~tactically~*~*~ (outnumbered).
  8767 | D:4      | 8767 ||| FLEEEEING.
  8795 | D:4      | 8795 ||| Stepping ~*~*~tactically~*~*~ (outnumbered).
  8797 | D:4      | 8797 ||| Stepping ~*~*~tactically~*~*~ (outnumbered).
  8799 | D:4      | 8799 ||| Stepping ~*~*~tactically~*~*~ (outnumbered).
  8801 | D:4      | 8801 ||| Stepping ~*~*~tactically~*~*~ (outnumbered).
  8803 | D:4      | 8803 ||| Stepping ~*~*~tactically~*~*~ (outnumbered).
  8805 | D:4      | 8805 ||| Stepping ~*~*~tactically~*~*~ (outnumbered).
  8808 | D:4      | 8808 ||| Stepping ~*~*~tactically~*~*~ (outnumbered).
  8810 | D:4      | 8810 ||| Stepping ~*~*~tactically~*~*~ (outnumbered).
  8812 | D:4      | 8812 ||| Stepping ~*~*~tactically~*~*~ (outnumbered).
  8814 | D:4      | 8814 ||| Stepping ~*~*~tactically~*~*~ (outnumbered).
  8816 | D:4      | 8816 ||| Stepping ~*~*~tactically~*~*~ (outnumbered).
  8818 | D:4      | 8818 ||| Stepping ~*~*~tactically~*~*~ (outnumbered).
  8820 | D:4      | 8820 ||| Stepping ~*~*~tactically~*~*~ (outnumbered).
  8823 | D:4      | 8823 ||| Stepping ~*~*~tactically~*~*~ (outnumbered).
  8825 | D:4      | 8825 ||| FLEEEEING.
  8854 | D:4      | 8854 ||| Stepping ~*~*~tactically~*~*~ (outnumbered).
  8856 | D:4      | 8856 ||| Stepping ~*~*~tactically~*~*~ (outnumbered).
  8858 | D:4      | 8858 ||| Stepping ~*~*~tactically~*~*~ (outnumbered).
  8867 | D:4      | 8867 ||| Stepping ~*~*~tactically~*~*~ (outnumbered).
  8869 | D:4      | 8869 ||| Stepping ~*~*~tactically~*~*~ (outnumbered).
  8878 | D:4      | 8878 ||| Stepping ~*~*~tactically~*~*~ (outnumbered).
  8889 | D:4      | 8889 ||| Stepping ~*~*~tactically~*~*~ (outnumbered).
  8891 | D:4      | 8891 ||| Stepping ~*~*~tactically~*~*~ (outnumbered).
  8893 | D:4      | 8893 ||| Stepping ~*~*~tactically~*~*~ (outnumbered).
  8904 | D:4      | 8904 ||| Stepping ~*~*~tactically~*~*~ (outnumbered).
  8906 | D:4      | 8906 ||| Stepping ~*~*~tactically~*~*~ (outnumbered).
  8908 | D:4      | 8908 ||| Stepping ~*~*~tactically~*~*~ (outnumbered).
  8910 | D:4      | 8910 ||| Stepping ~*~*~tactically~*~*~ (outnumbered).
  8912 | D:4      | 8912 ||| Stepping ~*~*~tactically~*~*~ (outnumbered).
  8914 | D:4      | 8914 ||| Stepping ~*~*~tactically~*~*~ (outnumbered).
  8916 | D:4      | 8916 ||| Stepping ~*~*~tactically~*~*~ (outnumbered).
  8919 | D:4      | 8919 ||| Stepping ~*~*~tactically~*~*~ (outnumbered).
  8921 | D:4      | 8921 ||| Stepping ~*~*~tactically~*~*~ (outnumbered).
  8923 | D:4      | 8923 ||| Stepping ~*~*~tactically~*~*~ (outnumbered).
  8925 | D:4      | 8925 ||| Stepping ~*~*~tactically~*~*~ (outnumbered).
  8927 | D:4      | 8927 ||| Stepping ~*~*~tactically~*~*~ (outnumbered).
  8929 | D:4      | 8929 ||| Stepping ~*~*~tactically~*~*~ (outnumbered).
  8931 | D:4      | 8931 ||| Stepping ~*~*~tactically~*~*~ (outnumbered).
  8933 | D:4      | 8933 ||| Stepping ~*~*~tactically~*~*~ (outnumbered).
  8935 | D:4      | 8935 ||| Stepping ~*~*~tactically~*~*~ (outnumbered).
  8937 | D:4      | 8937 ||| Stepping ~*~*~tactically~*~*~ (outnumbered).
  8945 | D:4      | 8945 ||| Stepping ~*~*~tactically~*~*~ (outnumbered).
  8947 | D:4      | 8947 ||| Stepping ~*~*~tactically~*~*~ (outnumbered).
  8949 | D:4      | 8949 ||| Stepping ~*~*~tactically~*~*~ (outnumbered).
  8951 | D:4      | 8951 ||| Stepping ~*~*~tactically~*~*~ (outnumbered).
  8953 | D:4      | 8953 ||| Stepping ~*~*~tactically~*~*~ (outnumbered).
  8955 | D:4      | 8955 ||| Stepping ~*~*~tactically~*~*~ (outnumbered).
  8957 | D:4      | 8957 ||| Stepping ~*~*~tactically~*~*~ (outnumbered).
  8967 | D:4      | 8967 ||| Stepping ~*~*~tactically~*~*~ (outnumbered).
  8969 | D:4      | 8969 ||| Stepping ~*~*~tactically~*~*~ (outnumbered).
  8971 | D:4      | 8971 ||| FLEEEEING.
  8998 | D:4      | 8998 ||| Stepping ~*~*~tactically~*~*~ (outnumbered).
  9000 | D:4      | 9000 ||| FLEEEEING.
  9028 | D:4      | 9028 ||| Stepping ~*~*~tactically~*~*~ (outnumbered).
  9030 | D:4      | 9030 ||| FLEEEEING.
  9058 | D:4      | 9058 ||| Stepping ~*~*~tactically~*~*~ (outnumbered).
  9060 | D:4      | 9060 ||| Stepping ~*~*~tactically~*~*~ (outnumbered).
  9062 | D:4      | 9062 ||| Stepping ~*~*~tactically~*~*~ (outnumbered).
  9064 | D:4      | 9064 ||| Stepping ~*~*~tactically~*~*~ (outnumbered).
  9074 | D:4      | 9074 ||| Stepping ~*~*~tactically~*~*~ (outnumbered).
  9078 | D:4      | 9078 ||| Stepping ~*~*~tactically~*~*~ (outnumbered).
  9080 | D:4      | 9080 ||| Stepping ~*~*~tactically~*~*~ (outnumbered).
  9082 | D:4      | 9082 ||| Stepping ~*~*~tactically~*~*~ (outnumbered).
  9084 | D:4      | 9084 ||| Stepping ~*~*~tactically~*~*~ (outnumbered).
  9086 | D:4      | 9086 ||| Stepping ~*~*~tactically~*~*~ (outnumbered).
  9088 | D:4      | 9088 ||| Stepping ~*~*~tactically~*~*~ (outnumbered).
  9090 | D:4      | 9090 ||| Stepping ~*~*~tactically~*~*~ (outnumbered).
  9092 | D:4      | 9092 ||| Stepping ~*~*~tactically~*~*~ (outnumbered).
  9094 | D:4      | 9094 ||| Stepping ~*~*~tactically~*~*~ (outnumbered).
  9096 | D:4      | 9096 ||| Stepping ~*~*~tactically~*~*~ (outnumbered).
  9098 | D:4      | 9098 ||| Stepping ~*~*~tactically~*~*~ (outnumbered).
  9100 | D:4      | 9100 ||| Stepping ~*~*~tactically~*~*~ (outnumbered).
  9102 | D:4      | 9102 ||| Stepping ~*~*~tactically~*~*~ (outnumbered).
  9111 | D:4      | 9111 ||| Stepping ~*~*~tactically~*~*~ (outnumbered).
  9113 | D:4      | 9113 ||| Stepping ~*~*~tactically~*~*~ (outnumbered).
  9115 | D:4      | 9115 ||| Stepping ~*~*~tactically~*~*~ (outnumbered).
  9117 | D:4      | 9117 ||| Stepping ~*~*~tactically~*~*~ (outnumbered).
  9119 | D:4      | 9119 ||| Stepping ~*~*~tactically~*~*~ (outnumbered).
  9121 | D:4      | 9121 ||| Stepping ~*~*~tactically~*~*~ (outnumbered).
  9123 | D:4      | 9123 ||| Stepping ~*~*~tactically~*~*~ (outnumbered).
  9125 | D:4      | 9125 ||| Stepping ~*~*~tactically~*~*~ (outnumbered).
  9127 | D:4      | 9127 ||| Stepping ~*~*~tactically~*~*~ (outnumbered).
  9129 | D:4      | 9129 ||| Stepping ~*~*~tactically~*~*~ (outnumbered).
  9131 | D:4      | 9131 ||| Stepping ~*~*~tactically~*~*~ (outnumbered).
  9133 | D:4      | 9133 ||| Stepping ~*~*~tactically~*~*~ (outnumbered).
  9141 | D:4      | 9141 ||| Stepping ~*~*~tactically~*~*~ (outnumbered).
  9143 | D:4      | 9143 ||| Stepping ~*~*~tactically~*~*~ (outnumbered).
  9145 | D:4      | 9145 ||| Stepping ~*~*~tactically~*~*~ (outnumbered).
  9147 | D:4      | 9147 ||| Stepping ~*~*~tactically~*~*~ (outnumbered).
  9149 | D:4      | 9149 ||| Stepping ~*~*~tactically~*~*~ (outnumbered).
  9151 | D:4      | 9151 ||| Stepping ~*~*~tactically~*~*~ (outnumbered).
  9153 | D:4      | 9153 ||| Stepping ~*~*~tactically~*~*~ (outnumbered).
  9155 | D:4      | 9155 ||| Stepping ~*~*~tactically~*~*~ (outnumbered).
  9157 | D:4      | 9157 ||| Stepping ~*~*~tactically~*~*~ (outnumbered).
  9159 | D:4      | 9159 ||| Stepping ~*~*~tactically~*~*~ (outnumbered).
  9167 | D:4      | 9167 ||| Stepping ~*~*~tactically~*~*~ (outnumbered).
  9169 | D:4      | 9169 ||| Stepping ~*~*~tactically~*~*~ (outnumbered).
  9171 | D:4      | 9171 ||| Stepping ~*~*~tactically~*~*~ (outnumbered).
  9173 | D:4      | 9173 ||| Stepping ~*~*~tactically~*~*~ (outnumbered).
  9175 | D:4      | 9175 ||| Stepping ~*~*~tactically~*~*~ (outnumbered).
  9177 | D:4      | 9177 ||| Stepping ~*~*~tactically~*~*~ (outnumbered).
  9179 | D:4      | 9179 ||| Stepping ~*~*~tactically~*~*~ (outnumbered).
  9182 | D:4      | 9182 ||| Stepping ~*~*~tactically~*~*~ (outnumbered).
  9184 | D:4      | 9184 ||| Stepping ~*~*~tactically~*~*~ (outnumbered).
  9186 | D:4      | 9186 ||| Stepping ~*~*~tactically~*~*~ (outnumbered).
  9188 | D:4      | 9188 ||| Stepping ~*~*~tactically~*~*~ (outnumbered).
  9190 | D:4      | 9190 ||| Stepping ~*~*~tactically~*~*~ (outnumbered).
  9193 | D:4      | 9193 ||| Stepping ~*~*~tactically~*~*~ (outnumbered).
  9195 | D:4      | 9195 ||| Stepping ~*~*~tactically~*~*~ (outnumbered).
  9197 | D:4      | 9197 ||| Stepping ~*~*~tactically~*~*~ (outnumbered).
  9199 | D:4      | 9199 ||| Stepping ~*~*~tactically~*~*~ (outnumbered).
  9201 | D:4      | 9201 ||| Stepping ~*~*~tactically~*~*~ (outnumbered).
  9203 | D:4      | 9203 ||| Stepping ~*~*~tactically~*~*~ (outnumbered).
  9205 | D:4      | 9205 ||| Stepping ~*~*~tactically~*~*~ (outnumbered).
  9207 | D:4      | 9207 ||| Stepping ~*~*~tactically~*~*~ (outnumbered).
  9209 | D:4      | 9209 ||| Stepping ~*~*~tactically~*~*~ (outnumbered).
  9211 | D:4      | 9211 ||| Stepping ~*~*~tactically~*~*~ (outnumbered).
  9213 | D:4      | 9213 ||| Stepping ~*~*~tactically~*~*~ (outnumbered).
  9215 | D:4      | 9215 ||| Stepping ~*~*~tactically~*~*~ (outnumbered).
  9219 | D:4      | 9219 ||| Stepping ~*~*~tactically~*~*~ (outnumbered).
  9221 | D:4      | 9221 ||| Stepping ~*~*~tactically~*~*~ (outnumbered).
  9223 | D:4      | 9223 ||| Stepping ~*~*~tactically~*~*~ (outnumbered).
  9226 | D:4      | 9226 ||| Stepping ~*~*~tactically~*~*~ (outnumbered).
  9228 | D:4      | 9228 ||| Stepping ~*~*~tactically~*~*~ (outnumbered).
  9230 | D:4      | 9230 ||| Stepping ~*~*~tactically~*~*~ (outnumbered).
  9232 | D:4      | 9232 ||| Stepping ~*~*~tactically~*~*~ (outnumbered).
  9234 | D:4      | 9234 ||| Stepping ~*~*~tactically~*~*~ (outnumbered).
  9236 | D:4      | 9236 ||| Stepping ~*~*~tactically~*~*~ (outnumbered).
  9238 | D:4      | 9238 ||| Stepping ~*~*~tactically~*~*~ (outnumbered).
  9249 | D:4      | 9249 ||| Stepping ~*~*~tactically~*~*~ (outnumbered).
  9251 | D:4      | 9251 ||| Stepping ~*~*~tactically~*~*~ (outnumbered).
  9253 | D:4      | 9253 ||| Stepping ~*~*~tactically~*~*~ (outnumbered).
  9255 | D:4      | 9255 ||| Stepping ~*~*~tactically~*~*~ (outnumbered).
  9263 | D:4      | 9263 ||| FLEEEEING.
  9291 | D:4      | 9291 ||| Stepping ~*~*~tactically~*~*~ (outnumbered).
  9293 | D:4      | 9293 ||| Stepping ~*~*~tactically~*~*~ (outnumbered).
  9297 | D:4      | 9297 ||| Stepping ~*~*~tactically~*~*~ (outnumbered).
  9299 | D:4      | 9299 ||| Stepping ~*~*~tactically~*~*~ (outnumbered).
  9301 | D:4      | 9301 ||| Stepping ~*~*~tactically~*~*~ (outnumbered).
  9303 | D:4      | 9303 ||| Stepping ~*~*~tactically~*~*~ (outnumbered).
  9308 | D:4      | 9308 ||| Stepping ~*~*~tactically~*~*~ (outnumbered).
  9310 | D:4      | 9310 ||| Stepping ~*~*~tactically~*~*~ (outnumbered).
  9323 | D:4      | 9323 ||| Stepping ~*~*~tactically~*~*~ (outnumbered).
  9325 | D:4      | 9325 ||| Stepping ~*~*~tactically~*~*~ (outnumbered).
  9327 | D:4      | 9327 ||| Stepping ~*~*~tactically~*~*~ (outnumbered).
  9329 | D:4      | 9329 ||| Stepping ~*~*~tactically~*~*~ (outnumbered).
  9331 | D:4      | 9331 ||| Stepping ~*~*~tactically~*~*~ (outnumbered).
  9333 | D:4      | 9333 ||| Stepping ~*~*~tactically~*~*~ (outnumbered).
  9335 | D:4      | 9335 ||| Stepping ~*~*~tactically~*~*~ (outnumbered).
  9337 | D:4      | 9337 ||| Stepping ~*~*~tactically~*~*~ (outnumbered).
  9341 | D:4      | 9341 ||| Stepping ~*~*~tactically~*~*~ (outnumbered).
  9352 | D:4      | 9352 ||| Stepping ~*~*~tactically~*~*~ (outnumbered).
  9363 | D:4      | 9363 ||| Stepping ~*~*~tactically~*~*~ (outnumbered).
  9365 | D:4      | 9365 ||| Stepping ~*~*~tactically~*~*~ (outnumbered).
  9367 | D:4      | 9367 ||| Stepping ~*~*~tactically~*~*~ (outnumbered).
  9371 | D:4      | 9371 ||| Stepping ~*~*~tactically~*~*~ (outnumbered).
  9373 | D:4      | 9373 ||| FLEEEEING.
  9402 | D:4      | 9402 ||| Stepping ~*~*~tactically~*~*~ (outnumbered).
  9404 | D:4      | 9404 ||| Stepping ~*~*~tactically~*~*~ (outnumbered).
  9406 | D:4      | 9406 ||| Stepping ~*~*~tactically~*~*~ (outnumbered).
  9408 | D:4      | 9408 ||| Stepping ~*~*~tactically~*~*~ (outnumbered).
  9411 | D:4      | 9411 ||| Stepping ~*~*~tactically~*~*~ (outnumbered).
  9413 | D:4      | 9413 ||| Stepping ~*~*~tactically~*~*~ (outnumbered).
  9415 | D:4      | 9415 ||| Stepping ~*~*~tactically~*~*~ (outnumbered).
  9417 | D:4      | 9417 ||| Stepping ~*~*~tactically~*~*~ (outnumbered).
  9419 | D:4      | 9419 ||| Stepping ~*~*~tactically~*~*~ (outnumbered).
  9421 | D:4      | 9421 ||| Stepping ~*~*~tactically~*~*~ (outnumbered).
  9423 | D:4      | 9423 ||| Stepping ~*~*~tactically~*~*~ (outnumbered).
  9430 | D:4      | 9430 ||| Stepping ~*~*~tactically~*~*~ (outnumbered).
  9432 | D:4      | 9432 ||| Stepping ~*~*~tactically~*~*~ (outnumbered).
  9434 | D:4      | 9434 ||| Stepping ~*~*~tactically~*~*~ (outnumbered).
  9436 | D:4      | 9436 ||| Stepping ~*~*~tactically~*~*~ (outnumbered).
  9438 | D:4      | 9438 ||| Stepping ~*~*~tactically~*~*~ (outnumbered).
  9452 | D:4      | 9452 ||| Stepping ~*~*~tactically~*~*~ (outnumbered).
  9454 | D:4      | 9454 ||| Stepping ~*~*~tactically~*~*~ (outnumbered).
  9456 | D:4      | 9456 ||| Stepping ~*~*~tactically~*~*~ (outnumbered).
  9458 | D:4      | 9458 ||| Stepping ~*~*~tactically~*~*~ (outnumbered).
  9460 | D:4      | 9460 ||| Stepping ~*~*~tactically~*~*~ (outnumbered).
  9462 | D:4      | 9462 ||| Stepping ~*~*~tactically~*~*~ (outnumbered).
  9464 | D:4      | 9464 ||| Stepping ~*~*~tactically~*~*~ (outnumbered).
  9466 | D:4      | 9466 ||| Stepping ~*~*~tactically~*~*~ (outnumbered).
  9468 | D:4      | 9468 ||| Stepping ~*~*~tactically~*~*~ (outnumbered).
  9470 | D:4      | 9470 ||| Stepping ~*~*~tactically~*~*~ (outnumbered).
  9472 | D:4      | 9472 ||| Stepping ~*~*~tactically~*~*~ (outnumbered).
  9478 | D:4      | 9478 ||| Stepping ~*~*~tactically~*~*~ (outnumbered).
  9480 | D:4      | 9480 ||| Stepping ~*~*~tactically~*~*~ (outnumbered).
  9493 | D:4      | 9493 ||| Stepping ~*~*~tactically~*~*~ (outnumbered).
  9495 | D:4      | 9495 ||| Stepping ~*~*~tactically~*~*~ (outnumbered).
  9497 | D:4      | 9497 ||| Stepping ~*~*~tactically~*~*~ (outnumbered).
  9499 | D:4      | 9499 ||| Stepping ~*~*~tactically~*~*~ (outnumbered).
  9501 | D:4      | 9501 ||| Stepping ~*~*~tactically~*~*~ (outnumbered).
  9511 | D:4      | 9511 ||| Stepping ~*~*~tactically~*~*~ (outnumbered).
  9523 | D:4      | 9523 ||| Stepping ~*~*~tactically~*~*~ (outnumbered).
  9525 | D:4      | 9525 ||| Stepping ~*~*~tactically~*~*~ (outnumbered).
  9527 | D:4      | 9527 ||| Stepping ~*~*~tactically~*~*~ (outnumbered).
  9529 | D:4      | 9529 ||| Stepping ~*~*~tactically~*~*~ (outnumbered).
  9541 | D:4      | 9541 ||| Stepping ~*~*~tactically~*~*~ (outnumbered).
  9543 | D:4      | 9543 ||| Stepping ~*~*~tactically~*~*~ (outnumbered).
  9545 | D:4      | 9545 ||| Stepping ~*~*~tactically~*~*~ (outnumbered).
  9549 | D:4      | 9549 ||| FLEEEEING.
  9576 | D:4      | 9576 ||| Stepping ~*~*~tactically~*~*~ (outnumbered).
  9578 | D:4      | 9578 ||| Stepping ~*~*~tactically~*~*~ (outnumbered).
  9586 | D:4      | 9586 ||| FLEEEEING.
  9613 | D:4      | 9613 ||| Stepping ~*~*~tactically~*~*~ (outnumbered).
  9615 | D:4      | 9615 ||| Stepping ~*~*~tactically~*~*~ (outnumbered).
  9617 | D:4      | 9617 ||| Stepping ~*~*~tactically~*~*~ (outnumbered).
  9619 | D:4      | 9619 ||| Stepping ~*~*~tactically~*~*~ (outnumbered).
  9630 | D:4      | 9630 ||| Stepping ~*~*~tactically~*~*~ (outnumbered).
  9632 | D:4      | 9632 ||| Stepping ~*~*~tactically~*~*~ (outnumbered).
  9637 | D:4      | 9637 ||| Stepping ~*~*~tactically~*~*~ (outnumbered).
  9639 | D:4      | 9639 ||| Stepping ~*~*~tactically~*~*~ (outnumbered).
  9641 | D:4      | 9641 ||| Stepping ~*~*~tactically~*~*~ (outnumbered).
  9643 | D:4      | 9643 ||| FLEEEEING.
  9669 | D:4      | 9669 ||| Stepping ~*~*~tactically~*~*~ (outnumbered).
  9671 | D:4      | 9671 ||| Stepping ~*~*~tactically~*~*~ (outnumbered).
  9673 | D:4      | 9673 ||| FLEEEEING.
  9702 | D:4      | 9702 ||| Stepping ~*~*~tactically~*~*~ (outnumbered).
  9704 | D:4      | 9704 ||| Stepping ~*~*~tactically~*~*~ (outnumbered).
  9706 | D:4      | 9706 ||| Stepping ~*~*~tactically~*~*~ (outnumbered).
  9708 | D:4      | 9708 ||| Stepping ~*~*~tactically~*~*~ (outnumbered).
  9710 | D:4      | 9710 ||| FLEEEEING.
  9739 | D:4      | 9739 ||| Stepping ~*~*~tactically~*~*~ (outnumbered).
  9741 | D:4      | 9741 ||| Stepping ~*~*~tactically~*~*~ (outnumbered).
  9745 | D:4      | 9745 ||| Stepping ~*~*~tactically~*~*~ (outnumbered).
  9747 | D:4      | 9747 ||| Stepping ~*~*~tactically~*~*~ (outnumbered).
  9749 | D:4      | 9749 ||| Stepping ~*~*~tactically~*~*~ (outnumbered).
  9760 | D:4      | 9760 ||| Stepping ~*~*~tactically~*~*~ (outnumbered).
  9762 | D:4      | 9762 ||| Stepping ~*~*~tactically~*~*~ (outnumbered).
  9764 | D:4      | 9764 ||| Stepping ~*~*~tactically~*~*~ (outnumbered).
  9766 | D:4      | 9766 ||| Stepping ~*~*~tactically~*~*~ (outnumbered).
  9768 | D:4      | 9768 ||| Stepping ~*~*~tactically~*~*~ (outnumbered).
  9782 | D:4      | 9782 ||| Stepping ~*~*~tactically~*~*~ (outnumbered).
  9784 | D:4      | 9784 ||| Stepping ~*~*~tactically~*~*~ (outnumbered).
  9786 | D:4      | 9786 ||| Stepping ~*~*~tactically~*~*~ (outnumbered).
  9788 | D:4      | 9788 ||| Stepping ~*~*~tactically~*~*~ (outnumbered).
  9790 | D:4      | 9790 ||| Stepping ~*~*~tactically~*~*~ (outnumbered).
  9792 | D:4      | 9792 ||| Stepping ~*~*~tactically~*~*~ (outnumbered).
  9794 | D:4      | 9794 ||| Stepping ~*~*~tactically~*~*~ (outnumbered).
  9796 | D:4      | 9796 ||| Stepping ~*~*~tactically~*~*~ (outnumbered).
  9798 | D:4      | 9798 ||| Stepping ~*~*~tactically~*~*~ (outnumbered).
  9800 | D:4      | 9800 ||| Stepping ~*~*~tactically~*~*~ (outnumbered).
  9802 | D:4      | 9802 ||| Stepping ~*~*~tactically~*~*~ (outnumbered).
  9804 | D:4      | 9804 ||| Stepping ~*~*~tactically~*~*~ (outnumbered).
  9806 | D:4      | 9806 ||| Stepping ~*~*~tactically~*~*~ (outnumbered).
  9808 | D:4      | 9808 ||| Stepping ~*~*~tactically~*~*~ (outnumbered).
  9810 | D:4      | 9810 ||| Stepping ~*~*~tactically~*~*~ (outnumbered).
  9812 | D:4      | 9812 ||| Stepping ~*~*~tactically~*~*~ (outnumbered).
  9814 | D:4      | 9814 ||| Stepping ~*~*~tactically~*~*~ (outnumbered).
  9816 | D:4      | 9816 ||| Stepping ~*~*~tactically~*~*~ (outnumbered).
  9818 | D:4      | 9818 ||| Stepping ~*~*~tactically~*~*~ (outnumbered).
  9820 | D:4      | 9820 ||| Stepping ~*~*~tactically~*~*~ (outnumbered).
  9822 | D:4      | 9822 ||| Stepping ~*~*~tactically~*~*~ (outnumbered).
  9824 | D:4      | 9824 ||| Stepping ~*~*~tactically~*~*~ (outnumbered).
  9837 | D:4      | 9837 ||| Stepping ~*~*~tactically~*~*~ (outnumbered).
  9839 | D:4      | 9839 ||| Stepping ~*~*~tactically~*~*~ (outnumbered).
  9841 | D:4      | 9841 ||| Stepping ~*~*~tactically~*~*~ (outnumbered).
  9845 | D:4      | 9845 ||| Stepping ~*~*~tactically~*~*~ (outnumbered).
  9847 | D:4      | 9847 ||| Stepping ~*~*~tactically~*~*~ (outnumbered).
  9856 | D:4      | 9856 ||| FLEEEEING.
  9883 | D:4      | 9883 ||| Stepping ~*~*~tactically~*~*~ (outnumbered).
  9885 | D:4      | 9885 ||| Stepping ~*~*~tactically~*~*~ (outnumbered).
  9887 | D:4      | 9887 ||| Stepping ~*~*~tactically~*~*~ (outnumbered).
  9889 | D:4      | 9889 ||| Stepping ~*~*~tactically~*~*~ (outnumbered).
  9891 | D:4      | 9891 ||| Stepping ~*~*~tactically~*~*~ (outnumbered).
  9893 | D:4      | 9893 ||| Stepping ~*~*~tactically~*~*~ (outnumbered).
  9895 | D:4      | 9895 ||| Stepping ~*~*~tactically~*~*~ (outnumbered).
  9897 | D:4      | 9897 ||| Stepping ~*~*~tactically~*~*~ (outnumbered).
  9899 | D:4      | 9899 ||| Stepping ~*~*~tactically~*~*~ (outnumbered).
  9915 | D:4      | 9915 ||| Stepping ~*~*~tactically~*~*~ (outnumbered).
  9917 | D:4      | 9917 ||| Stepping ~*~*~tactically~*~*~ (outnumbered).
  9919 | D:4      | 9919 ||| Stepping ~*~*~tactically~*~*~ (outnumbered).
  9921 | D:4      | 9921 ||| Stepping ~*~*~tactically~*~*~ (outnumbered).
  9923 | D:4      | 9923 ||| Stepping ~*~*~tactically~*~*~ (outnumbered).
  9925 | D:4      | 9925 ||| Stepping ~*~*~tactically~*~*~ (outnumbered).
  9927 | D:4      | 9927 ||| Stepping ~*~*~tactically~*~*~ (outnumbered).
  9929 | D:4      | 9929 ||| Stepping ~*~*~tactically~*~*~ (outnumbered).
  9931 | D:4      | 9931 ||| Stepping ~*~*~tactically~*~*~ (outnumbered).
  9933 | D:4      | 9933 ||| Stepping ~*~*~tactically~*~*~ (outnumbered).
  9935 | D:4      | 9935 ||| Stepping ~*~*~tactically~*~*~ (outnumbered).
  9937 | D:4      | 9937 ||| Stepping ~*~*~tactically~*~*~ (outnumbered).
  9939 | D:4      | 9939 ||| Stepping ~*~*~tactically~*~*~ (outnumbered).
  9941 | D:4      | 9941 ||| Stepping ~*~*~tactically~*~*~ (outnumbered).
  9943 | D:4      | 9943 ||| Stepping ~*~*~tactically~*~*~ (outnumbered).
  9945 | D:4      | 9945 ||| Stepping ~*~*~tactically~*~*~ (outnumbered).
  9949 | D:4      | 9949 ||| Stepping ~*~*~tactically~*~*~ (outnumbered).
  9960 | D:4      | 9960 ||| Stepping ~*~*~tactically~*~*~ (outnumbered).
  9962 | D:4      | 9962 ||| Stepping ~*~*~tactically~*~*~ (outnumbered).
  9978 | D:4      | 9978 ||| Stepping ~*~*~tactically~*~*~ (outnumbered).
  9980 | D:4      | 9980 ||| Stepping ~*~*~tactically~*~*~ (outnumbered).
  9982 | D:4      | 9982 ||| Stepping ~*~*~tactically~*~*~ (outnumbered).
  9984 | D:4      | 9984 ||| Stepping ~*~*~tactically~*~*~ (outnumbered).
  9986 | D:4      | 9986 ||| Stepping ~*~*~tactically~*~*~ (outnumbered).
  9988 | D:4      | 9988 ||| Stepping ~*~*~tactically~*~*~ (outnumbered).
  9990 | D:4      | 9990 ||| Stepping ~*~*~tactically~*~*~ (outnumbered).
  9992 | D:4      | 9992 ||| Stepping ~*~*~tactically~*~*~ (outnumbered).
  9994 | D:4      | 9994 ||| Stepping ~*~*~tactically~*~*~ (outnumbered).
  9996 | D:4      | 9996 ||| Stepping ~*~*~tactically~*~*~ (outnumbered).
  9998 | D:4      | 9998 ||| Stepping ~*~*~tactically~*~*~ (outnumbered).
 10000 | D:4      | 10000 ||| Stepping ~*~*~tactically~*~*~ (outnumbered).
 10002 | D:4      | 10002 ||| Stepping ~*~*~tactically~*~*~ (outnumbered).
 10004 | D:4      | 10004 ||| Stepping ~*~*~tactically~*~*~ (outnumbered).
 10006 | D:4      | 10006 ||| Stepping ~*~*~tactically~*~*~ (outnumbered).
 10011 | D:4      | 10011 ||| Stepping ~*~*~tactically~*~*~ (outnumbered).
 10013 | D:4      | 10013 ||| Stepping ~*~*~tactically~*~*~ (outnumbered).
 10015 | D:4      | 10015 ||| Stepping ~*~*~tactically~*~*~ (outnumbered).
 10017 | D:4      | 10017 ||| Stepping ~*~*~tactically~*~*~ (outnumbered).
 10019 | D:4      | 10019 ||| Stepping ~*~*~tactically~*~*~ (outnumbered).
 10021 | D:4      | 10021 ||| Stepping ~*~*~tactically~*~*~ (outnumbered).
 10023 | D:4      | 10023 ||| Stepping ~*~*~tactically~*~*~ (outnumbered).
 10025 | D:4      | 10025 ||| Stepping ~*~*~tactically~*~*~ (outnumbered).
 10027 | D:4      | 10027 ||| Stepping ~*~*~tactically~*~*~ (outnumbered).
 10029 | D:4      | 10029 ||| Stepping ~*~*~tactically~*~*~ (outnumbered).
 10031 | D:4      | 10031 ||| Stepping ~*~*~tactically~*~*~ (outnumbered).
 10034 | D:4      | 10034 ||| Stepping ~*~*~tactically~*~*~ (outnumbered).
 10041 | D:4      | 10041 ||| Stepping ~*~*~tactically~*~*~ (outnumbered).
 10043 | D:4      | 10043 ||| Stepping ~*~*~tactically~*~*~ (outnumbered).
 10052 | D:4      | 10052 ||| Stepping ~*~*~tactically~*~*~ (outnumbered).
 10054 | D:4      | 10054 ||| Stepping ~*~*~tactically~*~*~ (outnumbered).
 10056 | D:4      | 10056 ||| Stepping ~*~*~tactically~*~*~ (outnumbered).
 10058 | D:4      | 10058 ||| Stepping ~*~*~tactically~*~*~ (outnumbered).
 10063 | D:4      | 10063 ||| Stepping ~*~*~tactically~*~*~ (outnumbered).
 10065 | D:4      | 10065 ||| Stepping ~*~*~tactically~*~*~ (outnumbered).
 10067 | D:4      | 10067 ||| Stepping ~*~*~tactically~*~*~ (outnumbered).
 10069 | D:4      | 10069 ||| Stepping ~*~*~tactically~*~*~ (outnumbered).
 10071 | D:4      | 10071 ||| Stepping ~*~*~tactically~*~*~ (outnumbered).
 10073 | D:4      | 10073 ||| Stepping ~*~*~tactically~*~*~ (outnumbered).
 10075 | D:4      | 10075 ||| Stepping ~*~*~tactically~*~*~ (outnumbered).
 10089 | D:4      | 10089 ||| Stepping ~*~*~tactically~*~*~ (outnumbered).
 10097 | D:4      | 10097 ||| Stepping ~*~*~tactically~*~*~ (outnumbered).
 10099 | D:4      | 10099 ||| Stepping ~*~*~tactically~*~*~ (outnumbered).
 10104 | D:4      | 10104 ||| Stepping ~*~*~tactically~*~*~ (outnumbered).
 10108 | D:4      | 10108 ||| Stepping ~*~*~tactically~*~*~ (outnumbered).
 10110 | D:4      | 10110 ||| Stepping ~*~*~tactically~*~*~ (outnumbered).
 10112 | D:4      | 10112 ||| Stepping ~*~*~tactically~*~*~ (outnumbered).
 10114 | D:4      | 10114 ||| Stepping ~*~*~tactically~*~*~ (outnumbered).
 10116 | D:4      | 10116 ||| Stepping ~*~*~tactically~*~*~ (outnumbered).
 10118 | D:4      | 10118 ||| Stepping ~*~*~tactically~*~*~ (outnumbered).
 10130 | D:4      | 10130 ||| Stepping ~*~*~tactically~*~*~ (outnumbered).
 10132 | D:4      | 10132 ||| Stepping ~*~*~tactically~*~*~ (outnumbered).
 10134 | D:4      | 10134 ||| Stepping ~*~*~tactically~*~*~ (outnumbered).
 10141 | D:4      | 10141 ||| Stepping ~*~*~tactically~*~*~ (outnumbered).
 10143 | D:4      | 10143 ||| Stepping ~*~*~tactically~*~*~ (outnumbered).
 10145 | D:4      | 10145 ||| Stepping ~*~*~tactically~*~*~ (outnumbered).
 10147 | D:4      | 10147 ||| Stepping ~*~*~tactically~*~*~ (outnumbered).
 10149 | D:4      | 10149 ||| Stepping ~*~*~tactically~*~*~ (outnumbered).
 10151 | D:4      | 10151 ||| Stepping ~*~*~tactically~*~*~ (outnumbered).
 10153 | D:4      | 10153 ||| Stepping ~*~*~tactically~*~*~ (outnumbered).
 10155 | D:4      | 10155 ||| Stepping ~*~*~tactically~*~*~ (outnumbered).
 10160 | D:4      | 10160 ||| Stepping ~*~*~tactically~*~*~ (outnumbered).
 10162 | D:4      | 10162 ||| Stepping ~*~*~tactically~*~*~ (outnumbered).
 10164 | D:4      | 10164 ||| Stepping ~*~*~tactically~*~*~ (outnumbered).
 10166 | D:4      | 10166 ||| Stepping ~*~*~tactically~*~*~ (outnumbered).
 10168 | D:4      | 10168 ||| Stepping ~*~*~tactically~*~*~ (outnumbered).
 10170 | D:4      | 10170 ||| Stepping ~*~*~tactically~*~*~ (outnumbered).
 10182 | D:4      | 10182 ||| Stepping ~*~*~tactically~*~*~ (outnumbered).
 10184 | D:4      | 10184 ||| Stepping ~*~*~tactically~*~*~ (outnumbered).
 10186 | D:4      | 10186 ||| Stepping ~*~*~tactically~*~*~ (outnumbered).
 10193 | D:4      | 10193 ||| Stepping ~*~*~tactically~*~*~ (outnumbered).
 10195 | D:4      | 10195 ||| Stepping ~*~*~tactically~*~*~ (outnumbered).
 10197 | D:4      | 10197 ||| Stepping ~*~*~tactically~*~*~ (outnumbered).
 10199 | D:4      | 10199 ||| Stepping ~*~*~tactically~*~*~ (outnumbered).
 10201 | D:4      | 10201 ||| Stepping ~*~*~tactically~*~*~ (outnumbered).
 10208 | D:4      | 10208 ||| Stepping ~*~*~tactically~*~*~ (outnumbered).
 10210 | D:4      | 10210 ||| Stepping ~*~*~tactically~*~*~ (outnumbered).
 10212 | D:4      | 10212 ||| Stepping ~*~*~tactically~*~*~ (outnumbered).
 10214 | D:4      | 10214 ||| Stepping ~*~*~tactically~*~*~ (outnumbered).
 10216 | D:4      | 10216 ||| Stepping ~*~*~tactically~*~*~ (outnumbered).
 10218 | D:4      | 10218 ||| Stepping ~*~*~tactically~*~*~ (outnumbered).
 10220 | D:4      | 10220 ||| Stepping ~*~*~tactically~*~*~ (outnumbered).
 10222 | D:4      | 10222 ||| Stepping ~*~*~tactically~*~*~ (outnumbered).
 10224 | D:4      | 10224 ||| Stepping ~*~*~tactically~*~*~ (outnumbered).
 10226 | D:4      | 10226 ||| Stepping ~*~*~tactically~*~*~ (outnumbered).
 10228 | D:4      | 10228 ||| Stepping ~*~*~tactically~*~*~ (outnumbered).
 10230 | D:4      | 10230 ||| Stepping ~*~*~tactically~*~*~ (outnumbered).
 10237 | D:4      | 10237 ||| Stepping ~*~*~tactically~*~*~ (outnumbered).
 10239 | D:4      | 10239 ||| Stepping ~*~*~tactically~*~*~ (outnumbered).
 10241 | D:4      | 10241 ||| Stepping ~*~*~tactically~*~*~ (outnumbered).
 10256 | D:4      | 10256 ||| Stepping ~*~*~tactically~*~*~ (outnumbered).
 10267 | D:4      | 10267 ||| Stepping ~*~*~tactically~*~*~ (outnumbered).
 10269 | D:4      | 10269 ||| Stepping ~*~*~tactically~*~*~ (outnumbered).
 10271 | D:4      | 10271 ||| Stepping ~*~*~tactically~*~*~ (outnumbered).
 10273 | D:4      | 10273 ||| Stepping ~*~*~tactically~*~*~ (outnumbered).
 10286 | D:4      | 10286 ||| Stepping ~*~*~tactically~*~*~ (outnumbered).
 10288 | D:4      | 10288 ||| Stepping ~*~*~tactically~*~*~ (outnumbered).
 10290 | D:4      | 10290 ||| Stepping ~*~*~tactically~*~*~ (outnumbered).
 10292 | D:4      | 10292 ||| Stepping ~*~*~tactically~*~*~ (outnumbered).
 10294 | D:4      | 10294 ||| Stepping ~*~*~tactically~*~*~ (outnumbered).
 10308 | D:4      | 10308 ||| Stepping ~*~*~tactically~*~*~ (outnumbered).
 10310 | D:4      | 10310 ||| Stepping ~*~*~tactically~*~*~ (outnumbered).
 10312 | D:4      | 10312 ||| Stepping ~*~*~tactically~*~*~ (outnumbered).
 10319 | D:4      | 10319 ||| Stepping ~*~*~tactically~*~*~ (outnumbered).
 10321 | D:4      | 10321 ||| Stepping ~*~*~tactically~*~*~ (outnumbered).
 10323 | D:4      | 10323 ||| Stepping ~*~*~tactically~*~*~ (outnumbered).
 10325 | D:4      | 10325 ||| Stepping ~*~*~tactically~*~*~ (outnumbered).
 10327 | D:4      | 10327 ||| Stepping ~*~*~tactically~*~*~ (outnumbered).
 10330 | D:4      | 10330 ||| Stepping ~*~*~tactically~*~*~ (outnumbered).
 10332 | D:4      | 10332 ||| Stepping ~*~*~tactically~*~*~ (outnumbered).
 10334 | D:4      | 10334 ||| Stepping ~*~*~tactically~*~*~ (outnumbered).
 10336 | D:4      | 10336 ||| Stepping ~*~*~tactically~*~*~ (outnumbered).
 10338 | D:4      | 10338 ||| Stepping ~*~*~tactically~*~*~ (outnumbered).
 10340 | D:4      | 10340 ||| Stepping ~*~*~tactically~*~*~ (outnumbered).
 10342 | D:4      | 10342 ||| Stepping ~*~*~tactically~*~*~ (outnumbered).
 10344 | D:4      | 10344 ||| Stepping ~*~*~tactically~*~*~ (outnumbered).
 10360 | D:4      | 10360 ||| Stepping ~*~*~tactically~*~*~ (outnumbered).
 10362 | D:4      | 10362 ||| Stepping ~*~*~tactically~*~*~ (outnumbered).
 10364 | D:4      | 10364 ||| Stepping ~*~*~tactically~*~*~ (outnumbered).
 10366 | D:4      | 10366 ||| Stepping ~*~*~tactically~*~*~ (outnumbered).
 10371 | D:4      | 10371 ||| Stepping ~*~*~tactically~*~*~ (outnumbered).
 10378 | D:4      | 10378 ||| Stepping ~*~*~tactically~*~*~ (outnumbered).
 10380 | D:4      | 10380 ||| Stepping ~*~*~tactically~*~*~ (outnumbered).
 10382 | D:4      | 10382 ||| Stepping ~*~*~tactically~*~*~ (outnumbered).
 10384 | D:4      | 10384 ||| Stepping ~*~*~tactically~*~*~ (outnumbered).
 10386 | D:4      | 10386 ||| Stepping ~*~*~tactically~*~*~ (outnumbered).
 10388 | D:4      | 10388 ||| Stepping ~*~*~tactically~*~*~ (outnumbered).
 10393 | D:4      | 10393 ||| Stepping ~*~*~tactically~*~*~ (outnumbered).
 10395 | D:4      | 10395 ||| Stepping ~*~*~tactically~*~*~ (outnumbered).
 10397 | D:4      | 10397 ||| Stepping ~*~*~tactically~*~*~ (outnumbered).
 10399 | D:4      | 10399 ||| Stepping ~*~*~tactically~*~*~ (outnumbered).
 10408 | D:4      | 10408 ||| Stepping ~*~*~tactically~*~*~ (outnumbered).
 10410 | D:4      | 10410 ||| Stepping ~*~*~tactically~*~*~ (outnumbered).
 10415 | D:4      | 10415 ||| Stepping ~*~*~tactically~*~*~ (outnumbered).
 10417 | D:4      | 10417 ||| Stepping ~*~*~tactically~*~*~ (outnumbered).
 10419 | D:4      | 10419 ||| Stepping ~*~*~tactically~*~*~ (outnumbered).
 10421 | D:4      | 10421 ||| Stepping ~*~*~tactically~*~*~ (outnumbered).
 10423 | D:4      | 10423 ||| Stepping ~*~*~tactically~*~*~ (outnumbered).
 10425 | D:4      | 10425 ||| Stepping ~*~*~tactically~*~*~ (outnumbered).
 10427 | D:4      | 10427 ||| Stepping ~*~*~tactically~*~*~ (outnumbered).
 10429 | D:4      | 10429 ||| Stepping ~*~*~tactically~*~*~ (outnumbered).
 10431 | D:4      | 10431 ||| Stepping ~*~*~tactically~*~*~ (outnumbered).
 10437 | D:4      | 10437 ||| Stepping ~*~*~tactically~*~*~ (outnumbered).
 10439 | D:4      | 10439 ||| Stepping ~*~*~tactically~*~*~ (outnumbered).
 10441 | D:4      | 10441 ||| FLEEEEING.
 10469 | D:4      | 10469 ||| Stepping ~*~*~tactically~*~*~ (outnumbered).
 10471 | D:4      | 10471 ||| Stepping ~*~*~tactically~*~*~ (outnumbered).
 10473 | D:4      | 10473 ||| Stepping ~*~*~tactically~*~*~ (outnumbered).
 10478 | D:4      | 10478 ||| Stepping ~*~*~tactically~*~*~ (outnumbered).
 10480 | D:4      | 10480 ||| Stepping ~*~*~tactically~*~*~ (outnumbered).
 10482 | D:4      | 10482 ||| Stepping ~*~*~tactically~*~*~ (outnumbered).
 10484 | D:4      | 10484 ||| Stepping ~*~*~tactically~*~*~ (outnumbered).
 10486 | D:4      | 10486 ||| Stepping ~*~*~tactically~*~*~ (outnumbered).
 10488 | D:4      | 10488 ||| Stepping ~*~*~tactically~*~*~ (outnumbered).
 10490 | D:4      | 10490 ||| Stepping ~*~*~tactically~*~*~ (outnumbered).
 10492 | D:4      | 10492 ||| Stepping ~*~*~tactically~*~*~ (outnumbered).
 10494 | D:4      | 10494 ||| Stepping ~*~*~tactically~*~*~ (outnumbered).
 10500 | D:4      | 10500 ||| FLEEEEING.
 10528 | D:4      | 10528 ||| Stepping ~*~*~tactically~*~*~ (outnumbered).
 10530 | D:4      | 10530 ||| Stepping ~*~*~tactically~*~*~ (outnumbered).
 10532 | D:4      | 10532 ||| Stepping ~*~*~tactically~*~*~ (outnumbered).
 10534 | D:4      | 10534 ||| Stepping ~*~*~tactically~*~*~ (outnumbered).
 10536 | D:4      | 10536 ||| Stepping ~*~*~tactically~*~*~ (outnumbered).
 10538 | D:4      | 10538 ||| Stepping ~*~*~tactically~*~*~ (outnumbered).
 10540 | D:4      | 10540 ||| Stepping ~*~*~tactically~*~*~ (outnumbered).
 10545 | D:4      | 10545 ||| Stepping ~*~*~tactically~*~*~ (outnumbered).
 10547 | D:4      | 10547 ||| Stepping ~*~*~tactically~*~*~ (outnumbered).
 10549 | D:4      | 10549 ||| Stepping ~*~*~tactically~*~*~ (outnumbered).
 10551 | D:4      | 10551 ||| Stepping ~*~*~tactically~*~*~ (outnumbered).
 10553 | D:4      | 10553 ||| FLEEEEING.
 10580 | D:4      | 10580 ||| Stepping ~*~*~tactically~*~*~ (outnumbered).
 10582 | D:4      | 10582 ||| Stepping ~*~*~tactically~*~*~ (outnumbered).
 10584 | D:4      | 10584 ||| Stepping ~*~*~tactically~*~*~ (outnumbered).
 10586 | D:4      | 10586 ||| Stepping ~*~*~tactically~*~*~ (outnumbered).
 10588 | D:4      | 10588 ||| Stepping ~*~*~tactically~*~*~ (outnumbered).
 10597 | D:4      | 10597 ||| Stepping ~*~*~tactically~*~*~ (outnumbered).
 10599 | D:4      | 10599 ||| Stepping ~*~*~tactically~*~*~ (outnumbered).
 10601 | D:4      | 10601 ||| Stepping ~*~*~tactically~*~*~ (outnumbered).
 10603 | D:4      | 10603 ||| Stepping ~*~*~tactically~*~*~ (outnumbered).
 10605 | D:4      | 10605 ||| Stepping ~*~*~tactically~*~*~ (outnumbered).
 10607 | D:4      | 10607 ||| Stepping ~*~*~tactically~*~*~ (outnumbered).
 10609 | D:4      | 10609 ||| Stepping ~*~*~tactically~*~*~ (outnumbered).
 10611 | D:4      | 10611 ||| Stepping ~*~*~tactically~*~*~ (outnumbered).
 10613 | D:4      | 10613 ||| Stepping ~*~*~tactically~*~*~ (outnumbered).
 10615 | D:4      | 10615 ||| Stepping ~*~*~tactically~*~*~ (outnumbered).
 10617 | D:4      | 10617 ||| Stepping ~*~*~tactically~*~*~ (outnumbered).
 10619 | D:4      | 10619 ||| Stepping ~*~*~tactically~*~*~ (outnumbered).
 10621 | D:4      | 10621 ||| Stepping ~*~*~tactically~*~*~ (outnumbered).
 10623 | D:4      | 10623 ||| Stepping ~*~*~tactically~*~*~ (outnumbered).
 10625 | D:4      | 10625 ||| Stepping ~*~*~tactically~*~*~ (outnumbered).
 10627 | D:4      | 10627 ||| Stepping ~*~*~tactically~*~*~ (outnumbered).
 10629 | D:4      | 10629 ||| Stepping ~*~*~tactically~*~*~ (outnumbered).
 10637 | D:4      | 10637 ||| Stepping ~*~*~tactically~*~*~ (outnumbered).
 10639 | D:4      | 10639 ||| Stepping ~*~*~tactically~*~*~ (outnumbered).
 10641 | D:4      | 10641 ||| Stepping ~*~*~tactically~*~*~ (outnumbered).
 10643 | D:4      | 10643 ||| Stepping ~*~*~tactically~*~*~ (outnumbered).
 10645 | D:4      | 10645 ||| Stepping ~*~*~tactically~*~*~ (outnumbered).
 10647 | D:4      | 10647 ||| Stepping ~*~*~tactically~*~*~ (outnumbered).
 10649 | D:4      | 10649 ||| Stepping ~*~*~tactically~*~*~ (outnumbered).
 10651 | D:4      | 10651 ||| Stepping ~*~*~tactically~*~*~ (outnumbered).
 10653 | D:4      | 10653 ||| Stepping ~*~*~tactically~*~*~ (outnumbered).
 10667 | D:4      | 10667 ||| Stepping ~*~*~tactically~*~*~ (outnumbered).
 10669 | D:4      | 10669 ||| FLEEEEING.
 10695 | D:4      | 10695 ||| Stepping ~*~*~tactically~*~*~ (outnumbered).
 10697 | D:4      | 10697 ||| Stepping ~*~*~tactically~*~*~ (outnumbered).
 10704 | D:4      | 10704 ||| Stepping ~*~*~tactically~*~*~ (outnumbered).
 10706 | D:4      | 10706 ||| Stepping ~*~*~tactically~*~*~ (outnumbered).
 10708 | D:4      | 10708 ||| Stepping ~*~*~tactically~*~*~ (outnumbered).
 10710 | D:4      | 10710 ||| Stepping ~*~*~tactically~*~*~ (outnumbered).
 10719 | D:4      | 10719 ||| Stepping ~*~*~tactically~*~*~ (outnumbered).
 10721 | D:4      | 10721 ||| Stepping ~*~*~tactically~*~*~ (outnumbered).
 10723 | D:4      | 10723 ||| Stepping ~*~*~tactically~*~*~ (outnumbered).
 10725 | D:4      | 10725 ||| Stepping ~*~*~tactically~*~*~ (outnumbered).
 10727 | D:4      | 10727 ||| Stepping ~*~*~tactically~*~*~ (outnumbered).
 10729 | D:4      | 10729 ||| Stepping ~*~*~tactically~*~*~ (outnumbered).
 10731 | D:4      | 10731 ||| Stepping ~*~*~tactically~*~*~ (outnumbered).
 10737 | D:4      | 10737 ||| Stepping ~*~*~tactically~*~*~ (outnumbered).
 10749 | D:4      | 10749 ||| Stepping ~*~*~tactically~*~*~ (outnumbered).
 10760 | D:4      | 10760 ||| Stepping ~*~*~tactically~*~*~ (outnumbered).
 10762 | D:4      | 10762 ||| Stepping ~*~*~tactically~*~*~ (outnumbered).
 10764 | D:4      | 10764 ||| Stepping ~*~*~tactically~*~*~ (outnumbered).
 10766 | D:4      | 10766 ||| Stepping ~*~*~tactically~*~*~ (outnumbered).
 10768 | D:4      | 10768 ||| Stepping ~*~*~tactically~*~*~ (outnumbered).
 10771 | D:4      | 10771 ||| Stepping ~*~*~tactically~*~*~ (outnumbered).
 10773 | D:4      | 10773 ||| Stepping ~*~*~tactically~*~*~ (outnumbered).
 10775 | D:4      | 10775 ||| Stepping ~*~*~tactically~*~*~ (outnumbered).
 10777 | D:4      | 10777 ||| Stepping ~*~*~tactically~*~*~ (outnumbered).
 10782 | D:4      | 10782 ||| Stepping ~*~*~tactically~*~*~ (outnumbered).
 10786 | D:4      | 10786 ||| Stepping ~*~*~tactically~*~*~ (outnumbered).
 10788 | D:4      | 10788 ||| Stepping ~*~*~tactically~*~*~ (outnumbered).
 10800 | D:4      | 10800 ||| Stepping ~*~*~tactically~*~*~ (outnumbered).
 10802 | D:4      | 10802 ||| Stepping ~*~*~tactically~*~*~ (outnumbered).
 10804 | D:4      | 10804 ||| Stepping ~*~*~tactically~*~*~ (outnumbered).
 10808 | D:4      | 10808 ||| Stepping ~*~*~tactically~*~*~ (outnumbered).
 10810 | D:4      | 10810 ||| Stepping ~*~*~tactically~*~*~ (outnumbered).
 10812 | D:4      | 10812 ||| Stepping ~*~*~tactically~*~*~ (outnumbered).
 10823 | D:4      | 10823 ||| Stepping ~*~*~tactically~*~*~ (outnumbered).
 10825 | D:4      | 10825 ||| Stepping ~*~*~tactically~*~*~ (outnumbered).
 10827 | D:4      | 10827 ||| Stepping ~*~*~tactically~*~*~ (outnumbered).
 10829 | D:4      | 10829 ||| Stepping ~*~*~tactically~*~*~ (outnumbered).
 10831 | D:4      | 10831 ||| Stepping ~*~*~tactically~*~*~ (outnumbered).
 10833 | D:4      | 10833 ||| Stepping ~*~*~tactically~*~*~ (outnumbered).
 10837 | D:4      | 10837 ||| Stepping ~*~*~tactically~*~*~ (outnumbered).
 10839 | D:4      | 10839 ||| Stepping ~*~*~tactically~*~*~ (outnumbered).
 10841 | D:4      | 10841 ||| Stepping ~*~*~tactically~*~*~ (outnumbered).
 10843 | D:4      | 10843 ||| Stepping ~*~*~tactically~*~*~ (outnumbered).
 10845 | D:4      | 10845 ||| Stepping ~*~*~tactically~*~*~ (outnumbered).
 10852 | D:4      | 10852 ||| Stepping ~*~*~tactically~*~*~ (outnumbered).
 10854 | D:4      | 10854 ||| Stepping ~*~*~tactically~*~*~ (outnumbered).
 10856 | D:4      | 10856 ||| Stepping ~*~*~tactically~*~*~ (outnumbered).
 10871 | D:4      | 10871 ||| Stepping ~*~*~tactically~*~*~ (outnumbered).
 10873 | D:4      | 10873 ||| Stepping ~*~*~tactically~*~*~ (outnumbered).
 10878 | D:4      | 10878 ||| Stepping ~*~*~tactically~*~*~ (outnumbered).
 10880 | D:4      | 10880 ||| Stepping ~*~*~tactically~*~*~ (outnumbered).
 10882 | D:4      | 10882 ||| Stepping ~*~*~tactically~*~*~ (outnumbered).
 10884 | D:4      | 10884 ||| Stepping ~*~*~tactically~*~*~ (outnumbered).
 10886 | D:4      | 10886 ||| Stepping ~*~*~tactically~*~*~ (outnumbered).
 10897 | D:4      | 10897 ||| Stepping ~*~*~tactically~*~*~ (outnumbered).
 10904 | D:4      | 10904 ||| Stepping ~*~*~tactically~*~*~ (outnumbered).
 10906 | D:4      | 10906 ||| Stepping ~*~*~tactically~*~*~ (outnumbered).
 10908 | D:4      | 10908 ||| Stepping ~*~*~tactically~*~*~ (outnumbered).
 10910 | D:4      | 10910 ||| Stepping ~*~*~tactically~*~*~ (outnumbered).
 10912 | D:4      | 10912 ||| Stepping ~*~*~tactically~*~*~ (outnumbered).
 10914 | D:4      | 10914 ||| Stepping ~*~*~tactically~*~*~ (outnumbered).
 10916 | D:4      | 10916 ||| Stepping ~*~*~tactically~*~*~ (outnumbered).
 10918 | D:4      | 10918 ||| Stepping ~*~*~tactically~*~*~ (outnumbered).
 10920 | D:4      | 10920 ||| Stepping ~*~*~tactically~*~*~ (outnumbered).
 10922 | D:4      | 10922 ||| Stepping ~*~*~tactically~*~*~ (outnumbered).
 10924 | D:4      | 10924 ||| Stepping ~*~*~tactically~*~*~ (outnumbered).
 10926 | D:4      | 10926 ||| Stepping ~*~*~tactically~*~*~ (outnumbered).
 10928 | D:4      | 10928 ||| Stepping ~*~*~tactically~*~*~ (outnumbered).
 10930 | D:4      | 10930 ||| Stepping ~*~*~tactically~*~*~ (outnumbered).
 10937 | D:4      | 10937 ||| Stepping ~*~*~tactically~*~*~ (outnumbered).
 10939 | D:4      | 10939 ||| Stepping ~*~*~tactically~*~*~ (outnumbered).
 10941 | D:4      | 10941 ||| Stepping ~*~*~tactically~*~*~ (outnumbered).
 10943 | D:4      | 10943 ||| Stepping ~*~*~tactically~*~*~ (outnumbered).
 10945 | D:4      | 10945 ||| Stepping ~*~*~tactically~*~*~ (outnumbered).
 10947 | D:4      | 10947 ||| Stepping ~*~*~tactically~*~*~ (outnumbered).
 10949 | D:4      | 10949 ||| Stepping ~*~*~tactically~*~*~ (outnumbered).
 10951 | D:4      | 10951 ||| Stepping ~*~*~tactically~*~*~ (outnumbered).
 10956 | D:4      | 10956 ||| Stepping ~*~*~tactically~*~*~ (outnumbered).
 10958 | D:4      | 10958 ||| Stepping ~*~*~tactically~*~*~ (outnumbered).
 10960 | D:4      | 10960 ||| Stepping ~*~*~tactically~*~*~ (outnumbered).
 10962 | D:4      | 10962 ||| Stepping ~*~*~tactically~*~*~ (outnumbered).
 10964 | D:4      | 10964 ||| Stepping ~*~*~tactically~*~*~ (outnumbered).
 10966 | D:4      | 10966 ||| Stepping ~*~*~tactically~*~*~ (outnumbered).
 10968 | D:4      | 10968 ||| Stepping ~*~*~tactically~*~*~ (outnumbered).
 10970 | D:4      | 10970 ||| Stepping ~*~*~tactically~*~*~ (outnumbered).
 10972 | D:4      | 10972 ||| Stepping ~*~*~tactically~*~*~ (outnumbered).
 10974 | D:4      | 10974 ||| Stepping ~*~*~tactically~*~*~ (outnumbered).
 10976 | D:4      | 10976 ||| Stepping ~*~*~tactically~*~*~ (outnumbered).
 10978 | D:4      | 10978 ||| Stepping ~*~*~tactically~*~*~ (outnumbered).
 10980 | D:4      | 10980 ||| Stepping ~*~*~tactically~*~*~ (outnumbered).
 10982 | D:4      | 10982 ||| Stepping ~*~*~tactically~*~*~ (outnumbered).
 10984 | D:4      | 10984 ||| Stepping ~*~*~tactically~*~*~ (outnumbered).
 10986 | D:4      | 10986 ||| Stepping ~*~*~tactically~*~*~ (outnumbered).
 10988 | D:4      | 10988 ||| Stepping ~*~*~tactically~*~*~ (outnumbered).
 10990 | D:4      | 10990 ||| Stepping ~*~*~tactically~*~*~ (outnumbered).
 10992 | D:4      | 10992 ||| Stepping ~*~*~tactically~*~*~ (outnumbered).
 10997 | D:4      | 10997 ||| Stepping ~*~*~tactically~*~*~ (outnumbered).
 11008 | D:4      | 11008 ||| Stepping ~*~*~tactically~*~*~ (outnumbered).
 11010 | D:4      | 11010 ||| Stepping ~*~*~tactically~*~*~ (outnumbered).
 11015 | D:4      | 11015 ||| Stepping ~*~*~tactically~*~*~ (outnumbered).
 11017 | D:4      | 11017 ||| Stepping ~*~*~tactically~*~*~ (outnumbered).
 11019 | D:4      | 11019 ||| Stepping ~*~*~tactically~*~*~ (outnumbered).
 11021 | D:4      | 11021 ||| Stepping ~*~*~tactically~*~*~ (outnumbered).
 11023 | D:4      | 11023 ||| Stepping ~*~*~tactically~*~*~ (outnumbered).
 11026 | D:4      | 11026 ||| Stepping ~*~*~tactically~*~*~ (outnumbered).
 11028 | D:4      | 11028 ||| Stepping ~*~*~tactically~*~*~ (outnumbered).
 11030 | D:4      | 11030 ||| Stepping ~*~*~tactically~*~*~ (outnumbered).
 11032 | D:4      | 11032 ||| Stepping ~*~*~tactically~*~*~ (outnumbered).
 11034 | D:4      | 11034 ||| Stepping ~*~*~tactically~*~*~ (outnumbered).
 11036 | D:4      | 11036 ||| Stepping ~*~*~tactically~*~*~ (outnumbered).
 11041 | D:4      | 11041 ||| Stepping ~*~*~tactically~*~*~ (outnumbered).
 11043 | D:4      | 11043 ||| Stepping ~*~*~tactically~*~*~ (outnumbered).
 11045 | D:4      | 11045 ||| Stepping ~*~*~tactically~*~*~ (outnumbered).
 11047 | D:4      | 11047 ||| Stepping ~*~*~tactically~*~*~ (outnumbered).
 11049 | D:4      | 11049 ||| Stepping ~*~*~tactically~*~*~ (outnumbered).
 11051 | D:4      | 11051 ||| Stepping ~*~*~tactically~*~*~ (outnumbered).
 11053 | D:4      | 11053 ||| Stepping ~*~*~tactically~*~*~ (outnumbered).
 11055 | D:4      | 11055 ||| Stepping ~*~*~tactically~*~*~ (outnumbered).
 11057 | D:4      | 11057 ||| Stepping ~*~*~tactically~*~*~ (outnumbered).
 11059 | D:4      | 11059 ||| Stepping ~*~*~tactically~*~*~ (outnumbered).
 11067 | D:4      | 11067 ||| Stepping ~*~*~tactically~*~*~ (outnumbered).
 11069 | D:4      | 11069 ||| Stepping ~*~*~tactically~*~*~ (outnumbered).
 11071 | D:4      | 11071 ||| Stepping ~*~*~tactically~*~*~ (outnumbered).
 11073 | D:4      | 11073 ||| Stepping ~*~*~tactically~*~*~ (outnumbered).
 11075 | D:4      | 11075 ||| Stepping ~*~*~tactically~*~*~ (outnumbered).
 11077 | D:4      | 11077 ||| FLEEEEING.
 11106 | D:4      | 11106 ||| Stepping ~*~*~tactically~*~*~ (outnumbered).
 11108 | D:4      | 11108 ||| Stepping ~*~*~tactically~*~*~ (outnumbered).
 11110 | D:4      | 11110 ||| Stepping ~*~*~tactically~*~*~ (outnumbered).
 11112 | D:4      | 11112 ||| Stepping ~*~*~tactically~*~*~ (outnumbered).
 11114 | D:4      | 11114 ||| Stepping ~*~*~tactically~*~*~ (outnumbered).
 11116 | D:4      | 11116 ||| Stepping ~*~*~tactically~*~*~ (outnumbered).
 11118 | D:4      | 11118 ||| Stepping ~*~*~tactically~*~*~ (outnumbered).
 11120 | D:4      | 11120 ||| Stepping ~*~*~tactically~*~*~ (outnumbered).
 11126 | D:4      | 11126 ||| Stepping ~*~*~tactically~*~*~ (outnumbered).
 11128 | D:4      | 11128 ||| Stepping ~*~*~tactically~*~*~ (outnumbered).
 11130 | D:4      | 11130 ||| Stepping ~*~*~tactically~*~*~ (outnumbered).
 11132 | D:4      | 11132 ||| Stepping ~*~*~tactically~*~*~ (outnumbered).
 11137 | D:4      | 11137 ||| Stepping ~*~*~tactically~*~*~ (outnumbered).
 11139 | D:4      | 11139 ||| Stepping ~*~*~tactically~*~*~ (outnumbered).
 11141 | D:4      | 11141 ||| Stepping ~*~*~tactically~*~*~ (outnumbered).
 11143 | D:4      | 11143 ||| Stepping ~*~*~tactically~*~*~ (outnumbered).
 11145 | D:4      | 11145 ||| Stepping ~*~*~tactically~*~*~ (outnumbered).
 11147 | D:4      | 11147 ||| Stepping ~*~*~tactically~*~*~ (outnumbered).
 11149 | D:4      | 11149 ||| Stepping ~*~*~tactically~*~*~ (outnumbered).
 11151 | D:4      | 11151 ||| Stepping ~*~*~tactically~*~*~ (outnumbered).
 11153 | D:4      | 11153 ||| Stepping ~*~*~tactically~*~*~ (outnumbered).
 11163 | D:4      | 11163 ||| Stepping ~*~*~tactically~*~*~ (outnumbered).
 11165 | D:4      | 11165 ||| Stepping ~*~*~tactically~*~*~ (outnumbered).
 11171 | D:4      | 11171 ||| FLEEEEING.
 11198 | D:4      | 11198 ||| Stepping ~*~*~tactically~*~*~ (outnumbered).
 11200 | D:4      | 11200 ||| Stepping ~*~*~tactically~*~*~ (outnumbered).
 11202 | D:4      | 11202 ||| Stepping ~*~*~tactically~*~*~ (outnumbered).
 11204 | D:4      | 11204 ||| Stepping ~*~*~tactically~*~*~ (outnumbered).
 11215 | D:4      | 11215 ||| Stepping ~*~*~tactically~*~*~ (outnumbered).
 11217 | D:4      | 11217 ||| Stepping ~*~*~tactically~*~*~ (outnumbered).
 11223 | D:4      | 11223 ||| Stepping ~*~*~tactically~*~*~ (outnumbered).
 11230 | D:4      | 11230 ||| Stepping ~*~*~tactically~*~*~ (outnumbered).
 11241 | D:4      | 11241 ||| Stepping ~*~*~tactically~*~*~ (outnumbered).
 11243 | D:4      | 11243 ||| Stepping ~*~*~tactically~*~*~ (outnumbered).
 11245 | D:4      | 11245 ||| Stepping ~*~*~tactically~*~*~ (outnumbered).
 11252 | D:4      | 11252 ||| Stepping ~*~*~tactically~*~*~ (outnumbered).
 11254 | D:4      | 11254 ||| Stepping ~*~*~tactically~*~*~ (outnumbered).
 11256 | D:4      | 11256 ||| Stepping ~*~*~tactically~*~*~ (outnumbered).
 11258 | D:4      | 11258 ||| Stepping ~*~*~tactically~*~*~ (outnumbered).
 11260 | D:4      | 11260 ||| Stepping ~*~*~tactically~*~*~ (outnumbered).
 11262 | D:4      | 11262 ||| Stepping ~*~*~tactically~*~*~ (outnumbered).
 11264 | D:4      | 11264 ||| Stepping ~*~*~tactically~*~*~ (outnumbered).
 11266 | D:4      | 11266 ||| Stepping ~*~*~tactically~*~*~ (outnumbered).
 11268 | D:4      | 11268 ||| Stepping ~*~*~tactically~*~*~ (outnumbered).
 11270 | D:4      | 11270 ||| Stepping ~*~*~tactically~*~*~ (outnumbered).
 11272 | D:4      | 11272 ||| Stepping ~*~*~tactically~*~*~ (outnumbered).
 11286 | D:4      | 11286 ||| Stepping ~*~*~tactically~*~*~ (outnumbered).
 11288 | D:4      | 11288 ||| Stepping ~*~*~tactically~*~*~ (outnumbered).
 11290 | D:4      | 11290 ||| Stepping ~*~*~tactically~*~*~ (outnumbered).
 11292 | D:4      | 11292 ||| Stepping ~*~*~tactically~*~*~ (outnumbered).
 11294 | D:4      | 11294 ||| Stepping ~*~*~tactically~*~*~ (outnumbered).
 11296 | D:4      | 11296 ||| Stepping ~*~*~tactically~*~*~ (outnumbered).
 11298 | D:4      | 11298 ||| Stepping ~*~*~tactically~*~*~ (outnumbered).
 11300 | D:4      | 11300 ||| Stepping ~*~*~tactically~*~*~ (outnumbered).
 11302 | D:4      | 11302 ||| Stepping ~*~*~tactically~*~*~ (outnumbered).
 11304 | D:4      | 11304 ||| Stepping ~*~*~tactically~*~*~ (outnumbered).
 11306 | D:4      | 11306 ||| Stepping ~*~*~tactically~*~*~ (outnumbered).
 11308 | D:4      | 11308 ||| Stepping ~*~*~tactically~*~*~ (outnumbered).
 11310 | D:4      | 11310 ||| Stepping ~*~*~tactically~*~*~ (outnumbered).
 11312 | D:4      | 11312 ||| Stepping ~*~*~tactically~*~*~ (outnumbered).
 11314 | D:4      | 11314 ||| Stepping ~*~*~tactically~*~*~ (outnumbered).
 11316 | D:4      | 11316 ||| Stepping ~*~*~tactically~*~*~ (outnumbered).
 11319 | D:4      | 11319 ||| Stepping ~*~*~tactically~*~*~ (outnumbered).
 11321 | D:4      | 11321 ||| Stepping ~*~*~tactically~*~*~ (outnumbered).
 11323 | D:4      | 11323 ||| Stepping ~*~*~tactically~*~*~ (outnumbered).
 11325 | D:4      | 11325 ||| Stepping ~*~*~tactically~*~*~ (outnumbered).
 11327 | D:4      | 11327 ||| Stepping ~*~*~tactically~*~*~ (outnumbered).
 11329 | D:4      | 11329 ||| Stepping ~*~*~tactically~*~*~ (outnumbered).
 11331 | D:4      | 11331 ||| Stepping ~*~*~tactically~*~*~ (outnumbered).
 11341 | D:4      | 11341 ||| Stepping ~*~*~tactically~*~*~ (outnumbered).
 11343 | D:4      | 11343 ||| Stepping ~*~*~tactically~*~*~ (outnumbered).
 11345 | D:4      | 11345 ||| FLEEEEING.
 11372 | D:4      | 11372 ||| Stepping ~*~*~tactically~*~*~ (outnumbered).
 11374 | D:4      | 11374 ||| Stepping ~*~*~tactically~*~*~ (outnumbered).
 11376 | D:4      | 11376 ||| Stepping ~*~*~tactically~*~*~ (outnumbered).
 11382 | D:4      | 11382 ||| Stepping ~*~*~tactically~*~*~ (outnumbered).
 11384 | D:4      | 11384 ||| Stepping ~*~*~tactically~*~*~ (outnumbered).
 11386 | D:4      | 11386 ||| Stepping ~*~*~tactically~*~*~ (outnumbered).
 11388 | D:4      | 11388 ||| Stepping ~*~*~tactically~*~*~ (outnumbered).
 11390 | D:4      | 11390 ||| Stepping ~*~*~tactically~*~*~ (outnumbered).
 11392 | D:4      | 11392 ||| Stepping ~*~*~tactically~*~*~ (outnumbered).
 11394 | D:4      | 11394 ||| Stepping ~*~*~tactically~*~*~ (outnumbered).
 11396 | D:4      | 11396 ||| Stepping ~*~*~tactically~*~*~ (outnumbered).
 11400 | D:4      | 11400 ||| Stepping ~*~*~tactically~*~*~ (outnumbered).
 11402 | D:4      | 11402 ||| Stepping ~*~*~tactically~*~*~ (outnumbered).
 11404 | D:4      | 11404 ||| Stepping ~*~*~tactically~*~*~ (outnumbered).
 11406 | D:4      | 11406 ||| Stepping ~*~*~tactically~*~*~ (outnumbered).
 11408 | D:4      | 11408 ||| Stepping ~*~*~tactically~*~*~ (outnumbered).
 11410 | D:4      | 11410 ||| Stepping ~*~*~tactically~*~*~ (outnumbered).
 11412 | D:4      | 11412 ||| Stepping ~*~*~tactically~*~*~ (outnumbered).
 11414 | D:4      | 11414 ||| Stepping ~*~*~tactically~*~*~ (outnumbered).
 11416 | D:4      | 11416 ||| Stepping ~*~*~tactically~*~*~ (outnumbered).
 11423 | D:4      | 11423 ||| Stepping ~*~*~tactically~*~*~ (outnumbered).
 11425 | D:4      | 11425 ||| Stepping ~*~*~tactically~*~*~ (outnumbered).
 11427 | D:4      | 11427 ||| Stepping ~*~*~tactically~*~*~ (outnumbered).
 11429 | D:4      | 11429 ||| Stepping ~*~*~tactically~*~*~ (outnumbered).
 11441 | D:4      | 11441 ||| Stepping ~*~*~tactically~*~*~ (outnumbered).
 11443 | D:4      | 11443 ||| FLEEEEING.
 11469 | D:4      | 11469 ||| Stepping ~*~*~tactically~*~*~ (outnumbered).
 11471 | D:4      | 11471 ||| Stepping ~*~*~tactically~*~*~ (outnumbered).
 11473 | D:4      | 11473 ||| Stepping ~*~*~tactically~*~*~ (outnumbered).
 11475 | D:4      | 11475 ||| Stepping ~*~*~tactically~*~*~ (outnumbered).
 11477 | D:4      | 11477 ||| Stepping ~*~*~tactically~*~*~ (outnumbered).
 11479 | D:4      | 11479 ||| FLEEEEING.
 11506 | D:4      | 11506 ||| Stepping ~*~*~tactically~*~*~ (outnumbered).
 11515 | D:4      | 11515 ||| Stepping ~*~*~tactically~*~*~ (outnumbered).
 11517 | D:4      | 11517 ||| FLEEEEING.
 11543 | D:4      | 11543 ||| Stepping ~*~*~tactically~*~*~ (outnumbered).
 11545 | D:4      | 11545 ||| Stepping ~*~*~tactically~*~*~ (outnumbered).
 11549 | D:4      | 11549 ||| Stepping ~*~*~tactically~*~*~ (outnumbered).
 11551 | D:4      | 11551 ||| Stepping ~*~*~tactically~*~*~ (outnumbered).
 11553 | D:4      | 11553 ||| Stepping ~*~*~tactically~*~*~ (outnumbered).
 11560 | D:4      | 11560 ||| Stepping ~*~*~tactically~*~*~ (outnumbered).
 11562 | D:4      | 11562 ||| Stepping ~*~*~tactically~*~*~ (outnumbered).
 11564 | D:4      | 11564 ||| Stepping ~*~*~tactically~*~*~ (outnumbered).
 11566 | D:4      | 11566 ||| FLEEEEING.
 11595 | D:4      | 11595 ||| Stepping ~*~*~tactically~*~*~ (outnumbered).
 11608 | D:4      | 11608 ||| Stepping ~*~*~tactically~*~*~ (outnumbered).
 11610 | D:4      | 11610 ||| Stepping ~*~*~tactically~*~*~ (outnumbered).
 11612 | D:4      | 11612 ||| Stepping ~*~*~tactically~*~*~ (outnumbered).
 11614 | D:4      | 11614 ||| Stepping ~*~*~tactically~*~*~ (outnumbered).
 11616 | D:4      | 11616 ||| Stepping ~*~*~tactically~*~*~ (outnumbered).
 11626 | D:4      | 11626 ||| Stepping ~*~*~tactically~*~*~ (outnumbered).
 11628 | D:4      | 11628 ||| Stepping ~*~*~tactically~*~*~ (outnumbered).
 11630 | D:4      | 11630 ||| Stepping ~*~*~tactically~*~*~ (outnumbered).
 11632 | D:4      | 11632 ||| Stepping ~*~*~tactically~*~*~ (outnumbered).
 11634 | D:4      | 11634 ||| Stepping ~*~*~tactically~*~*~ (outnumbered).
 11636 | D:4      | 11636 ||| Stepping ~*~*~tactically~*~*~ (outnumbered).
 11638 | D:4      | 11638 ||| Stepping ~*~*~tactically~*~*~ (outnumbered).
 11645 | D:4      | 11645 ||| Stepping ~*~*~tactically~*~*~ (outnumbered).
 11656 | D:4      | 11656 ||| Stepping ~*~*~tactically~*~*~ (outnumbered).
 11658 | D:4      | 11658 ||| Stepping ~*~*~tactically~*~*~ (outnumbered).
 11660 | D:4      | 11660 ||| Stepping ~*~*~tactically~*~*~ (outnumbered).
 11662 | D:4      | 11662 ||| Stepping ~*~*~tactically~*~*~ (outnumbered).
 11667 | D:4      | 11667 ||| Stepping ~*~*~tactically~*~*~ (outnumbered).
 11669 | D:4      | 11669 ||| Stepping ~*~*~tactically~*~*~ (outnumbered).
 11671 | D:4      | 11671 ||| Stepping ~*~*~tactically~*~*~ (outnumbered).
 11673 | D:4      | 11673 ||| Stepping ~*~*~tactically~*~*~ (outnumbered).
 11682 | D:4      | 11682 ||| Stepping ~*~*~tactically~*~*~ (outnumbered).
 11684 | D:4      | 11684 ||| Stepping ~*~*~tactically~*~*~ (outnumbered).
 11686 | D:4      | 11686 ||| Stepping ~*~*~tactically~*~*~ (outnumbered).
 11688 | D:4      | 11688 ||| Stepping ~*~*~tactically~*~*~ (outnumbered).
 11690 | D:4      | 11690 ||| Stepping ~*~*~tactically~*~*~ (outnumbered).
 11693 | D:4      | 11693 ||| Stepping ~*~*~tactically~*~*~ (outnumbered).
 11700 | D:4      | 11700 ||| Stepping ~*~*~tactically~*~*~ (outnumbered).
 11702 | D:4      | 11702 ||| Stepping ~*~*~tactically~*~*~ (outnumbered).
 11704 | D:4      | 11704 ||| Stepping ~*~*~tactically~*~*~ (outnumbered).
 11706 | D:4      | 11706 ||| Stepping ~*~*~tactically~*~*~ (outnumbered).
 11708 | D:4      | 11708 ||| Stepping ~*~*~tactically~*~*~ (outnumbered).
 11710 | D:4      | 11710 ||| Stepping ~*~*~tactically~*~*~ (outnumbered).
 11712 | D:4      | 11712 ||| Stepping ~*~*~tactically~*~*~ (outnumbered).
 11714 | D:4      | 11714 ||| Stepping ~*~*~tactically~*~*~ (outnumbered).
 11723 | D:4      | 11723 ||| Stepping ~*~*~tactically~*~*~ (outnumbered).
 11725 | D:4      | 11725 ||| Stepping ~*~*~tactically~*~*~ (outnumbered).
 11727 | D:4      | 11727 ||| Stepping ~*~*~tactically~*~*~ (outnumbered).
 11729 | D:4      | 11729 ||| Stepping ~*~*~tactically~*~*~ (outnumbered).
 11734 | D:4      | 11734 ||| FLEEEEING.
 11761 | D:4      | 11761 ||| Stepping ~*~*~tactically~*~*~ (outnumbered).
 11763 | D:4      | 11763 ||| FLEEEEING.
 11791 | D:4      | 11791 ||| Stepping ~*~*~tactically~*~*~ (outnumbered).
 11800 | D:4      | 11800 ||| Stepping ~*~*~tactically~*~*~ (outnumbered).
 11811 | D:4      | 11811 ||| Stepping ~*~*~tactically~*~*~ (outnumbered).
 11813 | D:4      | 11813 ||| Stepping ~*~*~tactically~*~*~ (outnumbered).
 11823 | D:4      | 11823 ||| Stepping ~*~*~tactically~*~*~ (outnumbered).
 11837 | D:4      | 11837 ||| Stepping ~*~*~tactically~*~*~ (outnumbered).
 11839 | D:4      | 11839 ||| Stepping ~*~*~tactically~*~*~ (outnumbered).
 11841 | D:4      | 11841 ||| Stepping ~*~*~tactically~*~*~ (outnumbered).
 11843 | D:4      | 11843 ||| Stepping ~*~*~tactically~*~*~ (outnumbered).
 11845 | D:4      | 11845 ||| Stepping ~*~*~tactically~*~*~ (outnumbered).
 11847 | D:4      | 11847 ||| Stepping ~*~*~tactically~*~*~ (outnumbered).
 11849 | D:4      | 11849 ||| Stepping ~*~*~tactically~*~*~ (outnumbered).
 11851 | D:4      | 11851 ||| Stepping ~*~*~tactically~*~*~ (outnumbered).
 11856 | D:4      | 11856 ||| Stepping ~*~*~tactically~*~*~ (outnumbered).
 11858 | D:4      | 11858 ||| Stepping ~*~*~tactically~*~*~ (outnumbered).
 11860 | D:4      | 11860 ||| Stepping ~*~*~tactically~*~*~ (outnumbered).
 11874 | D:4      | 11874 ||| Stepping ~*~*~tactically~*~*~ (outnumbered).
 11876 | D:4      | 11876 ||| Stepping ~*~*~tactically~*~*~ (outnumbered).
 11878 | D:4      | 11878 ||| Stepping ~*~*~tactically~*~*~ (outnumbered).
 11889 | D:4      | 11889 ||| Stepping ~*~*~tactically~*~*~ (outnumbered).
 11891 | D:4      | 11891 ||| Stepping ~*~*~tactically~*~*~ (outnumbered).
 11900 | D:4      | 11900 ||| Stepping ~*~*~tactically~*~*~ (outnumbered).
 11902 | D:4      | 11902 ||| Stepping ~*~*~tactically~*~*~ (outnumbered).
 11904 | D:4      | 11904 ||| Stepping ~*~*~tactically~*~*~ (outnumbered).
 11906 | D:4      | 11906 ||| Stepping ~*~*~tactically~*~*~ (outnumbered).
 11908 | D:4      | 11908 ||| Stepping ~*~*~tactically~*~*~ (outnumbered).
 11910 | D:4      | 11910 ||| Stepping ~*~*~tactically~*~*~ (outnumbered).
 11912 | D:4      | 11912 ||| Stepping ~*~*~tactically~*~*~ (outnumbered).
 11914 | D:4      | 11914 ||| Stepping ~*~*~tactically~*~*~ (outnumbered).
 11916 | D:4      | 11916 ||| Stepping ~*~*~tactically~*~*~ (outnumbered).
 11918 | D:4      | 11918 ||| Stepping ~*~*~tactically~*~*~ (outnumbered).
 11920 | D:4      | 11920 ||| Stepping ~*~*~tactically~*~*~ (outnumbered).
 11923 | D:4      | 11923 ||| Stepping ~*~*~tactically~*~*~ (outnumbered).
 11925 | D:4      | 11925 ||| Stepping ~*~*~tactically~*~*~ (outnumbered).
 11927 | D:4      | 11927 ||| Stepping ~*~*~tactically~*~*~ (outnumbered).
 11930 | D:4      | 11930 ||| Stepping ~*~*~tactically~*~*~ (outnumbered).
 11934 | D:4      | 11934 ||| Stepping ~*~*~tactically~*~*~ (outnumbered).
 11936 | D:4      | 11936 ||| Stepping ~*~*~tactically~*~*~ (outnumbered).
 11941 | D:4      | 11941 ||| Stepping ~*~*~tactically~*~*~ (outnumbered).
 11943 | D:4      | 11943 ||| Stepping ~*~*~tactically~*~*~ (outnumbered).
 11945 | D:4      | 11945 ||| Stepping ~*~*~tactically~*~*~ (outnumbered).
 11947 | D:4      | 11947 ||| Stepping ~*~*~tactically~*~*~ (outnumbered).
 11949 | D:4      | 11949 ||| Stepping ~*~*~tactically~*~*~ (outnumbered).
 11952 | D:4      | 11952 ||| Stepping ~*~*~tactically~*~*~ (outnumbered).
 11954 | D:4      | 11954 ||| Stepping ~*~*~tactically~*~*~ (outnumbered).
 11956 | D:4      | 11956 ||| FLEEEEING.
 11983 | D:4      | 11983 ||| Stepping ~*~*~tactically~*~*~ (outnumbered).
 11985 | D:4      | 11985 ||| Stepping ~*~*~tactically~*~*~ (outnumbered).
 11987 | D:4      | 11987 ||| Stepping ~*~*~tactically~*~*~ (outnumbered).
 11989 | D:4      | 11989 ||| Stepping ~*~*~tactically~*~*~ (outnumbered).
 11991 | D:4      | 11991 ||| Stepping ~*~*~tactically~*~*~ (outnumbered).
 11993 | D:4      | 11993 ||| Stepping ~*~*~tactically~*~*~ (outnumbered).
 11995 | D:4      | 11995 ||| Stepping ~*~*~tactically~*~*~ (outnumbered).
 12000 | D:4      | 12000 ||| Stepping ~*~*~tactically~*~*~ (outnumbered).
 12002 | D:4      | 12002 ||| Stepping ~*~*~tactically~*~*~ (outnumbered).
 12011 | D:4      | 12011 ||| Stepping ~*~*~tactically~*~*~ (outnumbered).
 12013 | D:4      | 12013 ||| Stepping ~*~*~tactically~*~*~ (outnumbered).
 12015 | D:4      | 12015 ||| Stepping ~*~*~tactically~*~*~ (outnumbered).
 12017 | D:4      | 12017 ||| Stepping ~*~*~tactically~*~*~ (outnumbered).
 12019 | D:4      | 12019 ||| Stepping ~*~*~tactically~*~*~ (outnumbered).
 12021 | D:4      | 12021 ||| Stepping ~*~*~tactically~*~*~ (outnumbered).
 12023 | D:4      | 12023 ||| Stepping ~*~*~tactically~*~*~ (outnumbered).
 12030 | D:4      | 12030 ||| Stepping ~*~*~tactically~*~*~ (outnumbered).
 12032 | D:4      | 12032 ||| Stepping ~*~*~tactically~*~*~ (outnumbered).
 12034 | D:4      | 12034 ||| Stepping ~*~*~tactically~*~*~ (outnumbered).
 12036 | D:4      | 12036 ||| Stepping ~*~*~tactically~*~*~ (outnumbered).
 12038 | D:4      | 12038 ||| Stepping ~*~*~tactically~*~*~ (outnumbered).
 12040 | D:4      | 12040 ||| Stepping ~*~*~tactically~*~*~ (outnumbered).
 12042 | D:4      | 12042 ||| Stepping ~*~*~tactically~*~*~ (outnumbered).
 12044 | D:4      | 12044 ||| Stepping ~*~*~tactically~*~*~ (outnumbered).
 12046 | D:4      | 12046 ||| FLEEEEING.
 12072 | D:4      | 12072 ||| Stepping ~*~*~tactically~*~*~ (outnumbered).
 12078 | D:4      | 12078 ||| Stepping ~*~*~tactically~*~*~ (outnumbered).
 12080 | D:4      | 12080 ||| Stepping ~*~*~tactically~*~*~ (outnumbered).
 12082 | D:4      | 12082 ||| Stepping ~*~*~tactically~*~*~ (outnumbered).
 12084 | D:4      | 12084 ||| Stepping ~*~*~tactically~*~*~ (outnumbered).
 12086 | D:4      | 12086 ||| Stepping ~*~*~tactically~*~*~ (outnumbered).
 12088 | D:4      | 12088 ||| Stepping ~*~*~tactically~*~*~ (outnumbered).
 12090 | D:4      | 12090 ||| Stepping ~*~*~tactically~*~*~ (outnumbered).
 12092 | D:4      | 12092 ||| Stepping ~*~*~tactically~*~*~ (outnumbered).
 12094 | D:4      | 12094 ||| Stepping ~*~*~tactically~*~*~ (outnumbered).
 12096 | D:4      | 12096 ||| Stepping ~*~*~tactically~*~*~ (outnumbered).
 12098 | D:4      | 12098 ||| Stepping ~*~*~tactically~*~*~ (outnumbered).
 12100 | D:4      | 12100 ||| Stepping ~*~*~tactically~*~*~ (outnumbered).
 12102 | D:4      | 12102 ||| Stepping ~*~*~tactically~*~*~ (outnumbered).
 12108 | D:4      | 12108 ||| Stepping ~*~*~tactically~*~*~ (outnumbered).
 12119 | D:4      | 12119 ||| Stepping ~*~*~tactically~*~*~ (outnumbered).
 12121 | D:4      | 12121 ||| Stepping ~*~*~tactically~*~*~ (outnumbered).
 12123 | D:4      | 12123 ||| Stepping ~*~*~tactically~*~*~ (outnumbered).
 12125 | D:4      | 12125 ||| Stepping ~*~*~tactically~*~*~ (outnumbered).
 12127 | D:4      | 12127 ||| Stepping ~*~*~tactically~*~*~ (outnumbered).
 12129 | D:4      | 12129 ||| Stepping ~*~*~tactically~*~*~ (outnumbered).
 12131 | D:4      | 12131 ||| Stepping ~*~*~tactically~*~*~ (outnumbered).
 12133 | D:4      | 12133 ||| Stepping ~*~*~tactically~*~*~ (outnumbered).
 12135 | D:4      | 12135 ||| Stepping ~*~*~tactically~*~*~ (outnumbered).
 12137 | D:4      | 12137 ||| Stepping ~*~*~tactically~*~*~ (outnumbered).
 12152 | D:4      | 12152 ||| Stepping ~*~*~tactically~*~*~ (outnumbered).
 12154 | D:4      | 12154 ||| Stepping ~*~*~tactically~*~*~ (outnumbered).
 12156 | D:4      | 12156 ||| Stepping ~*~*~tactically~*~*~ (outnumbered).
 12158 | D:4      | 12158 ||| Stepping ~*~*~tactically~*~*~ (outnumbered).
 12160 | D:4      | 12160 ||| Stepping ~*~*~tactically~*~*~ (outnumbered).
 12174 | D:4      | 12174 ||| FLEEEEING.
 12202 | D:4      | 12202 ||| Stepping ~*~*~tactically~*~*~ (outnumbered).
 12204 | D:4      | 12204 ||| Stepping ~*~*~tactically~*~*~ (outnumbered).
 12206 | D:4      | 12206 ||| Stepping ~*~*~tactically~*~*~ (outnumbered).
 12208 | D:4      | 12208 ||| Stepping ~*~*~tactically~*~*~ (outnumbered).
 12210 | D:4      | 12210 ||| Stepping ~*~*~tactically~*~*~ (outnumbered).
 12223 | D:4      | 12223 ||| Stepping ~*~*~tactically~*~*~ (outnumbered).
 12225 | D:4      | 12225 ||| Stepping ~*~*~tactically~*~*~ (outnumbered).
 12227 | D:4      | 12227 ||| Stepping ~*~*~tactically~*~*~ (outnumbered).
 12229 | D:4      | 12229 ||| Stepping ~*~*~tactically~*~*~ (outnumbered).
 12231 | D:4      | 12231 ||| Stepping ~*~*~tactically~*~*~ (outnumbered).
 12233 | D:4      | 12233 ||| Stepping ~*~*~tactically~*~*~ (outnumbered).
 12241 | D:4      | 12241 ||| Stepping ~*~*~tactically~*~*~ (outnumbered).
 12243 | D:4      | 12243 ||| Stepping ~*~*~tactically~*~*~ (outnumbered).
 12245 | D:4      | 12245 ||| Stepping ~*~*~tactically~*~*~ (outnumbered).
 12247 | D:4      | 12247 ||| Stepping ~*~*~tactically~*~*~ (outnumbered).
 12249 | D:4      | 12249 ||| Stepping ~*~*~tactically~*~*~ (outnumbered).
 12252 | D:4      | 12252 ||| Stepping ~*~*~tactically~*~*~ (outnumbered).
 12263 | D:4      | 12263 ||| Stepping ~*~*~tactically~*~*~ (outnumbered).
 12265 | D:4      | 12265 ||| Stepping ~*~*~tactically~*~*~ (outnumbered).
 12274 | D:4      | 12274 ||| Stepping ~*~*~tactically~*~*~ (outnumbered).
 12278 | D:4      | 12278 ||| Stepping ~*~*~tactically~*~*~ (outnumbered).
 12282 | D:4      | 12282 ||| Stepping ~*~*~tactically~*~*~ (outnumbered).
 12284 | D:4      | 12284 ||| Stepping ~*~*~tactically~*~*~ (outnumbered).
 12286 | D:4      | 12286 ||| Stepping ~*~*~tactically~*~*~ (outnumbered).
 12288 | D:4      | 12288 ||| Stepping ~*~*~tactically~*~*~ (outnumbered).
 12290 | D:4      | 12290 ||| Stepping ~*~*~tactically~*~*~ (outnumbered).
 12292 | D:4      | 12292 ||| Stepping ~*~*~tactically~*~*~ (outnumbered).
 12294 | D:4      | 12294 ||| Stepping ~*~*~tactically~*~*~ (outnumbered).
 12296 | D:4      | 12296 ||| Stepping ~*~*~tactically~*~*~ (outnumbered).
 12298 | D:4      | 12298 ||| Stepping ~*~*~tactically~*~*~ (outnumbered).
 12300 | D:4      | 12300 ||| Stepping ~*~*~tactically~*~*~ (outnumbered).
 12302 | D:4      | 12302 ||| Stepping ~*~*~tactically~*~*~ (outnumbered).
 12304 | D:4      | 12304 ||| Stepping ~*~*~tactically~*~*~ (outnumbered).
 12306 | D:4      | 12306 ||| Stepping ~*~*~tactically~*~*~ (outnumbered).
 12308 | D:4      | 12308 ||| Stepping ~*~*~tactically~*~*~ (outnumbered).
 12310 | D:4      | 12310 ||| Stepping ~*~*~tactically~*~*~ (outnumbered).
 12312 | D:4      | 12312 ||| Stepping ~*~*~tactically~*~*~ (outnumbered).
 12323 | D:4      | 12323 ||| Stepping ~*~*~tactically~*~*~ (outnumbered).
 12325 | D:4      | 12325 ||| Stepping ~*~*~tactically~*~*~ (outnumbered).
 12327 | D:4      | 12327 ||| Stepping ~*~*~tactically~*~*~ (outnumbered).
 12329 | D:4      | 12329 ||| Stepping ~*~*~tactically~*~*~ (outnumbered).
 12331 | D:4      | 12331 ||| Stepping ~*~*~tactically~*~*~ (outnumbered).
 12333 | D:4      | 12333 ||| Stepping ~*~*~tactically~*~*~ (outnumbered).
 12341 | D:4      | 12341 ||| Stepping ~*~*~tactically~*~*~ (outnumbered).
 12343 | D:4      | 12343 ||| Stepping ~*~*~tactically~*~*~ (outnumbered).
 12345 | D:4      | 12345 ||| Stepping ~*~*~tactically~*~*~ (outnumbered).
 12347 | D:4      | 12347 ||| Stepping ~*~*~tactically~*~*~ (outnumbered).
 12349 | D:4      | 12349 ||| Stepping ~*~*~tactically~*~*~ (outnumbered).
 12351 | D:4      | 12351 ||| Stepping ~*~*~tactically~*~*~ (outnumbered).
 12353 | D:4      | 12353 ||| Stepping ~*~*~tactically~*~*~ (outnumbered).
 12355 | D:4      | 12355 ||| Stepping ~*~*~tactically~*~*~ (outnumbered).
 12357 | D:4      | 12357 ||| Stepping ~*~*~tactically~*~*~ (outnumbered).
 12359 | D:4      | 12359 ||| Stepping ~*~*~tactically~*~*~ (outnumbered).
 12361 | D:4      | 12361 ||| Stepping ~*~*~tactically~*~*~ (outnumbered).
 12363 | D:4      | 12363 ||| Stepping ~*~*~tactically~*~*~ (outnumbered).
 12365 | D:4      | 12365 ||| Stepping ~*~*~tactically~*~*~ (outnumbered).
 12367 | D:4      | 12367 ||| Stepping ~*~*~tactically~*~*~ (outnumbered).
 12369 | D:4      | 12369 ||| Stepping ~*~*~tactically~*~*~ (outnumbered).
 12371 | D:4      | 12371 ||| Stepping ~*~*~tactically~*~*~ (outnumbered).
 12373 | D:4      | 12373 ||| Stepping ~*~*~tactically~*~*~ (outnumbered).
 12375 | D:4      | 12375 ||| Stepping ~*~*~tactically~*~*~ (outnumbered).
 12377 | D:4      | 12377 ||| Stepping ~*~*~tactically~*~*~ (outnumbered).
 12379 | D:4      | 12379 ||| Stepping ~*~*~tactically~*~*~ (outnumbered).
 12381 | D:4      | 12381 ||| Stepping ~*~*~tactically~*~*~ (outnumbered).
 12386 | D:4      | 12386 ||| Stepping ~*~*~tactically~*~*~ (outnumbered).
 12388 | D:4      | 12388 ||| Stepping ~*~*~tactically~*~*~ (outnumbered).
 12390 | D:4      | 12390 ||| Stepping ~*~*~tactically~*~*~ (outnumbered).
 12392 | D:4      | 12392 ||| Stepping ~*~*~tactically~*~*~ (outnumbered).
 12394 | D:4      | 12394 ||| Stepping ~*~*~tactically~*~*~ (outnumbered).
 12396 | D:4      | 12396 ||| Stepping ~*~*~tactically~*~*~ (outnumbered).
 12404 | D:4      | 12404 ||| Stepping ~*~*~tactically~*~*~ (outnumbered).
 12406 | D:4      | 12406 ||| Stepping ~*~*~tactically~*~*~ (outnumbered).
 12408 | D:4      | 12408 ||| Stepping ~*~*~tactically~*~*~ (outnumbered).
 12410 | D:4      | 12410 ||| Stepping ~*~*~tactically~*~*~ (outnumbered).
 12412 | D:4      | 12412 ||| Stepping ~*~*~tactically~*~*~ (outnumbered).
 12419 | D:4      | 12419 ||| Stepping ~*~*~tactically~*~*~ (outnumbered).
 12421 | D:4      | 12421 ||| Stepping ~*~*~tactically~*~*~ (outnumbered).
 12423 | D:4      | 12423 ||| Stepping ~*~*~tactically~*~*~ (outnumbered).
 12425 | D:4      | 12425 ||| Stepping ~*~*~tactically~*~*~ (outnumbered).
 12427 | D:4      | 12427 ||| Stepping ~*~*~tactically~*~*~ (outnumbered).
 12429 | D:4      | 12429 ||| Stepping ~*~*~tactically~*~*~ (outnumbered).
 12431 | D:4      | 12431 ||| Stepping ~*~*~tactically~*~*~ (outnumbered).
 12433 | D:4      | 12433 ||| Stepping ~*~*~tactically~*~*~ (outnumbered).
 12435 | D:4      | 12435 ||| Stepping ~*~*~tactically~*~*~ (outnumbered).
 12437 | D:4      | 12437 ||| Stepping ~*~*~tactically~*~*~ (outnumbered).
 12439 | D:4      | 12439 ||| Stepping ~*~*~tactically~*~*~ (outnumbered).
 12441 | D:4      | 12441 ||| Stepping ~*~*~tactically~*~*~ (outnumbered).
 12452 | D:4      | 12452 ||| Stepping ~*~*~tactically~*~*~ (outnumbered).
 12463 | D:4      | 12463 ||| Stepping ~*~*~tactically~*~*~ (outnumbered).
 12465 | D:4      | 12465 ||| Stepping ~*~*~tactically~*~*~ (outnumbered).
 12467 | D:4      | 12467 ||| Stepping ~*~*~tactically~*~*~ (outnumbered).
 12469 | D:4      | 12469 ||| Stepping ~*~*~tactically~*~*~ (outnumbered).
 12482 | D:4      | 12482 ||| Stepping ~*~*~tactically~*~*~ (outnumbered).
 12497 | D:4      | 12497 ||| Stepping ~*~*~tactically~*~*~ (outnumbered).
 12508 | D:4      | 12508 ||| Stepping ~*~*~tactically~*~*~ (outnumbered).
 12510 | D:4      | 12510 ||| Stepping ~*~*~tactically~*~*~ (outnumbered).
 12512 | D:4      | 12512 ||| FLEEEEING.
 12539 | D:4      | 12539 ||| Stepping ~*~*~tactically~*~*~ (outnumbered).
 12541 | D:4      | 12541 ||| Stepping ~*~*~tactically~*~*~ (outnumbered).
 12543 | D:4      | 12543 ||| Stepping ~*~*~tactically~*~*~ (outnumbered).
 12545 | D:4      | 12545 ||| Stepping ~*~*~tactically~*~*~ (outnumbered).
 12547 | D:4      | 12547 ||| Stepping ~*~*~tactically~*~*~ (outnumbered).
 12549 | D:4      | 12549 ||| Stepping ~*~*~tactically~*~*~ (outnumbered).
 12552 | D:4      | 12552 ||| Stepping ~*~*~tactically~*~*~ (outnumbered).
 12554 | D:4      | 12554 ||| Stepping ~*~*~tactically~*~*~ (outnumbered).
 12556 | D:4      | 12556 ||| Stepping ~*~*~tactically~*~*~ (outnumbered).
 12567 | D:4      | 12567 ||| Stepping ~*~*~tactically~*~*~ (outnumbered).
 12569 | D:4      | 12569 ||| Stepping ~*~*~tactically~*~*~ (outnumbered).
 12574 | D:4      | 12574 ||| Stepping ~*~*~tactically~*~*~ (outnumbered).
 12576 | D:4      | 12576 ||| FLEEEEING.
 12602 | D:4      | 12602 ||| Stepping ~*~*~tactically~*~*~ (outnumbered).
 12604 | D:4      | 12604 ||| Stepping ~*~*~tactically~*~*~ (outnumbered).
 12606 | D:4      | 12606 ||| Stepping ~*~*~tactically~*~*~ (outnumbered).
 12608 | D:4      | 12608 ||| Stepping ~*~*~tactically~*~*~ (outnumbered).
 12610 | D:4      | 12610 ||| Stepping ~*~*~tactically~*~*~ (outnumbered).
 12612 | D:4      | 12612 ||| Stepping ~*~*~tactically~*~*~ (outnumbered).
 12619 | D:4      | 12619 ||| Stepping ~*~*~tactically~*~*~ (outnumbered).
 12621 | D:4      | 12621 ||| Stepping ~*~*~tactically~*~*~ (outnumbered).
 12623 | D:4      | 12623 ||| Stepping ~*~*~tactically~*~*~ (outnumbered).
 12630 | D:4      | 12630 ||| Stepping ~*~*~tactically~*~*~ (outnumbered).
 12645 | D:4      | 12645 ||| Stepping ~*~*~tactically~*~*~ (outnumbered).
 12647 | D:4      | 12647 ||| Stepping ~*~*~tactically~*~*~ (outnumbered).
 12649 | D:4      | 12649 ||| Stepping ~*~*~tactically~*~*~ (outnumbered).
 12660 | D:4      | 12660 ||| Stepping ~*~*~tactically~*~*~ (outnumbered).
 12662 | D:4      | 12662 ||| Stepping ~*~*~tactically~*~*~ (outnumbered).
 12664 | D:4      | 12664 ||| Stepping ~*~*~tactically~*~*~ (outnumbered).
 12666 | D:4      | 12666 ||| Stepping ~*~*~tactically~*~*~ (outnumbered).
 12668 | D:4      | 12668 ||| Stepping ~*~*~tactically~*~*~ (outnumbered).
 12670 | D:4      | 12670 ||| Stepping ~*~*~tactically~*~*~ (outnumbered).
 12672 | D:4      | 12672 ||| Stepping ~*~*~tactically~*~*~ (outnumbered).
 12674 | D:4      | 12674 ||| Stepping ~*~*~tactically~*~*~ (outnumbered).
 12678 | D:4      | 12678 ||| FLEEEEING.
 12706 | D:4      | 12706 ||| Stepping ~*~*~tactically~*~*~ (outnumbered).
 12708 | D:4      | 12708 ||| Stepping ~*~*~tactically~*~*~ (outnumbered).
 12723 | D:4      | 12723 ||| Stepping ~*~*~tactically~*~*~ (outnumbered).
 12725 | D:4      | 12725 ||| Stepping ~*~*~tactically~*~*~ (outnumbered).
 12727 | D:4      | 12727 ||| Stepping ~*~*~tactically~*~*~ (outnumbered).
 12729 | D:4      | 12729 ||| Stepping ~*~*~tactically~*~*~ (outnumbered).
 12731 | D:4      | 12731 ||| Stepping ~*~*~tactically~*~*~ (outnumbered).
 12733 | D:4      | 12733 ||| Stepping ~*~*~tactically~*~*~ (outnumbered).
 12735 | D:4      | 12735 ||| Stepping ~*~*~tactically~*~*~ (outnumbered).
 12737 | D:4      | 12737 ||| Stepping ~*~*~tactically~*~*~ (outnumbered).
 12752 | D:4      | 12752 ||| Stepping ~*~*~tactically~*~*~ (outnumbered).
 12767 | D:4      | 12767 ||| Stepping ~*~*~tactically~*~*~ (outnumbered).
 12769 | D:4      | 12769 ||| Stepping ~*~*~tactically~*~*~ (outnumbered).
 12771 | D:4      | 12771 ||| Stepping ~*~*~tactically~*~*~ (outnumbered).
 12773 | D:4      | 12773 ||| Stepping ~*~*~tactically~*~*~ (outnumbered).
 12775 | D:4      | 12775 ||| Stepping ~*~*~tactically~*~*~ (outnumbered).
 12777 | D:4      | 12777 ||| Stepping ~*~*~tactically~*~*~ (outnumbered).
 12779 | D:4      | 12779 ||| Stepping ~*~*~tactically~*~*~ (outnumbered).
 12781 | D:4      | 12781 ||| Stepping ~*~*~tactically~*~*~ (outnumbered).
 12783 | D:4      | 12783 ||| Stepping ~*~*~tactically~*~*~ (outnumbered).
 12785 | D:4      | 12785 ||| Stepping ~*~*~tactically~*~*~ (outnumbered).
 12787 | D:4      | 12787 ||| Stepping ~*~*~tactically~*~*~ (outnumbered).
 12789 | D:4      | 12789 ||| Stepping ~*~*~tactically~*~*~ (outnumbered).
 12791 | D:4      | 12791 ||| Stepping ~*~*~tactically~*~*~ (outnumbered).
 12793 | D:4      | 12793 ||| Stepping ~*~*~tactically~*~*~ (outnumbered).
 12808 | D:4      | 12808 ||| Stepping ~*~*~tactically~*~*~ (outnumbered).
 12810 | D:4      | 12810 ||| Stepping ~*~*~tactically~*~*~ (outnumbered).
 12812 | D:4      | 12812 ||| Stepping ~*~*~tactically~*~*~ (outnumbered).
 12814 | D:4      | 12814 ||| Stepping ~*~*~tactically~*~*~ (outnumbered).
 12816 | D:4      | 12816 ||| Stepping ~*~*~tactically~*~*~ (outnumbered).
 12818 | D:4      | 12818 ||| Stepping ~*~*~tactically~*~*~ (outnumbered).
 12820 | D:4      | 12820 ||| Stepping ~*~*~tactically~*~*~ (outnumbered).
 12826 | D:4      | 12826 ||| Stepping ~*~*~tactically~*~*~ (outnumbered).
 12828 | D:4      | 12828 ||| Stepping ~*~*~tactically~*~*~ (outnumbered).
 12830 | D:4      | 12830 ||| Stepping ~*~*~tactically~*~*~ (outnumbered).
 12834 | D:4      | 12834 ||| Stepping ~*~*~tactically~*~*~ (outnumbered).
 12836 | D:4      | 12836 ||| Stepping ~*~*~tactically~*~*~ (outnumbered).
 12838 | D:4      | 12838 ||| Stepping ~*~*~tactically~*~*~ (outnumbered).
 12840 | D:4      | 12840 ||| Stepping ~*~*~tactically~*~*~ (outnumbered).
 12842 | D:4      | 12842 ||| Stepping ~*~*~tactically~*~*~ (outnumbered).
 12845 | D:4      | 12845 ||| Stepping ~*~*~tactically~*~*~ (outnumbered).
 12847 | D:4      | 12847 ||| Stepping ~*~*~tactically~*~*~ (outnumbered).
 12849 | D:4      | 12849 ||| Stepping ~*~*~tactically~*~*~ (outnumbered).
 12851 | D:4      | 12851 ||| Stepping ~*~*~tactically~*~*~ (outnumbered).
 12853 | D:4      | 12853 ||| Stepping ~*~*~tactically~*~*~ (outnumbered).
 12860 | D:4      | 12860 ||| Stepping ~*~*~tactically~*~*~ (outnumbered).
 12862 | D:4      | 12862 ||| Stepping ~*~*~tactically~*~*~ (outnumbered).
 12864 | D:4      | 12864 ||| Stepping ~*~*~tactically~*~*~ (outnumbered).
 12866 | D:4      | 12866 ||| Stepping ~*~*~tactically~*~*~ (outnumbered).
 12868 | D:4      | 12868 ||| Stepping ~*~*~tactically~*~*~ (outnumbered).
 12870 | D:4      | 12870 ||| Stepping ~*~*~tactically~*~*~ (outnumbered).
 12872 | D:4      | 12872 ||| Stepping ~*~*~tactically~*~*~ (outnumbered).
 12874 | D:4      | 12874 ||| Stepping ~*~*~tactically~*~*~ (outnumbered).
 12876 | D:4      | 12876 ||| Stepping ~*~*~tactically~*~*~ (outnumbered).
 12878 | D:4      | 12878 ||| Stepping ~*~*~tactically~*~*~ (outnumbered).
 12880 | D:4      | 12880 ||| Stepping ~*~*~tactically~*~*~ (outnumbered).
 12882 | D:4      | 12882 ||| Stepping ~*~*~tactically~*~*~ (outnumbered).
 12884 | D:4      | 12884 ||| Stepping ~*~*~tactically~*~*~ (outnumbered).
 12886 | D:4      | 12886 ||| Stepping ~*~*~tactically~*~*~ (outnumbered).
 12888 | D:4      | 12888 ||| Stepping ~*~*~tactically~*~*~ (outnumbered).
 12900 | D:4      | 12900 ||| Stepping ~*~*~tactically~*~*~ (outnumbered).
 12902 | D:4      | 12902 ||| Stepping ~*~*~tactically~*~*~ (outnumbered).
 12904 | D:4      | 12904 ||| Stepping ~*~*~tactically~*~*~ (outnumbered).
 12919 | D:4      | 12919 ||| Stepping ~*~*~tactically~*~*~ (outnumbered).
 12921 | D:4      | 12921 ||| Stepping ~*~*~tactically~*~*~ (outnumbered).
 12923 | D:4      | 12923 ||| Stepping ~*~*~tactically~*~*~ (outnumbered).
 12925 | D:4      | 12925 ||| Stepping ~*~*~tactically~*~*~ (outnumbered).
 12934 | D:4      | 12934 ||| Stepping ~*~*~tactically~*~*~ (outnumbered).
 12936 | D:4      | 12936 ||| Stepping ~*~*~tactically~*~*~ (outnumbered).
 12941 | D:4      | 12941 ||| Stepping ~*~*~tactically~*~*~ (outnumbered).
 12943 | D:4      | 12943 ||| Stepping ~*~*~tactically~*~*~ (outnumbered).
 12945 | D:4      | 12945 ||| Stepping ~*~*~tactically~*~*~ (outnumbered).
 12947 | D:4      | 12947 ||| Stepping ~*~*~tactically~*~*~ (outnumbered).
 12949 | D:4      | 12949 ||| Stepping ~*~*~tactically~*~*~ (outnumbered).
 12960 | D:4      | 12960 ||| Stepping ~*~*~tactically~*~*~ (outnumbered).
 12962 | D:4      | 12962 ||| Stepping ~*~*~tactically~*~*~ (outnumbered).
 12964 | D:4      | 12964 ||| Stepping ~*~*~tactically~*~*~ (outnumbered).
 12966 | D:4      | 12966 ||| Stepping ~*~*~tactically~*~*~ (outnumbered).
 12978 | D:4      | 12978 ||| Stepping ~*~*~tactically~*~*~ (outnumbered).
 12980 | D:4      | 12980 ||| Stepping ~*~*~tactically~*~*~ (outnumbered).
 12982 | D:4      | 12982 ||| Stepping ~*~*~tactically~*~*~ (outnumbered).
 12984 | D:4      | 12984 ||| Stepping ~*~*~tactically~*~*~ (outnumbered).
 12986 | D:4      | 12986 ||| Stepping ~*~*~tactically~*~*~ (outnumbered).
 12988 | D:4      | 12988 ||| Stepping ~*~*~tactically~*~*~ (outnumbered).
 13004 | D:4      | 13004 ||| Stepping ~*~*~tactically~*~*~ (outnumbered).
 13006 | D:4      | 13006 ||| Stepping ~*~*~tactically~*~*~ (outnumbered).
 13008 | D:4      | 13008 ||| Stepping ~*~*~tactically~*~*~ (outnumbered).
 13010 | D:4      | 13010 ||| Stepping ~*~*~tactically~*~*~ (outnumbered).
 13012 | D:4      | 13012 ||| Stepping ~*~*~tactically~*~*~ (outnumbered).
 13014 | D:4      | 13014 ||| Stepping ~*~*~tactically~*~*~ (outnumbered).
 13023 | D:4      | 13023 ||| Stepping ~*~*~tactically~*~*~ (outnumbered).
 13025 | D:4      | 13025 ||| Stepping ~*~*~tactically~*~*~ (outnumbered).
 13041 | D:4      | 13041 ||| Stepping ~*~*~tactically~*~*~ (outnumbered).
 13056 | D:4      | 13056 ||| Stepping ~*~*~tactically~*~*~ (outnumbered).
 13058 | D:4      | 13058 ||| Stepping ~*~*~tactically~*~*~ (outnumbered).
 13060 | D:4      | 13060 ||| Stepping ~*~*~tactically~*~*~ (outnumbered).
 13062 | D:4      | 13062 ||| Stepping ~*~*~tactically~*~*~ (outnumbered).
 13064 | D:4      | 13064 ||| Stepping ~*~*~tactically~*~*~ (outnumbered).
 13066 | D:4      | 13066 ||| Stepping ~*~*~tactically~*~*~ (outnumbered).
 13071 | D:4      | 13071 ||| Stepping ~*~*~tactically~*~*~ (outnumbered).
 13073 | D:4      | 13073 ||| Stepping ~*~*~tactically~*~*~ (outnumbered).
 13075 | D:4      | 13075 ||| Stepping ~*~*~tactically~*~*~ (outnumbered).
 13077 | D:4      | 13077 ||| Stepping ~*~*~tactically~*~*~ (outnumbered).
 13079 | D:4      | 13079 ||| Stepping ~*~*~tactically~*~*~ (outnumbered).
 13082 | D:4      | 13082 ||| Stepping ~*~*~tactically~*~*~ (outnumbered).
 13084 | D:4      | 13084 ||| Stepping ~*~*~tactically~*~*~ (outnumbered).
 13086 | D:4      | 13086 ||| Stepping ~*~*~tactically~*~*~ (outnumbered).
 13097 | D:4      | 13097 ||| Stepping ~*~*~tactically~*~*~ (outnumbered).
 13099 | D:4      | 13099 ||| Stepping ~*~*~tactically~*~*~ (outnumbered).
 13101 | D:4      | 13101 ||| Stepping ~*~*~tactically~*~*~ (outnumbered).
 13103 | D:4      | 13103 ||| Stepping ~*~*~tactically~*~*~ (outnumbered).
 13105 | D:4      | 13105 ||| Stepping ~*~*~tactically~*~*~ (outnumbered).
 13107 | D:4      | 13107 ||| Stepping ~*~*~tactically~*~*~ (outnumbered).
 13109 | D:4      | 13109 ||| Stepping ~*~*~tactically~*~*~ (outnumbered).
 13115 | D:4      | 13115 ||| Stepping ~*~*~tactically~*~*~ (outnumbered).
 13117 | D:4      | 13117 ||| Stepping ~*~*~tactically~*~*~ (outnumbered).
 13119 | D:4      | 13119 ||| Stepping ~*~*~tactically~*~*~ (outnumbered).
 13130 | D:4      | 13130 ||| Stepping ~*~*~tactically~*~*~ (outnumbered).
 13132 | D:4      | 13132 ||| Stepping ~*~*~tactically~*~*~ (outnumbered).
 13134 | D:4      | 13134 ||| Stepping ~*~*~tactically~*~*~ (outnumbered).
 13136 | D:4      | 13136 ||| Stepping ~*~*~tactically~*~*~ (outnumbered).
 13138 | D:4      | 13138 ||| Stepping ~*~*~tactically~*~*~ (outnumbered).
 13141 | D:4      | 13141 ||| Stepping ~*~*~tactically~*~*~ (outnumbered).
 13143 | D:4      | 13143 ||| Stepping ~*~*~tactically~*~*~ (outnumbered).
 13145 | D:4      | 13145 ||| Stepping ~*~*~tactically~*~*~ (outnumbered).
 13147 | D:4      | 13147 ||| Stepping ~*~*~tactically~*~*~ (outnumbered).
 13152 | D:4      | 13152 ||| Stepping ~*~*~tactically~*~*~ (outnumbered).
 13154 | D:4      | 13154 ||| Stepping ~*~*~tactically~*~*~ (outnumbered).
 13156 | D:4      | 13156 ||| Stepping ~*~*~tactically~*~*~ (outnumbered).
 13158 | D:4      | 13158 ||| Stepping ~*~*~tactically~*~*~ (outnumbered).
 13160 | D:4      | 13160 ||| Stepping ~*~*~tactically~*~*~ (outnumbered).
 13162 | D:4      | 13162 ||| Stepping ~*~*~tactically~*~*~ (outnumbered).
 13178 | D:4      | 13178 ||| Stepping ~*~*~tactically~*~*~ (outnumbered).
 13180 | D:4      | 13180 ||| Stepping ~*~*~tactically~*~*~ (outnumbered).
 13182 | D:4      | 13182 ||| Stepping ~*~*~tactically~*~*~ (outnumbered).
 13184 | D:4      | 13184 ||| Stepping ~*~*~tactically~*~*~ (outnumbered).
 13186 | D:4      | 13186 ||| Stepping ~*~*~tactically~*~*~ (outnumbered).
 13188 | D:4      | 13188 ||| Stepping ~*~*~tactically~*~*~ (outnumbered).
 13190 | D:4      | 13190 ||| Stepping ~*~*~tactically~*~*~ (outnumbered).
 13192 | D:4      | 13192 ||| Stepping ~*~*~tactically~*~*~ (outnumbered).
 13194 | D:4      | 13194 ||| Stepping ~*~*~tactically~*~*~ (outnumbered).
 13196 | D:4      | 13196 ||| Stepping ~*~*~tactically~*~*~ (outnumbered).
 13200 | D:4      | 13200 ||| Stepping ~*~*~tactically~*~*~ (outnumbered).
 13202 | D:4      | 13202 ||| Stepping ~*~*~tactically~*~*~ (outnumbered).
 13211 | D:4      | 13211 ||| Stepping ~*~*~tactically~*~*~ (outnumbered).
 13213 | D:4      | 13213 ||| Stepping ~*~*~tactically~*~*~ (outnumbered).
 13226 | D:4      | 13226 ||| Stepping ~*~*~tactically~*~*~ (outnumbered).
 13234 | D:4      | 13234 ||| Stepping ~*~*~tactically~*~*~ (outnumbered).
 13241 | D:4      | 13241 ||| Stepping ~*~*~tactically~*~*~ (outnumbered).
 13243 | D:4      | 13243 ||| Stepping ~*~*~tactically~*~*~ (outnumbered).
 13245 | D:4      | 13245 ||| Stepping ~*~*~tactically~*~*~ (outnumbered).
 13249 | D:4      | 13249 ||| Stepping ~*~*~tactically~*~*~ (outnumbered).
 13251 | D:4      | 13251 ||| Stepping ~*~*~tactically~*~*~ (outnumbered).
 13267 | D:4      | 13267 ||| Stepping ~*~*~tactically~*~*~ (outnumbered).
 13278 | D:4      | 13278 ||| Stepping ~*~*~tactically~*~*~ (outnumbered).
 13280 | D:4      | 13280 ||| Stepping ~*~*~tactically~*~*~ (outnumbered).
 13282 | D:4      | 13282 ||| FLEEEEING.
 13309 | D:4      | 13309 ||| Stepping ~*~*~tactically~*~*~ (outnumbered).
 13311 | D:4      | 13311 ||| Stepping ~*~*~tactically~*~*~ (outnumbered).
 13319 | D:4      | 13319 ||| Stepping ~*~*~tactically~*~*~ (outnumbered).
 13321 | D:4      | 13321 ||| Stepping ~*~*~tactically~*~*~ (outnumbered).
 13330 | D:4      | 13330 ||| Stepping ~*~*~tactically~*~*~ (outnumbered).
 13332 | D:4      | 13332 ||| Stepping ~*~*~tactically~*~*~ (outnumbered).
 13334 | D:4      | 13334 ||| Stepping ~*~*~tactically~*~*~ (outnumbered).
 13336 | D:4      | 13336 ||| Stepping ~*~*~tactically~*~*~ (outnumbered).
 13338 | D:4      | 13338 ||| Stepping ~*~*~tactically~*~*~ (outnumbered).
 13352 | D:4      | 13352 ||| Stepping ~*~*~tactically~*~*~ (outnumbered).
 13354 | D:4      | 13354 ||| Stepping ~*~*~tactically~*~*~ (outnumbered).
 13356 | D:4      | 13356 ||| Stepping ~*~*~tactically~*~*~ (outnumbered).
 13358 | D:4      | 13358 ||| Stepping ~*~*~tactically~*~*~ (outnumbered).
 13363 | D:4      | 13363 ||| Stepping ~*~*~tactically~*~*~ (outnumbered).
 13365 | D:4      | 13365 ||| FLEEEEING.
 13391 | D:4      | 13391 ||| Stepping ~*~*~tactically~*~*~ (outnumbered).
 13393 | D:4      | 13393 ||| Stepping ~*~*~tactically~*~*~ (outnumbered).
 13395 | D:4      | 13395 ||| Stepping ~*~*~tactically~*~*~ (outnumbered).
 13397 | D:4      | 13397 ||| Stepping ~*~*~tactically~*~*~ (outnumbered).
 13399 | D:4      | 13399 ||| Stepping ~*~*~tactically~*~*~ (outnumbered).
 13401 | D:4      | 13401 ||| FLEEEEING.
 13428 | D:4      | 13428 ||| Stepping ~*~*~tactically~*~*~ (outnumbered).
 13437 | D:4      | 13437 ||| Stepping ~*~*~tactically~*~*~ (outnumbered).
 13439 | D:4      | 13439 ||| Stepping ~*~*~tactically~*~*~ (outnumbered).
 13441 | D:4      | 13441 ||| Stepping ~*~*~tactically~*~*~ (outnumbered).
 13443 | D:4      | 13443 ||| Stepping ~*~*~tactically~*~*~ (outnumbered).
 13445 | D:4      | 13445 ||| Stepping ~*~*~tactically~*~*~ (outnumbered).
 13447 | D:4      | 13447 ||| Stepping ~*~*~tactically~*~*~ (outnumbered).
 13452 | D:4      | 13452 ||| Stepping ~*~*~tactically~*~*~ (outnumbered).
 13454 | D:4      | 13454 ||| Stepping ~*~*~tactically~*~*~ (outnumbered).
 13456 | D:4      | 13456 ||| Stepping ~*~*~tactically~*~*~ (outnumbered).
 13458 | D:4      | 13458 ||| Stepping ~*~*~tactically~*~*~ (outnumbered).
 13460 | D:4      | 13460 ||| Stepping ~*~*~tactically~*~*~ (outnumbered).
 13462 | D:4      | 13462 ||| Stepping ~*~*~tactically~*~*~ (outnumbered).
 13467 | D:4      | 13467 ||| Stepping ~*~*~tactically~*~*~ (outnumbered).
 13471 | D:4      | 13471 ||| Stepping ~*~*~tactically~*~*~ (outnumbered).
 13473 | D:4      | 13473 ||| Stepping ~*~*~tactically~*~*~ (outnumbered).
 13475 | D:4      | 13475 ||| Stepping ~*~*~tactically~*~*~ (outnumbered).
 13477 | D:4      | 13477 ||| Stepping ~*~*~tactically~*~*~ (outnumbered).
 13479 | D:4      | 13479 ||| Stepping ~*~*~tactically~*~*~ (outnumbered).
 13481 | D:4      | 13481 ||| Stepping ~*~*~tactically~*~*~ (outnumbered).
 13483 | D:4      | 13483 ||| Stepping ~*~*~tactically~*~*~ (outnumbered).
 13485 | D:4      | 13485 ||| Stepping ~*~*~tactically~*~*~ (outnumbered).
 13487 | D:4      | 13487 ||| Stepping ~*~*~tactically~*~*~ (outnumbered).
 13489 | D:4      | 13489 ||| Stepping ~*~*~tactically~*~*~ (outnumbered).
 13491 | D:4      | 13491 ||| Stepping ~*~*~tactically~*~*~ (outnumbered).
 13493 | D:4      | 13493 ||| Stepping ~*~*~tactically~*~*~ (outnumbered).
 13495 | D:4      | 13495 ||| Stepping ~*~*~tactically~*~*~ (outnumbered).
 13497 | D:4      | 13497 ||| Stepping ~*~*~tactically~*~*~ (outnumbered).
 13499 | D:4      | 13499 ||| Stepping ~*~*~tactically~*~*~ (outnumbered).
 13501 | D:4      | 13501 ||| Stepping ~*~*~tactically~*~*~ (outnumbered).
 13515 | D:4      | 13515 ||| Stepping ~*~*~tactically~*~*~ (outnumbered).
 13517 | D:4      | 13517 ||| Stepping ~*~*~tactically~*~*~ (outnumbered).
 13519 | D:4      | 13519 ||| Stepping ~*~*~tactically~*~*~ (outnumbered).
 13521 | D:4      | 13521 ||| Stepping ~*~*~tactically~*~*~ (outnumbered).
 13523 | D:4      | 13523 ||| Stepping ~*~*~tactically~*~*~ (outnumbered).
 13525 | D:4      | 13525 ||| Stepping ~*~*~tactically~*~*~ (outnumbered).
 13537 | D:4      | 13537 ||| Stepping ~*~*~tactically~*~*~ (outnumbered).
 13539 | D:4      | 13539 ||| Stepping ~*~*~tactically~*~*~ (outnumbered).
 13541 | D:4      | 13541 ||| Stepping ~*~*~tactically~*~*~ (outnumbered).
 13543 | D:4      | 13543 ||| Stepping ~*~*~tactically~*~*~ (outnumbered).
 13545 | D:4      | 13545 ||| Stepping ~*~*~tactically~*~*~ (outnumbered).
 13547 | D:4      | 13547 ||| Stepping ~*~*~tactically~*~*~ (outnumbered).
 13549 | D:4      | 13549 ||| Stepping ~*~*~tactically~*~*~ (outnumbered).
 13551 | D:4      | 13551 ||| Stepping ~*~*~tactically~*~*~ (outnumbered).
 13553 | D:4      | 13553 ||| Stepping ~*~*~tactically~*~*~ (outnumbered).
 13556 | D:4      | 13556 ||| Stepping ~*~*~tactically~*~*~ (outnumbered).
 13558 | D:4      | 13558 ||| Stepping ~*~*~tactically~*~*~ (outnumbered).
 13560 | D:4      | 13560 ||| Stepping ~*~*~tactically~*~*~ (outnumbered).
 13571 | D:4      | 13571 ||| Stepping ~*~*~tactically~*~*~ (outnumbered).
 13573 | D:4      | 13573 ||| Stepping ~*~*~tactically~*~*~ (outnumbered).
 13575 | D:4      | 13575 ||| Stepping ~*~*~tactically~*~*~ (outnumbered).
 13577 | D:4      | 13577 ||| Stepping ~*~*~tactically~*~*~ (outnumbered).
 13579 | D:4      | 13579 ||| Stepping ~*~*~tactically~*~*~ (outnumbered).
 13581 | D:4      | 13581 ||| Stepping ~*~*~tactically~*~*~ (outnumbered).
 13583 | D:4      | 13583 ||| Stepping ~*~*~tactically~*~*~ (outnumbered).
 13585 | D:4      | 13585 ||| Stepping ~*~*~tactically~*~*~ (outnumbered).
 13587 | D:4      | 13587 ||| Stepping ~*~*~tactically~*~*~ (outnumbered).
 13589 | D:4      | 13589 ||| Stepping ~*~*~tactically~*~*~ (outnumbered).
 13604 | D:4      | 13604 ||| Stepping ~*~*~tactically~*~*~ (outnumbered).
 13606 | D:4      | 13606 ||| Stepping ~*~*~tactically~*~*~ (outnumbered).
 13608 | D:4      | 13608 ||| Stepping ~*~*~tactically~*~*~ (outnumbered).
 13611 | D:4      | 13611 ||| Stepping ~*~*~tactically~*~*~ (outnumbered).
 13619 | D:4      | 13619 ||| Stepping ~*~*~tactically~*~*~ (outnumbered).
 13621 | D:4      | 13621 ||| Stepping ~*~*~tactically~*~*~ (outnumbered).
 13623 | D:4      | 13623 ||| Stepping ~*~*~tactically~*~*~ (outnumbered).
 13625 | D:4      | 13625 ||| FLEEEEING.
 13654 | D:4      | 13654 ||| Stepping ~*~*~tactically~*~*~ (outnumbered).
 13656 | D:4      | 13656 ||| Stepping ~*~*~tactically~*~*~ (outnumbered).
 13667 | D:4      | 13667 ||| Stepping ~*~*~tactically~*~*~ (outnumbered).
 13669 | D:4      | 13669 ||| Stepping ~*~*~tactically~*~*~ (outnumbered).
 13671 | D:4      | 13671 ||| Stepping ~*~*~tactically~*~*~ (outnumbered).
 13673 | D:4      | 13673 ||| FLEEEEING.
 13702 | D:4      | 13702 ||| Stepping ~*~*~tactically~*~*~ (outnumbered).
 13704 | D:4      | 13704 ||| Stepping ~*~*~tactically~*~*~ (outnumbered).
 13706 | D:4      | 13706 ||| Stepping ~*~*~tactically~*~*~ (outnumbered).
 13708 | D:4      | 13708 ||| Stepping ~*~*~tactically~*~*~ (outnumbered).
 13719 | D:4      | 13719 ||| Stepping ~*~*~tactically~*~*~ (outnumbered).
 13721 | D:4      | 13721 ||| Stepping ~*~*~tactically~*~*~ (outnumbered).
 13723 | D:4      | 13723 ||| Stepping ~*~*~tactically~*~*~ (outnumbered).
 13737 | D:4      | 13737 ||| Stepping ~*~*~tactically~*~*~ (outnumbered).
 13739 | D:4      | 13739 ||| Stepping ~*~*~tactically~*~*~ (outnumbered).
 13741 | D:4      | 13741 ||| Stepping ~*~*~tactically~*~*~ (outnumbered).
 13756 | D:4      | 13756 ||| Stepping ~*~*~tactically~*~*~ (outnumbered).
 13758 | D:4      | 13758 ||| Stepping ~*~*~tactically~*~*~ (outnumbered).
 13760 | D:4      | 13760 ||| Stepping ~*~*~tactically~*~*~ (outnumbered).
 13762 | D:4      | 13762 ||| Stepping ~*~*~tactically~*~*~ (outnumbered).
 13764 | D:4      | 13764 ||| Stepping ~*~*~tactically~*~*~ (outnumbered).
 13766 | D:4      | 13766 ||| Stepping ~*~*~tactically~*~*~ (outnumbered).
 13771 | D:4      | 13771 ||| Stepping ~*~*~tactically~*~*~ (outnumbered).
 13773 | D:4      | 13773 ||| Stepping ~*~*~tactically~*~*~ (outnumbered).
 13775 | D:4      | 13775 ||| Stepping ~*~*~tactically~*~*~ (outnumbered).
 13777 | D:4      | 13777 ||| Stepping ~*~*~tactically~*~*~ (outnumbered).
 13779 | D:4      | 13779 ||| Stepping ~*~*~tactically~*~*~ (outnumbered).
 13786 | D:4      | 13786 ||| Stepping ~*~*~tactically~*~*~ (outnumbered).
 13788 | D:4      | 13788 ||| Stepping ~*~*~tactically~*~*~ (outnumbered).
 13790 | D:4      | 13790 ||| Stepping ~*~*~tactically~*~*~ (outnumbered).
 13793 | D:4      | 13793 ||| Stepping ~*~*~tactically~*~*~ (outnumbered).
 13795 | D:4      | 13795 ||| FLEEEEING.
 13820 | D:4      | 13820 ||| Stepping ~*~*~tactically~*~*~ (outnumbered).
 13822 | D:4      | 13822 ||| Stepping ~*~*~tactically~*~*~ (outnumbered).
 13826 | D:4      | 13826 ||| Stepping ~*~*~tactically~*~*~ (outnumbered).
 13828 | D:4      | 13828 ||| Stepping ~*~*~tactically~*~*~ (outnumbered).
 13830 | D:4      | 13830 ||| Stepping ~*~*~tactically~*~*~ (outnumbered).
 13832 | D:4      | 13832 ||| Stepping ~*~*~tactically~*~*~ (outnumbered).
 13834 | D:4      | 13834 ||| Stepping ~*~*~tactically~*~*~ (outnumbered).
 13836 | D:4      | 13836 ||| Stepping ~*~*~tactically~*~*~ (outnumbered).
 13838 | D:4      | 13838 ||| Stepping ~*~*~tactically~*~*~ (outnumbered).
 13852 | D:4      | 13852 ||| Stepping ~*~*~tactically~*~*~ (outnumbered).
 13854 | D:4      | 13854 ||| Stepping ~*~*~tactically~*~*~ (outnumbered).
 13856 | D:4      | 13856 ||| Stepping ~*~*~tactically~*~*~ (outnumbered).
 13858 | D:4      | 13858 ||| Stepping ~*~*~tactically~*~*~ (outnumbered).
 13860 | D:4      | 13860 ||| Stepping ~*~*~tactically~*~*~ (outnumbered).
 13862 | D:4      | 13862 ||| Stepping ~*~*~tactically~*~*~ (outnumbered).
 13864 | D:4      | 13864 ||| Stepping ~*~*~tactically~*~*~ (outnumbered).
 13866 | D:4      | 13866 ||| Stepping ~*~*~tactically~*~*~ (outnumbered).
 13868 | D:4      | 13868 ||| Stepping ~*~*~tactically~*~*~ (outnumbered).
 13874 | D:4      | 13874 ||| Stepping ~*~*~tactically~*~*~ (outnumbered).
 13876 | D:4      | 13876 ||| Stepping ~*~*~tactically~*~*~ (outnumbered).
 13886 | D:4      | 13886 ||| Stepping ~*~*~tactically~*~*~ (outnumbered).
 13888 | D:4      | 13888 ||| Stepping ~*~*~tactically~*~*~ (outnumbered).
 13890 | D:4      | 13890 ||| Stepping ~*~*~tactically~*~*~ (outnumbered).
 13892 | D:4      | 13892 ||| Stepping ~*~*~tactically~*~*~ (outnumbered).
 13894 | D:4      | 13894 ||| Stepping ~*~*~tactically~*~*~ (outnumbered).
 13896 | D:4      | 13896 ||| Stepping ~*~*~tactically~*~*~ (outnumbered).
 13900 | D:4      | 13900 ||| Stepping ~*~*~tactically~*~*~ (outnumbered).
 13902 | D:4      | 13902 ||| Stepping ~*~*~tactically~*~*~ (outnumbered).
 13904 | D:4      | 13904 ||| Stepping ~*~*~tactically~*~*~ (outnumbered).
 13906 | D:4      | 13906 ||| Stepping ~*~*~tactically~*~*~ (outnumbered).
 13915 | D:4      | 13915 ||| Stepping ~*~*~tactically~*~*~ (outnumbered).
 13917 | D:4      | 13917 ||| Stepping ~*~*~tactically~*~*~ (outnumbered).
 13919 | D:4      | 13919 ||| Stepping ~*~*~tactically~*~*~ (outnumbered).
 13921 | D:4      | 13921 ||| Stepping ~*~*~tactically~*~*~ (outnumbered).
 13923 | D:4      | 13923 ||| Stepping ~*~*~tactically~*~*~ (outnumbered).
 13925 | D:4      | 13925 ||| Stepping ~*~*~tactically~*~*~ (outnumbered).
 13927 | D:4      | 13927 ||| Stepping ~*~*~tactically~*~*~ (outnumbered).
 13929 | D:4      | 13929 ||| Stepping ~*~*~tactically~*~*~ (outnumbered).
 13931 | D:4      | 13931 ||| Stepping ~*~*~tactically~*~*~ (outnumbered).
 13933 | D:4      | 13933 ||| FLEEEEING.
 13961 | D:4      | 13961 ||| Stepping ~*~*~tactically~*~*~ (outnumbered).
 13963 | D:4      | 13963 ||| Stepping ~*~*~tactically~*~*~ (outnumbered).
 13965 | D:4      | 13965 ||| Stepping ~*~*~tactically~*~*~ (outnumbered).
 13967 | D:4      | 13967 ||| Stepping ~*~*~tactically~*~*~ (outnumbered).
 13969 | D:4      | 13969 ||| Stepping ~*~*~tactically~*~*~ (outnumbered).
 13971 | D:4      | 13971 ||| Stepping ~*~*~tactically~*~*~ (outnumbered).
 13974 | D:4      | 13974 ||| Stepping ~*~*~tactically~*~*~ (outnumbered).
 13976 | D:4      | 13976 ||| Stepping ~*~*~tactically~*~*~ (outnumbered).
 13978 | D:4      | 13978 ||| Stepping ~*~*~tactically~*~*~ (outnumbered).
 13980 | D:4      | 13980 ||| Stepping ~*~*~tactically~*~*~ (outnumbered).
 13982 | D:4      | 13982 ||| Stepping ~*~*~tactically~*~*~ (outnumbered).
 13984 | D:4      | 13984 ||| Stepping ~*~*~tactically~*~*~ (outnumbered).
 13986 | D:4      | 13986 ||| Stepping ~*~*~tactically~*~*~ (outnumbered).
 13988 | D:4      | 13988 ||| Stepping ~*~*~tactically~*~*~ (outnumbered).
 13990 | D:4      | 13990 ||| Stepping ~*~*~tactically~*~*~ (outnumbered).
 13992 | D:4      | 13992 ||| Stepping ~*~*~tactically~*~*~ (outnumbered).
 13994 | D:4      | 13994 ||| Stepping ~*~*~tactically~*~*~ (outnumbered).
 14000 | D:4      | 14000 ||| Stepping ~*~*~tactically~*~*~ (outnumbered).
 14002 | D:4      | 14002 ||| Stepping ~*~*~tactically~*~*~ (outnumbered).
 14004 | D:4      | 14004 ||| Stepping ~*~*~tactically~*~*~ (outnumbered).
 14006 | D:4      | 14006 ||| Stepping ~*~*~tactically~*~*~ (outnumbered).
 14008 | D:4      | 14008 ||| Stepping ~*~*~tactically~*~*~ (outnumbered).
 14010 | D:4      | 14010 ||| Stepping ~*~*~tactically~*~*~ (outnumbered).
 14012 | D:4      | 14012 ||| Stepping ~*~*~tactically~*~*~ (outnumbered).
 14014 | D:4      | 14014 ||| Stepping ~*~*~tactically~*~*~ (outnumbered).
 14016 | D:4      | 14016 ||| Stepping ~*~*~tactically~*~*~ (outnumbered).
 14018 | D:4      | 14018 ||| Stepping ~*~*~tactically~*~*~ (outnumbered).
 14023 | D:4      | 14023 ||| Stepping ~*~*~tactically~*~*~ (outnumbered).
 14025 | D:4      | 14025 ||| Stepping ~*~*~tactically~*~*~ (outnumbered).
 14027 | D:4      | 14027 ||| Stepping ~*~*~tactically~*~*~ (outnumbered).
 14029 | D:4      | 14029 ||| Stepping ~*~*~tactically~*~*~ (outnumbered).
 14031 | D:4      | 14031 ||| Stepping ~*~*~tactically~*~*~ (outnumbered).
 14033 | D:4      | 14033 ||| Stepping ~*~*~tactically~*~*~ (outnumbered).
 14035 | D:4      | 14035 ||| Stepping ~*~*~tactically~*~*~ (outnumbered).
 14045 | D:4      | 14045 ||| Stepping ~*~*~tactically~*~*~ (outnumbered).
 14049 | D:4      | 14049 ||| Stepping ~*~*~tactically~*~*~ (outnumbered).
 14051 | D:4      | 14051 ||| Stepping ~*~*~tactically~*~*~ (outnumbered).
 14053 | D:4      | 14053 ||| Stepping ~*~*~tactically~*~*~ (outnumbered).
 14055 | D:4      | 14055 ||| Stepping ~*~*~tactically~*~*~ (outnumbered).
 14057 | D:4      | 14057 ||| Stepping ~*~*~tactically~*~*~ (outnumbered).
 14059 | D:4      | 14059 ||| Stepping ~*~*~tactically~*~*~ (outnumbered).
 14061 | D:4      | 14061 ||| Stepping ~*~*~tactically~*~*~ (outnumbered).
 14067 | D:4      | 14067 ||| Stepping ~*~*~tactically~*~*~ (outnumbered).
 14071 | D:4      | 14071 ||| Stepping ~*~*~tactically~*~*~ (outnumbered).
 14073 | D:4      | 14073 ||| Stepping ~*~*~tactically~*~*~ (outnumbered).
 14075 | D:4      | 14075 ||| Stepping ~*~*~tactically~*~*~ (outnumbered).
 14077 | D:4      | 14077 ||| Stepping ~*~*~tactically~*~*~ (outnumbered).
 14079 | D:4      | 14079 ||| Stepping ~*~*~tactically~*~*~ (outnumbered).
 14081 | D:4      | 14081 ||| Stepping ~*~*~tactically~*~*~ (outnumbered).
 14083 | D:4      | 14083 ||| Stepping ~*~*~tactically~*~*~ (outnumbered).
 14085 | D:4      | 14085 ||| Stepping ~*~*~tactically~*~*~ (outnumbered).
 14087 | D:4      | 14087 ||| Stepping ~*~*~tactically~*~*~ (outnumbered).
 14089 | D:4      | 14089 ||| Stepping ~*~*~tactically~*~*~ (outnumbered).
 14100 | D:4      | 14100 ||| Stepping ~*~*~tactically~*~*~ (outnumbered).
 14111 | D:4      | 14111 ||| Stepping ~*~*~tactically~*~*~ (outnumbered).
 14113 | D:4      | 14113 ||| Stepping ~*~*~tactically~*~*~ (outnumbered).
 14115 | D:4      | 14115 ||| Stepping ~*~*~tactically~*~*~ (outnumbered).
 14117 | D:4      | 14117 ||| Stepping ~*~*~tactically~*~*~ (outnumbered).
 14119 | D:4      | 14119 ||| Stepping ~*~*~tactically~*~*~ (outnumbered).
 14121 | D:4      | 14121 ||| Stepping ~*~*~tactically~*~*~ (outnumbered).
 14123 | D:4      | 14123 ||| Stepping ~*~*~tactically~*~*~ (outnumbered).
 14125 | D:4      | 14125 ||| Stepping ~*~*~tactically~*~*~ (outnumbered).
 14127 | D:4      | 14127 ||| Stepping ~*~*~tactically~*~*~ (outnumbered).
 14129 | D:4      | 14129 ||| Stepping ~*~*~tactically~*~*~ (outnumbered).
 14131 | D:4      | 14131 ||| Stepping ~*~*~tactically~*~*~ (outnumbered).
 14133 | D:4      | 14133 ||| Stepping ~*~*~tactically~*~*~ (outnumbered).
 14135 | D:4      | 14135 ||| Stepping ~*~*~tactically~*~*~ (outnumbered).
 14137 | D:4      | 14137 ||| Stepping ~*~*~tactically~*~*~ (outnumbered).
 14139 | D:4      | 14139 ||| Stepping ~*~*~tactically~*~*~ (outnumbered).
 14141 | D:4      | 14141 ||| Stepping ~*~*~tactically~*~*~ (outnumbered).
 14143 | D:4      | 14143 ||| Stepping ~*~*~tactically~*~*~ (outnumbered).
 14145 | D:4      | 14145 ||| Stepping ~*~*~tactically~*~*~ (outnumbered).
 14147 | D:4      | 14147 ||| FLEEEEING.
 14172 | D:4      | 14172 ||| Stepping ~*~*~tactically~*~*~ (outnumbered).
 14174 | D:4      | 14174 ||| Stepping ~*~*~tactically~*~*~ (outnumbered).
 14176 | D:4      | 14176 ||| Stepping ~*~*~tactically~*~*~ (outnumbered).
 14178 | D:4      | 14178 ||| Stepping ~*~*~tactically~*~*~ (outnumbered).
 14180 | D:4      | 14180 ||| Stepping ~*~*~tactically~*~*~ (outnumbered).
 14189 | D:4      | 14189 ||| Stepping ~*~*~tactically~*~*~ (outnumbered).
 14200 | D:4      | 14200 ||| Stepping ~*~*~tactically~*~*~ (outnumbered).
 14202 | D:4      | 14202 ||| Stepping ~*~*~tactically~*~*~ (outnumbered).
 14204 | D:4      | 14204 ||| Stepping ~*~*~tactically~*~*~ (outnumbered).
 14206 | D:4      | 14206 ||| Stepping ~*~*~tactically~*~*~ (outnumbered).
 14208 | D:4      | 14208 ||| Stepping ~*~*~tactically~*~*~ (outnumbered).
 14210 | D:4      | 14210 ||| Stepping ~*~*~tactically~*~*~ (outnumbered).
 14212 | D:4      | 14212 ||| Stepping ~*~*~tactically~*~*~ (outnumbered).
 14214 | D:4      | 14214 ||| Stepping ~*~*~tactically~*~*~ (outnumbered).
 14219 | D:4      | 14219 ||| Stepping ~*~*~tactically~*~*~ (outnumbered).
 14221 | D:4      | 14221 ||| Stepping ~*~*~tactically~*~*~ (outnumbered).
 14223 | D:4      | 14223 ||| FLEEEEING.
 14250 | D:4      | 14250 ||| Stepping ~*~*~tactically~*~*~ (outnumbered).
 14252 | D:4      | 14252 ||| Stepping ~*~*~tactically~*~*~ (outnumbered).
 14254 | D:4      | 14254 ||| Stepping ~*~*~tactically~*~*~ (outnumbered).
 14256 | D:4      | 14256 ||| Stepping ~*~*~tactically~*~*~ (outnumbered).
 14258 | D:4      | 14258 ||| Stepping ~*~*~tactically~*~*~ (outnumbered).
 14260 | D:4      | 14260 ||| Stepping ~*~*~tactically~*~*~ (outnumbered).
 14262 | D:4      | 14262 ||| Stepping ~*~*~tactically~*~*~ (outnumbered).
 14264 | D:4      | 14264 ||| Stepping ~*~*~tactically~*~*~ (outnumbered).
 14266 | D:4      | 14266 ||| Stepping ~*~*~tactically~*~*~ (outnumbered).
 14268 | D:4      | 14268 ||| Stepping ~*~*~tactically~*~*~ (outnumbered).
 14270 | D:4      | 14270 ||| Stepping ~*~*~tactically~*~*~ (outnumbered).
 14272 | D:4      | 14272 ||| Stepping ~*~*~tactically~*~*~ (outnumbered).
 14274 | D:4      | 14274 ||| Stepping ~*~*~tactically~*~*~ (outnumbered).
 14276 | D:4      | 14276 ||| Stepping ~*~*~tactically~*~*~ (outnumbered).
 14278 | D:4      | 14278 ||| Stepping ~*~*~tactically~*~*~ (outnumbered).
 14280 | D:4      | 14280 ||| Stepping ~*~*~tactically~*~*~ (outnumbered).
 14282 | D:4      | 14282 ||| Stepping ~*~*~tactically~*~*~ (outnumbered).
 14284 | D:4      | 14284 ||| Stepping ~*~*~tactically~*~*~ (outnumbered).
 14286 | D:4      | 14286 ||| Stepping ~*~*~tactically~*~*~ (outnumbered).
 14288 | D:4      | 14288 ||| Stepping ~*~*~tactically~*~*~ (outnumbered).
 14290 | D:4      | 14290 ||| Stepping ~*~*~tactically~*~*~ (outnumbered).
 14304 | D:4      | 14304 ||| Stepping ~*~*~tactically~*~*~ (outnumbered).
 14306 | D:4      | 14306 ||| Stepping ~*~*~tactically~*~*~ (outnumbered).
 14308 | D:4      | 14308 ||| Stepping ~*~*~tactically~*~*~ (outnumbered).
 14310 | D:4      | 14310 ||| Stepping ~*~*~tactically~*~*~ (outnumbered).
 14312 | D:4      | 14312 ||| Stepping ~*~*~tactically~*~*~ (outnumbered).
 14314 | D:4      | 14314 ||| Stepping ~*~*~tactically~*~*~ (outnumbered).
 14316 | D:4      | 14316 ||| Stepping ~*~*~tactically~*~*~ (outnumbered).
 14318 | D:4      | 14318 ||| Stepping ~*~*~tactically~*~*~ (outnumbered).
 14330 | D:4      | 14330 ||| Stepping ~*~*~tactically~*~*~ (outnumbered).
 14334 | D:4      | 14334 ||| Stepping ~*~*~tactically~*~*~ (outnumbered).
 14336 | D:4      | 14336 ||| Stepping ~*~*~tactically~*~*~ (outnumbered).
 14341 | D:4      | 14341 ||| Stepping ~*~*~tactically~*~*~ (outnumbered).
 14356 | D:4      | 14356 ||| Stepping ~*~*~tactically~*~*~ (outnumbered).
 14358 | D:4      | 14358 ||| Stepping ~*~*~tactically~*~*~ (outnumbered).
 14360 | D:4      | 14360 ||| Stepping ~*~*~tactically~*~*~ (outnumbered).
 14362 | D:4      | 14362 ||| Stepping ~*~*~tactically~*~*~ (outnumbered).
 14364 | D:4      | 14364 ||| Stepping ~*~*~tactically~*~*~ (outnumbered).
 14366 | D:4      | 14366 ||| Stepping ~*~*~tactically~*~*~ (outnumbered).
 14374 | D:4      | 14374 ||| Stepping ~*~*~tactically~*~*~ (outnumbered).
 14376 | D:4      | 14376 ||| Stepping ~*~*~tactically~*~*~ (outnumbered).
 14378 | D:4      | 14378 ||| Stepping ~*~*~tactically~*~*~ (outnumbered).
 14380 | D:4      | 14380 ||| Stepping ~*~*~tactically~*~*~ (outnumbered).
 14382 | D:4      | 14382 ||| Stepping ~*~*~tactically~*~*~ (outnumbered).
 14384 | D:4      | 14384 ||| Stepping ~*~*~tactically~*~*~ (outnumbered).
 14386 | D:4      | 14386 ||| Stepping ~*~*~tactically~*~*~ (outnumbered).
 14388 | D:4      | 14388 ||| Stepping ~*~*~tactically~*~*~ (outnumbered).
 14390 | D:4      | 14390 ||| Stepping ~*~*~tactically~*~*~ (outnumbered).
 14400 | D:4      | 14400 ||| Stepping ~*~*~tactically~*~*~ (outnumbered).
 14402 | D:4      | 14402 ||| Stepping ~*~*~tactically~*~*~ (outnumbered).
 14404 | D:4      | 14404 ||| Stepping ~*~*~tactically~*~*~ (outnumbered).
 14406 | D:4      | 14406 ||| Stepping ~*~*~tactically~*~*~ (outnumbered).
 14408 | D:4      | 14408 ||| Stepping ~*~*~tactically~*~*~ (outnumbered).
 14411 | D:4      | 14411 ||| Stepping ~*~*~tactically~*~*~ (outnumbered).
 14413 | D:4      | 14413 ||| Stepping ~*~*~tactically~*~*~ (outnumbered).
 14423 | D:4      | 14423 ||| Stepping ~*~*~tactically~*~*~ (outnumbered).
 14425 | D:4      | 14425 ||| Stepping ~*~*~tactically~*~*~ (outnumbered).
 14427 | D:4      | 14427 ||| Stepping ~*~*~tactically~*~*~ (outnumbered).
 14429 | D:4      | 14429 ||| Stepping ~*~*~tactically~*~*~ (outnumbered).
 14434 | D:4      | 14434 ||| Stepping ~*~*~tactically~*~*~ (outnumbered).
 14436 | D:4      | 14436 ||| Stepping ~*~*~tactically~*~*~ (outnumbered).
 14441 | D:4      | 14441 ||| Stepping ~*~*~tactically~*~*~ (outnumbered).
 14443 | D:4      | 14443 ||| Stepping ~*~*~tactically~*~*~ (outnumbered).
 14445 | D:4      | 14445 ||| Stepping ~*~*~tactically~*~*~ (outnumbered).
 14447 | D:4      | 14447 ||| Stepping ~*~*~tactically~*~*~ (outnumbered).
 14449 | D:4      | 14449 ||| Stepping ~*~*~tactically~*~*~ (outnumbered).
 14451 | D:4      | 14451 ||| Stepping ~*~*~tactically~*~*~ (outnumbered).
 14453 | D:4      | 14453 ||| Stepping ~*~*~tactically~*~*~ (outnumbered).
 14455 | D:4      | 14455 ||| Stepping ~*~*~tactically~*~*~ (outnumbered).
 14463 | D:4      | 14463 ||| Stepping ~*~*~tactically~*~*~ (outnumbered).
 14467 | D:4      | 14467 ||| Stepping ~*~*~tactically~*~*~ (outnumbered).
 14469 | D:4      | 14469 ||| Stepping ~*~*~tactically~*~*~ (outnumbered).
 14471 | D:4      | 14471 ||| Stepping ~*~*~tactically~*~*~ (outnumbered).
 14474 | D:4      | 14474 ||| Stepping ~*~*~tactically~*~*~ (outnumbered).
 14478 | D:4      | 14478 ||| Stepping ~*~*~tactically~*~*~ (outnumbered).
 14480 | D:4      | 14480 ||| Stepping ~*~*~tactically~*~*~ (outnumbered).
 14482 | D:4      | 14482 ||| Stepping ~*~*~tactically~*~*~ (outnumbered).
 14493 | D:4      | 14493 ||| Stepping ~*~*~tactically~*~*~ (outnumbered).
 14495 | D:4      | 14495 ||| Stepping ~*~*~tactically~*~*~ (outnumbered).
 14497 | D:4      | 14497 ||| Stepping ~*~*~tactically~*~*~ (outnumbered).
 14508 | D:4      | 14508 ||| Stepping ~*~*~tactically~*~*~ (outnumbered).
 14519 | D:4      | 14519 ||| Stepping ~*~*~tactically~*~*~ (outnumbered).
 14521 | D:4      | 14521 ||| Stepping ~*~*~tactically~*~*~ (outnumbered).
 14523 | D:4      | 14523 ||| Stepping ~*~*~tactically~*~*~ (outnumbered).
 14525 | D:4      | 14525 ||| Stepping ~*~*~tactically~*~*~ (outnumbered).
 14527 | D:4      | 14527 ||| Stepping ~*~*~tactically~*~*~ (outnumbered).
 14529 | D:4      | 14529 ||| Stepping ~*~*~tactically~*~*~ (outnumbered).
 14531 | D:4      | 14531 ||| Stepping ~*~*~tactically~*~*~ (outnumbered).
 14533 | D:4      | 14533 ||| Stepping ~*~*~tactically~*~*~ (outnumbered).
 14535 | D:4      | 14535 ||| Stepping ~*~*~tactically~*~*~ (outnumbered).
 14537 | D:4      | 14537 ||| Stepping ~*~*~tactically~*~*~ (outnumbered).
 14539 | D:4      | 14539 ||| Stepping ~*~*~tactically~*~*~ (outnumbered).
 14541 | D:4      | 14541 ||| Stepping ~*~*~tactically~*~*~ (outnumbered).
 14543 | D:4      | 14543 ||| Stepping ~*~*~tactically~*~*~ (outnumbered).
 14545 | D:4      | 14545 ||| Stepping ~*~*~tactically~*~*~ (outnumbered).
 14547 | D:4      | 14547 ||| Stepping ~*~*~tactically~*~*~ (outnumbered).
 14549 | D:4      | 14549 ||| Stepping ~*~*~tactically~*~*~ (outnumbered).
 14551 | D:4      | 14551 ||| Stepping ~*~*~tactically~*~*~ (outnumbered).
 14553 | D:4      | 14553 ||| Stepping ~*~*~tactically~*~*~ (outnumbered).
 14555 | D:4      | 14555 ||| Stepping ~*~*~tactically~*~*~ (outnumbered).
 14560 | D:4      | 14560 ||| Stepping ~*~*~tactically~*~*~ (outnumbered).
 14562 | D:4      | 14562 ||| Stepping ~*~*~tactically~*~*~ (outnumbered).
 14564 | D:4      | 14564 ||| Stepping ~*~*~tactically~*~*~ (outnumbered).
 14566 | D:4      | 14566 ||| Stepping ~*~*~tactically~*~*~ (outnumbered).
 14568 | D:4      | 14568 ||| Stepping ~*~*~tactically~*~*~ (outnumbered).
 14574 | D:4      | 14574 ||| Stepping ~*~*~tactically~*~*~ (outnumbered).
 14576 | D:4      | 14576 ||| Stepping ~*~*~tactically~*~*~ (outnumbered).
 14582 | D:4      | 14582 ||| Stepping ~*~*~tactically~*~*~ (outnumbered).
 14584 | D:4      | 14584 ||| Stepping ~*~*~tactically~*~*~ (outnumbered).
 14586 | D:4      | 14586 ||| Stepping ~*~*~tactically~*~*~ (outnumbered).
 14588 | D:4      | 14588 ||| Stepping ~*~*~tactically~*~*~ (outnumbered).
 14590 | D:4      | 14590 ||| Stepping ~*~*~tactically~*~*~ (outnumbered).
 14604 | D:4      | 14604 ||| Stepping ~*~*~tactically~*~*~ (outnumbered).
 14606 | D:4      | 14606 ||| Stepping ~*~*~tactically~*~*~ (outnumbered).
 14608 | D:4      | 14608 ||| Stepping ~*~*~tactically~*~*~ (outnumbered).
 14610 | D:4      | 14610 ||| Stepping ~*~*~tactically~*~*~ (outnumbered).
 14612 | D:4      | 14612 ||| Stepping ~*~*~tactically~*~*~ (outnumbered).
 14614 | D:4      | 14614 ||| Stepping ~*~*~tactically~*~*~ (outnumbered).
 14616 | D:4      | 14616 ||| Stepping ~*~*~tactically~*~*~ (outnumbered).
 14618 | D:4      | 14618 ||| Stepping ~*~*~tactically~*~*~ (outnumbered).
 14620 | D:4      | 14620 ||| Stepping ~*~*~tactically~*~*~ (outnumbered).
 14622 | D:4      | 14622 ||| Stepping ~*~*~tactically~*~*~ (outnumbered).
 14624 | D:4      | 14624 ||| Stepping ~*~*~tactically~*~*~ (outnumbered).
 14626 | D:4      | 14626 ||| Stepping ~*~*~tactically~*~*~ (outnumbered).
 14634 | D:4      | 14634 ||| Stepping ~*~*~tactically~*~*~ (outnumbered).
 14636 | D:4      | 14636 ||| Stepping ~*~*~tactically~*~*~ (outnumbered).
 14641 | D:4      | 14641 ||| Stepping ~*~*~tactically~*~*~ (outnumbered).
 14649 | D:4      | 14649 ||| Stepping ~*~*~tactically~*~*~ (outnumbered).
 14656 | D:4      | 14656 ||| Stepping ~*~*~tactically~*~*~ (outnumbered).
 14658 | D:4      | 14658 ||| Stepping ~*~*~tactically~*~*~ (outnumbered).
 14660 | D:4      | 14660 ||| Stepping ~*~*~tactically~*~*~ (outnumbered).
 14663 | D:4      | 14663 ||| Stepping ~*~*~tactically~*~*~ (outnumbered).
 14665 | D:4      | 14665 ||| FLEEEEING.
 14691 | D:4      | 14691 ||| Stepping ~*~*~tactically~*~*~ (outnumbered).
 14697 | D:4      | 14697 ||| Stepping ~*~*~tactically~*~*~ (outnumbered).
 14699 | D:4      | 14699 ||| Stepping ~*~*~tactically~*~*~ (outnumbered).
 14701 | D:4      | 14701 ||| Stepping ~*~*~tactically~*~*~ (outnumbered).
 14703 | D:4      | 14703 ||| Stepping ~*~*~tactically~*~*~ (outnumbered).
 14705 | D:4      | 14705 ||| Stepping ~*~*~tactically~*~*~ (outnumbered).
 14707 | D:4      | 14707 ||| Stepping ~*~*~tactically~*~*~ (outnumbered).
 14711 | D:4      | 14711 ||| Stepping ~*~*~tactically~*~*~ (outnumbered).
 14713 | D:4      | 14713 ||| Stepping ~*~*~tactically~*~*~ (outnumbered).
 14715 | D:4      | 14715 ||| Stepping ~*~*~tactically~*~*~ (outnumbered).
 14717 | D:4      | 14717 ||| Stepping ~*~*~tactically~*~*~ (outnumbered).
 14719 | D:4      | 14719 ||| Stepping ~*~*~tactically~*~*~ (outnumbered).
 14721 | D:4      | 14721 ||| Stepping ~*~*~tactically~*~*~ (outnumbered).
 14723 | D:4      | 14723 ||| Stepping ~*~*~tactically~*~*~ (outnumbered).
 14725 | D:4      | 14725 ||| Stepping ~*~*~tactically~*~*~ (outnumbered).
 14727 | D:4      | 14727 ||| Stepping ~*~*~tactically~*~*~ (outnumbered).
 14729 | D:4      | 14729 ||| Stepping ~*~*~tactically~*~*~ (outnumbered).
 14731 | D:4      | 14731 ||| Stepping ~*~*~tactically~*~*~ (outnumbered).
 14733 | D:4      | 14733 ||| Stepping ~*~*~tactically~*~*~ (outnumbered).
 14735 | D:4      | 14735 ||| Stepping ~*~*~tactically~*~*~ (outnumbered).
 14737 | D:4      | 14737 ||| Stepping ~*~*~tactically~*~*~ (outnumbered).
 14739 | D:4      | 14739 ||| Stepping ~*~*~tactically~*~*~ (outnumbered).
 14741 | D:4      | 14741 ||| Stepping ~*~*~tactically~*~*~ (outnumbered).
 14743 | D:4      | 14743 ||| Stepping ~*~*~tactically~*~*~ (outnumbered).
 14745 | D:4      | 14745 ||| Stepping ~*~*~tactically~*~*~ (outnumbered).
 14747 | D:4      | 14747 ||| Stepping ~*~*~tactically~*~*~ (outnumbered).
 14749 | D:4      | 14749 ||| Stepping ~*~*~tactically~*~*~ (outnumbered).
 14751 | D:4      | 14751 ||| Stepping ~*~*~tactically~*~*~ (outnumbered).
 14753 | D:4      | 14753 ||| Stepping ~*~*~tactically~*~*~ (outnumbered).
 14755 | D:4      | 14755 ||| Stepping ~*~*~tactically~*~*~ (outnumbered).
 14763 | D:4      | 14763 ||| Stepping ~*~*~tactically~*~*~ (outnumbered).
 14765 | D:4      | 14765 ||| Stepping ~*~*~tactically~*~*~ (outnumbered).
 14767 | D:4      | 14767 ||| Stepping ~*~*~tactically~*~*~ (outnumbered).
 14778 | D:4      | 14778 ||| FLEEEEING.
 14806 | D:4      | 14806 ||| Stepping ~*~*~tactically~*~*~ (outnumbered).
 14808 | D:4      | 14808 ||| Stepping ~*~*~tactically~*~*~ (outnumbered).
 14819 | D:4      | 14819 ||| Stepping ~*~*~tactically~*~*~ (outnumbered).
 14834 | D:4      | 14834 ||| Stepping ~*~*~tactically~*~*~ (outnumbered).
 14836 | D:4      | 14836 ||| FLEEEEING.
 14865 | D:4      | 14865 ||| Stepping ~*~*~tactically~*~*~ (outnumbered).
 14867 | D:4      | 14867 ||| FLEEEEING.
 14895 | D:4      | 14895 ||| Stepping ~*~*~tactically~*~*~ (outnumbered).
 14897 | D:4      | 14897 ||| Stepping ~*~*~tactically~*~*~ (outnumbered).
 14899 | D:4      | 14899 ||| Stepping ~*~*~tactically~*~*~ (outnumbered).
 14901 | D:4      | 14901 ||| Stepping ~*~*~tactically~*~*~ (outnumbered).
 14903 | D:4      | 14903 ||| Stepping ~*~*~tactically~*~*~ (outnumbered).
 14905 | D:4      | 14905 ||| Stepping ~*~*~tactically~*~*~ (outnumbered).
 14907 | D:4      | 14907 ||| Stepping ~*~*~tactically~*~*~ (outnumbered).
 14909 | D:4      | 14909 ||| Stepping ~*~*~tactically~*~*~ (outnumbered).
 14911 | D:4      | 14911 ||| Stepping ~*~*~tactically~*~*~ (outnumbered).
 14913 | D:4      | 14913 ||| Stepping ~*~*~tactically~*~*~ (outnumbered).
 14915 | D:4      | 14915 ||| Stepping ~*~*~tactically~*~*~ (outnumbered).
 14917 | D:4      | 14917 ||| Stepping ~*~*~tactically~*~*~ (outnumbered).
 14919 | D:4      | 14919 ||| Stepping ~*~*~tactically~*~*~ (outnumbered).
 14921 | D:4      | 14921 ||| Stepping ~*~*~tactically~*~*~ (outnumbered).
 14923 | D:4      | 14923 ||| Stepping ~*~*~tactically~*~*~ (outnumbered).
 14925 | D:4      | 14925 ||| Stepping ~*~*~tactically~*~*~ (outnumbered).
 14927 | D:4      | 14927 ||| Stepping ~*~*~tactically~*~*~ (outnumbered).
 14929 | D:4      | 14929 ||| Stepping ~*~*~tactically~*~*~ (outnumbered).
 14931 | D:4      | 14931 ||| Stepping ~*~*~tactically~*~*~ (outnumbered).
 14933 | D:4      | 14933 ||| Stepping ~*~*~tactically~*~*~ (outnumbered).
 14935 | D:4      | 14935 ||| Stepping ~*~*~tactically~*~*~ (outnumbered).
 14949 | D:4      | 14949 ||| Stepping ~*~*~tactically~*~*~ (outnumbered).
 14951 | D:4      | 14951 ||| Stepping ~*~*~tactically~*~*~ (outnumbered).
 14953 | D:4      | 14953 ||| Stepping ~*~*~tactically~*~*~ (outnumbered).
 14967 | D:4      | 14967 ||| Stepping ~*~*~tactically~*~*~ (outnumbered).
 14969 | D:4      | 14969 ||| Stepping ~*~*~tactically~*~*~ (outnumbered).
 14971 | D:4      | 14971 ||| Stepping ~*~*~tactically~*~*~ (outnumbered).
 14982 | D:4      | 14982 ||| Stepping ~*~*~tactically~*~*~ (outnumbered).
 14984 | D:4      | 14984 ||| Stepping ~*~*~tactically~*~*~ (outnumbered).
 14993 | D:4      | 14993 ||| Stepping ~*~*~tactically~*~*~ (outnumbered).
 14995 | D:4      | 14995 ||| Stepping ~*~*~tactically~*~*~ (outnumbered).
 14997 | D:4      | 14997 ||| FLEEEEING.
 15024 | D:4      | 15024 ||| Stepping ~*~*~tactically~*~*~ (outnumbered).
 15026 | D:4      | 15026 ||| Stepping ~*~*~tactically~*~*~ (outnumbered).
 15037 | D:4      | 15037 ||| Stepping ~*~*~tactically~*~*~ (outnumbered).
 15049 | D:4      | 15049 ||| Stepping ~*~*~tactically~*~*~ (outnumbered).
 15052 | D:4      | 15052 ||| Stepping ~*~*~tactically~*~*~ (outnumbered).
 15054 | D:4      | 15054 ||| Stepping ~*~*~tactically~*~*~ (outnumbered).
 15056 | D:4      | 15056 ||| Stepping ~*~*~tactically~*~*~ (outnumbered).
 15058 | D:4      | 15058 ||| Stepping ~*~*~tactically~*~*~ (outnumbered).
 15060 | D:4      | 15060 ||| Stepping ~*~*~tactically~*~*~ (outnumbered).
 15062 | D:4      | 15062 ||| Stepping ~*~*~tactically~*~*~ (outnumbered).
 15064 | D:4      | 15064 ||| Stepping ~*~*~tactically~*~*~ (outnumbered).
 15066 | D:4      | 15066 ||| Stepping ~*~*~tactically~*~*~ (outnumbered).
 15068 | D:4      | 15068 ||| Stepping ~*~*~tactically~*~*~ (outnumbered).
 15070 | D:4      | 15070 ||| Stepping ~*~*~tactically~*~*~ (outnumbered).
 15072 | D:4      | 15072 ||| Stepping ~*~*~tactically~*~*~ (outnumbered).
 15086 | D:4      | 15086 ||| Stepping ~*~*~tactically~*~*~ (outnumbered).
 15088 | D:4      | 15088 ||| Stepping ~*~*~tactically~*~*~ (outnumbered).
 15090 | D:4      | 15090 ||| Stepping ~*~*~tactically~*~*~ (outnumbered).
 15092 | D:4      | 15092 ||| Stepping ~*~*~tactically~*~*~ (outnumbered).
 15094 | D:4      | 15094 ||| Stepping ~*~*~tactically~*~*~ (outnumbered).
 15096 | D:4      | 15096 ||| Stepping ~*~*~tactically~*~*~ (outnumbered).
 15098 | D:4      | 15098 ||| Stepping ~*~*~tactically~*~*~ (outnumbered).
 15100 | D:4      | 15100 ||| Stepping ~*~*~tactically~*~*~ (outnumbered).
 15102 | D:4      | 15102 ||| Stepping ~*~*~tactically~*~*~ (outnumbered).
 15104 | D:4      | 15104 ||| Stepping ~*~*~tactically~*~*~ (outnumbered).
 15106 | D:4      | 15106 ||| Stepping ~*~*~tactically~*~*~ (outnumbered).
 15111 | D:4      | 15111 ||| Stepping ~*~*~tactically~*~*~ (outnumbered).
 15113 | D:4      | 15113 ||| Stepping ~*~*~tactically~*~*~ (outnumbered).
 15123 | D:4      | 15123 ||| Stepping ~*~*~tactically~*~*~ (outnumbered).
 15126 | D:4      | 15126 ||| Stepping ~*~*~tactically~*~*~ (outnumbered).
 15128 | D:4      | 15128 ||| Stepping ~*~*~tactically~*~*~ (outnumbered).
 15130 | D:4      | 15130 ||| Stepping ~*~*~tactically~*~*~ (outnumbered).
 15132 | D:4      | 15132 ||| Stepping ~*~*~tactically~*~*~ (outnumbered).
 15134 | D:4      | 15134 ||| Stepping ~*~*~tactically~*~*~ (outnumbered).
 15136 | D:4      | 15136 ||| Stepping ~*~*~tactically~*~*~ (outnumbered).
 15152 | D:4      | 15152 ||| Stepping ~*~*~tactically~*~*~ (outnumbered).
 15154 | D:4      | 15154 ||| Stepping ~*~*~tactically~*~*~ (outnumbered).
 15160 | D:4      | 15160 ||| Stepping ~*~*~tactically~*~*~ (outnumbered).
 15162 | D:4      | 15162 ||| Stepping ~*~*~tactically~*~*~ (outnumbered).
 15164 | D:4      | 15164 ||| Stepping ~*~*~tactically~*~*~ (outnumbered).
 15167 | D:4      | 15167 ||| Stepping ~*~*~tactically~*~*~ (outnumbered).
 15169 | D:4      | 15169 ||| Stepping ~*~*~tactically~*~*~ (outnumbered).
 15171 | D:4      | 15171 ||| Stepping ~*~*~tactically~*~*~ (outnumbered).
 15174 | D:4      | 15174 ||| Stepping ~*~*~tactically~*~*~ (outnumbered).
 15178 | D:4      | 15178 ||| Stepping ~*~*~tactically~*~*~ (outnumbered).
 15180 | D:4      | 15180 ||| Stepping ~*~*~tactically~*~*~ (outnumbered).
 15182 | D:4      | 15182 ||| Stepping ~*~*~tactically~*~*~ (outnumbered).
 15186 | D:4      | 15186 ||| Stepping ~*~*~tactically~*~*~ (outnumbered).
 15188 | D:4      | 15188 ||| Stepping ~*~*~tactically~*~*~ (outnumbered).
 15190 | D:4      | 15190 ||| Stepping ~*~*~tactically~*~*~ (outnumbered).
 15192 | D:4      | 15192 ||| Stepping ~*~*~tactically~*~*~ (outnumbered).
 15194 | D:4      | 15194 ||| Stepping ~*~*~tactically~*~*~ (outnumbered).
 15196 | D:4      | 15196 ||| Stepping ~*~*~tactically~*~*~ (outnumbered).
 15198 | D:4      | 15198 ||| Stepping ~*~*~tactically~*~*~ (outnumbered).
 15200 | D:4      | 15200 ||| Stepping ~*~*~tactically~*~*~ (outnumbered).
 15208 | D:4      | 15208 ||| Stepping ~*~*~tactically~*~*~ (outnumbered).
 15210 | D:4      | 15210 ||| Stepping ~*~*~tactically~*~*~ (outnumbered).
 15212 | D:4      | 15212 ||| Stepping ~*~*~tactically~*~*~ (outnumbered).
 15214 | D:4      | 15214 ||| Stepping ~*~*~tactically~*~*~ (outnumbered).
 15216 | D:4      | 15216 ||| Stepping ~*~*~tactically~*~*~ (outnumbered).
 15218 | D:4      | 15218 ||| Stepping ~*~*~tactically~*~*~ (outnumbered).
 15220 | D:4      | 15220 ||| Stepping ~*~*~tactically~*~*~ (outnumbered).
 15223 | D:4      | 15223 ||| Stepping ~*~*~tactically~*~*~ (outnumbered).
 15225 | D:4      | 15225 ||| Stepping ~*~*~tactically~*~*~ (outnumbered).
 15227 | D:4      | 15227 ||| Stepping ~*~*~tactically~*~*~ (outnumbered).
 15229 | D:4      | 15229 ||| Stepping ~*~*~tactically~*~*~ (outnumbered).
 15231 | D:4      | 15231 ||| Stepping ~*~*~tactically~*~*~ (outnumbered).
 15233 | D:4      | 15233 ||| Stepping ~*~*~tactically~*~*~ (outnumbered).
 15235 | D:4      | 15235 ||| Stepping ~*~*~tactically~*~*~ (outnumbered).
 15241 | D:4      | 15241 ||| Stepping ~*~*~tactically~*~*~ (outnumbered).
 15243 | D:4      | 15243 ||| Stepping ~*~*~tactically~*~*~ (outnumbered).
 15245 | D:4      | 15245 ||| Stepping ~*~*~tactically~*~*~ (outnumbered).
 15247 | D:4      | 15247 ||| Stepping ~*~*~tactically~*~*~ (outnumbered).
 15249 | D:4      | 15249 ||| Stepping ~*~*~tactically~*~*~ (outnumbered).
 15251 | D:4      | 15251 ||| Stepping ~*~*~tactically~*~*~ (outnumbered).
 15253 | D:4      | 15253 ||| Stepping ~*~*~tactically~*~*~ (outnumbered).
 15255 | D:4      | 15255 ||| Stepping ~*~*~tactically~*~*~ (outnumbered).
 15257 | D:4      | 15257 ||| Stepping ~*~*~tactically~*~*~ (outnumbered).
 15259 | D:4      | 15259 ||| Stepping ~*~*~tactically~*~*~ (outnumbered).
 15261 | D:4      | 15261 ||| Stepping ~*~*~tactically~*~*~ (outnumbered).
 15263 | D:4      | 15263 ||| Stepping ~*~*~tactically~*~*~ (outnumbered).
 15267 | D:4      | 15267 ||| Stepping ~*~*~tactically~*~*~ (outnumbered).
 15274 | D:4      | 15274 ||| Stepping ~*~*~tactically~*~*~ (outnumbered).
 15276 | D:4      | 15276 ||| Stepping ~*~*~tactically~*~*~ (outnumbered).
 15278 | D:4      | 15278 ||| Stepping ~*~*~tactically~*~*~ (outnumbered).
 15280 | D:4      | 15280 ||| Stepping ~*~*~tactically~*~*~ (outnumbered).
 15282 | D:4      | 15282 ||| Stepping ~*~*~tactically~*~*~ (outnumbered).
 15284 | D:4      | 15284 ||| Stepping ~*~*~tactically~*~*~ (outnumbered).
 15289 | D:4      | 15289 ||| Stepping ~*~*~tactically~*~*~ (outnumbered).
 15291 | D:4      | 15291 ||| Stepping ~*~*~tactically~*~*~ (outnumbered).
 15293 | D:4      | 15293 ||| Stepping ~*~*~tactically~*~*~ (outnumbered).
 15295 | D:4      | 15295 ||| Stepping ~*~*~tactically~*~*~ (outnumbered).
 15297 | D:4      | 15297 ||| Stepping ~*~*~tactically~*~*~ (outnumbered).
 15299 | D:4      | 15299 ||| Stepping ~*~*~tactically~*~*~ (outnumbered).
 15301 | D:4      | 15301 ||| Stepping ~*~*~tactically~*~*~ (outnumbered).
 15308 | D:4      | 15308 ||| Stepping ~*~*~tactically~*~*~ (outnumbered).
 15310 | D:4      | 15310 ||| Stepping ~*~*~tactically~*~*~ (outnumbered).
 15319 | D:4      | 15319 ||| Stepping ~*~*~tactically~*~*~ (outnumbered).
 15321 | D:4      | 15321 ||| Stepping ~*~*~tactically~*~*~ (outnumbered).
 15323 | D:4      | 15323 ||| Stepping ~*~*~tactically~*~*~ (outnumbered).
 15325 | D:4      | 15325 ||| Stepping ~*~*~tactically~*~*~ (outnumbered).
 15327 | D:4      | 15327 ||| Stepping ~*~*~tactically~*~*~ (outnumbered).
 15329 | D:4      | 15329 ||| Stepping ~*~*~tactically~*~*~ (outnumbered).
 15331 | D:4      | 15331 ||| Stepping ~*~*~tactically~*~*~ (outnumbered).
 15333 | D:4      | 15333 ||| Stepping ~*~*~tactically~*~*~ (outnumbered).
 15345 | D:4      | 15345 ||| Stepping ~*~*~tactically~*~*~ (outnumbered).
 15347 | D:4      | 15347 ||| Stepping ~*~*~tactically~*~*~ (outnumbered).
 15349 | D:4      | 15349 ||| Stepping ~*~*~tactically~*~*~ (outnumbered).
 15356 | D:4      | 15356 ||| Stepping ~*~*~tactically~*~*~ (outnumbered).
 15358 | D:4      | 15358 ||| Stepping ~*~*~tactically~*~*~ (outnumbered).
 15360 | D:4      | 15360 ||| Stepping ~*~*~tactically~*~*~ (outnumbered).
 15362 | D:4      | 15362 ||| Stepping ~*~*~tactically~*~*~ (outnumbered).
 15364 | D:4      | 15364 ||| Stepping ~*~*~tactically~*~*~ (outnumbered).
 15366 | D:4      | 15366 ||| Stepping ~*~*~tactically~*~*~ (outnumbered).
 15368 | D:4      | 15368 ||| Stepping ~*~*~tactically~*~*~ (outnumbered).
 15370 | D:4      | 15370 ||| Stepping ~*~*~tactically~*~*~ (outnumbered).
 15372 | D:4      | 15372 ||| Stepping ~*~*~tactically~*~*~ (outnumbered).
 15374 | D:4      | 15374 ||| Stepping ~*~*~tactically~*~*~ (outnumbered).
 15378 | D:4      | 15378 ||| Stepping ~*~*~tactically~*~*~ (outnumbered).
 15380 | D:4      | 15380 ||| Stepping ~*~*~tactically~*~*~ (outnumbered).
 15382 | D:4      | 15382 ||| Stepping ~*~*~tactically~*~*~ (outnumbered).
 15386 | D:4      | 15386 ||| Stepping ~*~*~tactically~*~*~ (outnumbered).
 15388 | D:4      | 15388 ||| Stepping ~*~*~tactically~*~*~ (outnumbered).
 15397 | D:4      | 15397 ||| Stepping ~*~*~tactically~*~*~ (outnumbered).
 15399 | D:4      | 15399 ||| Stepping ~*~*~tactically~*~*~ (outnumbered).
 15401 | D:4      | 15401 ||| Stepping ~*~*~tactically~*~*~ (outnumbered).
 15403 | D:4      | 15403 ||| Stepping ~*~*~tactically~*~*~ (outnumbered).
 15408 | D:4      | 15408 ||| FLEEEEING.
 15435 | D:4      | 15435 ||| Stepping ~*~*~tactically~*~*~ (outnumbered).
 15437 | D:4      | 15437 ||| Stepping ~*~*~tactically~*~*~ (outnumbered).
 15439 | D:4      | 15439 ||| Stepping ~*~*~tactically~*~*~ (outnumbered).
 15449 | D:4      | 15449 ||| Stepping ~*~*~tactically~*~*~ (outnumbered).
 15456 | D:4      | 15456 ||| FLEEEEING.
 15483 | D:4      | 15483 ||| Stepping ~*~*~tactically~*~*~ (outnumbered).
 15485 | D:4      | 15485 ||| FLEEEEING.
 15513 | D:4      | 15513 ||| Stepping ~*~*~tactically~*~*~ (outnumbered).
 15515 | D:4      | 15515 ||| Stepping ~*~*~tactically~*~*~ (outnumbered).
 15517 | D:4      | 15517 ||| Stepping ~*~*~tactically~*~*~ (outnumbered).
 15526 | D:4      | 15526 ||| Stepping ~*~*~tactically~*~*~ (outnumbered).
 15528 | D:4      | 15528 ||| Stepping ~*~*~tactically~*~*~ (outnumbered).
 15530 | D:4      | 15530 ||| Stepping ~*~*~tactically~*~*~ (outnumbered).
 15532 | D:4      | 15532 ||| Stepping ~*~*~tactically~*~*~ (outnumbered).
 15534 | D:4      | 15534 ||| Stepping ~*~*~tactically~*~*~ (outnumbered).
 15536 | D:4      | 15536 ||| Stepping ~*~*~tactically~*~*~ (outnumbered).
 15538 | D:4      | 15538 ||| Stepping ~*~*~tactically~*~*~ (outnumbered).
 15549 | D:4      | 15549 ||| Stepping ~*~*~tactically~*~*~ (outnumbered).
 15556 | D:4      | 15556 ||| Stepping ~*~*~tactically~*~*~ (outnumbered).
 15558 | D:4      | 15558 ||| Stepping ~*~*~tactically~*~*~ (outnumbered).
 15571 | D:4      | 15571 ||| Stepping ~*~*~tactically~*~*~ (outnumbered).
 15573 | D:4      | 15573 ||| Stepping ~*~*~tactically~*~*~ (outnumbered).
 15589 | D:4      | 15589 ||| Stepping ~*~*~tactically~*~*~ (outnumbered).
 15591 | D:4      | 15591 ||| Stepping ~*~*~tactically~*~*~ (outnumbered).
 15593 | D:4      | 15593 ||| Stepping ~*~*~tactically~*~*~ (outnumbered).
 15600 | D:4      | 15600 ||| Stepping ~*~*~tactically~*~*~ (outnumbered).
 15602 | D:4      | 15602 ||| Stepping ~*~*~tactically~*~*~ (outnumbered).
 15604 | D:4      | 15604 ||| Stepping ~*~*~tactically~*~*~ (outnumbered).
 15606 | D:4      | 15606 ||| Stepping ~*~*~tactically~*~*~ (outnumbered).
 15608 | D:4      | 15608 ||| Stepping ~*~*~tactically~*~*~ (outnumbered).
 15610 | D:4      | 15610 ||| Stepping ~*~*~tactically~*~*~ (outnumbered).
 15612 | D:4      | 15612 ||| Stepping ~*~*~tactically~*~*~ (outnumbered).
 15614 | D:4      | 15614 ||| Stepping ~*~*~tactically~*~*~ (outnumbered).
 15616 | D:4      | 15616 ||| Stepping ~*~*~tactically~*~*~ (outnumbered).
 15618 | D:4      | 15618 ||| Stepping ~*~*~tactically~*~*~ (outnumbered).
 15620 | D:4      | 15620 ||| Stepping ~*~*~tactically~*~*~ (outnumbered).
 15622 | D:4      | 15622 ||| Stepping ~*~*~tactically~*~*~ (outnumbered).
 15637 | D:4      | 15637 ||| Stepping ~*~*~tactically~*~*~ (outnumbered).
 15652 | D:4      | 15652 ||| Stepping ~*~*~tactically~*~*~ (outnumbered).
 15654 | D:4      | 15654 ||| Stepping ~*~*~tactically~*~*~ (outnumbered).
 15656 | D:4      | 15656 ||| Stepping ~*~*~tactically~*~*~ (outnumbered).
 15658 | D:4      | 15658 ||| Stepping ~*~*~tactically~*~*~ (outnumbered).
 15667 | D:4      | 15667 ||| Stepping ~*~*~tactically~*~*~ (outnumbered).
 15669 | D:4      | 15669 ||| FLEEEEING.
 15695 | D:4      | 15695 ||| Stepping ~*~*~tactically~*~*~ (outnumbered).
 15697 | D:4      | 15697 ||| Stepping ~*~*~tactically~*~*~ (outnumbered).
 15704 | D:4      | 15704 ||| Stepping ~*~*~tactically~*~*~ (outnumbered).
 15719 | D:4      | 15719 ||| Stepping ~*~*~tactically~*~*~ (outnumbered).
 15721 | D:4      | 15721 ||| Stepping ~*~*~tactically~*~*~ (outnumbered).
 15723 | D:4      | 15723 ||| Stepping ~*~*~tactically~*~*~ (outnumbered).
 15725 | D:4      | 15725 ||| Stepping ~*~*~tactically~*~*~ (outnumbered).
 15727 | D:4      | 15727 ||| Stepping ~*~*~tactically~*~*~ (outnumbered).
 15729 | D:4      | 15729 ||| Stepping ~*~*~tactically~*~*~ (outnumbered).
 15731 | D:4      | 15731 ||| Stepping ~*~*~tactically~*~*~ (outnumbered).
 15734 | D:4      | 15734 ||| Stepping ~*~*~tactically~*~*~ (outnumbered).
 15736 | D:4      | 15736 ||| Stepping ~*~*~tactically~*~*~ (outnumbered).
 15738 | D:4      | 15738 ||| Stepping ~*~*~tactically~*~*~ (outnumbered).
 15740 | D:4      | 15740 ||| Stepping ~*~*~tactically~*~*~ (outnumbered).
 15742 | D:4      | 15742 ||| Stepping ~*~*~tactically~*~*~ (outnumbered).
 15744 | D:4      | 15744 ||| Stepping ~*~*~tactically~*~*~ (outnumbered).
 15746 | D:4      | 15746 ||| Stepping ~*~*~tactically~*~*~ (outnumbered).
 15749 | D:4      | 15749 ||| Stepping ~*~*~tactically~*~*~ (outnumbered).
 15751 | D:4      | 15751 ||| Stepping ~*~*~tactically~*~*~ (outnumbered).
 15753 | D:4      | 15753 ||| Stepping ~*~*~tactically~*~*~ (outnumbered).
 15755 | D:4      | 15755 ||| Stepping ~*~*~tactically~*~*~ (outnumbered).
 15757 | D:4      | 15757 ||| Stepping ~*~*~tactically~*~*~ (outnumbered).
 15771 | D:4      | 15771 ||| Stepping ~*~*~tactically~*~*~ (outnumbered).
 15773 | D:4      | 15773 ||| Stepping ~*~*~tactically~*~*~ (outnumbered).
 15775 | D:4      | 15775 ||| Stepping ~*~*~tactically~*~*~ (outnumbered).
 15777 | D:4      | 15777 ||| Stepping ~*~*~tactically~*~*~ (outnumbered).
 15779 | D:4      | 15779 ||| Stepping ~*~*~tactically~*~*~ (outnumbered).
 15782 | D:4      | 15782 ||| Stepping ~*~*~tactically~*~*~ (outnumbered).
 15784 | D:4      | 15784 ||| Stepping ~*~*~tactically~*~*~ (outnumbered).
 15797 | D:4      | 15797 ||| Stepping ~*~*~tactically~*~*~ (outnumbered).
 15808 | D:4      | 15808 ||| Stepping ~*~*~tactically~*~*~ (outnumbered).
 15810 | D:4      | 15810 ||| Stepping ~*~*~tactically~*~*~ (outnumbered).
 15812 | D:4      | 15812 ||| Stepping ~*~*~tactically~*~*~ (outnumbered).
 15819 | D:4      | 15819 ||| Stepping ~*~*~tactically~*~*~ (outnumbered).
 15823 | D:4      | 15823 ||| Stepping ~*~*~tactically~*~*~ (outnumbered).
 15825 | D:4      | 15825 ||| Stepping ~*~*~tactically~*~*~ (outnumbered).
 15827 | D:4      | 15827 ||| Stepping ~*~*~tactically~*~*~ (outnumbered).
 15829 | D:4      | 15829 ||| Stepping ~*~*~tactically~*~*~ (outnumbered).
 15831 | D:4      | 15831 ||| Stepping ~*~*~tactically~*~*~ (outnumbered).
 15833 | D:4      | 15833 ||| Stepping ~*~*~tactically~*~*~ (outnumbered).
 15835 | D:4      | 15835 ||| Stepping ~*~*~tactically~*~*~ (outnumbered).
 15837 | D:4      | 15837 ||| Stepping ~*~*~tactically~*~*~ (outnumbered).
 15839 | D:4      | 15839 ||| Stepping ~*~*~tactically~*~*~ (outnumbered).
 15841 | D:4      | 15841 ||| Stepping ~*~*~tactically~*~*~ (outnumbered).
 15843 | D:4      | 15843 ||| Stepping ~*~*~tactically~*~*~ (outnumbered).
 15845 | D:4      | 15845 ||| Stepping ~*~*~tactically~*~*~ (outnumbered).
 15847 | D:4      | 15847 ||| Stepping ~*~*~tactically~*~*~ (outnumbered).
 15849 | D:4      | 15849 ||| Stepping ~*~*~tactically~*~*~ (outnumbered).
 15851 | D:4      | 15851 ||| Stepping ~*~*~tactically~*~*~ (outnumbered).
 15853 | D:4      | 15853 ||| Stepping ~*~*~tactically~*~*~ (outnumbered).
 15855 | D:4      | 15855 ||| Stepping ~*~*~tactically~*~*~ (outnumbered).
 15857 | D:4      | 15857 ||| Stepping ~*~*~tactically~*~*~ (outnumbered).
 15859 | D:4      | 15859 ||| Stepping ~*~*~tactically~*~*~ (outnumbered).
 15861 | D:4      | 15861 ||| Stepping ~*~*~tactically~*~*~ (outnumbered).
 15863 | D:4      | 15863 ||| Stepping ~*~*~tactically~*~*~ (outnumbered).
 15865 | D:4      | 15865 ||| Stepping ~*~*~tactically~*~*~ (outnumbered).
 15867 | D:4      | 15867 ||| Stepping ~*~*~tactically~*~*~ (outnumbered).
 15869 | D:4      | 15869 ||| Stepping ~*~*~tactically~*~*~ (outnumbered).
 15871 | D:4      | 15871 ||| Stepping ~*~*~tactically~*~*~ (outnumbered).
 15873 | D:4      | 15873 ||| Stepping ~*~*~tactically~*~*~ (outnumbered).
 15875 | D:4      | 15875 ||| Stepping ~*~*~tactically~*~*~ (outnumbered).
 15877 | D:4      | 15877 ||| Stepping ~*~*~tactically~*~*~ (outnumbered).
 15879 | D:4      | 15879 ||| Stepping ~*~*~tactically~*~*~ (outnumbered).
 15881 | D:4      | 15881 ||| Stepping ~*~*~tactically~*~*~ (outnumbered).
 15883 | D:4      | 15883 ||| Stepping ~*~*~tactically~*~*~ (outnumbered).
 15885 | D:4      | 15885 ||| Stepping ~*~*~tactically~*~*~ (outnumbered).
 15887 | D:4      | 15887 ||| Stepping ~*~*~tactically~*~*~ (outnumbered).
 15889 | D:4      | 15889 ||| Stepping ~*~*~tactically~*~*~ (outnumbered).
 15891 | D:4      | 15891 ||| Stepping ~*~*~tactically~*~*~ (outnumbered).
 15893 | D:4      | 15893 ||| Stepping ~*~*~tactically~*~*~ (outnumbered).
 15895 | D:4      | 15895 ||| Stepping ~*~*~tactically~*~*~ (outnumbered).
 15897 | D:4      | 15897 ||| FLEEEEING.
 15924 | D:4      | 15924 ||| Stepping ~*~*~tactically~*~*~ (outnumbered).
 15926 | D:4      | 15926 ||| Stepping ~*~*~tactically~*~*~ (outnumbered).
 15928 | D:4      | 15928 ||| Stepping ~*~*~tactically~*~*~ (outnumbered).
 15930 | D:4      | 15930 ||| Stepping ~*~*~tactically~*~*~ (outnumbered).
 15941 | D:4      | 15941 ||| Stepping ~*~*~tactically~*~*~ (outnumbered).
 15945 | D:4      | 15945 ||| Stepping ~*~*~tactically~*~*~ (outnumbered).
 15947 | D:4      | 15947 ||| Stepping ~*~*~tactically~*~*~ (outnumbered).
 15949 | D:4      | 15949 ||| Stepping ~*~*~tactically~*~*~ (outnumbered).
 15951 | D:4      | 15951 ||| FLEEEEING.
 15980 | D:4      | 15980 ||| Stepping ~*~*~tactically~*~*~ (outnumbered).
 15982 | D:4      | 15982 ||| FLEEEEING.
 16009 | D:4      | 16009 ||| Stepping ~*~*~tactically~*~*~ (outnumbered).
 16015 | D:4      | 16015 ||| Stepping ~*~*~tactically~*~*~ (outnumbered).
 16017 | D:4      | 16017 ||| Stepping ~*~*~tactically~*~*~ (outnumbered).
 16019 | D:4      | 16019 ||| Stepping ~*~*~tactically~*~*~ (outnumbered).
 16021 | D:4      | 16021 ||| Stepping ~*~*~tactically~*~*~ (outnumbered).
 16023 | D:4      | 16023 ||| Stepping ~*~*~tactically~*~*~ (outnumbered).
 16025 | D:4      | 16025 ||| Stepping ~*~*~tactically~*~*~ (outnumbered).
 16027 | D:4      | 16027 ||| Stepping ~*~*~tactically~*~*~ (outnumbered).
 16029 | D:4      | 16029 ||| Stepping ~*~*~tactically~*~*~ (outnumbered).
 16031 | D:4      | 16031 ||| Stepping ~*~*~tactically~*~*~ (outnumbered).
 16045 | D:4      | 16045 ||| Stepping ~*~*~tactically~*~*~ (outnumbered).
 16047 | D:4      | 16047 ||| Stepping ~*~*~tactically~*~*~ (outnumbered).
 16049 | D:4      | 16049 ||| Stepping ~*~*~tactically~*~*~ (outnumbered).
 16051 | D:4      | 16051 ||| Stepping ~*~*~tactically~*~*~ (outnumbered).
 16053 | D:4      | 16053 ||| Stepping ~*~*~tactically~*~*~ (outnumbered).
 16055 | D:4      | 16055 ||| Stepping ~*~*~tactically~*~*~ (outnumbered).
 16057 | D:4      | 16057 ||| Stepping ~*~*~tactically~*~*~ (outnumbered).
 16059 | D:4      | 16059 ||| Stepping ~*~*~tactically~*~*~ (outnumbered).
 16061 | D:4      | 16061 ||| Stepping ~*~*~tactically~*~*~ (outnumbered).
 16074 | D:4      | 16074 ||| Stepping ~*~*~tactically~*~*~ (outnumbered).
 16089 | D:4      | 16089 ||| Stepping ~*~*~tactically~*~*~ (outnumbered).
 16091 | D:4      | 16091 ||| Stepping ~*~*~tactically~*~*~ (outnumbered).
 16093 | D:4      | 16093 ||| Stepping ~*~*~tactically~*~*~ (outnumbered).
 16100 | D:4      | 16100 ||| Stepping ~*~*~tactically~*~*~ (outnumbered).
 16102 | D:4      | 16102 ||| Stepping ~*~*~tactically~*~*~ (outnumbered).
 16104 | D:4      | 16104 ||| Stepping ~*~*~tactically~*~*~ (outnumbered).
 16106 | D:4      | 16106 ||| Stepping ~*~*~tactically~*~*~ (outnumbered).
 16108 | D:4      | 16108 ||| Stepping ~*~*~tactically~*~*~ (outnumbered).
 16110 | D:4      | 16110 ||| Stepping ~*~*~tactically~*~*~ (outnumbered).
 16112 | D:4      | 16112 ||| Stepping ~*~*~tactically~*~*~ (outnumbered).
 16114 | D:4      | 16114 ||| Stepping ~*~*~tactically~*~*~ (outnumbered).
 16116 | D:4      | 16116 ||| Stepping ~*~*~tactically~*~*~ (outnumbered).
 16118 | D:4      | 16118 ||| Stepping ~*~*~tactically~*~*~ (outnumbered).
 16120 | D:4      | 16120 ||| Stepping ~*~*~tactically~*~*~ (outnumbered).
 16122 | D:4      | 16122 ||| Stepping ~*~*~tactically~*~*~ (outnumbered).
 16124 | D:4      | 16124 ||| Stepping ~*~*~tactically~*~*~ (outnumbered).
 16126 | D:4      | 16126 ||| Stepping ~*~*~tactically~*~*~ (outnumbered).
 16128 | D:4      | 16128 ||| Stepping ~*~*~tactically~*~*~ (outnumbered).
 16130 | D:4      | 16130 ||| Stepping ~*~*~tactically~*~*~ (outnumbered).
 16132 | D:4      | 16132 ||| Stepping ~*~*~tactically~*~*~ (outnumbered).
 16134 | D:4      | 16134 ||| Stepping ~*~*~tactically~*~*~ (outnumbered).
 16136 | D:4      | 16136 ||| Stepping ~*~*~tactically~*~*~ (outnumbered).
 16138 | D:4      | 16138 ||| Stepping ~*~*~tactically~*~*~ (outnumbered).
 16140 | D:4      | 16140 ||| Stepping ~*~*~tactically~*~*~ (outnumbered).
 16142 | D:4      | 16142 ||| Stepping ~*~*~tactically~*~*~ (outnumbered).
 16144 | D:4      | 16144 ||| Stepping ~*~*~tactically~*~*~ (outnumbered).
 16146 | D:4      | 16146 ||| Stepping ~*~*~tactically~*~*~ (outnumbered).
 16148 | D:4      | 16148 ||| Stepping ~*~*~tactically~*~*~ (outnumbered).
 16156 | D:4      | 16156 ||| Stepping ~*~*~tactically~*~*~ (outnumbered).
 16158 | D:4      | 16158 ||| Stepping ~*~*~tactically~*~*~ (outnumbered).
 16160 | D:4      | 16160 ||| Stepping ~*~*~tactically~*~*~ (outnumbered).
 16162 | D:4      | 16162 ||| Stepping ~*~*~tactically~*~*~ (outnumbered).
 16164 | D:4      | 16164 ||| Stepping ~*~*~tactically~*~*~ (outnumbered).
 16166 | D:4      | 16166 ||| Stepping ~*~*~tactically~*~*~ (outnumbered).
 16168 | D:4      | 16168 ||| Stepping ~*~*~tactically~*~*~ (outnumbered).
 16170 | D:4      | 16170 ||| Stepping ~*~*~tactically~*~*~ (outnumbered).
 16172 | D:4      | 16172 ||| Stepping ~*~*~tactically~*~*~ (outnumbered).
 16178 | D:4      | 16178 ||| Stepping ~*~*~tactically~*~*~ (outnumbered).
 16186 | D:4      | 16186 ||| Stepping ~*~*~tactically~*~*~ (outnumbered).
 16188 | D:4      | 16188 ||| Stepping ~*~*~tactically~*~*~ (outnumbered).
 16190 | D:4      | 16190 ||| Stepping ~*~*~tactically~*~*~ (outnumbered).
 16192 | D:4      | 16192 ||| Stepping ~*~*~tactically~*~*~ (outnumbered).
 16194 | D:4      | 16194 ||| Stepping ~*~*~tactically~*~*~ (outnumbered).
 16196 | D:4      | 16196 ||| Stepping ~*~*~tactically~*~*~ (outnumbered).
 16198 | D:4      | 16198 ||| Stepping ~*~*~tactically~*~*~ (outnumbered).
 16200 | D:4      | 16200 ||| Stepping ~*~*~tactically~*~*~ (outnumbered).
 16202 | D:4      | 16202 ||| Stepping ~*~*~tactically~*~*~ (outnumbered).
 16204 | D:4      | 16204 ||| Stepping ~*~*~tactically~*~*~ (outnumbered).
 16206 | D:4      | 16206 ||| Stepping ~*~*~tactically~*~*~ (outnumbered).
 16219 | D:4      | 16219 ||| Stepping ~*~*~tactically~*~*~ (outnumbered).
 16221 | D:4      | 16221 ||| Stepping ~*~*~tactically~*~*~ (outnumbered).
 16223 | D:4      | 16223 ||| Stepping ~*~*~tactically~*~*~ (outnumbered).
 16225 | D:4      | 16225 ||| Stepping ~*~*~tactically~*~*~ (outnumbered).
 16227 | D:4      | 16227 ||| FLEEEEING.
 16254 | D:4      | 16254 ||| Stepping ~*~*~tactically~*~*~ (outnumbered).
 16256 | D:4      | 16256 ||| Stepping ~*~*~tactically~*~*~ (outnumbered).
 16260 | D:4      | 16260 ||| Stepping ~*~*~tactically~*~*~ (outnumbered).
 16262 | D:4      | 16262 ||| Stepping ~*~*~tactically~*~*~ (outnumbered).
 16264 | D:4      | 16264 ||| Stepping ~*~*~tactically~*~*~ (outnumbered).
 16266 | D:4      | 16266 ||| Stepping ~*~*~tactically~*~*~ (outnumbered).
 16271 | D:4      | 16271 ||| Stepping ~*~*~tactically~*~*~ (outnumbered).
 16273 | D:4      | 16273 ||| Stepping ~*~*~tactically~*~*~ (outnumbered).
 16275 | D:4      | 16275 ||| Stepping ~*~*~tactically~*~*~ (outnumbered).
 16282 | D:4      | 16282 ||| Stepping ~*~*~tactically~*~*~ (outnumbered).
 16284 | D:4      | 16284 ||| Stepping ~*~*~tactically~*~*~ (outnumbered).
 16286 | D:4      | 16286 ||| FLEEEEING.
 16313 | D:4      | 16313 ||| Stepping ~*~*~tactically~*~*~ (outnumbered).
 16323 | D:4      | 16323 ||| Stepping ~*~*~tactically~*~*~ (outnumbered).
 16325 | D:4      | 16325 ||| Stepping ~*~*~tactically~*~*~ (outnumbered).
 16327 | D:4      | 16327 ||| Stepping ~*~*~tactically~*~*~ (outnumbered).
 16329 | D:4      | 16329 ||| Stepping ~*~*~tactically~*~*~ (outnumbered).
 16331 | D:4      | 16331 ||| Stepping ~*~*~tactically~*~*~ (outnumbered).
 16333 | D:4      | 16333 ||| Stepping ~*~*~tactically~*~*~ (outnumbered).
 16337 | D:4      | 16337 ||| Stepping ~*~*~tactically~*~*~ (outnumbered).
 16339 | D:4      | 16339 ||| Stepping ~*~*~tactically~*~*~ (outnumbered).
 16341 | D:4      | 16341 ||| Stepping ~*~*~tactically~*~*~ (outnumbered).
 16352 | D:4      | 16352 ||| Stepping ~*~*~tactically~*~*~ (outnumbered).
 16354 | D:4      | 16354 ||| Stepping ~*~*~tactically~*~*~ (outnumbered).
 16356 | D:4      | 16356 ||| Stepping ~*~*~tactically~*~*~ (outnumbered).
 16367 | D:4      | 16367 ||| Stepping ~*~*~tactically~*~*~ (outnumbered).
 16374 | D:4      | 16374 ||| Stepping ~*~*~tactically~*~*~ (outnumbered).
 16376 | D:4      | 16376 ||| Stepping ~*~*~tactically~*~*~ (outnumbered).
 16378 | D:4      | 16378 ||| Stepping ~*~*~tactically~*~*~ (outnumbered).
 16380 | D:4      | 16380 ||| Stepping ~*~*~tactically~*~*~ (outnumbered).
 16382 | D:4      | 16382 ||| Stepping ~*~*~tactically~*~*~ (outnumbered).
 16384 | D:4      | 16384 ||| Stepping ~*~*~tactically~*~*~ (outnumbered).
 16386 | D:4      | 16386 ||| Stepping ~*~*~tactically~*~*~ (outnumbered).
 16388 | D:4      | 16388 ||| Stepping ~*~*~tactically~*~*~ (outnumbered).
 16390 | D:4      | 16390 ||| Stepping ~*~*~tactically~*~*~ (outnumbered).
 16392 | D:4      | 16392 ||| Stepping ~*~*~tactically~*~*~ (outnumbered).
 16394 | D:4      | 16394 ||| Stepping ~*~*~tactically~*~*~ (outnumbered).
 16396 | D:4      | 16396 ||| Stepping ~*~*~tactically~*~*~ (outnumbered).
 16398 | D:4      | 16398 ||| Stepping ~*~*~tactically~*~*~ (outnumbered).
 16400 | D:4      | 16400 ||| Stepping ~*~*~tactically~*~*~ (outnumbered).
 16402 | D:4      | 16402 ||| Stepping ~*~*~tactically~*~*~ (outnumbered).
 16404 | D:4      | 16404 ||| Stepping ~*~*~tactically~*~*~ (outnumbered).
 16406 | D:4      | 16406 ||| Stepping ~*~*~tactically~*~*~ (outnumbered).
 16408 | D:4      | 16408 ||| Stepping ~*~*~tactically~*~*~ (outnumbered).
 16410 | D:4      | 16410 ||| Stepping ~*~*~tactically~*~*~ (outnumbered).
 16412 | D:4      | 16412 ||| Stepping ~*~*~tactically~*~*~ (outnumbered).
 16414 | D:4      | 16414 ||| Stepping ~*~*~tactically~*~*~ (outnumbered).
 16416 | D:4      | 16416 ||| Stepping ~*~*~tactically~*~*~ (outnumbered).
 16423 | D:4      | 16423 ||| Stepping ~*~*~tactically~*~*~ (outnumbered).
 16425 | D:4      | 16425 ||| Stepping ~*~*~tactically~*~*~ (outnumbered).
 16427 | D:4      | 16427 ||| Stepping ~*~*~tactically~*~*~ (outnumbered).
 16429 | D:4      | 16429 ||| Stepping ~*~*~tactically~*~*~ (outnumbered).
 16434 | D:4      | 16434 ||| Stepping ~*~*~tactically~*~*~ (outnumbered).
 16436 | D:4      | 16436 ||| Stepping ~*~*~tactically~*~*~ (outnumbered).
 16438 | D:4      | 16438 ||| Stepping ~*~*~tactically~*~*~ (outnumbered).
 16440 | D:4      | 16440 ||| Stepping ~*~*~tactically~*~*~ (outnumbered).
 16442 | D:4      | 16442 ||| Stepping ~*~*~tactically~*~*~ (outnumbered).
 16444 | D:4      | 16444 ||| Stepping ~*~*~tactically~*~*~ (outnumbered).
 16452 | D:4      | 16452 ||| Stepping ~*~*~tactically~*~*~ (outnumbered).
 16460 | D:4      | 16460 ||| Stepping ~*~*~tactically~*~*~ (outnumbered).
 16471 | D:4      | 16471 ||| FLEEEEING.
 16498 | D:4      | 16498 ||| Stepping ~*~*~tactically~*~*~ (outnumbered).
 16500 | D:4      | 16500 ||| Stepping ~*~*~tactically~*~*~ (outnumbered).
 16502 | D:4      | 16502 ||| Stepping ~*~*~tactically~*~*~ (outnumbered).
 16511 | D:4      | 16511 ||| Stepping ~*~*~tactically~*~*~ (outnumbered).
 16513 | D:4      | 16513 ||| Stepping ~*~*~tactically~*~*~ (outnumbered).
 16515 | D:4      | 16515 ||| Stepping ~*~*~tactically~*~*~ (outnumbered).
 16517 | D:4      | 16517 ||| Stepping ~*~*~tactically~*~*~ (outnumbered).
 16519 | D:4      | 16519 ||| FLEEEEING.
 16546 | D:4      | 16546 ||| Stepping ~*~*~tactically~*~*~ (outnumbered).
 16548 | D:4      | 16548 ||| Stepping ~*~*~tactically~*~*~ (outnumbered).
 16556 | D:4      | 16556 ||| Stepping ~*~*~tactically~*~*~ (outnumbered).
 16560 | D:4      | 16560 ||| Stepping ~*~*~tactically~*~*~ (outnumbered).
 16562 | D:4      | 16562 ||| Stepping ~*~*~tactically~*~*~ (outnumbered).
 16564 | D:4      | 16564 ||| Stepping ~*~*~tactically~*~*~ (outnumbered).
 16571 | D:4      | 16571 ||| Stepping ~*~*~tactically~*~*~ (outnumbered).
 16573 | D:4      | 16573 ||| Stepping ~*~*~tactically~*~*~ (outnumbered).
 16575 | D:4      | 16575 ||| FLEEEEING.
 16602 | D:4      | 16602 ||| Stepping ~*~*~tactically~*~*~ (outnumbered).
 16611 | D:4      | 16611 ||| Stepping ~*~*~tactically~*~*~ (outnumbered).
 16619 | D:4      | 16619 ||| Stepping ~*~*~tactically~*~*~ (outnumbered).
 16621 | D:4      | 16621 ||| Stepping ~*~*~tactically~*~*~ (outnumbered).
 16630 | D:4      | 16630 ||| Stepping ~*~*~tactically~*~*~ (outnumbered).
 16632 | D:4      | 16632 ||| Stepping ~*~*~tactically~*~*~ (outnumbered).
 16634 | D:4      | 16634 ||| Stepping ~*~*~tactically~*~*~ (outnumbered).
 16636 | D:4      | 16636 ||| Stepping ~*~*~tactically~*~*~ (outnumbered).
 16645 | D:4      | 16645 ||| Stepping ~*~*~tactically~*~*~ (outnumbered).
 16647 | D:4      | 16647 ||| Stepping ~*~*~tactically~*~*~ (outnumbered).
 16649 | D:4      | 16649 ||| Stepping ~*~*~tactically~*~*~ (outnumbered).
 16651 | D:4      | 16651 ||| Stepping ~*~*~tactically~*~*~ (outnumbered).
 16653 | D:4      | 16653 ||| Stepping ~*~*~tactically~*~*~ (outnumbered).
 16655 | D:4      | 16655 ||| Stepping ~*~*~tactically~*~*~ (outnumbered).
 16660 | D:4      | 16660 ||| Stepping ~*~*~tactically~*~*~ (outnumbered).
 16662 | D:4      | 16662 ||| Stepping ~*~*~tactically~*~*~ (outnumbered).
 16664 | D:4      | 16664 ||| Stepping ~*~*~tactically~*~*~ (outnumbered).
 16666 | D:4      | 16666 ||| Stepping ~*~*~tactically~*~*~ (outnumbered).
 16668 | D:4      | 16668 ||| Stepping ~*~*~tactically~*~*~ (outnumbered).
 16670 | D:4      | 16670 ||| Stepping ~*~*~tactically~*~*~ (outnumbered).
 16672 | D:4      | 16672 ||| Stepping ~*~*~tactically~*~*~ (outnumbered).
 16674 | D:4      | 16674 ||| Stepping ~*~*~tactically~*~*~ (outnumbered).
 16676 | D:4      | 16676 ||| Stepping ~*~*~tactically~*~*~ (outnumbered).
 16678 | D:4      | 16678 ||| Stepping ~*~*~tactically~*~*~ (outnumbered).
 16682 | D:4      | 16682 ||| Stepping ~*~*~tactically~*~*~ (outnumbered).
 16693 | D:4      | 16693 ||| Stepping ~*~*~tactically~*~*~ (outnumbered).
 16695 | D:4      | 16695 ||| Stepping ~*~*~tactically~*~*~ (outnumbered).
 16697 | D:4      | 16697 ||| Stepping ~*~*~tactically~*~*~ (outnumbered).
 16699 | D:4      | 16699 ||| Stepping ~*~*~tactically~*~*~ (outnumbered).
 16701 | D:4      | 16701 ||| Stepping ~*~*~tactically~*~*~ (outnumbered).
 16703 | D:4      | 16703 ||| Stepping ~*~*~tactically~*~*~ (outnumbered).
 16705 | D:4      | 16705 ||| Stepping ~*~*~tactically~*~*~ (outnumbered).
 16707 | D:4      | 16707 ||| Stepping ~*~*~tactically~*~*~ (outnumbered).
 16709 | D:4      | 16709 ||| Stepping ~*~*~tactically~*~*~ (outnumbered).
 16711 | D:4      | 16711 ||| Stepping ~*~*~tactically~*~*~ (outnumbered).
 16715 | D:4      | 16715 ||| Stepping ~*~*~tactically~*~*~ (outnumbered).
 16717 | D:4      | 16717 ||| Stepping ~*~*~tactically~*~*~ (outnumbered).
 16719 | D:4      | 16719 ||| Stepping ~*~*~tactically~*~*~ (outnumbered).
 16721 | D:4      | 16721 ||| Stepping ~*~*~tactically~*~*~ (outnumbered).
 16734 | D:4      | 16734 ||| Stepping ~*~*~tactically~*~*~ (outnumbered).
 16736 | D:4      | 16736 ||| Stepping ~*~*~tactically~*~*~ (outnumbered).
 16738 | D:4      | 16738 ||| Stepping ~*~*~tactically~*~*~ (outnumbered).
 16740 | D:4      | 16740 ||| Stepping ~*~*~tactically~*~*~ (outnumbered).
 16742 | D:4      | 16742 ||| Stepping ~*~*~tactically~*~*~ (outnumbered).
 16744 | D:4      | 16744 ||| Stepping ~*~*~tactically~*~*~ (outnumbered).
 16746 | D:4      | 16746 ||| FLEEEEING.
 16772 | D:4      | 16772 ||| Stepping ~*~*~tactically~*~*~ (outnumbered).
 16774 | D:4      | 16774 ||| Stepping ~*~*~tactically~*~*~ (outnumbered).
 16789 | D:4      | 16789 ||| Stepping ~*~*~tactically~*~*~ (outnumbered).
 16791 | D:4      | 16791 ||| Stepping ~*~*~tactically~*~*~ (outnumbered).
 16793 | D:4      | 16793 ||| Stepping ~*~*~tactically~*~*~ (outnumbered).
 16795 | D:4      | 16795 ||| Stepping ~*~*~tactically~*~*~ (outnumbered).
 16797 | D:4      | 16797 ||| Stepping ~*~*~tactically~*~*~ (outnumbered).
 16811 | D:4      | 16811 ||| Stepping ~*~*~tactically~*~*~ (outnumbered).
 16819 | D:4      | 16819 ||| Stepping ~*~*~tactically~*~*~ (outnumbered).
 16821 | D:4      | 16821 ||| Stepping ~*~*~tactically~*~*~ (outnumbered).
 16823 | D:4      | 16823 ||| Stepping ~*~*~tactically~*~*~ (outnumbered).
 16825 | D:4      | 16825 ||| Stepping ~*~*~tactically~*~*~ (outnumbered).
 16827 | D:4      | 16827 ||| Stepping ~*~*~tactically~*~*~ (outnumbered).
 16829 | D:4      | 16829 ||| Stepping ~*~*~tactically~*~*~ (outnumbered).
 16831 | D:4      | 16831 ||| Stepping ~*~*~tactically~*~*~ (outnumbered).
 16841 | D:4      | 16841 ||| Stepping ~*~*~tactically~*~*~ (outnumbered).
 16843 | D:4      | 16843 ||| Stepping ~*~*~tactically~*~*~ (outnumbered).
 16845 | D:4      | 16845 ||| Stepping ~*~*~tactically~*~*~ (outnumbered).
 16847 | D:4      | 16847 ||| Stepping ~*~*~tactically~*~*~ (outnumbered).
 16849 | D:4      | 16849 ||| Stepping ~*~*~tactically~*~*~ (outnumbered).
 16856 | D:4      | 16856 ||| Stepping ~*~*~tactically~*~*~ (outnumbered).
 16858 | D:4      | 16858 ||| Stepping ~*~*~tactically~*~*~ (outnumbered).
 16860 | D:4      | 16860 ||| Stepping ~*~*~tactically~*~*~ (outnumbered).
 16862 | D:4      | 16862 ||| Stepping ~*~*~tactically~*~*~ (outnumbered).
 16864 | D:4      | 16864 ||| Stepping ~*~*~tactically~*~*~ (outnumbered).
 16866 | D:4      | 16866 ||| Stepping ~*~*~tactically~*~*~ (outnumbered).
 16868 | D:4      | 16868 ||| Stepping ~*~*~tactically~*~*~ (outnumbered).
 16882 | D:4      | 16882 ||| Stepping ~*~*~tactically~*~*~ (outnumbered).
 16884 | D:4      | 16884 ||| Stepping ~*~*~tactically~*~*~ (outnumbered).
 16886 | D:4      | 16886 ||| Stepping ~*~*~tactically~*~*~ (outnumbered).
 16888 | D:4      | 16888 ||| Stepping ~*~*~tactically~*~*~ (outnumbered).
 16890 | D:4      | 16890 ||| Stepping ~*~*~tactically~*~*~ (outnumbered).
 16892 | D:4      | 16892 ||| Stepping ~*~*~tactically~*~*~ (outnumbered).
 16894 | D:4      | 16894 ||| Stepping ~*~*~tactically~*~*~ (outnumbered).
 16896 | D:4      | 16896 ||| Stepping ~*~*~tactically~*~*~ (outnumbered).
 16898 | D:4      | 16898 ||| Stepping ~*~*~tactically~*~*~ (outnumbered).
 16900 | D:4      | 16900 ||| Stepping ~*~*~tactically~*~*~ (outnumbered).
 16902 | D:4      | 16902 ||| Stepping ~*~*~tactically~*~*~ (outnumbered).
 16904 | D:4      | 16904 ||| Stepping ~*~*~tactically~*~*~ (outnumbered).
 16908 | D:4      | 16908 ||| Stepping ~*~*~tactically~*~*~ (outnumbered).
 16910 | D:4      | 16910 ||| Stepping ~*~*~tactically~*~*~ (outnumbered).
 16912 | D:4      | 16912 ||| Stepping ~*~*~tactically~*~*~ (outnumbered).
 16914 | D:4      | 16914 ||| Stepping ~*~*~tactically~*~*~ (outnumbered).
 16919 | D:4      | 16919 ||| Stepping ~*~*~tactically~*~*~ (outnumbered).
 16921 | D:4      | 16921 ||| Stepping ~*~*~tactically~*~*~ (outnumbered).
 16930 | D:4      | 16930 ||| Stepping ~*~*~tactically~*~*~ (outnumbered).
 16932 | D:4      | 16932 ||| Stepping ~*~*~tactically~*~*~ (outnumbered).
 16934 | D:4      | 16934 ||| Stepping ~*~*~tactically~*~*~ (outnumbered).
 16936 | D:4      | 16936 ||| FLEEEEING.
 16965 | D:4      | 16965 ||| Stepping ~*~*~tactically~*~*~ (outnumbered).
 16967 | D:4      | 16967 ||| Stepping ~*~*~tactically~*~*~ (outnumbered).
 16969 | D:4      | 16969 ||| Stepping ~*~*~tactically~*~*~ (outnumbered).
 16974 | D:4      | 16974 ||| Stepping ~*~*~tactically~*~*~ (outnumbered).
 16982 | D:4      | 16982 ||| Stepping ~*~*~tactically~*~*~ (outnumbered).
 16984 | D:4      | 16984 ||| Stepping ~*~*~tactically~*~*~ (outnumbered).
 16986 | D:4      | 16986 ||| Stepping ~*~*~tactically~*~*~ (outnumbered).
 16988 | D:4      | 16988 ||| Stepping ~*~*~tactically~*~*~ (outnumbered).
 16990 | D:4      | 16990 ||| Stepping ~*~*~tactically~*~*~ (outnumbered).
 16992 | D:4      | 16992 ||| Stepping ~*~*~tactically~*~*~ (outnumbered).
 16994 | D:4      | 16994 ||| Stepping ~*~*~tactically~*~*~ (outnumbered).
 16996 | D:4      | 16996 ||| Stepping ~*~*~tactically~*~*~ (outnumbered).
 16998 | D:4      | 16998 ||| Stepping ~*~*~tactically~*~*~ (outnumbered).
 17000 | D:4      | 17000 ||| Stepping ~*~*~tactically~*~*~ (outnumbered).
 17002 | D:4      | 17002 ||| Stepping ~*~*~tactically~*~*~ (outnumbered).
 17004 | D:4      | 17004 ||| Stepping ~*~*~tactically~*~*~ (outnumbered).
 17006 | D:4      | 17006 ||| Stepping ~*~*~tactically~*~*~ (outnumbered).
 17011 | D:4      | 17011 ||| Stepping ~*~*~tactically~*~*~ (outnumbered).
 17013 | D:4      | 17013 ||| Stepping ~*~*~tactically~*~*~ (outnumbered).
 17015 | D:4      | 17015 ||| Stepping ~*~*~tactically~*~*~ (outnumbered).
 17017 | D:4      | 17017 ||| Stepping ~*~*~tactically~*~*~ (outnumbered).
 17019 | D:4      | 17019 ||| Stepping ~*~*~tactically~*~*~ (outnumbered).
 17021 | D:4      | 17021 ||| Stepping ~*~*~tactically~*~*~ (outnumbered).
 17023 | D:4      | 17023 ||| Stepping ~*~*~tactically~*~*~ (outnumbered).
 17025 | D:4      | 17025 ||| Stepping ~*~*~tactically~*~*~ (outnumbered).
 17027 | D:4      | 17027 ||| Stepping ~*~*~tactically~*~*~ (outnumbered).
 17029 | D:4      | 17029 ||| Stepping ~*~*~tactically~*~*~ (outnumbered).
 17031 | D:4      | 17031 ||| Stepping ~*~*~tactically~*~*~ (outnumbered).
 17033 | D:4      | 17033 ||| Stepping ~*~*~tactically~*~*~ (outnumbered).
 17035 | D:4      | 17035 ||| Stepping ~*~*~tactically~*~*~ (outnumbered).
 17045 | D:4      | 17045 ||| Stepping ~*~*~tactically~*~*~ (outnumbered).
 17047 | D:4      | 17047 ||| Stepping ~*~*~tactically~*~*~ (outnumbered).
 17049 | D:4      | 17049 ||| Stepping ~*~*~tactically~*~*~ (outnumbered).
 17051 | D:4      | 17051 ||| Stepping ~*~*~tactically~*~*~ (outnumbered).
 17053 | D:4      | 17053 ||| Stepping ~*~*~tactically~*~*~ (outnumbered).
 17056 | D:4      | 17056 ||| Stepping ~*~*~tactically~*~*~ (outnumbered).
 17067 | D:4      | 17067 ||| Stepping ~*~*~tactically~*~*~ (outnumbered).
 17069 | D:4      | 17069 ||| Stepping ~*~*~tactically~*~*~ (outnumbered).
 17071 | D:4      | 17071 ||| Stepping ~*~*~tactically~*~*~ (outnumbered).
 17073 | D:4      | 17073 ||| Stepping ~*~*~tactically~*~*~ (outnumbered).
 17075 | D:4      | 17075 ||| Stepping ~*~*~tactically~*~*~ (outnumbered).
 17082 | D:4      | 17082 ||| Stepping ~*~*~tactically~*~*~ (outnumbered).
 17084 | D:4      | 17084 ||| Stepping ~*~*~tactically~*~*~ (outnumbered).
 17086 | D:4      | 17086 ||| Stepping ~*~*~tactically~*~*~ (outnumbered).
 17088 | D:4      | 17088 ||| Stepping ~*~*~tactically~*~*~ (outnumbered).
 17090 | D:4      | 17090 ||| Stepping ~*~*~tactically~*~*~ (outnumbered).
 17100 | D:4      | 17100 ||| Stepping ~*~*~tactically~*~*~ (outnumbered).
 17111 | D:4      | 17111 ||| Stepping ~*~*~tactically~*~*~ (outnumbered).
 17113 | D:4      | 17113 ||| Stepping ~*~*~tactically~*~*~ (outnumbered).
 17115 | D:4      | 17115 ||| Stepping ~*~*~tactically~*~*~ (outnumbered).
 17117 | D:4      | 17117 ||| Stepping ~*~*~tactically~*~*~ (outnumbered).
 17119 | D:4      | 17119 ||| Stepping ~*~*~tactically~*~*~ (outnumbered).
 17121 | D:4      | 17121 ||| Stepping ~*~*~tactically~*~*~ (outnumbered).
 17123 | D:4      | 17123 ||| Stepping ~*~*~tactically~*~*~ (outnumbered).
 17125 | D:4      | 17125 ||| Stepping ~*~*~tactically~*~*~ (outnumbered).
 17127 | D:4      | 17127 ||| Stepping ~*~*~tactically~*~*~ (outnumbered).
 17129 | D:4      | 17129 ||| Stepping ~*~*~tactically~*~*~ (outnumbered).
 17131 | D:4      | 17131 ||| Stepping ~*~*~tactically~*~*~ (outnumbered).
 17133 | D:4      | 17133 ||| Stepping ~*~*~tactically~*~*~ (outnumbered).
 17135 | D:4      | 17135 ||| Stepping ~*~*~tactically~*~*~ (outnumbered).
 17137 | D:4      | 17137 ||| Stepping ~*~*~tactically~*~*~ (outnumbered).
 17139 | D:4      | 17139 ||| Stepping ~*~*~tactically~*~*~ (outnumbered).
 17141 | D:4      | 17141 ||| Stepping ~*~*~tactically~*~*~ (outnumbered).
 17143 | D:4      | 17143 ||| Stepping ~*~*~tactically~*~*~ (outnumbered).
 17145 | D:4      | 17145 ||| Stepping ~*~*~tactically~*~*~ (outnumbered).
 17147 | D:4      | 17147 ||| Stepping ~*~*~tactically~*~*~ (outnumbered).
 17149 | D:4      | 17149 ||| Stepping ~*~*~tactically~*~*~ (outnumbered).
 17151 | D:4      | 17151 ||| Stepping ~*~*~tactically~*~*~ (outnumbered).
 17153 | D:4      | 17153 ||| Stepping ~*~*~tactically~*~*~ (outnumbered).
 17155 | D:4      | 17155 ||| Stepping ~*~*~tactically~*~*~ (outnumbered).
 17157 | D:4      | 17157 ||| Stepping ~*~*~tactically~*~*~ (outnumbered).
 17159 | D:4      | 17159 ||| Stepping ~*~*~tactically~*~*~ (outnumbered).
 17161 | D:4      | 17161 ||| Stepping ~*~*~tactically~*~*~ (outnumbered).
 17163 | D:4      | 17163 ||| Stepping ~*~*~tactically~*~*~ (outnumbered).
 17165 | D:4      | 17165 ||| Stepping ~*~*~tactically~*~*~ (outnumbered).
 17167 | D:4      | 17167 ||| Stepping ~*~*~tactically~*~*~ (outnumbered).
 17169 | D:4      | 17169 ||| Stepping ~*~*~tactically~*~*~ (outnumbered).
 17171 | D:4      | 17171 ||| Stepping ~*~*~tactically~*~*~ (outnumbered).
 17173 | D:4      | 17173 ||| Stepping ~*~*~tactically~*~*~ (outnumbered).
 17175 | D:4      | 17175 ||| Stepping ~*~*~tactically~*~*~ (outnumbered).
 17182 | D:4      | 17182 ||| Stepping ~*~*~tactically~*~*~ (outnumbered).
 17189 | D:4      | 17189 ||| Stepping ~*~*~tactically~*~*~ (outnumbered).
 17191 | D:4      | 17191 ||| Stepping ~*~*~tactically~*~*~ (outnumbered).
 17193 | D:4      | 17193 ||| Stepping ~*~*~tactically~*~*~ (outnumbered).
 17195 | D:4      | 17195 ||| Stepping ~*~*~tactically~*~*~ (outnumbered).
 17197 | D:4      | 17197 ||| Stepping ~*~*~tactically~*~*~ (outnumbered).
 17204 | D:4      | 17204 ||| Stepping ~*~*~tactically~*~*~ (outnumbered).
 17206 | D:4      | 17206 ||| Stepping ~*~*~tactically~*~*~ (outnumbered).
 17215 | D:4      | 17215 ||| Stepping ~*~*~tactically~*~*~ (outnumbered).
 17217 | D:4      | 17217 ||| Stepping ~*~*~tactically~*~*~ (outnumbered).
 17226 | D:4      | 17226 ||| Stepping ~*~*~tactically~*~*~ (outnumbered).
 17228 | D:4      | 17228 ||| Stepping ~*~*~tactically~*~*~ (outnumbered).
 17230 | D:4      | 17230 ||| Stepping ~*~*~tactically~*~*~ (outnumbered).
 17232 | D:4      | 17232 ||| Stepping ~*~*~tactically~*~*~ (outnumbered).
 17241 | D:4      | 17241 ||| Stepping ~*~*~tactically~*~*~ (outnumbered).
 17243 | D:4      | 17243 ||| Stepping ~*~*~tactically~*~*~ (outnumbered).
 17252 | D:4      | 17252 ||| Stepping ~*~*~tactically~*~*~ (outnumbered).
 17254 | D:4      | 17254 ||| Stepping ~*~*~tactically~*~*~ (outnumbered).
 17256 | D:4      | 17256 ||| Stepping ~*~*~tactically~*~*~ (outnumbered).
 17258 | D:4      | 17258 ||| Stepping ~*~*~tactically~*~*~ (outnumbered).
 17260 | D:4      | 17260 ||| Stepping ~*~*~tactically~*~*~ (outnumbered).
 17262 | D:4      | 17262 ||| Stepping ~*~*~tactically~*~*~ (outnumbered).
 17264 | D:4      | 17264 ||| Stepping ~*~*~tactically~*~*~ (outnumbered).
 17266 | D:4      | 17266 ||| Stepping ~*~*~tactically~*~*~ (outnumbered).
 17268 | D:4      | 17268 ||| Stepping ~*~*~tactically~*~*~ (outnumbered).
 17270 | D:4      | 17270 ||| Stepping ~*~*~tactically~*~*~ (outnumbered).
 17282 | D:4      | 17282 ||| Stepping ~*~*~tactically~*~*~ (outnumbered).
 17284 | D:4      | 17284 ||| Stepping ~*~*~tactically~*~*~ (outnumbered).
 17286 | D:4      | 17286 ||| Stepping ~*~*~tactically~*~*~ (outnumbered).
 17288 | D:4      | 17288 ||| Stepping ~*~*~tactically~*~*~ (outnumbered).
 17293 | D:4      | 17293 ||| Stepping ~*~*~tactically~*~*~ (outnumbered).
 17295 | D:4      | 17295 ||| Stepping ~*~*~tactically~*~*~ (outnumbered).
 17297 | D:4      | 17297 ||| Stepping ~*~*~tactically~*~*~ (outnumbered).
 17299 | D:4      | 17299 ||| Stepping ~*~*~tactically~*~*~ (outnumbered).
 17304 | D:4      | 17304 ||| Stepping ~*~*~tactically~*~*~ (outnumbered).
 17306 | D:4      | 17306 ||| FLEEEEING.
 17332 | D:4      | 17332 ||| Stepping ~*~*~tactically~*~*~ (outnumbered).
 17334 | D:4      | 17334 ||| Stepping ~*~*~tactically~*~*~ (outnumbered).
 17336 | D:4      | 17336 ||| Stepping ~*~*~tactically~*~*~ (outnumbered).
 17338 | D:4      | 17338 ||| Stepping ~*~*~tactically~*~*~ (outnumbered).
 17341 | D:4      | 17341 ||| Stepping ~*~*~tactically~*~*~ (outnumbered).
 17343 | D:4      | 17343 ||| Stepping ~*~*~tactically~*~*~ (outnumbered).
 17345 | D:4      | 17345 ||| Stepping ~*~*~tactically~*~*~ (outnumbered).
 17347 | D:4      | 17347 ||| Stepping ~*~*~tactically~*~*~ (outnumbered).
 17349 | D:4      | 17349 ||| Stepping ~*~*~tactically~*~*~ (outnumbered).
 17351 | D:4      | 17351 ||| Stepping ~*~*~tactically~*~*~ (outnumbered).
 17360 | D:4      | 17360 ||| Stepping ~*~*~tactically~*~*~ (outnumbered).
 17362 | D:4      | 17362 ||| Stepping ~*~*~tactically~*~*~ (outnumbered).
 17374 | D:4      | 17374 ||| Stepping ~*~*~tactically~*~*~ (outnumbered).
 17376 | D:4      | 17376 ||| Stepping ~*~*~tactically~*~*~ (outnumbered).
 17378 | D:4      | 17378 ||| FLEEEEING.
 17406 | D:4      | 17406 ||| Stepping ~*~*~tactically~*~*~ (outnumbered).
 17408 | D:4      | 17408 ||| Stepping ~*~*~tactically~*~*~ (outnumbered).
 17410 | D:4      | 17410 ||| Stepping ~*~*~tactically~*~*~ (outnumbered).
 17412 | D:4      | 17412 ||| Stepping ~*~*~tactically~*~*~ (outnumbered).
 17414 | D:4      | 17414 ||| Stepping ~*~*~tactically~*~*~ (outnumbered).
 17416 | D:4      | 17416 ||| Stepping ~*~*~tactically~*~*~ (outnumbered).
 17418 | D:4      | 17418 ||| Stepping ~*~*~tactically~*~*~ (outnumbered).
 17420 | D:4      | 17420 ||| Stepping ~*~*~tactically~*~*~ (outnumbered).
 17422 | D:4      | 17422 ||| Stepping ~*~*~tactically~*~*~ (outnumbered).
 17424 | D:4      | 17424 ||| Stepping ~*~*~tactically~*~*~ (outnumbered).
 17430 | D:4      | 17430 ||| Stepping ~*~*~tactically~*~*~ (outnumbered).
 17432 | D:4      | 17432 ||| Stepping ~*~*~tactically~*~*~ (outnumbered).
 17434 | D:4      | 17434 ||| Stepping ~*~*~tactically~*~*~ (outnumbered).
 17445 | D:4      | 17445 ||| Stepping ~*~*~tactically~*~*~ (outnumbered).
 17447 | D:4      | 17447 ||| Stepping ~*~*~tactically~*~*~ (outnumbered).
 17449 | D:4      | 17449 ||| Stepping ~*~*~tactically~*~*~ (outnumbered).
 17463 | D:4      | 17463 ||| Stepping ~*~*~tactically~*~*~ (outnumbered).
 17465 | D:4      | 17465 ||| Stepping ~*~*~tactically~*~*~ (outnumbered).
 17478 | D:4      | 17478 ||| Stepping ~*~*~tactically~*~*~ (outnumbered).
 17480 | D:4      | 17480 ||| Stepping ~*~*~tactically~*~*~ (outnumbered).
 17482 | D:4      | 17482 ||| Stepping ~*~*~tactically~*~*~ (outnumbered).
 17486 | D:4      | 17486 ||| Stepping ~*~*~tactically~*~*~ (outnumbered).
 17489 | D:4      | 17489 ||| Stepping ~*~*~tactically~*~*~ (outnumbered).
 17491 | D:4      | 17491 ||| Stepping ~*~*~tactically~*~*~ (outnumbered).
 17493 | D:4      | 17493 ||| Stepping ~*~*~tactically~*~*~ (outnumbered).
 17497 | D:4      | 17497 ||| Stepping ~*~*~tactically~*~*~ (outnumbered).
 17499 | D:4      | 17499 ||| Stepping ~*~*~tactically~*~*~ (outnumbered).
 17515 | D:4      | 17515 ||| Stepping ~*~*~tactically~*~*~ (outnumbered).
 17523 | D:4      | 17523 ||| Stepping ~*~*~tactically~*~*~ (outnumbered).
 17530 | D:4      | 17530 ||| Stepping ~*~*~tactically~*~*~ (outnumbered).
 17532 | D:4      | 17532 ||| Stepping ~*~*~tactically~*~*~ (outnumbered).
 17534 | D:4      | 17534 ||| Stepping ~*~*~tactically~*~*~ (outnumbered).
 17536 | D:4      | 17536 ||| Stepping ~*~*~tactically~*~*~ (outnumbered).
 17538 | D:4      | 17538 ||| Stepping ~*~*~tactically~*~*~ (outnumbered).
 17540 | D:4      | 17540 ||| Stepping ~*~*~tactically~*~*~ (outnumbered).
 17542 | D:4      | 17542 ||| Stepping ~*~*~tactically~*~*~ (outnumbered).
 17544 | D:4      | 17544 ||| Stepping ~*~*~tactically~*~*~ (outnumbered).
 17546 | D:4      | 17546 ||| Stepping ~*~*~tactically~*~*~ (outnumbered).
 17560 | D:4      | 17560 ||| Stepping ~*~*~tactically~*~*~ (outnumbered).
 17562 | D:4      | 17562 ||| Stepping ~*~*~tactically~*~*~ (outnumbered).
 17571 | D:4      | 17571 ||| Stepping ~*~*~tactically~*~*~ (outnumbered).
 17573 | D:4      | 17573 ||| Stepping ~*~*~tactically~*~*~ (outnumbered).
 17589 | D:4      | 17589 ||| Stepping ~*~*~tactically~*~*~ (outnumbered).
 17591 | D:4      | 17591 ||| Stepping ~*~*~tactically~*~*~ (outnumbered).
 17593 | D:4      | 17593 ||| Stepping ~*~*~tactically~*~*~ (outnumbered).
 17595 | D:4      | 17595 ||| Stepping ~*~*~tactically~*~*~ (outnumbered).
 17597 | D:4      | 17597 ||| Stepping ~*~*~tactically~*~*~ (outnumbered).
 17600 | D:4      | 17600 ||| Stepping ~*~*~tactically~*~*~ (outnumbered).
 17602 | D:4      | 17602 ||| Stepping ~*~*~tactically~*~*~ (outnumbered).
 17604 | D:4      | 17604 ||| Stepping ~*~*~tactically~*~*~ (outnumbered).
 17606 | D:4      | 17606 ||| Stepping ~*~*~tactically~*~*~ (outnumbered).
 17608 | D:4      | 17608 ||| Stepping ~*~*~tactically~*~*~ (outnumbered).
 17619 | D:4      | 17619 ||| Stepping ~*~*~tactically~*~*~ (outnumbered).
 17621 | D:4      | 17621 ||| Stepping ~*~*~tactically~*~*~ (outnumbered).
 17623 | D:4      | 17623 ||| Stepping ~*~*~tactically~*~*~ (outnumbered).
 17625 | D:4      | 17625 ||| Stepping ~*~*~tactically~*~*~ (outnumbered).
 17627 | D:4      | 17627 ||| Stepping ~*~*~tactically~*~*~ (outnumbered).
 17629 | D:4      | 17629 ||| Stepping ~*~*~tactically~*~*~ (outnumbered).
 17631 | D:4      | 17631 ||| Stepping ~*~*~tactically~*~*~ (outnumbered).
 17633 | D:4      | 17633 ||| Stepping ~*~*~tactically~*~*~ (outnumbered).
 17635 | D:4      | 17635 ||| Stepping ~*~*~tactically~*~*~ (outnumbered).
 17637 | D:4      | 17637 ||| Stepping ~*~*~tactically~*~*~ (outnumbered).
 17641 | D:4      | 17641 ||| Stepping ~*~*~tactically~*~*~ (outnumbered).
 17643 | D:4      | 17643 ||| Stepping ~*~*~tactically~*~*~ (outnumbered).
 17645 | D:4      | 17645 ||| Stepping ~*~*~tactically~*~*~ (outnumbered).
 17652 | D:4      | 17652 ||| Stepping ~*~*~tactically~*~*~ (outnumbered).
 17654 | D:4      | 17654 ||| Stepping ~*~*~tactically~*~*~ (outnumbered).
 17656 | D:4      | 17656 ||| Stepping ~*~*~tactically~*~*~ (outnumbered).
 17658 | D:4      | 17658 ||| Stepping ~*~*~tactically~*~*~ (outnumbered).
 17660 | D:4      | 17660 ||| Stepping ~*~*~tactically~*~*~ (outnumbered).
 17662 | D:4      | 17662 ||| Stepping ~*~*~tactically~*~*~ (outnumbered).
 17664 | D:4      | 17664 ||| Stepping ~*~*~tactically~*~*~ (outnumbered).
 17666 | D:4      | 17666 ||| Stepping ~*~*~tactically~*~*~ (outnumbered).
 17668 | D:4      | 17668 ||| Stepping ~*~*~tactically~*~*~ (outnumbered).
 17670 | D:4      | 17670 ||| Stepping ~*~*~tactically~*~*~ (outnumbered).
 17674 | D:4      | 17674 ||| Stepping ~*~*~tactically~*~*~ (outnumbered).
 17676 | D:4      | 17676 ||| Stepping ~*~*~tactically~*~*~ (outnumbered).
 17678 | D:4      | 17678 ||| Stepping ~*~*~tactically~*~*~ (outnumbered).
 17680 | D:4      | 17680 ||| Stepping ~*~*~tactically~*~*~ (outnumbered).
 17682 | D:4      | 17682 ||| Stepping ~*~*~tactically~*~*~ (outnumbered).
 17684 | D:4      | 17684 ||| Stepping ~*~*~tactically~*~*~ (outnumbered).
 17686 | D:4      | 17686 ||| Stepping ~*~*~tactically~*~*~ (outnumbered).
 17688 | D:4      | 17688 ||| Stepping ~*~*~tactically~*~*~ (outnumbered).
 17693 | D:4      | 17693 ||| Stepping ~*~*~tactically~*~*~ (outnumbered).
 17695 | D:4      | 17695 ||| Stepping ~*~*~tactically~*~*~ (outnumbered).
 17697 | D:4      | 17697 ||| Stepping ~*~*~tactically~*~*~ (outnumbered).
 17699 | D:4      | 17699 ||| Stepping ~*~*~tactically~*~*~ (outnumbered).
 17701 | D:4      | 17701 ||| Stepping ~*~*~tactically~*~*~ (outnumbered).
 17703 | D:4      | 17703 ||| Stepping ~*~*~tactically~*~*~ (outnumbered).
 17705 | D:4      | 17705 ||| Stepping ~*~*~tactically~*~*~ (outnumbered).
 17707 | D:4      | 17707 ||| Stepping ~*~*~tactically~*~*~ (outnumbered).
 17709 | D:4      | 17709 ||| Stepping ~*~*~tactically~*~*~ (outnumbered).
 17711 | D:4      | 17711 ||| Stepping ~*~*~tactically~*~*~ (outnumbered).
 17723 | D:4      | 17723 ||| Stepping ~*~*~tactically~*~*~ (outnumbered).
 17725 | D:4      | 17725 ||| Stepping ~*~*~tactically~*~*~ (outnumbered).
 17727 | D:4      | 17727 ||| Stepping ~*~*~tactically~*~*~ (outnumbered).
 17729 | D:4      | 17729 ||| Stepping ~*~*~tactically~*~*~ (outnumbered).
 17734 | D:4      | 17734 ||| Stepping ~*~*~tactically~*~*~ (outnumbered).
 17736 | D:4      | 17736 ||| Stepping ~*~*~tactically~*~*~ (outnumbered).
 17738 | D:4      | 17738 ||| Stepping ~*~*~tactically~*~*~ (outnumbered).
 17740 | D:4      | 17740 ||| Stepping ~*~*~tactically~*~*~ (outnumbered).
 17742 | D:4      | 17742 ||| Stepping ~*~*~tactically~*~*~ (outnumbered).
 17744 | D:4      | 17744 ||| Stepping ~*~*~tactically~*~*~ (outnumbered).
 17746 | D:4      | 17746 ||| Stepping ~*~*~tactically~*~*~ (outnumbered).
 17760 | D:4      | 17760 ||| Stepping ~*~*~tactically~*~*~ (outnumbered).
 17767 | D:4      | 17767 ||| Stepping ~*~*~tactically~*~*~ (outnumbered).
 17769 | D:4      | 17769 ||| Stepping ~*~*~tactically~*~*~ (outnumbered).
 17771 | D:4      | 17771 ||| Stepping ~*~*~tactically~*~*~ (outnumbered).
 17778 | D:4      | 17778 ||| Stepping ~*~*~tactically~*~*~ (outnumbered).
 17780 | D:4      | 17780 ||| Stepping ~*~*~tactically~*~*~ (outnumbered).
 17782 | D:4      | 17782 ||| Stepping ~*~*~tactically~*~*~ (outnumbered).
 17784 | D:4      | 17784 ||| Stepping ~*~*~tactically~*~*~ (outnumbered).
 17786 | D:4      | 17786 ||| Stepping ~*~*~tactically~*~*~ (outnumbered).
 17788 | D:4      | 17788 ||| Stepping ~*~*~tactically~*~*~ (outnumbered).
 17790 | D:4      | 17790 ||| Stepping ~*~*~tactically~*~*~ (outnumbered).
 17792 | D:4      | 17792 ||| Stepping ~*~*~tactically~*~*~ (outnumbered).
 17794 | D:4      | 17794 ||| Stepping ~*~*~tactically~*~*~ (outnumbered).
 17796 | D:4      | 17796 ||| Stepping ~*~*~tactically~*~*~ (outnumbered).
 17798 | D:4      | 17798 ||| Stepping ~*~*~tactically~*~*~ (outnumbered).
 17800 | D:4      | 17800 ||| Stepping ~*~*~tactically~*~*~ (outnumbered).
 17802 | D:4      | 17802 ||| Stepping ~*~*~tactically~*~*~ (outnumbered).
 17804 | D:4      | 17804 ||| Stepping ~*~*~tactically~*~*~ (outnumbered).
 17806 | D:4      | 17806 ||| Stepping ~*~*~tactically~*~*~ (outnumbered).
 17819 | D:4      | 17819 ||| Stepping ~*~*~tactically~*~*~ (outnumbered).
 17821 | D:4      | 17821 ||| Stepping ~*~*~tactically~*~*~ (outnumbered).
 17823 | D:4      | 17823 ||| Stepping ~*~*~tactically~*~*~ (outnumbered).
 17825 | D:4      | 17825 ||| Stepping ~*~*~tactically~*~*~ (outnumbered).
 17827 | D:4      | 17827 ||| Stepping ~*~*~tactically~*~*~ (outnumbered).
 17829 | D:4      | 17829 ||| Stepping ~*~*~tactically~*~*~ (outnumbered).
 17834 | D:4      | 17834 ||| Stepping ~*~*~tactically~*~*~ (outnumbered).
 17836 | D:4      | 17836 ||| Stepping ~*~*~tactically~*~*~ (outnumbered).
 17838 | D:4      | 17838 ||| Stepping ~*~*~tactically~*~*~ (outnumbered).
 17840 | D:4      | 17840 ||| Stepping ~*~*~tactically~*~*~ (outnumbered).
 17842 | D:4      | 17842 ||| Stepping ~*~*~tactically~*~*~ (outnumbered).
 17844 | D:4      | 17844 ||| Stepping ~*~*~tactically~*~*~ (outnumbered).
 17846 | D:4      | 17846 ||| Stepping ~*~*~tactically~*~*~ (outnumbered).
 17860 | D:4      | 17860 ||| Stepping ~*~*~tactically~*~*~ (outnumbered).
 17862 | D:4      | 17862 ||| Stepping ~*~*~tactically~*~*~ (outnumbered).
 17864 | D:4      | 17864 ||| Stepping ~*~*~tactically~*~*~ (outnumbered).
 17866 | D:4      | 17866 ||| Stepping ~*~*~tactically~*~*~ (outnumbered).
 17868 | D:4      | 17868 ||| Stepping ~*~*~tactically~*~*~ (outnumbered).
 17870 | D:4      | 17870 ||| Stepping ~*~*~tactically~*~*~ (outnumbered).
 17878 | D:4      | 17878 ||| Stepping ~*~*~tactically~*~*~ (outnumbered).
 17880 | D:4      | 17880 ||| Stepping ~*~*~tactically~*~*~ (outnumbered).
 17886 | D:4      | 17886 ||| Stepping ~*~*~tactically~*~*~ (outnumbered).
 17888 | D:4      | 17888 ||| Stepping ~*~*~tactically~*~*~ (outnumbered).
 17890 | D:4      | 17890 ||| Stepping ~*~*~tactically~*~*~ (outnumbered).
 17892 | D:4      | 17892 ||| Stepping ~*~*~tactically~*~*~ (outnumbered).
 17894 | D:4      | 17894 ||| Stepping ~*~*~tactically~*~*~ (outnumbered).
 17896 | D:4      | 17896 ||| FLEEEEING.
 17924 | D:4      | 17924 ||| Stepping ~*~*~tactically~*~*~ (outnumbered).
 17930 | D:4      | 17930 ||| Stepping ~*~*~tactically~*~*~ (outnumbered).
 17932 | D:4      | 17932 ||| Stepping ~*~*~tactically~*~*~ (outnumbered).
 17934 | D:4      | 17934 ||| Stepping ~*~*~tactically~*~*~ (outnumbered).
 17941 | D:4      | 17941 ||| Stepping ~*~*~tactically~*~*~ (outnumbered).
 17943 | D:4      | 17943 ||| FLEEEEING.
 17969 | D:4      | 17969 ||| Stepping ~*~*~tactically~*~*~ (outnumbered).
 17971 | D:4      | 17971 ||| Stepping ~*~*~tactically~*~*~ (outnumbered).
 17973 | D:4      | 17973 ||| Stepping ~*~*~tactically~*~*~ (outnumbered).
 17975 | D:4      | 17975 ||| Stepping ~*~*~tactically~*~*~ (outnumbered).
 17977 | D:4      | 17977 ||| Stepping ~*~*~tactically~*~*~ (outnumbered).
 17979 | D:4      | 17979 ||| Stepping ~*~*~tactically~*~*~ (outnumbered).
 17981 | D:4      | 17981 ||| Stepping ~*~*~tactically~*~*~ (outnumbered).
 17993 | D:4      | 17993 ||| Stepping ~*~*~tactically~*~*~ (outnumbered).
 17995 | D:4      | 17995 ||| Stepping ~*~*~tactically~*~*~ (outnumbered).
 17997 | D:4      | 17997 ||| Stepping ~*~*~tactically~*~*~ (outnumbered).
 17999 | D:4      | 17999 ||| FLEEEEING.
 18028 | D:4      | 18028 ||| Stepping ~*~*~tactically~*~*~ (outnumbered).
 18037 | D:4      | 18037 ||| FLEEEEING.
 18065 | D:4      | 18065 ||| FLEEEEING.
 18091 | D:4      | 18091 ||| Stepping ~*~*~tactically~*~*~ (outnumbered).
 18093 | D:4      | 18093 ||| Stepping ~*~*~tactically~*~*~ (outnumbered).
 18095 | D:4      | 18095 ||| Stepping ~*~*~tactically~*~*~ (outnumbered).
 18097 | D:4      | 18097 ||| Stepping ~*~*~tactically~*~*~ (outnumbered).
 18099 | D:4      | 18099 ||| Stepping ~*~*~tactically~*~*~ (outnumbered).
 18101 | D:4      | 18101 ||| Stepping ~*~*~tactically~*~*~ (outnumbered).
 18103 | D:4      | 18103 ||| Stepping ~*~*~tactically~*~*~ (outnumbered).
 18108 | D:4      | 18108 ||| Stepping ~*~*~tactically~*~*~ (outnumbered).
 18110 | D:4      | 18110 ||| Stepping ~*~*~tactically~*~*~ (outnumbered).
 18115 | D:4      | 18115 ||| Stepping ~*~*~tactically~*~*~ (outnumbered).
 18117 | D:4      | 18117 ||| Stepping ~*~*~tactically~*~*~ (outnumbered).
 18119 | D:4      | 18119 ||| Stepping ~*~*~tactically~*~*~ (outnumbered).
 18121 | D:4      | 18121 ||| FLEEEEING.
 18146 | D:4      | 18146 ||| Stepping ~*~*~tactically~*~*~ (outnumbered).
 18160 | D:4      | 18160 ||| Stepping ~*~*~tactically~*~*~ (outnumbered).
 18162 | D:4      | 18162 ||| Stepping ~*~*~tactically~*~*~ (outnumbered).
 18167 | D:4      | 18167 ||| Stepping ~*~*~tactically~*~*~ (outnumbered).
 18169 | D:4      | 18169 ||| Stepping ~*~*~tactically~*~*~ (outnumbered).
 18171 | D:4      | 18171 ||| Stepping ~*~*~tactically~*~*~ (outnumbered).
 18173 | D:4      | 18173 ||| Stepping ~*~*~tactically~*~*~ (outnumbered).
 18175 | D:4      | 18175 ||| Stepping ~*~*~tactically~*~*~ (outnumbered).
 18177 | D:4      | 18177 ||| Stepping ~*~*~tactically~*~*~ (outnumbered).
 18179 | D:4      | 18179 ||| Stepping ~*~*~tactically~*~*~ (outnumbered).
 18181 | D:4      | 18181 ||| Stepping ~*~*~tactically~*~*~ (outnumbered).
 18183 | D:4      | 18183 ||| Stepping ~*~*~tactically~*~*~ (outnumbered).
 18185 | D:4      | 18185 ||| Stepping ~*~*~tactically~*~*~ (outnumbered).
 18197 | D:4      | 18197 ||| Stepping ~*~*~tactically~*~*~ (outnumbered).
 18208 | D:4      | 18208 ||| Stepping ~*~*~tactically~*~*~ (outnumbered).
 18210 | D:4      | 18210 ||| Stepping ~*~*~tactically~*~*~ (outnumbered).
 18212 | D:4      | 18212 ||| Stepping ~*~*~tactically~*~*~ (outnumbered).
 18214 | D:4      | 18214 ||| Stepping ~*~*~tactically~*~*~ (outnumbered).
 18216 | D:4      | 18216 ||| Stepping ~*~*~tactically~*~*~ (outnumbered).
 18223 | D:4      | 18223 ||| Stepping ~*~*~tactically~*~*~ (outnumbered).
 18225 | D:4      | 18225 ||| Stepping ~*~*~tactically~*~*~ (outnumbered).
 18227 | D:4      | 18227 ||| Stepping ~*~*~tactically~*~*~ (outnumbered).
 18229 | D:4      | 18229 ||| Stepping ~*~*~tactically~*~*~ (outnumbered).
 18231 | D:4      | 18231 ||| Stepping ~*~*~tactically~*~*~ (outnumbered).
 18233 | D:4      | 18233 ||| Stepping ~*~*~tactically~*~*~ (outnumbered).
 18235 | D:4      | 18235 ||| Stepping ~*~*~tactically~*~*~ (outnumbered).
 18237 | D:4      | 18237 ||| Stepping ~*~*~tactically~*~*~ (outnumbered).
 18249 | D:4      | 18249 ||| Stepping ~*~*~tactically~*~*~ (outnumbered).
 18251 | D:4      | 18251 ||| Stepping ~*~*~tactically~*~*~ (outnumbered).
 18256 | D:4      | 18256 ||| Stepping ~*~*~tactically~*~*~ (outnumbered).
 18258 | D:4      | 18258 ||| Stepping ~*~*~tactically~*~*~ (outnumbered).
 18267 | D:4      | 18267 ||| Stepping ~*~*~tactically~*~*~ (outnumbered).
 18269 | D:4      | 18269 ||| Stepping ~*~*~tactically~*~*~ (outnumbered).
 18271 | D:4      | 18271 ||| Stepping ~*~*~tactically~*~*~ (outnumbered).
 18273 | D:4      | 18273 ||| Stepping ~*~*~tactically~*~*~ (outnumbered).
 18275 | D:4      | 18275 ||| Stepping ~*~*~tactically~*~*~ (outnumbered).
 18277 | D:4      | 18277 ||| Stepping ~*~*~tactically~*~*~ (outnumbered).
 18279 | D:4      | 18279 ||| Stepping ~*~*~tactically~*~*~ (outnumbered).
 18286 | D:4      | 18286 ||| Stepping ~*~*~tactically~*~*~ (outnumbered).
 18288 | D:4      | 18288 ||| Stepping ~*~*~tactically~*~*~ (outnumbered).
 18293 | D:4      | 18293 ||| Stepping ~*~*~tactically~*~*~ (outnumbered).
 18304 | D:4      | 18304 ||| Stepping ~*~*~tactically~*~*~ (outnumbered).
 18306 | D:4      | 18306 ||| Stepping ~*~*~tactically~*~*~ (outnumbered).
 18308 | D:4      | 18308 ||| Stepping ~*~*~tactically~*~*~ (outnumbered).
 18310 | D:4      | 18310 ||| Stepping ~*~*~tactically~*~*~ (outnumbered).
 18312 | D:4      | 18312 ||| Stepping ~*~*~tactically~*~*~ (outnumbered).
 18319 | D:4      | 18319 ||| Stepping ~*~*~tactically~*~*~ (outnumbered).
 18321 | D:4      | 18321 ||| Stepping ~*~*~tactically~*~*~ (outnumbered).
 18323 | D:4      | 18323 ||| Stepping ~*~*~tactically~*~*~ (outnumbered).
 18325 | D:4      | 18325 ||| Stepping ~*~*~tactically~*~*~ (outnumbered).
 18327 | D:4      | 18327 ||| Stepping ~*~*~tactically~*~*~ (outnumbered).
 18329 | D:4      | 18329 ||| Stepping ~*~*~tactically~*~*~ (outnumbered).
 18331 | D:4      | 18331 ||| Stepping ~*~*~tactically~*~*~ (outnumbered).
 18333 | D:4      | 18333 ||| Stepping ~*~*~tactically~*~*~ (outnumbered).
 18335 | D:4      | 18335 ||| Stepping ~*~*~tactically~*~*~ (outnumbered).
 18345 | D:4      | 18345 ||| Stepping ~*~*~tactically~*~*~ (outnumbered).
 18347 | D:4      | 18347 ||| Stepping ~*~*~tactically~*~*~ (outnumbered).
 18349 | D:4      | 18349 ||| Stepping ~*~*~tactically~*~*~ (outnumbered).
 18356 | D:4      | 18356 ||| Stepping ~*~*~tactically~*~*~ (outnumbered).
 18358 | D:4      | 18358 ||| FLEEEEING.
 18383 | D:4      | 18383 ||| Stepping ~*~*~tactically~*~*~ (outnumbered).
 18385 | D:4      | 18385 ||| Stepping ~*~*~tactically~*~*~ (outnumbered).
 18393 | D:4      | 18393 ||| Stepping ~*~*~tactically~*~*~ (outnumbered).
 18395 | D:4      | 18395 ||| Stepping ~*~*~tactically~*~*~ (outnumbered).
 18397 | D:4      | 18397 ||| Stepping ~*~*~tactically~*~*~ (outnumbered).
 18399 | D:4      | 18399 ||| Stepping ~*~*~tactically~*~*~ (outnumbered).
 18401 | D:4      | 18401 ||| Stepping ~*~*~tactically~*~*~ (outnumbered).
 18403 | D:4      | 18403 ||| Stepping ~*~*~tactically~*~*~ (outnumbered).
 18405 | D:4      | 18405 ||| Stepping ~*~*~tactically~*~*~ (outnumbered).
 18407 | D:4      | 18407 ||| Stepping ~*~*~tactically~*~*~ (outnumbered).
 18409 | D:4      | 18409 ||| Stepping ~*~*~tactically~*~*~ (outnumbered).
 18411 | D:4      | 18411 ||| Stepping ~*~*~tactically~*~*~ (outnumbered).
 18426 | D:4      | 18426 ||| Stepping ~*~*~tactically~*~*~ (outnumbered).
 18428 | D:4      | 18428 ||| Stepping ~*~*~tactically~*~*~ (outnumbered).
 18430 | D:4      | 18430 ||| Stepping ~*~*~tactically~*~*~ (outnumbered).
 18432 | D:4      | 18432 ||| Stepping ~*~*~tactically~*~*~ (outnumbered).
 18434 | D:4      | 18434 ||| Stepping ~*~*~tactically~*~*~ (outnumbered).
 18437 | D:4      | 18437 ||| FLEEEEING.
 18465 | D:4      | 18465 ||| Stepping ~*~*~tactically~*~*~ (outnumbered).
 18467 | D:4      | 18467 ||| Stepping ~*~*~tactically~*~*~ (outnumbered).
 18469 | D:4      | 18469 ||| Stepping ~*~*~tactically~*~*~ (outnumbered).
 18471 | D:4      | 18471 ||| Stepping ~*~*~tactically~*~*~ (outnumbered).
 18473 | D:4      | 18473 ||| Stepping ~*~*~tactically~*~*~ (outnumbered).
 18475 | D:4      | 18475 ||| Stepping ~*~*~tactically~*~*~ (outnumbered).
 18477 | D:4      | 18477 ||| FLEEEEING.
 18506 | D:4      | 18506 ||| Stepping ~*~*~tactically~*~*~ (outnumbered).
 18508 | D:4      | 18508 ||| Stepping ~*~*~tactically~*~*~ (outnumbered).
 18510 | D:4      | 18510 ||| Stepping ~*~*~tactically~*~*~ (outnumbered).
 18512 | D:4      | 18512 ||| Stepping ~*~*~tactically~*~*~ (outnumbered).
 18514 | D:4      | 18514 ||| Stepping ~*~*~tactically~*~*~ (outnumbered).
 18516 | D:4      | 18516 ||| Stepping ~*~*~tactically~*~*~ (outnumbered).
 18526 | D:4      | 18526 ||| Stepping ~*~*~tactically~*~*~ (outnumbered).
 18537 | D:4      | 18537 ||| Stepping ~*~*~tactically~*~*~ (outnumbered).
 18549 | D:4      | 18549 ||| Stepping ~*~*~tactically~*~*~ (outnumbered).
 18560 | D:4      | 18560 ||| Stepping ~*~*~tactically~*~*~ (outnumbered).
 18562 | D:4      | 18562 ||| Stepping ~*~*~tactically~*~*~ (outnumbered).
 18564 | D:4      | 18564 ||| FLEEEEING.
 18591 | D:4      | 18591 ||| Stepping ~*~*~tactically~*~*~ (outnumbered).
 18593 | D:4      | 18593 ||| Stepping ~*~*~tactically~*~*~ (outnumbered).
 18595 | D:4      | 18595 ||| Stepping ~*~*~tactically~*~*~ (outnumbered).
 18597 | D:4      | 18597 ||| Stepping ~*~*~tactically~*~*~ (outnumbered).
 18599 | D:4      | 18599 ||| Stepping ~*~*~tactically~*~*~ (outnumbered).
 18601 | D:4      | 18601 ||| Stepping ~*~*~tactically~*~*~ (outnumbered).
 18603 | D:4      | 18603 ||| Stepping ~*~*~tactically~*~*~ (outnumbered).
 18605 | D:4      | 18605 ||| Stepping ~*~*~tactically~*~*~ (outnumbered).
 18608 | D:4      | 18608 ||| Stepping ~*~*~tactically~*~*~ (outnumbered).
 18619 | D:4      | 18619 ||| Stepping ~*~*~tactically~*~*~ (outnumbered).
 18626 | D:4      | 18626 ||| Stepping ~*~*~tactically~*~*~ (outnumbered).
 18630 | D:4      | 18630 ||| Stepping ~*~*~tactically~*~*~ (outnumbered).
 18632 | D:4      | 18632 ||| Stepping ~*~*~tactically~*~*~ (outnumbered).
 18634 | D:4      | 18634 ||| Stepping ~*~*~tactically~*~*~ (outnumbered).
 18636 | D:4      | 18636 ||| Stepping ~*~*~tactically~*~*~ (outnumbered).
 18638 | D:4      | 18638 ||| Stepping ~*~*~tactically~*~*~ (outnumbered).
 18640 | D:4      | 18640 ||| Stepping ~*~*~tactically~*~*~ (outnumbered).
 18642 | D:4      | 18642 ||| Stepping ~*~*~tactically~*~*~ (outnumbered).
 18644 | D:4      | 18644 ||| Stepping ~*~*~tactically~*~*~ (outnumbered).
 18652 | D:4      | 18652 ||| Stepping ~*~*~tactically~*~*~ (outnumbered).
 18660 | D:4      | 18660 ||| Stepping ~*~*~tactically~*~*~ (outnumbered).
 18662 | D:4      | 18662 ||| Stepping ~*~*~tactically~*~*~ (outnumbered).
 18664 | D:4      | 18664 ||| Stepping ~*~*~tactically~*~*~ (outnumbered).
 18666 | D:4      | 18666 ||| Stepping ~*~*~tactically~*~*~ (outnumbered).
 18668 | D:4      | 18668 ||| Stepping ~*~*~tactically~*~*~ (outnumbered).
 18670 | D:4      | 18670 ||| Stepping ~*~*~tactically~*~*~ (outnumbered).
 18672 | D:4      | 18672 ||| Stepping ~*~*~tactically~*~*~ (outnumbered).
 18674 | D:4      | 18674 ||| Stepping ~*~*~tactically~*~*~ (outnumbered).
 18676 | D:4      | 18676 ||| Stepping ~*~*~tactically~*~*~ (outnumbered).
 18678 | D:4      | 18678 ||| Stepping ~*~*~tactically~*~*~ (outnumbered).
 18680 | D:4      | 18680 ||| Stepping ~*~*~tactically~*~*~ (outnumbered).
 18682 | D:4      | 18682 ||| Stepping ~*~*~tactically~*~*~ (outnumbered).
 18684 | D:4      | 18684 ||| Stepping ~*~*~tactically~*~*~ (outnumbered).
 18686 | D:4      | 18686 ||| Stepping ~*~*~tactically~*~*~ (outnumbered).
 18688 | D:4      | 18688 ||| Stepping ~*~*~tactically~*~*~ (outnumbered).
 18697 | D:4      | 18697 ||| Stepping ~*~*~tactically~*~*~ (outnumbered).
 18699 | D:4      | 18699 ||| Stepping ~*~*~tactically~*~*~ (outnumbered).
 18701 | D:4      | 18701 ||| Stepping ~*~*~tactically~*~*~ (outnumbered).
 18703 | D:4      | 18703 ||| Stepping ~*~*~tactically~*~*~ (outnumbered).
 18705 | D:4      | 18705 ||| Stepping ~*~*~tactically~*~*~ (outnumbered).
 18707 | D:4      | 18707 ||| Stepping ~*~*~tactically~*~*~ (outnumbered).
 18709 | D:4      | 18709 ||| Stepping ~*~*~tactically~*~*~ (outnumbered).
 18711 | D:4      | 18711 ||| Stepping ~*~*~tactically~*~*~ (outnumbered).
 18726 | D:4      | 18726 ||| Stepping ~*~*~tactically~*~*~ (outnumbered).
 18734 | D:4      | 18734 ||| Stepping ~*~*~tactically~*~*~ (outnumbered).
 18736 | D:4      | 18736 ||| Stepping ~*~*~tactically~*~*~ (outnumbered).
 18738 | D:4      | 18738 ||| Stepping ~*~*~tactically~*~*~ (outnumbered).
 18740 | D:4      | 18740 ||| Stepping ~*~*~tactically~*~*~ (outnumbered).
 18742 | D:4      | 18742 ||| Stepping ~*~*~tactically~*~*~ (outnumbered).
 18744 | D:4      | 18744 ||| Stepping ~*~*~tactically~*~*~ (outnumbered).
 18746 | D:4      | 18746 ||| Stepping ~*~*~tactically~*~*~ (outnumbered).
 18748 | D:4      | 18748 ||| Stepping ~*~*~tactically~*~*~ (outnumbered).
 18750 | D:4      | 18750 ||| Stepping ~*~*~tactically~*~*~ (outnumbered).
 18752 | D:4      | 18752 ||| Stepping ~*~*~tactically~*~*~ (outnumbered).
 18754 | D:4      | 18754 ||| Stepping ~*~*~tactically~*~*~ (outnumbered).
 18760 | D:4      | 18760 ||| Stepping ~*~*~tactically~*~*~ (outnumbered).
 18762 | D:4      | 18762 ||| Stepping ~*~*~tactically~*~*~ (outnumbered).
 18771 | D:4      | 18771 ||| Stepping ~*~*~tactically~*~*~ (outnumbered).
 18773 | D:4      | 18773 ||| Stepping ~*~*~tactically~*~*~ (outnumbered).
 18782 | D:4      | 18782 ||| Stepping ~*~*~tactically~*~*~ (outnumbered).
 18784 | D:4      | 18784 ||| Stepping ~*~*~tactically~*~*~ (outnumbered).
 18786 | D:4      | 18786 ||| Stepping ~*~*~tactically~*~*~ (outnumbered).
 18788 | D:4      | 18788 ||| Stepping ~*~*~tactically~*~*~ (outnumbered).
 18790 | D:4      | 18790 ||| Stepping ~*~*~tactically~*~*~ (outnumbered).
 18792 | D:4      | 18792 ||| Stepping ~*~*~tactically~*~*~ (outnumbered).
 18794 | D:4      | 18794 ||| Stepping ~*~*~tactically~*~*~ (outnumbered).
 18796 | D:4      | 18796 ||| Stepping ~*~*~tactically~*~*~ (outnumbered).
 18798 | D:4      | 18798 ||| Stepping ~*~*~tactically~*~*~ (outnumbered).
 18800 | D:4      | 18800 ||| Stepping ~*~*~tactically~*~*~ (outnumbered).
 18802 | D:4      | 18802 ||| Stepping ~*~*~tactically~*~*~ (outnumbered).
 18804 | D:4      | 18804 ||| Stepping ~*~*~tactically~*~*~ (outnumbered).
 18806 | D:4      | 18806 ||| Stepping ~*~*~tactically~*~*~ (outnumbered).
 18815 | D:4      | 18815 ||| Stepping ~*~*~tactically~*~*~ (outnumbered).
 18817 | D:4      | 18817 ||| Stepping ~*~*~tactically~*~*~ (outnumbered).
 18819 | D:4      | 18819 ||| Stepping ~*~*~tactically~*~*~ (outnumbered).
 18821 | D:4      | 18821 ||| Stepping ~*~*~tactically~*~*~ (outnumbered).
 18823 | D:4      | 18823 ||| Stepping ~*~*~tactically~*~*~ (outnumbered).
 18825 | D:4      | 18825 ||| Stepping ~*~*~tactically~*~*~ (outnumbered).
 18827 | D:4      | 18827 ||| Stepping ~*~*~tactically~*~*~ (outnumbered).
 18829 | D:4      | 18829 ||| Stepping ~*~*~tactically~*~*~ (outnumbered).
 18831 | D:4      | 18831 ||| Stepping ~*~*~tactically~*~*~ (outnumbered).
 18837 | D:4      | 18837 ||| Stepping ~*~*~tactically~*~*~ (outnumbered).
 18839 | D:4      | 18839 ||| Stepping ~*~*~tactically~*~*~ (outnumbered).
 18841 | D:4      | 18841 ||| Stepping ~*~*~tactically~*~*~ (outnumbered).
 18843 | D:4      | 18843 ||| Stepping ~*~*~tactically~*~*~ (outnumbered).
 18845 | D:4      | 18845 ||| Stepping ~*~*~tactically~*~*~ (outnumbered).
 18847 | D:4      | 18847 ||| Stepping ~*~*~tactically~*~*~ (outnumbered).
 18849 | D:4      | 18849 ||| Stepping ~*~*~tactically~*~*~ (outnumbered).
 18851 | D:4      | 18851 ||| Stepping ~*~*~tactically~*~*~ (outnumbered).
 18853 | D:4      | 18853 ||| Stepping ~*~*~tactically~*~*~ (outnumbered).
 18855 | D:4      | 18855 ||| Stepping ~*~*~tactically~*~*~ (outnumbered).
 18857 | D:4      | 18857 ||| FLEEEEING.
 18883 | D:4      | 18883 ||| Stepping ~*~*~tactically~*~*~ (outnumbered).
 18885 | D:4      | 18885 ||| Stepping ~*~*~tactically~*~*~ (outnumbered).
 18887 | D:4      | 18887 ||| Stepping ~*~*~tactically~*~*~ (outnumbered).
 18889 | D:4      | 18889 ||| Stepping ~*~*~tactically~*~*~ (outnumbered).
 18893 | D:4      | 18893 ||| Stepping ~*~*~tactically~*~*~ (outnumbered).
 18895 | D:4      | 18895 ||| Stepping ~*~*~tactically~*~*~ (outnumbered).
 18897 | D:4      | 18897 ||| Stepping ~*~*~tactically~*~*~ (outnumbered).
 18900 | D:4      | 18900 ||| Stepping ~*~*~tactically~*~*~ (outnumbered).
 18902 | D:4      | 18902 ||| Stepping ~*~*~tactically~*~*~ (outnumbered).
 18904 | D:4      | 18904 ||| Stepping ~*~*~tactically~*~*~ (outnumbered).
 18906 | D:4      | 18906 ||| Stepping ~*~*~tactically~*~*~ (outnumbered).
 18908 | D:4      | 18908 ||| Stepping ~*~*~tactically~*~*~ (outnumbered).
 18910 | D:4      | 18910 ||| Stepping ~*~*~tactically~*~*~ (outnumbered).
 18912 | D:4      | 18912 ||| Stepping ~*~*~tactically~*~*~ (outnumbered).
 18914 | D:4      | 18914 ||| Stepping ~*~*~tactically~*~*~ (outnumbered).
 18916 | D:4      | 18916 ||| Stepping ~*~*~tactically~*~*~ (outnumbered).
 18918 | D:4      | 18918 ||| Stepping ~*~*~tactically~*~*~ (outnumbered).
 18920 | D:4      | 18920 ||| Stepping ~*~*~tactically~*~*~ (outnumbered).
 18922 | D:4      | 18922 ||| Stepping ~*~*~tactically~*~*~ (outnumbered).
 18924 | D:4      | 18924 ||| Stepping ~*~*~tactically~*~*~ (outnumbered).
 18926 | D:4      | 18926 ||| Stepping ~*~*~tactically~*~*~ (outnumbered).
 18928 | D:4      | 18928 ||| Stepping ~*~*~tactically~*~*~ (outnumbered).
 18930 | D:4      | 18930 ||| Stepping ~*~*~tactically~*~*~ (outnumbered).
 18932 | D:4      | 18932 ||| Stepping ~*~*~tactically~*~*~ (outnumbered).
 18934 | D:4      | 18934 ||| Stepping ~*~*~tactically~*~*~ (outnumbered).
 18936 | D:4      | 18936 ||| Stepping ~*~*~tactically~*~*~ (outnumbered).
 18952 | D:4      | 18952 ||| Stepping ~*~*~tactically~*~*~ (outnumbered).
 18967 | D:4      | 18967 ||| Stepping ~*~*~tactically~*~*~ (outnumbered).
 18969 | D:4      | 18969 ||| Stepping ~*~*~tactically~*~*~ (outnumbered).
 18971 | D:4      | 18971 ||| Stepping ~*~*~tactically~*~*~ (outnumbered).
 18973 | D:4      | 18973 ||| Stepping ~*~*~tactically~*~*~ (outnumbered).
 18975 | D:4      | 18975 ||| Stepping ~*~*~tactically~*~*~ (outnumbered).
 18977 | D:4      | 18977 ||| Stepping ~*~*~tactically~*~*~ (outnumbered).
 18979 | D:4      | 18979 ||| Stepping ~*~*~tactically~*~*~ (outnumbered).
 18989 | D:4      | 18989 ||| Stepping ~*~*~tactically~*~*~ (outnumbered).
 18991 | D:4      | 18991 ||| Stepping ~*~*~tactically~*~*~ (outnumbered).
 18993 | D:4      | 18993 ||| Stepping ~*~*~tactically~*~*~ (outnumbered).
 18995 | D:4      | 18995 ||| Stepping ~*~*~tactically~*~*~ (outnumbered).
 18997 | D:4      | 18997 ||| Stepping ~*~*~tactically~*~*~ (outnumbered).
 18999 | D:4      | 18999 ||| Stepping ~*~*~tactically~*~*~ (outnumbered).
 19001 | D:4      | 19001 ||| Stepping ~*~*~tactically~*~*~ (outnumbered).
 19003 | D:4      | 19003 ||| Stepping ~*~*~tactically~*~*~ (outnumbered).
 19005 | D:4      | 19005 ||| Stepping ~*~*~tactically~*~*~ (outnumbered).
 19007 | D:4      | 19007 ||| Stepping ~*~*~tactically~*~*~ (outnumbered).
 19009 | D:4      | 19009 ||| Stepping ~*~*~tactically~*~*~ (outnumbered).
 19011 | D:4      | 19011 ||| Stepping ~*~*~tactically~*~*~ (outnumbered).
 19013 | D:4      | 19013 ||| Stepping ~*~*~tactically~*~*~ (outnumbered).
 19015 | D:4      | 19015 ||| Stepping ~*~*~tactically~*~*~ (outnumbered).
 19017 | D:4      | 19017 ||| Stepping ~*~*~tactically~*~*~ (outnumbered).
 19019 | D:4      | 19019 ||| Stepping ~*~*~tactically~*~*~ (outnumbered).
 19021 | D:4      | 19021 ||| Stepping ~*~*~tactically~*~*~ (outnumbered).
 19023 | D:4      | 19023 ||| Stepping ~*~*~tactically~*~*~ (outnumbered).
 19025 | D:4      | 19025 ||| Stepping ~*~*~tactically~*~*~ (outnumbered).
 19027 | D:4      | 19027 ||| Stepping ~*~*~tactically~*~*~ (outnumbered).
 19029 | D:4      | 19029 ||| Stepping ~*~*~tactically~*~*~ (outnumbered).
 19031 | D:4      | 19031 ||| Stepping ~*~*~tactically~*~*~ (outnumbered).
 19033 | D:4      | 19033 ||| Stepping ~*~*~tactically~*~*~ (outnumbered).
 19035 | D:4      | 19035 ||| Stepping ~*~*~tactically~*~*~ (outnumbered).
 19037 | D:4      | 19037 ||| Stepping ~*~*~tactically~*~*~ (outnumbered).
 19039 | D:4      | 19039 ||| Stepping ~*~*~tactically~*~*~ (outnumbered).
 19041 | D:4      | 19041 ||| Stepping ~*~*~tactically~*~*~ (outnumbered).
 19045 | D:4      | 19045 ||| Stepping ~*~*~tactically~*~*~ (outnumbered).
 19047 | D:4      | 19047 ||| Stepping ~*~*~tactically~*~*~ (outnumbered).
 19049 | D:4      | 19049 ||| Stepping ~*~*~tactically~*~*~ (outnumbered).
 19051 | D:4      | 19051 ||| Stepping ~*~*~tactically~*~*~ (outnumbered).
 19053 | D:4      | 19053 ||| Stepping ~*~*~tactically~*~*~ (outnumbered).
 19056 | D:4      | 19056 ||| Stepping ~*~*~tactically~*~*~ (outnumbered).
 19058 | D:4      | 19058 ||| Stepping ~*~*~tactically~*~*~ (outnumbered).
 19060 | D:4      | 19060 ||| Stepping ~*~*~tactically~*~*~ (outnumbered).
 19067 | D:4      | 19067 ||| Stepping ~*~*~tactically~*~*~ (outnumbered).
 19069 | D:4      | 19069 ||| Stepping ~*~*~tactically~*~*~ (outnumbered).
 19071 | D:4      | 19071 ||| Stepping ~*~*~tactically~*~*~ (outnumbered).
 19073 | D:4      | 19073 ||| Stepping ~*~*~tactically~*~*~ (outnumbered).
 19075 | D:4      | 19075 ||| Stepping ~*~*~tactically~*~*~ (outnumbered).
 19089 | D:4      | 19089 ||| Stepping ~*~*~tactically~*~*~ (outnumbered).
 19091 | D:4      | 19091 ||| Stepping ~*~*~tactically~*~*~ (outnumbered).
 19093 | D:4      | 19093 ||| Stepping ~*~*~tactically~*~*~ (outnumbered).
 19095 | D:4      | 19095 ||| Stepping ~*~*~tactically~*~*~ (outnumbered).
 19097 | D:4      | 19097 ||| Stepping ~*~*~tactically~*~*~ (outnumbered).
 19099 | D:4      | 19099 ||| Stepping ~*~*~tactically~*~*~ (outnumbered).
 19104 | D:4      | 19104 ||| Stepping ~*~*~tactically~*~*~ (outnumbered).
 19106 | D:4      | 19106 ||| Stepping ~*~*~tactically~*~*~ (outnumbered).
 19108 | D:4      | 19108 ||| Stepping ~*~*~tactically~*~*~ (outnumbered).
 19115 | D:4      | 19115 ||| Stepping ~*~*~tactically~*~*~ (outnumbered).
 19117 | D:4      | 19117 ||| Stepping ~*~*~tactically~*~*~ (outnumbered).
 19126 | D:4      | 19126 ||| Stepping ~*~*~tactically~*~*~ (outnumbered).
 19128 | D:4      | 19128 ||| Stepping ~*~*~tactically~*~*~ (outnumbered).
 19130 | D:4      | 19130 ||| Stepping ~*~*~tactically~*~*~ (outnumbered).
 19141 | D:4      | 19141 ||| Stepping ~*~*~tactically~*~*~ (outnumbered).
 19143 | D:4      | 19143 ||| FLEEEEING.
 19169 | D:4      | 19169 ||| Stepping ~*~*~tactically~*~*~ (outnumbered).
 19171 | D:4      | 19171 ||| Stepping ~*~*~tactically~*~*~ (outnumbered).
 19173 | D:4      | 19173 ||| Stepping ~*~*~tactically~*~*~ (outnumbered).
 19175 | D:4      | 19175 ||| Stepping ~*~*~tactically~*~*~ (outnumbered).
 19182 | D:4      | 19182 ||| Stepping ~*~*~tactically~*~*~ (outnumbered).
 19184 | D:4      | 19184 ||| Stepping ~*~*~tactically~*~*~ (outnumbered).
 19186 | D:4      | 19186 ||| Stepping ~*~*~tactically~*~*~ (outnumbered).
 19188 | D:4      | 19188 ||| Stepping ~*~*~tactically~*~*~ (outnumbered).
 19190 | D:4      | 19190 ||| Stepping ~*~*~tactically~*~*~ (outnumbered).
 19192 | D:4      | 19192 ||| Stepping ~*~*~tactically~*~*~ (outnumbered).
 19194 | D:4      | 19194 ||| Stepping ~*~*~tactically~*~*~ (outnumbered).
 19196 | D:4      | 19196 ||| Stepping ~*~*~tactically~*~*~ (outnumbered).
 19198 | D:4      | 19198 ||| Stepping ~*~*~tactically~*~*~ (outnumbered).
 19200 | D:4      | 19200 ||| Stepping ~*~*~tactically~*~*~ (outnumbered).
 19202 | D:4      | 19202 ||| Stepping ~*~*~tactically~*~*~ (outnumbered).
 19204 | D:4      | 19204 ||| Stepping ~*~*~tactically~*~*~ (outnumbered).
 19206 | D:4      | 19206 ||| Stepping ~*~*~tactically~*~*~ (outnumbered).
 19208 | D:4      | 19208 ||| Stepping ~*~*~tactically~*~*~ (outnumbered).
 19210 | D:4      | 19210 ||| Stepping ~*~*~tactically~*~*~ (outnumbered).
 19212 | D:4      | 19212 ||| Stepping ~*~*~tactically~*~*~ (outnumbered).
 19219 | D:4      | 19219 ||| Stepping ~*~*~tactically~*~*~ (outnumbered).
 19221 | D:4      | 19221 ||| Stepping ~*~*~tactically~*~*~ (outnumbered).
 19223 | D:4      | 19223 ||| Stepping ~*~*~tactically~*~*~ (outnumbered).
 19225 | D:4      | 19225 ||| Stepping ~*~*~tactically~*~*~ (outnumbered).
 19237 | D:4      | 19237 ||| Stepping ~*~*~tactically~*~*~ (outnumbered).
 19239 | D:4      | 19239 ||| Stepping ~*~*~tactically~*~*~ (outnumbered).
 19241 | D:4      | 19241 ||| Stepping ~*~*~tactically~*~*~ (outnumbered).
 19243 | D:4      | 19243 ||| Stepping ~*~*~tactically~*~*~ (outnumbered).
 19245 | D:4      | 19245 ||| Stepping ~*~*~tactically~*~*~ (outnumbered).
 19247 | D:4      | 19247 ||| Stepping ~*~*~tactically~*~*~ (outnumbered).
 19249 | D:4      | 19249 ||| Stepping ~*~*~tactically~*~*~ (outnumbered).
 19251 | D:4      | 19251 ||| FLEEEEING.
 19280 | D:4      | 19280 ||| Stepping ~*~*~tactically~*~*~ (outnumbered).
 19282 | D:4      | 19282 ||| Stepping ~*~*~tactically~*~*~ (outnumbered).
 19284 | D:4      | 19284 ||| FLEEEEING.
 19309 | D:4      | 19309 ||| Stepping ~*~*~tactically~*~*~ (outnumbered).
 19311 | D:4      | 19311 ||| Stepping ~*~*~tactically~*~*~ (outnumbered).
 19313 | D:4      | 19313 ||| Stepping ~*~*~tactically~*~*~ (outnumbered).
 19315 | D:4      | 19315 ||| Stepping ~*~*~tactically~*~*~ (outnumbered).
 19317 | D:4      | 19317 ||| FLEEEEING.
 19343 | D:4      | 19343 ||| Stepping ~*~*~tactically~*~*~ (outnumbered).
 19349 | D:4      | 19349 ||| Stepping ~*~*~tactically~*~*~ (outnumbered).
 19356 | D:4      | 19356 ||| Stepping ~*~*~tactically~*~*~ (outnumbered).
 19358 | D:4      | 19358 ||| Stepping ~*~*~tactically~*~*~ (outnumbered).
 19360 | D:4      | 19360 ||| Stepping ~*~*~tactically~*~*~ (outnumbered).
 19362 | D:4      | 19362 ||| Stepping ~*~*~tactically~*~*~ (outnumbered).
 19364 | D:4      | 19364 ||| Stepping ~*~*~tactically~*~*~ (outnumbered).
 19366 | D:4      | 19366 ||| Stepping ~*~*~tactically~*~*~ (outnumbered).
 19368 | D:4      | 19368 ||| Stepping ~*~*~tactically~*~*~ (outnumbered).
 19370 | D:4      | 19370 ||| Stepping ~*~*~tactically~*~*~ (outnumbered).
 19372 | D:4      | 19372 ||| Stepping ~*~*~tactically~*~*~ (outnumbered).
 19374 | D:4      | 19374 ||| Stepping ~*~*~tactically~*~*~ (outnumbered).
 19376 | D:4      | 19376 ||| Stepping ~*~*~tactically~*~*~ (outnumbered).
 19378 | D:4      | 19378 ||| Stepping ~*~*~tactically~*~*~ (outnumbered).
 19380 | D:4      | 19380 ||| Stepping ~*~*~tactically~*~*~ (outnumbered).
 19382 | D:4      | 19382 ||| Stepping ~*~*~tactically~*~*~ (outnumbered).
 19384 | D:4      | 19384 ||| Stepping ~*~*~tactically~*~*~ (outnumbered).
 19386 | D:4      | 19386 ||| Stepping ~*~*~tactically~*~*~ (outnumbered).
 19388 | D:4      | 19388 ||| Stepping ~*~*~tactically~*~*~ (outnumbered).
 19390 | D:4      | 19390 ||| Stepping ~*~*~tactically~*~*~ (outnumbered).
 19392 | D:4      | 19392 ||| Stepping ~*~*~tactically~*~*~ (outnumbered).
 19400 | D:4      | 19400 ||| Stepping ~*~*~tactically~*~*~ (outnumbered).
 19402 | D:4      | 19402 ||| Stepping ~*~*~tactically~*~*~ (outnumbered).
 19404 | D:4      | 19404 ||| Stepping ~*~*~tactically~*~*~ (outnumbered).
 19406 | D:4      | 19406 ||| Stepping ~*~*~tactically~*~*~ (outnumbered).
 19408 | D:4      | 19408 ||| Stepping ~*~*~tactically~*~*~ (outnumbered).
 19410 | D:4      | 19410 ||| Stepping ~*~*~tactically~*~*~ (outnumbered).
 19412 | D:4      | 19412 ||| Stepping ~*~*~tactically~*~*~ (outnumbered).
 19414 | D:4      | 19414 ||| Stepping ~*~*~tactically~*~*~ (outnumbered).
 19416 | D:4      | 19416 ||| Stepping ~*~*~tactically~*~*~ (outnumbered).
 19418 | D:4      | 19418 ||| Stepping ~*~*~tactically~*~*~ (outnumbered).
 19434 | D:4      | 19434 ||| Stepping ~*~*~tactically~*~*~ (outnumbered).
 19436 | D:4      | 19436 ||| Stepping ~*~*~tactically~*~*~ (outnumbered).
 19438 | D:4      | 19438 ||| Stepping ~*~*~tactically~*~*~ (outnumbered).
 19449 | D:4      | 19449 ||| Stepping ~*~*~tactically~*~*~ (outnumbered).
 19451 | D:4      | 19451 ||| Stepping ~*~*~tactically~*~*~ (outnumbered).
 19453 | D:4      | 19453 ||| Stepping ~*~*~tactically~*~*~ (outnumbered).
 19455 | D:4      | 19455 ||| Stepping ~*~*~tactically~*~*~ (outnumbered).
 19457 | D:4      | 19457 ||| Stepping ~*~*~tactically~*~*~ (outnumbered).
 19459 | D:4      | 19459 ||| Stepping ~*~*~tactically~*~*~ (outnumbered).
 19461 | D:4      | 19461 ||| Stepping ~*~*~tactically~*~*~ (outnumbered).
 19463 | D:4      | 19463 ||| Stepping ~*~*~tactically~*~*~ (outnumbered).
 19465 | D:4      | 19465 ||| Stepping ~*~*~tactically~*~*~ (outnumbered).
 19467 | D:4      | 19467 ||| Stepping ~*~*~tactically~*~*~ (outnumbered).
 19469 | D:4      | 19469 ||| FLEEEEING.
 19495 | D:4      | 19495 ||| FLEEEEING.
 19520 | D:4      | 19520 ||| Stepping ~*~*~tactically~*~*~ (outnumbered).
 19522 | D:4      | 19522 ||| Stepping ~*~*~tactically~*~*~ (outnumbered).
 19537 | D:4      | 19537 ||| Stepping ~*~*~tactically~*~*~ (outnumbered).
 19539 | D:4      | 19539 ||| Stepping ~*~*~tactically~*~*~ (outnumbered).
 19541 | D:4      | 19541 ||| Stepping ~*~*~tactically~*~*~ (outnumbered).
 19543 | D:4      | 19543 ||| Stepping ~*~*~tactically~*~*~ (outnumbered).
 19545 | D:4      | 19545 ||| Stepping ~*~*~tactically~*~*~ (outnumbered).
 19547 | D:4      | 19547 ||| Stepping ~*~*~tactically~*~*~ (outnumbered).
 19549 | D:4      | 19549 ||| Stepping ~*~*~tactically~*~*~ (outnumbered).
 19551 | D:4      | 19551 ||| Stepping ~*~*~tactically~*~*~ (outnumbered).
 19553 | D:4      | 19553 ||| Stepping ~*~*~tactically~*~*~ (outnumbered).
 19555 | D:4      | 19555 ||| Stepping ~*~*~tactically~*~*~ (outnumbered).
 19557 | D:4      | 19557 ||| Stepping ~*~*~tactically~*~*~ (outnumbered).
 19559 | D:4      | 19559 ||| Stepping ~*~*~tactically~*~*~ (outnumbered).
 19561 | D:4      | 19561 ||| Stepping ~*~*~tactically~*~*~ (outnumbered).
 19563 | D:4      | 19563 ||| Stepping ~*~*~tactically~*~*~ (outnumbered).
 19567 | D:4      | 19567 ||| Stepping ~*~*~tactically~*~*~ (outnumbered).
 19569 | D:4      | 19569 ||| Stepping ~*~*~tactically~*~*~ (outnumbered).
 19571 | D:4      | 19571 ||| Stepping ~*~*~tactically~*~*~ (outnumbered).
 19573 | D:4      | 19573 ||| Stepping ~*~*~tactically~*~*~ (outnumbered).
 19575 | D:4      | 19575 ||| Stepping ~*~*~tactically~*~*~ (outnumbered).
 19582 | D:4      | 19582 ||| Stepping ~*~*~tactically~*~*~ (outnumbered).
 19584 | D:4      | 19584 ||| Stepping ~*~*~tactically~*~*~ (outnumbered).
 19586 | D:4      | 19586 ||| Stepping ~*~*~tactically~*~*~ (outnumbered).
 19593 | D:4      | 19593 ||| Stepping ~*~*~tactically~*~*~ (outnumbered).
 19595 | D:4      | 19595 ||| Stepping ~*~*~tactically~*~*~ (outnumbered).
 19597 | D:4      | 19597 ||| Stepping ~*~*~tactically~*~*~ (outnumbered).
 19600 | D:4      | 19600 ||| Stepping ~*~*~tactically~*~*~ (outnumbered).
 19602 | D:4      | 19602 ||| Stepping ~*~*~tactically~*~*~ (outnumbered).
 19604 | D:4      | 19604 ||| Stepping ~*~*~tactically~*~*~ (outnumbered).
 19606 | D:4      | 19606 ||| Stepping ~*~*~tactically~*~*~ (outnumbered).
 19608 | D:4      | 19608 ||| Stepping ~*~*~tactically~*~*~ (outnumbered).
 19610 | D:4      | 19610 ||| Stepping ~*~*~tactically~*~*~ (outnumbered).
 19612 | D:4      | 19612 ||| Stepping ~*~*~tactically~*~*~ (outnumbered).
 19614 | D:4      | 19614 ||| Stepping ~*~*~tactically~*~*~ (outnumbered).
 19616 | D:4      | 19616 ||| Stepping ~*~*~tactically~*~*~ (outnumbered).
 19618 | D:4      | 19618 ||| Stepping ~*~*~tactically~*~*~ (outnumbered).
 19620 | D:4      | 19620 ||| Stepping ~*~*~tactically~*~*~ (outnumbered).
 19622 | D:4      | 19622 ||| Stepping ~*~*~tactically~*~*~ (outnumbered).
 19624 | D:4      | 19624 ||| Stepping ~*~*~tactically~*~*~ (outnumbered).
 19626 | D:4      | 19626 ||| Stepping ~*~*~tactically~*~*~ (outnumbered).
 19628 | D:4      | 19628 ||| Stepping ~*~*~tactically~*~*~ (outnumbered).
 19630 | D:4      | 19630 ||| Stepping ~*~*~tactically~*~*~ (outnumbered).
 19632 | D:4      | 19632 ||| Stepping ~*~*~tactically~*~*~ (outnumbered).
 19634 | D:4      | 19634 ||| Stepping ~*~*~tactically~*~*~ (outnumbered).
 19641 | D:4      | 19641 ||| Stepping ~*~*~tactically~*~*~ (outnumbered).
 19643 | D:4      | 19643 ||| Stepping ~*~*~tactically~*~*~ (outnumbered).
 19645 | D:4      | 19645 ||| Stepping ~*~*~tactically~*~*~ (outnumbered).
 19647 | D:4      | 19647 ||| Stepping ~*~*~tactically~*~*~ (outnumbered).
 19649 | D:4      | 19649 ||| Stepping ~*~*~tactically~*~*~ (outnumbered).
 19651 | D:4      | 19651 ||| Stepping ~*~*~tactically~*~*~ (outnumbered).
 19656 | D:4      | 19656 ||| Stepping ~*~*~tactically~*~*~ (outnumbered).
 19658 | D:4      | 19658 ||| Stepping ~*~*~tactically~*~*~ (outnumbered).
 19660 | D:4      | 19660 ||| Stepping ~*~*~tactically~*~*~ (outnumbered).
 19662 | D:4      | 19662 ||| Stepping ~*~*~tactically~*~*~ (outnumbered).
 19664 | D:4      | 19664 ||| Stepping ~*~*~tactically~*~*~ (outnumbered).
 19666 | D:4      | 19666 ||| Stepping ~*~*~tactically~*~*~ (outnumbered).
 19668 | D:4      | 19668 ||| Stepping ~*~*~tactically~*~*~ (outnumbered).
 19678 | D:4      | 19678 ||| Stepping ~*~*~tactically~*~*~ (outnumbered).
 19680 | D:4      | 19680 ||| Stepping ~*~*~tactically~*~*~ (outnumbered).
 19682 | D:4      | 19682 ||| Stepping ~*~*~tactically~*~*~ (outnumbered).
 19684 | D:4      | 19684 ||| Stepping ~*~*~tactically~*~*~ (outnumbered).
 19686 | D:4      | 19686 ||| Stepping ~*~*~tactically~*~*~ (outnumbered).
 19700 | D:4      | 19700 ||| Stepping ~*~*~tactically~*~*~ (outnumbered).
 19702 | D:4      | 19702 ||| Stepping ~*~*~tactically~*~*~ (outnumbered).
 19704 | D:4      | 19704 ||| Stepping ~*~*~tactically~*~*~ (outnumbered).
 19706 | D:4      | 19706 ||| Stepping ~*~*~tactically~*~*~ (outnumbered).
 19708 | D:4      | 19708 ||| Stepping ~*~*~tactically~*~*~ (outnumbered).
 19710 | D:4      | 19710 ||| Stepping ~*~*~tactically~*~*~ (outnumbered).
 19712 | D:4      | 19712 ||| Stepping ~*~*~tactically~*~*~ (outnumbered).
 19714 | D:4      | 19714 ||| Stepping ~*~*~tactically~*~*~ (outnumbered).
 19716 | D:4      | 19716 ||| Stepping ~*~*~tactically~*~*~ (outnumbered).
 19718 | D:4      | 19718 ||| Stepping ~*~*~tactically~*~*~ (outnumbered).
 19720 | D:4      | 19720 ||| Stepping ~*~*~tactically~*~*~ (outnumbered).
 19722 | D:4      | 19722 ||| Stepping ~*~*~tactically~*~*~ (outnumbered).
 19724 | D:4      | 19724 ||| Stepping ~*~*~tactically~*~*~ (outnumbered).
 19726 | D:4      | 19726 ||| Stepping ~*~*~tactically~*~*~ (outnumbered).
 19728 | D:4      | 19728 ||| Stepping ~*~*~tactically~*~*~ (outnumbered).
 19730 | D:4      | 19730 ||| Stepping ~*~*~tactically~*~*~ (outnumbered).
 19732 | D:4      | 19732 ||| Stepping ~*~*~tactically~*~*~ (outnumbered).
 19734 | D:4      | 19734 ||| Stepping ~*~*~tactically~*~*~ (outnumbered).
 19736 | D:4      | 19736 ||| Stepping ~*~*~tactically~*~*~ (outnumbered).
 19738 | D:4      | 19738 ||| Stepping ~*~*~tactically~*~*~ (outnumbered).
 19740 | D:4      | 19740 ||| Stepping ~*~*~tactically~*~*~ (outnumbered).
 19742 | D:4      | 19742 ||| Stepping ~*~*~tactically~*~*~ (outnumbered).
 19744 | D:4      | 19744 ||| Stepping ~*~*~tactically~*~*~ (outnumbered).
 19746 | D:4      | 19746 ||| Stepping ~*~*~tactically~*~*~ (outnumbered).
 19748 | D:4      | 19748 ||| Stepping ~*~*~tactically~*~*~ (outnumbered).
 19750 | D:4      | 19750 ||| Stepping ~*~*~tactically~*~*~ (outnumbered).
 19752 | D:4      | 19752 ||| Stepping ~*~*~tactically~*~*~ (outnumbered).
 19754 | D:4      | 19754 ||| Stepping ~*~*~tactically~*~*~ (outnumbered).
 19756 | D:4      | 19756 ||| Stepping ~*~*~tactically~*~*~ (outnumbered).
 19758 | D:4      | 19758 ||| Stepping ~*~*~tactically~*~*~ (outnumbered).
 19760 | D:4      | 19760 ||| Stepping ~*~*~tactically~*~*~ (outnumbered).
 19762 | D:4      | 19762 ||| Stepping ~*~*~tactically~*~*~ (outnumbered).
 19764 | D:4      | 19764 ||| Stepping ~*~*~tactically~*~*~ (outnumbered).
 19771 | D:4      | 19771 ||| Stepping ~*~*~tactically~*~*~ (outnumbered).
 19773 | D:4      | 19773 ||| Stepping ~*~*~tactically~*~*~ (outnumbered).
 19782 | D:4      | 19782 ||| Stepping ~*~*~tactically~*~*~ (outnumbered).
 19784 | D:4      | 19784 ||| FLEEEEING.
 19809 | D:4      | 19809 ||| Stepping ~*~*~tactically~*~*~ (outnumbered).
 19811 | D:4      | 19811 ||| Stepping ~*~*~tactically~*~*~ (outnumbered).
 19813 | D:4      | 19813 ||| Stepping ~*~*~tactically~*~*~ (outnumbered).
 19815 | D:4      | 19815 ||| Stepping ~*~*~tactically~*~*~ (outnumbered).
 19817 | D:4      | 19817 ||| Stepping ~*~*~tactically~*~*~ (outnumbered).
 19819 | D:4      | 19819 ||| Stepping ~*~*~tactically~*~*~ (outnumbered).
 19821 | D:4      | 19821 ||| Stepping ~*~*~tactically~*~*~ (outnumbered).
 19823 | D:4      | 19823 ||| Stepping ~*~*~tactically~*~*~ (outnumbered).
 19825 | D:4      | 19825 ||| Stepping ~*~*~tactically~*~*~ (outnumbered).
 19827 | D:4      | 19827 ||| Stepping ~*~*~tactically~*~*~ (outnumbered).
 19829 | D:4      | 19829 ||| Stepping ~*~*~tactically~*~*~ (outnumbered).
 19831 | D:4      | 19831 ||| Stepping ~*~*~tactically~*~*~ (outnumbered).
 19833 | D:4      | 19833 ||| Stepping ~*~*~tactically~*~*~ (outnumbered).
 19837 | D:4      | 19837 ||| Stepping ~*~*~tactically~*~*~ (outnumbered).
 19839 | D:4      | 19839 ||| FLEEEEING.
 19865 | D:4      | 19865 ||| Stepping ~*~*~tactically~*~*~ (outnumbered).
 19867 | D:4      | 19867 ||| Stepping ~*~*~tactically~*~*~ (outnumbered).
 19869 | D:4      | 19869 ||| Stepping ~*~*~tactically~*~*~ (outnumbered).
 19871 | D:4      | 19871 ||| Stepping ~*~*~tactically~*~*~ (outnumbered).
 19873 | D:4      | 19873 ||| Stepping ~*~*~tactically~*~*~ (outnumbered).
 19875 | D:4      | 19875 ||| Stepping ~*~*~tactically~*~*~ (outnumbered).
 19877 | D:4      | 19877 ||| Stepping ~*~*~tactically~*~*~ (outnumbered).
 19886 | D:4      | 19886 ||| Stepping ~*~*~tactically~*~*~ (outnumbered).
 19888 | D:4      | 19888 ||| Stepping ~*~*~tactically~*~*~ (outnumbered).
 19897 | D:4      | 19897 ||| Stepping ~*~*~tactically~*~*~ (outnumbered).
 19900 | D:4      | 19900 ||| Stepping ~*~*~tactically~*~*~ (outnumbered).
 19902 | D:4      | 19902 ||| Stepping ~*~*~tactically~*~*~ (outnumbered).
 19904 | D:4      | 19904 ||| Stepping ~*~*~tactically~*~*~ (outnumbered).
 19911 | D:4      | 19911 ||| Stepping ~*~*~tactically~*~*~ (outnumbered).
 19913 | D:4      | 19913 ||| Stepping ~*~*~tactically~*~*~ (outnumbered).
 19926 | D:4      | 19926 ||| Stepping ~*~*~tactically~*~*~ (outnumbered).
 19928 | D:4      | 19928 ||| Stepping ~*~*~tactically~*~*~ (outnumbered).
 19930 | D:4      | 19930 ||| Stepping ~*~*~tactically~*~*~ (outnumbered).
 19932 | D:4      | 19932 ||| Stepping ~*~*~tactically~*~*~ (outnumbered).
 19934 | D:4      | 19934 ||| Stepping ~*~*~tactically~*~*~ (outnumbered).
 19936 | D:4      | 19936 ||| Stepping ~*~*~tactically~*~*~ (outnumbered).
 19938 | D:4      | 19938 ||| Stepping ~*~*~tactically~*~*~ (outnumbered).
 19940 | D:4      | 19940 ||| Stepping ~*~*~tactically~*~*~ (outnumbered).
 19942 | D:4      | 19942 ||| Stepping ~*~*~tactically~*~*~ (outnumbered).
 19944 | D:4      | 19944 ||| Stepping ~*~*~tactically~*~*~ (outnumbered).
 19946 | D:4      | 19946 ||| Stepping ~*~*~tactically~*~*~ (outnumbered).
 19948 | D:4      | 19948 ||| Stepping ~*~*~tactically~*~*~ (outnumbered).
 19963 | D:4      | 19963 ||| Stepping ~*~*~tactically~*~*~ (outnumbered).
 19978 | D:4      | 19978 ||| Stepping ~*~*~tactically~*~*~ (outnumbered).
 19980 | D:4      | 19980 ||| Stepping ~*~*~tactically~*~*~ (outnumbered).
 19986 | D:4      | 19986 ||| Stepping ~*~*~tactically~*~*~ (outnumbered).
 19988 | D:4      | 19988 ||| Stepping ~*~*~tactically~*~*~ (outnumbered).
 19990 | D:4      | 19990 ||| Stepping ~*~*~tactically~*~*~ (outnumbered).
 19992 | D:4      | 19992 ||| Stepping ~*~*~tactically~*~*~ (outnumbered).
 19994 | D:4      | 19994 ||| Stepping ~*~*~tactically~*~*~ (outnumbered).
 19996 | D:4      | 19996 ||| Stepping ~*~*~tactically~*~*~ (outnumbered).
 19998 | D:4      | 19998 ||| Stepping ~*~*~tactically~*~*~ (outnumbered).
 20000 | D:4      | 20000 ||| Stepping ~*~*~tactically~*~*~ (outnumbered).
 20002 | D:4      | 20002 ||| Stepping ~*~*~tactically~*~*~ (outnumbered).
 20004 | D:4      | 20004 ||| Stepping ~*~*~tactically~*~*~ (outnumbered).
 20006 | D:4      | 20006 ||| Stepping ~*~*~tactically~*~*~ (outnumbered).
 20008 | D:4      | 20008 ||| Stepping ~*~*~tactically~*~*~ (outnumbered).
 20010 | D:4      | 20010 ||| Stepping ~*~*~tactically~*~*~ (outnumbered).
 20015 | D:4      | 20015 ||| Stepping ~*~*~tactically~*~*~ (outnumbered).
 20017 | D:4      | 20017 ||| Stepping ~*~*~tactically~*~*~ (outnumbered).
 20019 | D:4      | 20019 ||| Stepping ~*~*~tactically~*~*~ (outnumbered).
 20030 | D:4      | 20030 ||| Stepping ~*~*~tactically~*~*~ (outnumbered).
 20032 | D:4      | 20032 ||| Stepping ~*~*~tactically~*~*~ (outnumbered).
 20034 | D:4      | 20034 ||| Stepping ~*~*~tactically~*~*~ (outnumbered).
 20037 | D:4      | 20037 ||| Stepping ~*~*~tactically~*~*~ (outnumbered).
 20039 | D:4      | 20039 ||| Stepping ~*~*~tactically~*~*~ (outnumbered).
 20041 | D:4      | 20041 ||| Stepping ~*~*~tactically~*~*~ (outnumbered).
 20043 | D:4      | 20043 ||| Stepping ~*~*~tactically~*~*~ (outnumbered).
 20045 | D:4      | 20045 ||| Stepping ~*~*~tactically~*~*~ (outnumbered).
 20047 | D:4      | 20047 ||| Stepping ~*~*~tactically~*~*~ (outnumbered).
 20049 | D:4      | 20049 ||| Stepping ~*~*~tactically~*~*~ (outnumbered).
 20051 | D:4      | 20051 ||| Stepping ~*~*~tactically~*~*~ (outnumbered).
 20053 | D:4      | 20053 ||| Stepping ~*~*~tactically~*~*~ (outnumbered).
 20055 | D:4      | 20055 ||| Stepping ~*~*~tactically~*~*~ (outnumbered).
 20067 | D:4      | 20067 ||| Stepping ~*~*~tactically~*~*~ (outnumbered).
 20069 | D:4      | 20069 ||| Stepping ~*~*~tactically~*~*~ (outnumbered).
 20071 | D:4      | 20071 ||| Stepping ~*~*~tactically~*~*~ (outnumbered).
 20073 | D:4      | 20073 ||| Stepping ~*~*~tactically~*~*~ (outnumbered).
 20075 | D:4      | 20075 ||| Stepping ~*~*~tactically~*~*~ (outnumbered).
 20077 | D:4      | 20077 ||| Stepping ~*~*~tactically~*~*~ (outnumbered).
 20079 | D:4      | 20079 ||| Stepping ~*~*~tactically~*~*~ (outnumbered).
 20086 | D:4      | 20086 ||| Stepping ~*~*~tactically~*~*~ (outnumbered).
 20088 | D:4      | 20088 ||| Stepping ~*~*~tactically~*~*~ (outnumbered).
 20090 | D:4      | 20090 ||| Stepping ~*~*~tactically~*~*~ (outnumbered).
 20092 | D:4      | 20092 ||| Stepping ~*~*~tactically~*~*~ (outnumbered).
 20094 | D:4      | 20094 ||| Stepping ~*~*~tactically~*~*~ (outnumbered).
 20097 | D:4      | 20097 ||| Stepping ~*~*~tactically~*~*~ (outnumbered).
 20099 | D:4      | 20099 ||| Stepping ~*~*~tactically~*~*~ (outnumbered).
 20101 | D:4      | 20101 ||| Stepping ~*~*~tactically~*~*~ (outnumbered).
 20103 | D:4      | 20103 ||| Stepping ~*~*~tactically~*~*~ (outnumbered).
 20105 | D:4      | 20105 ||| Stepping ~*~*~tactically~*~*~ (outnumbered).
 20107 | D:4      | 20107 ||| Stepping ~*~*~tactically~*~*~ (outnumbered).
 20123 | D:4      | 20123 ||| Stepping ~*~*~tactically~*~*~ (outnumbered).
 20125 | D:4      | 20125 ||| Stepping ~*~*~tactically~*~*~ (outnumbered).
 20137 | D:4      | 20137 ||| Stepping ~*~*~tactically~*~*~ (outnumbered).
 20139 | D:4      | 20139 ||| Stepping ~*~*~tactically~*~*~ (outnumbered).
 20141 | D:4      | 20141 ||| Stepping ~*~*~tactically~*~*~ (outnumbered).
 20149 | D:4      | 20149 ||| FLEEEEING.
 20176 | D:4      | 20176 ||| Stepping ~*~*~tactically~*~*~ (outnumbered).
 20178 | D:4      | 20178 ||| Stepping ~*~*~tactically~*~*~ (outnumbered).
 20186 | D:4      | 20186 ||| Stepping ~*~*~tactically~*~*~ (outnumbered).
 20188 | D:4      | 20188 ||| Stepping ~*~*~tactically~*~*~ (outnumbered).
 20190 | D:4      | 20190 ||| Stepping ~*~*~tactically~*~*~ (outnumbered).
 20193 | D:4      | 20193 ||| Stepping ~*~*~tactically~*~*~ (outnumbered).
 20195 | D:4      | 20195 ||| Stepping ~*~*~tactically~*~*~ (outnumbered).
 20200 | D:4      | 20200 ||| Stepping ~*~*~tactically~*~*~ (outnumbered).
 20202 | D:4      | 20202 ||| Stepping ~*~*~tactically~*~*~ (outnumbered).
 20208 | D:4      | 20208 ||| Stepping ~*~*~tactically~*~*~ (outnumbered).
 20210 | D:4      | 20210 ||| Stepping ~*~*~tactically~*~*~ (outnumbered).
 20212 | D:4      | 20212 ||| Stepping ~*~*~tactically~*~*~ (outnumbered).
 20219 | D:4      | 20219 ||| Stepping ~*~*~tactically~*~*~ (outnumbered).
 20221 | D:4      | 20221 ||| Stepping ~*~*~tactically~*~*~ (outnumbered).
 20223 | D:4      | 20223 ||| Stepping ~*~*~tactically~*~*~ (outnumbered).
 20225 | D:4      | 20225 ||| Stepping ~*~*~tactically~*~*~ (outnumbered).
 20237 | D:4      | 20237 ||| Stepping ~*~*~tactically~*~*~ (outnumbered).
 20239 | D:4      | 20239 ||| Stepping ~*~*~tactically~*~*~ (outnumbered).
 20241 | D:4      | 20241 ||| Stepping ~*~*~tactically~*~*~ (outnumbered).
 20243 | D:4      | 20243 ||| Stepping ~*~*~tactically~*~*~ (outnumbered).
 20245 | D:4      | 20245 ||| Stepping ~*~*~tactically~*~*~ (outnumbered).
 20247 | D:4      | 20247 ||| Stepping ~*~*~tactically~*~*~ (outnumbered).
 20249 | D:4      | 20249 ||| Stepping ~*~*~tactically~*~*~ (outnumbered).
 20251 | D:4      | 20251 ||| Stepping ~*~*~tactically~*~*~ (outnumbered).
 20253 | D:4      | 20253 ||| Stepping ~*~*~tactically~*~*~ (outnumbered).
 20255 | D:4      | 20255 ||| Stepping ~*~*~tactically~*~*~ (outnumbered).
 20267 | D:4      | 20267 ||| Stepping ~*~*~tactically~*~*~ (outnumbered).
 20271 | D:4      | 20271 ||| Stepping ~*~*~tactically~*~*~ (outnumbered).
 20273 | D:4      | 20273 ||| Stepping ~*~*~tactically~*~*~ (outnumbered).
 20275 | D:4      | 20275 ||| Stepping ~*~*~tactically~*~*~ (outnumbered).
 20282 | D:4      | 20282 ||| Stepping ~*~*~tactically~*~*~ (outnumbered).
 20284 | D:4      | 20284 ||| Stepping ~*~*~tactically~*~*~ (outnumbered).
 20286 | D:4      | 20286 ||| Stepping ~*~*~tactically~*~*~ (outnumbered).
 20288 | D:4      | 20288 ||| Stepping ~*~*~tactically~*~*~ (outnumbered).
 20290 | D:4      | 20290 ||| Stepping ~*~*~tactically~*~*~ (outnumbered).
 20304 | D:4      | 20304 ||| Stepping ~*~*~tactically~*~*~ (outnumbered).
 20306 | D:4      | 20306 ||| Stepping ~*~*~tactically~*~*~ (outnumbered).
 20308 | D:4      | 20308 ||| Stepping ~*~*~tactically~*~*~ (outnumbered).
 20311 | D:4      | 20311 ||| Stepping ~*~*~tactically~*~*~ (outnumbered).
 20315 | D:4      | 20315 ||| Stepping ~*~*~tactically~*~*~ (outnumbered).
 20330 | D:4      | 20330 ||| Stepping ~*~*~tactically~*~*~ (outnumbered).
 20332 | D:4      | 20332 ||| Stepping ~*~*~tactically~*~*~ (outnumbered).
 20334 | D:4      | 20334 ||| Stepping ~*~*~tactically~*~*~ (outnumbered).
 20336 | D:4      | 20336 ||| Stepping ~*~*~tactically~*~*~ (outnumbered).
 20338 | D:4      | 20338 ||| Stepping ~*~*~tactically~*~*~ (outnumbered).
 20345 | D:4      | 20345 ||| Stepping ~*~*~tactically~*~*~ (outnumbered).
 20347 | D:4      | 20347 ||| Stepping ~*~*~tactically~*~*~ (outnumbered).
 20349 | D:4      | 20349 ||| Stepping ~*~*~tactically~*~*~ (outnumbered).
 20351 | D:4      | 20351 ||| FLEEEEING.
 20380 | D:4      | 20380 ||| Stepping ~*~*~tactically~*~*~ (outnumbered).
 20382 | D:4      | 20382 ||| Stepping ~*~*~tactically~*~*~ (outnumbered).
 20384 | D:4      | 20384 ||| Stepping ~*~*~tactically~*~*~ (outnumbered).
 20386 | D:4      | 20386 ||| Stepping ~*~*~tactically~*~*~ (outnumbered).
 20388 | D:4      | 20388 ||| Stepping ~*~*~tactically~*~*~ (outnumbered).
 20390 | D:4      | 20390 ||| Stepping ~*~*~tactically~*~*~ (outnumbered).
 20392 | D:4      | 20392 ||| Stepping ~*~*~tactically~*~*~ (outnumbered).
 20394 | D:4      | 20394 ||| Stepping ~*~*~tactically~*~*~ (outnumbered).
 20396 | D:4      | 20396 ||| Stepping ~*~*~tactically~*~*~ (outnumbered).
 20398 | D:4      | 20398 ||| Stepping ~*~*~tactically~*~*~ (outnumbered).
 20400 | D:4      | 20400 ||| Stepping ~*~*~tactically~*~*~ (outnumbered).
 20408 | D:4      | 20408 ||| Stepping ~*~*~tactically~*~*~ (outnumbered).
 20411 | D:4      | 20411 ||| Stepping ~*~*~tactically~*~*~ (outnumbered).
 20413 | D:4      | 20413 ||| Stepping ~*~*~tactically~*~*~ (outnumbered).
 20415 | D:4      | 20415 ||| Stepping ~*~*~tactically~*~*~ (outnumbered).
 20417 | D:4      | 20417 ||| Stepping ~*~*~tactically~*~*~ (outnumbered).
 20419 | D:4      | 20419 ||| Stepping ~*~*~tactically~*~*~ (outnumbered).
 20421 | D:4      | 20421 ||| Stepping ~*~*~tactically~*~*~ (outnumbered).
 20423 | D:4      | 20423 ||| Stepping ~*~*~tactically~*~*~ (outnumbered).
 20425 | D:4      | 20425 ||| Stepping ~*~*~tactically~*~*~ (outnumbered).
 20427 | D:4      | 20427 ||| Stepping ~*~*~tactically~*~*~ (outnumbered).
 20429 | D:4      | 20429 ||| Stepping ~*~*~tactically~*~*~ (outnumbered).
 20431 | D:4      | 20431 ||| Stepping ~*~*~tactically~*~*~ (outnumbered).
 20433 | D:4      | 20433 ||| Stepping ~*~*~tactically~*~*~ (outnumbered).
 20437 | D:4      | 20437 ||| Stepping ~*~*~tactically~*~*~ (outnumbered).
 20441 | D:4      | 20441 ||| Stepping ~*~*~tactically~*~*~ (outnumbered).
 20443 | D:4      | 20443 ||| Stepping ~*~*~tactically~*~*~ (outnumbered).
 20445 | D:4      | 20445 ||| Stepping ~*~*~tactically~*~*~ (outnumbered).
 20447 | D:4      | 20447 ||| Stepping ~*~*~tactically~*~*~ (outnumbered).
 20449 | D:4      | 20449 ||| Stepping ~*~*~tactically~*~*~ (outnumbered).
 20451 | D:4      | 20451 ||| Stepping ~*~*~tactically~*~*~ (outnumbered).
 20453 | D:4      | 20453 ||| Stepping ~*~*~tactically~*~*~ (outnumbered).
 20455 | D:4      | 20455 ||| Stepping ~*~*~tactically~*~*~ (outnumbered).
 20460 | D:4      | 20460 ||| Stepping ~*~*~tactically~*~*~ (outnumbered).
 20462 | D:4      | 20462 ||| Stepping ~*~*~tactically~*~*~ (outnumbered).
 20464 | D:4      | 20464 ||| Stepping ~*~*~tactically~*~*~ (outnumbered).
 20466 | D:4      | 20466 ||| Stepping ~*~*~tactically~*~*~ (outnumbered).
 20468 | D:4      | 20468 ||| Stepping ~*~*~tactically~*~*~ (outnumbered).
 20470 | D:4      | 20470 ||| Stepping ~*~*~tactically~*~*~ (outnumbered).
 20472 | D:4      | 20472 ||| Stepping ~*~*~tactically~*~*~ (outnumbered).
 20474 | D:4      | 20474 ||| Stepping ~*~*~tactically~*~*~ (outnumbered).
 20476 | D:4      | 20476 ||| Stepping ~*~*~tactically~*~*~ (outnumbered).
 20478 | D:4      | 20478 ||| Stepping ~*~*~tactically~*~*~ (outnumbered).
 20480 | D:4      | 20480 ||| Stepping ~*~*~tactically~*~*~ (outnumbered).
 20482 | D:4      | 20482 ||| Stepping ~*~*~tactically~*~*~ (outnumbered).
 20484 | D:4      | 20484 ||| FLEEEEING.
 20509 | D:4      | 20509 ||| Stepping ~*~*~tactically~*~*~ (outnumbered).
 20511 | D:4      | 20511 ||| Stepping ~*~*~tactically~*~*~ (outnumbered).
 20515 | D:4      | 20515 ||| Stepping ~*~*~tactically~*~*~ (outnumbered).
 20517 | D:4      | 20517 ||| Stepping ~*~*~tactically~*~*~ (outnumbered).
 20519 | D:4      | 20519 ||| Stepping ~*~*~tactically~*~*~ (outnumbered).
 20523 | D:4      | 20523 ||| FLEEEEING.
 20550 | D:4      | 20550 ||| Stepping ~*~*~tactically~*~*~ (outnumbered).
 20552 | D:4      | 20552 ||| Stepping ~*~*~tactically~*~*~ (outnumbered).
 20554 | D:4      | 20554 ||| Stepping ~*~*~tactically~*~*~ (outnumbered).
 20563 | D:4      | 20563 ||| Stepping ~*~*~tactically~*~*~ (outnumbered).
 20565 | D:4      | 20565 ||| Stepping ~*~*~tactically~*~*~ (outnumbered).
 20574 | D:4      | 20574 ||| Stepping ~*~*~tactically~*~*~ (outnumbered).
 20576 | D:4      | 20576 ||| Stepping ~*~*~tactically~*~*~ (outnumbered).
 20578 | D:4      | 20578 ||| Stepping ~*~*~tactically~*~*~ (outnumbered).
 20580 | D:4      | 20580 ||| Stepping ~*~*~tactically~*~*~ (outnumbered).
 20582 | D:4      | 20582 ||| Stepping ~*~*~tactically~*~*~ (outnumbered).
 20584 | D:4      | 20584 ||| Stepping ~*~*~tactically~*~*~ (outnumbered).
 20597 | D:4      | 20597 ||| Stepping ~*~*~tactically~*~*~ (outnumbered).
 20599 | D:4      | 20599 ||| Stepping ~*~*~tactically~*~*~ (outnumbered).
 20601 | D:4      | 20601 ||| Stepping ~*~*~tactically~*~*~ (outnumbered).
 20603 | D:4      | 20603 ||| Stepping ~*~*~tactically~*~*~ (outnumbered).
 20605 | D:4      | 20605 ||| Stepping ~*~*~tactically~*~*~ (outnumbered).
 20607 | D:4      | 20607 ||| Stepping ~*~*~tactically~*~*~ (outnumbered).
 20609 | D:4      | 20609 ||| Stepping ~*~*~tactically~*~*~ (outnumbered).
 20611 | D:4      | 20611 ||| Stepping ~*~*~tactically~*~*~ (outnumbered).
 20613 | D:4      | 20613 ||| Stepping ~*~*~tactically~*~*~ (outnumbered).
 20615 | D:4      | 20615 ||| Stepping ~*~*~tactically~*~*~ (outnumbered).
 20617 | D:4      | 20617 ||| Stepping ~*~*~tactically~*~*~ (outnumbered).
 20619 | D:4      | 20619 ||| Stepping ~*~*~tactically~*~*~ (outnumbered).
 20634 | D:4      | 20634 ||| Stepping ~*~*~tactically~*~*~ (outnumbered).
 20636 | D:4      | 20636 ||| Stepping ~*~*~tactically~*~*~ (outnumbered).
 20638 | D:4      | 20638 ||| Stepping ~*~*~tactically~*~*~ (outnumbered).
 20640 | D:4      | 20640 ||| Stepping ~*~*~tactically~*~*~ (outnumbered).
 20642 | D:4      | 20642 ||| Stepping ~*~*~tactically~*~*~ (outnumbered).
 20644 | D:4      | 20644 ||| Stepping ~*~*~tactically~*~*~ (outnumbered).
 20646 | D:4      | 20646 ||| Stepping ~*~*~tactically~*~*~ (outnumbered).
 20648 | D:4      | 20648 ||| Stepping ~*~*~tactically~*~*~ (outnumbered).
 20650 | D:4      | 20650 ||| Stepping ~*~*~tactically~*~*~ (outnumbered).
 20656 | D:4      | 20656 ||| Stepping ~*~*~tactically~*~*~ (outnumbered).
 20658 | D:4      | 20658 ||| Stepping ~*~*~tactically~*~*~ (outnumbered).
 20660 | D:4      | 20660 ||| Stepping ~*~*~tactically~*~*~ (outnumbered).
 20663 | D:4      | 20663 ||| Stepping ~*~*~tactically~*~*~ (outnumbered).
 20665 | D:4      | 20665 ||| Stepping ~*~*~tactically~*~*~ (outnumbered).
 20667 | D:4      | 20667 ||| Stepping ~*~*~tactically~*~*~ (outnumbered).
 20669 | D:4      | 20669 ||| Stepping ~*~*~tactically~*~*~ (outnumbered).
 20671 | D:4      | 20671 ||| Stepping ~*~*~tactically~*~*~ (outnumbered).
 20678 | D:4      | 20678 ||| Stepping ~*~*~tactically~*~*~ (outnumbered).
 20693 | D:4      | 20693 ||| Stepping ~*~*~tactically~*~*~ (outnumbered).
 20695 | D:4      | 20695 ||| Stepping ~*~*~tactically~*~*~ (outnumbered).
 20697 | D:4      | 20697 ||| Stepping ~*~*~tactically~*~*~ (outnumbered).
 20699 | D:4      | 20699 ||| Stepping ~*~*~tactically~*~*~ (outnumbered).
 20701 | D:4      | 20701 ||| Stepping ~*~*~tactically~*~*~ (outnumbered).
 20703 | D:4      | 20703 ||| Stepping ~*~*~tactically~*~*~ (outnumbered).
 20705 | D:4      | 20705 ||| Stepping ~*~*~tactically~*~*~ (outnumbered).
 20707 | D:4      | 20707 ||| Stepping ~*~*~tactically~*~*~ (outnumbered).
 20709 | D:4      | 20709 ||| Stepping ~*~*~tactically~*~*~ (outnumbered).
 20711 | D:4      | 20711 ||| Stepping ~*~*~tactically~*~*~ (outnumbered).
 20713 | D:4      | 20713 ||| Stepping ~*~*~tactically~*~*~ (outnumbered).
 20715 | D:4      | 20715 ||| Stepping ~*~*~tactically~*~*~ (outnumbered).
 20717 | D:4      | 20717 ||| Stepping ~*~*~tactically~*~*~ (outnumbered).
 20719 | D:4      | 20719 ||| Stepping ~*~*~tactically~*~*~ (outnumbered).
 20721 | D:4      | 20721 ||| Stepping ~*~*~tactically~*~*~ (outnumbered).
 20723 | D:4      | 20723 ||| Stepping ~*~*~tactically~*~*~ (outnumbered).
 20725 | D:4      | 20725 ||| Stepping ~*~*~tactically~*~*~ (outnumbered).
 20727 | D:4      | 20727 ||| Stepping ~*~*~tactically~*~*~ (outnumbered).
 20729 | D:4      | 20729 ||| Stepping ~*~*~tactically~*~*~ (outnumbered).
 20731 | D:4      | 20731 ||| Stepping ~*~*~tactically~*~*~ (outnumbered).
 20733 | D:4      | 20733 ||| Stepping ~*~*~tactically~*~*~ (outnumbered).
 20735 | D:4      | 20735 ||| Stepping ~*~*~tactically~*~*~ (outnumbered).
 20737 | D:4      | 20737 ||| Stepping ~*~*~tactically~*~*~ (outnumbered).
 20739 | D:4      | 20739 ||| Stepping ~*~*~tactically~*~*~ (outnumbered).
 20741 | D:4      | 20741 ||| Stepping ~*~*~tactically~*~*~ (outnumbered).
 20743 | D:4      | 20743 ||| Stepping ~*~*~tactically~*~*~ (outnumbered).
 20749 | D:4      | 20749 ||| Stepping ~*~*~tactically~*~*~ (outnumbered).
 20751 | D:4      | 20751 ||| Stepping ~*~*~tactically~*~*~ (outnumbered).
 20753 | D:4      | 20753 ||| Stepping ~*~*~tactically~*~*~ (outnumbered).
 20755 | D:4      | 20755 ||| Stepping ~*~*~tactically~*~*~ (outnumbered).
 20771 | D:4      | 20771 ||| Stepping ~*~*~tactically~*~*~ (outnumbered).
 20773 | D:4      | 20773 ||| Stepping ~*~*~tactically~*~*~ (outnumbered).
 20775 | D:4      | 20775 ||| Stepping ~*~*~tactically~*~*~ (outnumbered).
 20777 | D:4      | 20777 ||| Stepping ~*~*~tactically~*~*~ (outnumbered).
 20779 | D:4      | 20779 ||| Stepping ~*~*~tactically~*~*~ (outnumbered).
 20781 | D:4      | 20781 ||| Stepping ~*~*~tactically~*~*~ (outnumbered).
 20783 | D:4      | 20783 ||| Stepping ~*~*~tactically~*~*~ (outnumbered).
 20785 | D:4      | 20785 ||| Stepping ~*~*~tactically~*~*~ (outnumbered).
 20787 | D:4      | 20787 ||| Stepping ~*~*~tactically~*~*~ (outnumbered).
 20789 | D:4      | 20789 ||| Stepping ~*~*~tactically~*~*~ (outnumbered).
 20791 | D:4      | 20791 ||| Stepping ~*~*~tactically~*~*~ (outnumbered).
 20797 | D:4      | 20797 ||| Stepping ~*~*~tactically~*~*~ (outnumbered).
 20811 | D:4      | 20811 ||| Stepping ~*~*~tactically~*~*~ (outnumbered).
 20823 | D:4      | 20823 ||| Stepping ~*~*~tactically~*~*~ (outnumbered).
 20825 | D:4      | 20825 ||| Stepping ~*~*~tactically~*~*~ (outnumbered).
 20827 | D:4      | 20827 ||| Stepping ~*~*~tactically~*~*~ (outnumbered).
 20830 | D:4      | 20830 ||| Stepping ~*~*~tactically~*~*~ (outnumbered).
 20832 | D:4      | 20832 ||| Stepping ~*~*~tactically~*~*~ (outnumbered).
 20834 | D:4      | 20834 ||| Stepping ~*~*~tactically~*~*~ (outnumbered).
 20836 | D:4      | 20836 ||| Stepping ~*~*~tactically~*~*~ (outnumbered).
 20838 | D:4      | 20838 ||| Stepping ~*~*~tactically~*~*~ (outnumbered).
 20840 | D:4      | 20840 ||| Stepping ~*~*~tactically~*~*~ (outnumbered).
 20852 | D:4      | 20852 ||| Stepping ~*~*~tactically~*~*~ (outnumbered).
 20854 | D:4      | 20854 ||| Stepping ~*~*~tactically~*~*~ (outnumbered).
 20856 | D:4      | 20856 ||| Stepping ~*~*~tactically~*~*~ (outnumbered).
 20858 | D:4      | 20858 ||| Stepping ~*~*~tactically~*~*~ (outnumbered).
 20860 | D:4      | 20860 ||| Stepping ~*~*~tactically~*~*~ (outnumbered).
 20862 | D:4      | 20862 ||| Stepping ~*~*~tactically~*~*~ (outnumbered).
 20864 | D:4      | 20864 ||| Stepping ~*~*~tactically~*~*~ (outnumbered).
 20866 | D:4      | 20866 ||| Stepping ~*~*~tactically~*~*~ (outnumbered).
 20871 | D:4      | 20871 ||| Stepping ~*~*~tactically~*~*~ (outnumbered).
 20873 | D:4      | 20873 ||| Stepping ~*~*~tactically~*~*~ (outnumbered).
 20875 | D:4      | 20875 ||| Stepping ~*~*~tactically~*~*~ (outnumbered).
 20877 | D:4      | 20877 ||| Stepping ~*~*~tactically~*~*~ (outnumbered).
 20886 | D:4      | 20886 ||| Stepping ~*~*~tactically~*~*~ (outnumbered).
 20888 | D:4      | 20888 ||| Stepping ~*~*~tactically~*~*~ (outnumbered).
 20904 | D:4      | 20904 ||| Stepping ~*~*~tactically~*~*~ (outnumbered).
 20906 | D:4      | 20906 ||| Stepping ~*~*~tactically~*~*~ (outnumbered).
 20908 | D:4      | 20908 ||| Stepping ~*~*~tactically~*~*~ (outnumbered).
 20910 | D:4      | 20910 ||| Stepping ~*~*~tactically~*~*~ (outnumbered).
 20915 | D:4      | 20915 ||| Stepping ~*~*~tactically~*~*~ (outnumbered).
 20917 | D:4      | 20917 ||| Stepping ~*~*~tactically~*~*~ (outnumbered).
 20926 | D:4      | 20926 ||| Stepping ~*~*~tactically~*~*~ (outnumbered).
 20928 | D:4      | 20928 ||| Stepping ~*~*~tactically~*~*~ (outnumbered).
 20930 | D:4      | 20930 ||| Stepping ~*~*~tactically~*~*~ (outnumbered).
 20932 | D:4      | 20932 ||| Stepping ~*~*~tactically~*~*~ (outnumbered).
 20934 | D:4      | 20934 ||| Stepping ~*~*~tactically~*~*~ (outnumbered).
 20936 | D:4      | 20936 ||| Stepping ~*~*~tactically~*~*~ (outnumbered).
 20949 | D:4      | 20949 ||| Stepping ~*~*~tactically~*~*~ (outnumbered).
 20951 | D:4      | 20951 ||| Stepping ~*~*~tactically~*~*~ (outnumbered).
 20953 | D:4      | 20953 ||| Stepping ~*~*~tactically~*~*~ (outnumbered).
 20955 | D:4      | 20955 ||| Stepping ~*~*~tactically~*~*~ (outnumbered).
 20957 | D:4      | 20957 ||| Stepping ~*~*~tactically~*~*~ (outnumbered).
 20959 | D:4      | 20959 ||| Stepping ~*~*~tactically~*~*~ (outnumbered).
 20961 | D:4      | 20961 ||| Stepping ~*~*~tactically~*~*~ (outnumbered).
 20963 | D:4      | 20963 ||| Stepping ~*~*~tactically~*~*~ (outnumbered).
 20978 | D:4      | 20978 ||| Stepping ~*~*~tactically~*~*~ (outnumbered).
 20980 | D:4      | 20980 ||| Stepping ~*~*~tactically~*~*~ (outnumbered).
 20982 | D:4      | 20982 ||| Stepping ~*~*~tactically~*~*~ (outnumbered).
 20984 | D:4      | 20984 ||| Stepping ~*~*~tactically~*~*~ (outnumbered).
 20986 | D:4      | 20986 ||| Stepping ~*~*~tactically~*~*~ (outnumbered).
 20988 | D:4      | 20988 ||| Stepping ~*~*~tactically~*~*~ (outnumbered).
 21004 | D:4      | 21004 ||| Stepping ~*~*~tactically~*~*~ (outnumbered).
 21006 | D:4      | 21006 ||| Stepping ~*~*~tactically~*~*~ (outnumbered).
 21008 | D:4      | 21008 ||| Stepping ~*~*~tactically~*~*~ (outnumbered).
 21010 | D:4      | 21010 ||| Stepping ~*~*~tactically~*~*~ (outnumbered).
 21019 | D:4      | 21019 ||| Stepping ~*~*~tactically~*~*~ (outnumbered).
 21021 | D:4      | 21021 ||| Stepping ~*~*~tactically~*~*~ (outnumbered).
 21026 | D:4      | 21026 ||| Stepping ~*~*~tactically~*~*~ (outnumbered).
 21028 | D:4      | 21028 ||| Stepping ~*~*~tactically~*~*~ (outnumbered).
 21030 | D:4      | 21030 ||| Stepping ~*~*~tactically~*~*~ (outnumbered).
 21032 | D:4      | 21032 ||| Stepping ~*~*~tactically~*~*~ (outnumbered).
 21034 | D:4      | 21034 ||| Stepping ~*~*~tactically~*~*~ (outnumbered).
 21036 | D:4      | 21036 ||| Stepping ~*~*~tactically~*~*~ (outnumbered).
 21038 | D:4      | 21038 ||| Stepping ~*~*~tactically~*~*~ (outnumbered).
 21040 | D:4      | 21040 ||| Stepping ~*~*~tactically~*~*~ (outnumbered).
 21042 | D:4      | 21042 ||| Stepping ~*~*~tactically~*~*~ (outnumbered).
 21044 | D:4      | 21044 ||| FLEEEEING.
 21072 | D:4      | 21072 ||| Stepping ~*~*~tactically~*~*~ (outnumbered).
 21074 | D:4      | 21074 ||| Stepping ~*~*~tactically~*~*~ (outnumbered).
 21078 | D:4      | 21078 ||| Stepping ~*~*~tactically~*~*~ (outnumbered).
 21080 | D:4      | 21080 ||| Stepping ~*~*~tactically~*~*~ (outnumbered).
 21082 | D:4      | 21082 ||| Stepping ~*~*~tactically~*~*~ (outnumbered).
 21084 | D:4      | 21084 ||| Stepping ~*~*~tactically~*~*~ (outnumbered).
 21086 | D:4      | 21086 ||| Stepping ~*~*~tactically~*~*~ (outnumbered).
 21089 | D:4      | 21089 ||| Stepping ~*~*~tactically~*~*~ (outnumbered).
 21091 | D:4      | 21091 ||| Stepping ~*~*~tactically~*~*~ (outnumbered).
 21093 | D:4      | 21093 ||| Stepping ~*~*~tactically~*~*~ (outnumbered).
 21095 | D:4      | 21095 ||| Stepping ~*~*~tactically~*~*~ (outnumbered).
 21097 | D:4      | 21097 ||| Stepping ~*~*~tactically~*~*~ (outnumbered).
 21104 | D:4      | 21104 ||| FLEEEEING.
 21132 | D:4      | 21132 ||| Stepping ~*~*~tactically~*~*~ (outnumbered).
 21134 | D:4      | 21134 ||| Stepping ~*~*~tactically~*~*~ (outnumbered).
 21136 | D:4      | 21136 ||| Stepping ~*~*~tactically~*~*~ (outnumbered).
 21138 | D:4      | 21138 ||| FLEEEEING.
 21165 | D:4      | 21165 ||| Stepping ~*~*~tactically~*~*~ (outnumbered).
 21167 | D:4      | 21167 ||| Stepping ~*~*~tactically~*~*~ (outnumbered).
 21169 | D:4      | 21169 ||| Stepping ~*~*~tactically~*~*~ (outnumbered).
 21171 | D:4      | 21171 ||| Stepping ~*~*~tactically~*~*~ (outnumbered).
 21173 | D:4      | 21173 ||| Stepping ~*~*~tactically~*~*~ (outnumbered).
 21175 | D:4      | 21175 ||| Stepping ~*~*~tactically~*~*~ (outnumbered).
 21177 | D:4      | 21177 ||| Stepping ~*~*~tactically~*~*~ (outnumbered).
 21179 | D:4      | 21179 ||| Stepping ~*~*~tactically~*~*~ (outnumbered).
 21181 | D:4      | 21181 ||| Stepping ~*~*~tactically~*~*~ (outnumbered).
 21189 | D:4      | 21189 ||| Stepping ~*~*~tactically~*~*~ (outnumbered).
 21191 | D:4      | 21191 ||| Stepping ~*~*~tactically~*~*~ (outnumbered).
 21193 | D:4      | 21193 ||| Stepping ~*~*~tactically~*~*~ (outnumbered).
 21195 | D:4      | 21195 ||| Stepping ~*~*~tactically~*~*~ (outnumbered).
 21197 | D:4      | 21197 ||| Stepping ~*~*~tactically~*~*~ (outnumbered).
 21199 | D:4      | 21199 ||| Stepping ~*~*~tactically~*~*~ (outnumbered).
 21201 | D:4      | 21201 ||| Stepping ~*~*~tactically~*~*~ (outnumbered).
 21211 | D:4      | 21211 ||| Stepping ~*~*~tactically~*~*~ (outnumbered).
 21213 | D:4      | 21213 ||| Stepping ~*~*~tactically~*~*~ (outnumbered).
 21215 | D:4      | 21215 ||| Stepping ~*~*~tactically~*~*~ (outnumbered).
 21217 | D:4      | 21217 ||| Stepping ~*~*~tactically~*~*~ (outnumbered).
 21219 | D:4      | 21219 ||| Stepping ~*~*~tactically~*~*~ (outnumbered).
 21221 | D:4      | 21221 ||| Stepping ~*~*~tactically~*~*~ (outnumbered).
 21234 | D:4      | 21234 ||| Stepping ~*~*~tactically~*~*~ (outnumbered).
 21236 | D:4      | 21236 ||| Stepping ~*~*~tactically~*~*~ (outnumbered).
 21238 | D:4      | 21238 ||| Stepping ~*~*~tactically~*~*~ (outnumbered).
 21241 | D:4      | 21241 ||| Stepping ~*~*~tactically~*~*~ (outnumbered).
 21243 | D:4      | 21243 ||| Stepping ~*~*~tactically~*~*~ (outnumbered).
 21245 | D:4      | 21245 ||| Stepping ~*~*~tactically~*~*~ (outnumbered).
 21247 | D:4      | 21247 ||| Stepping ~*~*~tactically~*~*~ (outnumbered).
 21249 | D:4      | 21249 ||| Stepping ~*~*~tactically~*~*~ (outnumbered).
 21251 | D:4      | 21251 ||| Stepping ~*~*~tactically~*~*~ (outnumbered).
 21260 | D:4      | 21260 ||| Stepping ~*~*~tactically~*~*~ (outnumbered).
 21262 | D:4      | 21262 ||| Stepping ~*~*~tactically~*~*~ (outnumbered).
 21264 | D:4      | 21264 ||| Stepping ~*~*~tactically~*~*~ (outnumbered).
 21266 | D:4      | 21266 ||| Stepping ~*~*~tactically~*~*~ (outnumbered).
 21268 | D:4      | 21268 ||| Stepping ~*~*~tactically~*~*~ (outnumbered).
 21270 | D:4      | 21270 ||| Stepping ~*~*~tactically~*~*~ (outnumbered).
 21278 | D:4      | 21278 ||| Stepping ~*~*~tactically~*~*~ (outnumbered).
 21280 | D:4      | 21280 ||| Stepping ~*~*~tactically~*~*~ (outnumbered).
 21282 | D:4      | 21282 ||| Stepping ~*~*~tactically~*~*~ (outnumbered).
 21284 | D:4      | 21284 ||| Stepping ~*~*~tactically~*~*~ (outnumbered).
 21286 | D:4      | 21286 ||| Stepping ~*~*~tactically~*~*~ (outnumbered).
 21288 | D:4      | 21288 ||| Stepping ~*~*~tactically~*~*~ (outnumbered).
 21293 | D:4      | 21293 ||| Stepping ~*~*~tactically~*~*~ (outnumbered).
 21295 | D:4      | 21295 ||| Stepping ~*~*~tactically~*~*~ (outnumbered).
 21297 | D:4      | 21297 ||| Stepping ~*~*~tactically~*~*~ (outnumbered).
 21299 | D:4      | 21299 ||| Stepping ~*~*~tactically~*~*~ (outnumbered).
 21311 | D:4      | 21311 ||| Stepping ~*~*~tactically~*~*~ (outnumbered).
 21313 | D:4      | 21313 ||| Stepping ~*~*~tactically~*~*~ (outnumbered).
 21315 | D:4      | 21315 ||| Stepping ~*~*~tactically~*~*~ (outnumbered).
 21317 | D:4      | 21317 ||| Stepping ~*~*~tactically~*~*~ (outnumbered).
 21323 | D:4      | 21323 ||| Stepping ~*~*~tactically~*~*~ (outnumbered).
 21325 | D:4      | 21325 ||| Stepping ~*~*~tactically~*~*~ (outnumbered).
 21327 | D:4      | 21327 ||| Stepping ~*~*~tactically~*~*~ (outnumbered).
 21329 | D:4      | 21329 ||| Stepping ~*~*~tactically~*~*~ (outnumbered).
 21331 | D:4      | 21331 ||| Stepping ~*~*~tactically~*~*~ (outnumbered).
 21333 | D:4      | 21333 ||| Stepping ~*~*~tactically~*~*~ (outnumbered).
 21349 | D:4      | 21349 ||| Stepping ~*~*~tactically~*~*~ (outnumbered).
 21351 | D:4      | 21351 ||| Stepping ~*~*~tactically~*~*~ (outnumbered).
 21353 | D:4      | 21353 ||| Stepping ~*~*~tactically~*~*~ (outnumbered).
 21355 | D:4      | 21355 ||| Stepping ~*~*~tactically~*~*~ (outnumbered).
 21357 | D:4      | 21357 ||| Stepping ~*~*~tactically~*~*~ (outnumbered).
 21359 | D:4      | 21359 ||| Stepping ~*~*~tactically~*~*~ (outnumbered).
 21367 | D:4      | 21367 ||| Stepping ~*~*~tactically~*~*~ (outnumbered).
 21369 | D:4      | 21369 ||| Stepping ~*~*~tactically~*~*~ (outnumbered).
 21371 | D:4      | 21371 ||| Stepping ~*~*~tactically~*~*~ (outnumbered).
 21374 | D:4      | 21374 ||| Stepping ~*~*~tactically~*~*~ (outnumbered).
 21376 | D:4      | 21376 ||| Stepping ~*~*~tactically~*~*~ (outnumbered).
 21382 | D:4      | 21382 ||| Stepping ~*~*~tactically~*~*~ (outnumbered).
 21384 | D:4      | 21384 ||| Stepping ~*~*~tactically~*~*~ (outnumbered).
 21386 | D:4      | 21386 ||| Stepping ~*~*~tactically~*~*~ (outnumbered).
 21388 | D:4      | 21388 ||| Stepping ~*~*~tactically~*~*~ (outnumbered).
 21393 | D:4      | 21393 ||| Stepping ~*~*~tactically~*~*~ (outnumbered).
 21400 | D:4      | 21400 ||| Stepping ~*~*~tactically~*~*~ (outnumbered).
 21402 | D:4      | 21402 ||| Stepping ~*~*~tactically~*~*~ (outnumbered).
 21404 | D:4      | 21404 ||| Stepping ~*~*~tactically~*~*~ (outnumbered).
 21406 | D:4      | 21406 ||| Stepping ~*~*~tactically~*~*~ (outnumbered).
 21408 | D:4      | 21408 ||| Stepping ~*~*~tactically~*~*~ (outnumbered).
 21411 | D:4      | 21411 ||| Stepping ~*~*~tactically~*~*~ (outnumbered).
 21413 | D:4      | 21413 ||| Stepping ~*~*~tactically~*~*~ (outnumbered).
 21415 | D:4      | 21415 ||| Stepping ~*~*~tactically~*~*~ (outnumbered).
 21417 | D:4      | 21417 ||| Stepping ~*~*~tactically~*~*~ (outnumbered).
 21419 | D:4      | 21419 ||| Stepping ~*~*~tactically~*~*~ (outnumbered).
 21421 | D:4      | 21421 ||| Stepping ~*~*~tactically~*~*~ (outnumbered).
 21426 | D:4      | 21426 ||| Stepping ~*~*~tactically~*~*~ (outnumbered).
 21428 | D:4      | 21428 ||| Stepping ~*~*~tactically~*~*~ (outnumbered).
 21434 | D:4      | 21434 ||| Stepping ~*~*~tactically~*~*~ (outnumbered).
 21436 | D:4      | 21436 ||| Stepping ~*~*~tactically~*~*~ (outnumbered).
 21438 | D:4      | 21438 ||| Stepping ~*~*~tactically~*~*~ (outnumbered).
 21440 | D:4      | 21440 ||| Stepping ~*~*~tactically~*~*~ (outnumbered).
 21445 | D:4      | 21445 ||| Stepping ~*~*~tactically~*~*~ (outnumbered).
 21447 | D:4      | 21447 ||| Stepping ~*~*~tactically~*~*~ (outnumbered).
 21449 | D:4      | 21449 ||| Stepping ~*~*~tactically~*~*~ (outnumbered).
 21451 | D:4      | 21451 ||| Stepping ~*~*~tactically~*~*~ (outnumbered).
 21453 | D:4      | 21453 ||| Stepping ~*~*~tactically~*~*~ (outnumbered).
 21455 | D:4      | 21455 ||| Stepping ~*~*~tactically~*~*~ (outnumbered).
 21457 | D:4      | 21457 ||| Stepping ~*~*~tactically~*~*~ (outnumbered).
 21460 | D:4      | 21460 ||| Stepping ~*~*~tactically~*~*~ (outnumbered).
 21462 | D:4      | 21462 ||| Stepping ~*~*~tactically~*~*~ (outnumbered).
 21464 | D:4      | 21464 ||| Stepping ~*~*~tactically~*~*~ (outnumbered).
 21466 | D:4      | 21466 ||| Stepping ~*~*~tactically~*~*~ (outnumbered).
 21468 | D:4      | 21468 ||| Stepping ~*~*~tactically~*~*~ (outnumbered).
 21470 | D:4      | 21470 ||| Stepping ~*~*~tactically~*~*~ (outnumbered).
 21472 | D:4      | 21472 ||| FLEEEEING.
 21498 | D:4      | 21498 ||| Stepping ~*~*~tactically~*~*~ (outnumbered).
 21500 | D:4      | 21500 ||| Stepping ~*~*~tactically~*~*~ (outnumbered).
 21502 | D:4      | 21502 ||| Stepping ~*~*~tactically~*~*~ (outnumbered).
 21504 | D:4      | 21504 ||| Stepping ~*~*~tactically~*~*~ (outnumbered).
 21506 | D:4      | 21506 ||| Stepping ~*~*~tactically~*~*~ (outnumbered).
 21508 | D:4      | 21508 ||| Stepping ~*~*~tactically~*~*~ (outnumbered).
 21510 | D:4      | 21510 ||| Stepping ~*~*~tactically~*~*~ (outnumbered).
 21512 | D:4      | 21512 ||| Stepping ~*~*~tactically~*~*~ (outnumbered).
 21514 | D:4      | 21514 ||| Stepping ~*~*~tactically~*~*~ (outnumbered).
 21516 | D:4      | 21516 ||| Stepping ~*~*~tactically~*~*~ (outnumbered).
 21518 | D:4      | 21518 ||| Stepping ~*~*~tactically~*~*~ (outnumbered).
 21520 | D:4      | 21520 ||| Stepping ~*~*~tactically~*~*~ (outnumbered).
 21522 | D:4      | 21522 ||| Stepping ~*~*~tactically~*~*~ (outnumbered).
 21524 | D:4      | 21524 ||| Stepping ~*~*~tactically~*~*~ (outnumbered).
 21537 | D:4      | 21537 ||| Stepping ~*~*~tactically~*~*~ (outnumbered).
 21539 | D:4      | 21539 ||| Stepping ~*~*~tactically~*~*~ (outnumbered).
 21541 | D:4      | 21541 ||| Stepping ~*~*~tactically~*~*~ (outnumbered).
 21543 | D:4      | 21543 ||| Stepping ~*~*~tactically~*~*~ (outnumbered).
 21545 | D:4      | 21545 ||| Stepping ~*~*~tactically~*~*~ (outnumbered).
 21547 | D:4      | 21547 ||| Stepping ~*~*~tactically~*~*~ (outnumbered).
 21549 | D:4      | 21549 ||| Stepping ~*~*~tactically~*~*~ (outnumbered).
 21551 | D:4      | 21551 ||| Stepping ~*~*~tactically~*~*~ (outnumbered).
 21553 | D:4      | 21553 ||| Stepping ~*~*~tactically~*~*~ (outnumbered).
 21555 | D:4      | 21555 ||| Stepping ~*~*~tactically~*~*~ (outnumbered).
 21557 | D:4      | 21557 ||| Stepping ~*~*~tactically~*~*~ (outnumbered).
 21571 | D:4      | 21571 ||| Stepping ~*~*~tactically~*~*~ (outnumbered).
 21573 | D:4      | 21573 ||| Stepping ~*~*~tactically~*~*~ (outnumbered).
 21575 | D:4      | 21575 ||| Stepping ~*~*~tactically~*~*~ (outnumbered).
 21577 | D:4      | 21577 ||| Stepping ~*~*~tactically~*~*~ (outnumbered).
 21582 | D:4      | 21582 ||| Stepping ~*~*~tactically~*~*~ (outnumbered).
 21584 | D:4      | 21584 ||| Stepping ~*~*~tactically~*~*~ (outnumbered).
 21586 | D:4      | 21586 ||| Stepping ~*~*~tactically~*~*~ (outnumbered).
 21588 | D:4      | 21588 ||| Stepping ~*~*~tactically~*~*~ (outnumbered).
 21590 | D:4      | 21590 ||| Stepping ~*~*~tactically~*~*~ (outnumbered).
 21592 | D:4      | 21592 ||| Stepping ~*~*~tactically~*~*~ (outnumbered).
 21594 | D:4      | 21594 ||| Stepping ~*~*~tactically~*~*~ (outnumbered).
 21608 | D:4      | 21608 ||| Stepping ~*~*~tactically~*~*~ (outnumbered).
 21610 | D:4      | 21610 ||| Stepping ~*~*~tactically~*~*~ (outnumbered).
 21612 | D:4      | 21612 ||| Stepping ~*~*~tactically~*~*~ (outnumbered).
 21614 | D:4      | 21614 ||| Stepping ~*~*~tactically~*~*~ (outnumbered).
 21616 | D:4      | 21616 ||| Stepping ~*~*~tactically~*~*~ (outnumbered).
 21618 | D:4      | 21618 ||| Stepping ~*~*~tactically~*~*~ (outnumbered).
 21620 | D:4      | 21620 ||| Stepping ~*~*~tactically~*~*~ (outnumbered).
 21622 | D:4      | 21622 ||| Stepping ~*~*~tactically~*~*~ (outnumbered).
 21624 | D:4      | 21624 ||| Stepping ~*~*~tactically~*~*~ (outnumbered).
 21634 | D:4      | 21634 ||| Stepping ~*~*~tactically~*~*~ (outnumbered).
 21636 | D:4      | 21636 ||| Stepping ~*~*~tactically~*~*~ (outnumbered).
 21638 | D:4      | 21638 ||| Stepping ~*~*~tactically~*~*~ (outnumbered).
 21640 | D:4      | 21640 ||| Stepping ~*~*~tactically~*~*~ (outnumbered).
 21642 | D:4      | 21642 ||| Stepping ~*~*~tactically~*~*~ (outnumbered).
 21644 | D:4      | 21644 ||| Stepping ~*~*~tactically~*~*~ (outnumbered).
 21646 | D:4      | 21646 ||| Stepping ~*~*~tactically~*~*~ (outnumbered).
 21648 | D:4      | 21648 ||| Stepping ~*~*~tactically~*~*~ (outnumbered).
 21650 | D:4      | 21650 ||| Stepping ~*~*~tactically~*~*~ (outnumbered).
 21652 | D:4      | 21652 ||| Stepping ~*~*~tactically~*~*~ (outnumbered).
 21654 | D:4      | 21654 ||| Stepping ~*~*~tactically~*~*~ (outnumbered).
 21656 | D:4      | 21656 ||| Stepping ~*~*~tactically~*~*~ (outnumbered).
 21671 | D:4      | 21671 ||| Stepping ~*~*~tactically~*~*~ (outnumbered).
 21673 | D:4      | 21673 ||| Stepping ~*~*~tactically~*~*~ (outnumbered).
 21675 | D:4      | 21675 ||| Stepping ~*~*~tactically~*~*~ (outnumbered).
 21677 | D:4      | 21677 ||| Stepping ~*~*~tactically~*~*~ (outnumbered).
 21679 | D:4      | 21679 ||| FLEEEEING.
 21706 | D:4      | 21706 ||| Stepping ~*~*~tactically~*~*~ (outnumbered).
 21708 | D:4      | 21708 ||| Stepping ~*~*~tactically~*~*~ (outnumbered).
 21710 | D:4      | 21710 ||| Stepping ~*~*~tactically~*~*~ (outnumbered).
 21712 | D:4      | 21712 ||| Stepping ~*~*~tactically~*~*~ (outnumbered).
 21714 | D:4      | 21714 ||| Stepping ~*~*~tactically~*~*~ (outnumbered).
 21716 | D:4      | 21716 ||| Stepping ~*~*~tactically~*~*~ (outnumbered).
 21718 | D:4      | 21718 ||| Stepping ~*~*~tactically~*~*~ (outnumbered).
 21720 | D:4      | 21720 ||| Stepping ~*~*~tactically~*~*~ (outnumbered).
 21722 | D:4      | 21722 ||| Stepping ~*~*~tactically~*~*~ (outnumbered).
 21724 | D:4      | 21724 ||| Stepping ~*~*~tactically~*~*~ (outnumbered).
 21726 | D:4      | 21726 ||| Stepping ~*~*~tactically~*~*~ (outnumbered).
 21728 | D:4      | 21728 ||| Stepping ~*~*~tactically~*~*~ (outnumbered).
 21730 | D:4      | 21730 ||| Stepping ~*~*~tactically~*~*~ (outnumbered).
 21732 | D:4      | 21732 ||| Stepping ~*~*~tactically~*~*~ (outnumbered).
 21734 | D:4      | 21734 ||| Stepping ~*~*~tactically~*~*~ (outnumbered).
 21736 | D:4      | 21736 ||| Stepping ~*~*~tactically~*~*~ (outnumbered).
 21738 | D:4      | 21738 ||| Stepping ~*~*~tactically~*~*~ (outnumbered).
 21740 | D:4      | 21740 ||| Stepping ~*~*~tactically~*~*~ (outnumbered).
 21742 | D:4      | 21742 ||| Stepping ~*~*~tactically~*~*~ (outnumbered).
 21744 | D:4      | 21744 ||| Stepping ~*~*~tactically~*~*~ (outnumbered).
 21756 | D:4      | 21756 ||| Stepping ~*~*~tactically~*~*~ (outnumbered).
 21758 | D:4      | 21758 ||| Stepping ~*~*~tactically~*~*~ (outnumbered).
 21760 | D:4      | 21760 ||| Stepping ~*~*~tactically~*~*~ (outnumbered).
 21762 | D:4      | 21762 ||| Stepping ~*~*~tactically~*~*~ (outnumbered).
 21764 | D:4      | 21764 ||| Stepping ~*~*~tactically~*~*~ (outnumbered).
 21771 | D:4      | 21771 ||| Stepping ~*~*~tactically~*~*~ (outnumbered).
 21773 | D:4      | 21773 ||| Stepping ~*~*~tactically~*~*~ (outnumbered).
 21775 | D:4      | 21775 ||| Stepping ~*~*~tactically~*~*~ (outnumbered).
 21777 | D:4      | 21777 ||| Stepping ~*~*~tactically~*~*~ (outnumbered).
 21779 | D:4      | 21779 ||| Stepping ~*~*~tactically~*~*~ (outnumbered).
 21781 | D:4      | 21781 ||| FLEEEEING.
 21809 | D:4      | 21809 ||| Stepping ~*~*~tactically~*~*~ (outnumbered).
 21811 | D:4      | 21811 ||| Stepping ~*~*~tactically~*~*~ (outnumbered).
 21813 | D:4      | 21813 ||| Stepping ~*~*~tactically~*~*~ (outnumbered).
 21815 | D:4      | 21815 ||| Stepping ~*~*~tactically~*~*~ (outnumbered).
 21817 | D:4      | 21817 ||| Stepping ~*~*~tactically~*~*~ (outnumbered).
 21819 | D:4      | 21819 ||| Stepping ~*~*~tactically~*~*~ (outnumbered).
 21821 | D:4      | 21821 ||| Stepping ~*~*~tactically~*~*~ (outnumbered).
 21823 | D:4      | 21823 ||| Stepping ~*~*~tactically~*~*~ (outnumbered).
 21825 | D:4      | 21825 ||| Stepping ~*~*~tactically~*~*~ (outnumbered).
 21827 | D:4      | 21827 ||| Stepping ~*~*~tactically~*~*~ (outnumbered).
 21829 | D:4      | 21829 ||| Stepping ~*~*~tactically~*~*~ (outnumbered).
 21834 | D:4      | 21834 ||| Stepping ~*~*~tactically~*~*~ (outnumbered).
 21836 | D:4      | 21836 ||| Stepping ~*~*~tactically~*~*~ (outnumbered).
 21841 | D:4      | 21841 ||| Stepping ~*~*~tactically~*~*~ (outnumbered).
 21843 | D:4      | 21843 ||| Stepping ~*~*~tactically~*~*~ (outnumbered).
 21845 | D:4      | 21845 ||| Stepping ~*~*~tactically~*~*~ (outnumbered).
 21847 | D:4      | 21847 ||| Stepping ~*~*~tactically~*~*~ (outnumbered).
 21849 | D:4      | 21849 ||| Stepping ~*~*~tactically~*~*~ (outnumbered).
 21851 | D:4      | 21851 ||| Stepping ~*~*~tactically~*~*~ (outnumbered).
 21853 | D:4      | 21853 ||| Stepping ~*~*~tactically~*~*~ (outnumbered).
 21855 | D:4      | 21855 ||| Stepping ~*~*~tactically~*~*~ (outnumbered).
 21857 | D:4      | 21857 ||| Stepping ~*~*~tactically~*~*~ (outnumbered).
 21867 | D:4      | 21867 ||| Stepping ~*~*~tactically~*~*~ (outnumbered).
 21869 | D:4      | 21869 ||| Stepping ~*~*~tactically~*~*~ (outnumbered).
 21871 | D:4      | 21871 ||| Stepping ~*~*~tactically~*~*~ (outnumbered).
 21874 | D:4      | 21874 ||| Stepping ~*~*~tactically~*~*~ (outnumbered).
 21876 | D:4      | 21876 ||| Stepping ~*~*~tactically~*~*~ (outnumbered).
 21878 | D:4      | 21878 ||| Stepping ~*~*~tactically~*~*~ (outnumbered).
 21880 | D:4      | 21880 ||| Stepping ~*~*~tactically~*~*~ (outnumbered).
 21882 | D:4      | 21882 ||| Stepping ~*~*~tactically~*~*~ (outnumbered).
 21886 | D:4      | 21886 ||| Stepping ~*~*~tactically~*~*~ (outnumbered).
 21888 | D:4      | 21888 ||| Stepping ~*~*~tactically~*~*~ (outnumbered).
 21890 | D:4      | 21890 ||| Stepping ~*~*~tactically~*~*~ (outnumbered).
 21900 | D:4      | 21900 ||| Stepping ~*~*~tactically~*~*~ (outnumbered).
 21902 | D:4      | 21902 ||| Stepping ~*~*~tactically~*~*~ (outnumbered).
 21904 | D:4      | 21904 ||| Stepping ~*~*~tactically~*~*~ (outnumbered).
 21906 | D:4      | 21906 ||| Stepping ~*~*~tactically~*~*~ (outnumbered).
 21908 | D:4      | 21908 ||| Stepping ~*~*~tactically~*~*~ (outnumbered).
 21910 | D:4      | 21910 ||| Stepping ~*~*~tactically~*~*~ (outnumbered).
 21912 | D:4      | 21912 ||| Stepping ~*~*~tactically~*~*~ (outnumbered).
 21914 | D:4      | 21914 ||| Stepping ~*~*~tactically~*~*~ (outnumbered).
 21916 | D:4      | 21916 ||| Stepping ~*~*~tactically~*~*~ (outnumbered).
 21918 | D:4      | 21918 ||| Stepping ~*~*~tactically~*~*~ (outnumbered).
 21920 | D:4      | 21920 ||| Stepping ~*~*~tactically~*~*~ (outnumbered).
 21923 | D:4      | 21923 ||| Stepping ~*~*~tactically~*~*~ (outnumbered).
 21925 | D:4      | 21925 ||| Stepping ~*~*~tactically~*~*~ (outnumbered).
 21927 | D:4      | 21927 ||| Stepping ~*~*~tactically~*~*~ (outnumbered).
 21929 | D:4      | 21929 ||| FLEEEEING.
 21958 | D:4      | 21958 ||| Stepping ~*~*~tactically~*~*~ (outnumbered).
 21960 | D:4      | 21960 ||| Stepping ~*~*~tactically~*~*~ (outnumbered).
 21962 | D:4      | 21962 ||| Stepping ~*~*~tactically~*~*~ (outnumbered).
 21964 | D:4      | 21964 ||| FLEEEEING.
 21991 | D:4      | 21991 ||| Stepping ~*~*~tactically~*~*~ (outnumbered).
 21993 | D:4      | 21993 ||| Stepping ~*~*~tactically~*~*~ (outnumbered).
 22008 | D:4      | 22008 ||| Stepping ~*~*~tactically~*~*~ (outnumbered).
 22010 | D:4      | 22010 ||| Stepping ~*~*~tactically~*~*~ (outnumbered).
 22012 | D:4      | 22012 ||| Stepping ~*~*~tactically~*~*~ (outnumbered).
 22014 | D:4      | 22014 ||| Stepping ~*~*~tactically~*~*~ (outnumbered).
 22026 | D:4      | 22026 ||| Stepping ~*~*~tactically~*~*~ (outnumbered).
 22028 | D:4      | 22028 ||| Stepping ~*~*~tactically~*~*~ (outnumbered).
 22030 | D:4      | 22030 ||| Stepping ~*~*~tactically~*~*~ (outnumbered).
 22032 | D:4      | 22032 ||| Stepping ~*~*~tactically~*~*~ (outnumbered).
 22034 | D:4      | 22034 ||| Stepping ~*~*~tactically~*~*~ (outnumbered).
 22036 | D:4      | 22036 ||| Stepping ~*~*~tactically~*~*~ (outnumbered).
 22038 | D:4      | 22038 ||| Stepping ~*~*~tactically~*~*~ (outnumbered).
 22040 | D:4      | 22040 ||| Stepping ~*~*~tactically~*~*~ (outnumbered).
 22042 | D:4      | 22042 ||| Stepping ~*~*~tactically~*~*~ (outnumbered).
 22044 | D:4      | 22044 ||| Stepping ~*~*~tactically~*~*~ (outnumbered).
 22052 | D:4      | 22052 ||| Stepping ~*~*~tactically~*~*~ (outnumbered).
 22054 | D:4      | 22054 ||| Stepping ~*~*~tactically~*~*~ (outnumbered).
 22056 | D:4      | 22056 ||| Stepping ~*~*~tactically~*~*~ (outnumbered).
 22058 | D:4      | 22058 ||| Stepping ~*~*~tactically~*~*~ (outnumbered).
 22060 | D:4      | 22060 ||| Stepping ~*~*~tactically~*~*~ (outnumbered).
 22062 | D:4      | 22062 ||| Stepping ~*~*~tactically~*~*~ (outnumbered).
 22064 | D:4      | 22064 ||| Stepping ~*~*~tactically~*~*~ (outnumbered).
 22071 | D:4      | 22071 ||| Stepping ~*~*~tactically~*~*~ (outnumbered).
 22073 | D:4      | 22073 ||| Stepping ~*~*~tactically~*~*~ (outnumbered).
 22075 | D:4      | 22075 ||| Stepping ~*~*~tactically~*~*~ (outnumbered).
 22077 | D:4      | 22077 ||| Stepping ~*~*~tactically~*~*~ (outnumbered).
 22079 | D:4      | 22079 ||| Stepping ~*~*~tactically~*~*~ (outnumbered).
 22081 | D:4      | 22081 ||| Stepping ~*~*~tactically~*~*~ (outnumbered).
 22083 | D:4      | 22083 ||| Stepping ~*~*~tactically~*~*~ (outnumbered).
 22085 | D:4      | 22085 ||| Stepping ~*~*~tactically~*~*~ (outnumbered).
 22087 | D:4      | 22087 ||| Stepping ~*~*~tactically~*~*~ (outnumbered).
 22089 | D:4      | 22089 ||| Stepping ~*~*~tactically~*~*~ (outnumbered).
 22091 | D:4      | 22091 ||| Stepping ~*~*~tactically~*~*~ (outnumbered).
 22093 | D:4      | 22093 ||| Stepping ~*~*~tactically~*~*~ (outnumbered).
 22095 | D:4      | 22095 ||| Stepping ~*~*~tactically~*~*~ (outnumbered).
 22097 | D:4      | 22097 ||| Stepping ~*~*~tactically~*~*~ (outnumbered).
 22099 | D:4      | 22099 ||| Stepping ~*~*~tactically~*~*~ (outnumbered).
 22101 | D:4      | 22101 ||| Stepping ~*~*~tactically~*~*~ (outnumbered).
 22103 | D:4      | 22103 ||| Stepping ~*~*~tactically~*~*~ (outnumbered).
 22105 | D:4      | 22105 ||| Stepping ~*~*~tactically~*~*~ (outnumbered).
 22111 | D:4      | 22111 ||| Stepping ~*~*~tactically~*~*~ (outnumbered).
 22113 | D:4      | 22113 ||| Stepping ~*~*~tactically~*~*~ (outnumbered).
 22115 | D:4      | 22115 ||| Stepping ~*~*~tactically~*~*~ (outnumbered).
 22117 | D:4      | 22117 ||| Stepping ~*~*~tactically~*~*~ (outnumbered).
 22119 | D:4      | 22119 ||| Stepping ~*~*~tactically~*~*~ (outnumbered).
 22121 | D:4      | 22121 ||| Stepping ~*~*~tactically~*~*~ (outnumbered).
 22123 | D:4      | 22123 ||| Stepping ~*~*~tactically~*~*~ (outnumbered).
 22125 | D:4      | 22125 ||| Stepping ~*~*~tactically~*~*~ (outnumbered).
 22127 | D:4      | 22127 ||| Stepping ~*~*~tactically~*~*~ (outnumbered).
 22129 | D:4      | 22129 ||| Stepping ~*~*~tactically~*~*~ (outnumbered).
 22131 | D:4      | 22131 ||| Stepping ~*~*~tactically~*~*~ (outnumbered).
 22145 | D:4      | 22145 ||| Stepping ~*~*~tactically~*~*~ (outnumbered).
 22147 | D:4      | 22147 ||| Stepping ~*~*~tactically~*~*~ (outnumbered).
 22156 | D:4      | 22156 ||| Stepping ~*~*~tactically~*~*~ (outnumbered).
 22158 | D:4      | 22158 ||| Stepping ~*~*~tactically~*~*~ (outnumbered).
 22160 | D:4      | 22160 ||| Stepping ~*~*~tactically~*~*~ (outnumbered).
 22162 | D:4      | 22162 ||| Stepping ~*~*~tactically~*~*~ (outnumbered).
 22164 | D:4      | 22164 ||| Stepping ~*~*~tactically~*~*~ (outnumbered).
 22166 | D:4      | 22166 ||| Stepping ~*~*~tactically~*~*~ (outnumbered).
 22168 | D:4      | 22168 ||| Stepping ~*~*~tactically~*~*~ (outnumbered).
 22170 | D:4      | 22170 ||| Stepping ~*~*~tactically~*~*~ (outnumbered).
 22172 | D:4      | 22172 ||| Stepping ~*~*~tactically~*~*~ (outnumbered).
 22174 | D:4      | 22174 ||| Stepping ~*~*~tactically~*~*~ (outnumbered).
 22176 | D:4      | 22176 ||| Stepping ~*~*~tactically~*~*~ (outnumbered).
 22178 | D:4      | 22178 ||| Stepping ~*~*~tactically~*~*~ (outnumbered).
 22189 | D:4      | 22189 ||| Stepping ~*~*~tactically~*~*~ (outnumbered).
 22191 | D:4      | 22191 ||| Stepping ~*~*~tactically~*~*~ (outnumbered).
 22193 | D:4      | 22193 ||| Stepping ~*~*~tactically~*~*~ (outnumbered).
 22195 | D:4      | 22195 ||| Stepping ~*~*~tactically~*~*~ (outnumbered).
 22197 | D:4      | 22197 ||| Stepping ~*~*~tactically~*~*~ (outnumbered).
 22199 | D:4      | 22199 ||| Stepping ~*~*~tactically~*~*~ (outnumbered).
 22204 | D:4      | 22204 ||| Stepping ~*~*~tactically~*~*~ (outnumbered).
 22208 | D:4      | 22208 ||| Stepping ~*~*~tactically~*~*~ (outnumbered).
 22210 | D:4      | 22210 ||| Stepping ~*~*~tactically~*~*~ (outnumbered).
 22212 | D:4      | 22212 ||| Stepping ~*~*~tactically~*~*~ (outnumbered).
 22215 | D:4      | 22215 ||| Stepping ~*~*~tactically~*~*~ (outnumbered).
 22230 | D:4      | 22230 ||| Stepping ~*~*~tactically~*~*~ (outnumbered).
 22232 | D:4      | 22232 ||| Stepping ~*~*~tactically~*~*~ (outnumbered).
 22241 | D:4      | 22241 ||| Stepping ~*~*~tactically~*~*~ (outnumbered).
 22243 | D:4      | 22243 ||| Stepping ~*~*~tactically~*~*~ (outnumbered).
 22245 | D:4      | 22245 ||| Stepping ~*~*~tactically~*~*~ (outnumbered).
 22252 | D:4      | 22252 ||| Stepping ~*~*~tactically~*~*~ (outnumbered).
 22254 | D:4      | 22254 ||| Stepping ~*~*~tactically~*~*~ (outnumbered).
 22256 | D:4      | 22256 ||| Stepping ~*~*~tactically~*~*~ (outnumbered).
 22258 | D:4      | 22258 ||| Stepping ~*~*~tactically~*~*~ (outnumbered).
 22263 | D:4      | 22263 ||| Stepping ~*~*~tactically~*~*~ (outnumbered).
 22265 | D:4      | 22265 ||| Stepping ~*~*~tactically~*~*~ (outnumbered).
 22267 | D:4      | 22267 ||| Stepping ~*~*~tactically~*~*~ (outnumbered).
 22269 | D:4      | 22269 ||| Stepping ~*~*~tactically~*~*~ (outnumbered).
 22278 | D:4      | 22278 ||| Stepping ~*~*~tactically~*~*~ (outnumbered).
 22282 | D:4      | 22282 ||| Stepping ~*~*~tactically~*~*~ (outnumbered).
 22289 | D:4      | 22289 ||| Stepping ~*~*~tactically~*~*~ (outnumbered).
 22291 | D:4      | 22291 ||| Stepping ~*~*~tactically~*~*~ (outnumbered).
 22293 | D:4      | 22293 ||| Stepping ~*~*~tactically~*~*~ (outnumbered).
 22295 | D:4      | 22295 ||| Stepping ~*~*~tactically~*~*~ (outnumbered).
 22297 | D:4      | 22297 ||| Stepping ~*~*~tactically~*~*~ (outnumbered).
 22299 | D:4      | 22299 ||| Stepping ~*~*~tactically~*~*~ (outnumbered).
 22301 | D:4      | 22301 ||| Stepping ~*~*~tactically~*~*~ (outnumbered).
 22303 | D:4      | 22303 ||| Stepping ~*~*~tactically~*~*~ (outnumbered).
 22305 | D:4      | 22305 ||| Stepping ~*~*~tactically~*~*~ (outnumbered).
 22307 | D:4      | 22307 ||| Stepping ~*~*~tactically~*~*~ (outnumbered).
 22309 | D:4      | 22309 ||| Stepping ~*~*~tactically~*~*~ (outnumbered).
 22315 | D:4      | 22315 ||| Stepping ~*~*~tactically~*~*~ (outnumbered).
 22317 | D:4      | 22317 ||| Stepping ~*~*~tactically~*~*~ (outnumbered).
 22319 | D:4      | 22319 ||| Stepping ~*~*~tactically~*~*~ (outnumbered).
 22323 | D:4      | 22323 ||| Stepping ~*~*~tactically~*~*~ (outnumbered).
 22325 | D:4      | 22325 ||| Stepping ~*~*~tactically~*~*~ (outnumbered).
 22327 | D:4      | 22327 ||| Stepping ~*~*~tactically~*~*~ (outnumbered).
 22329 | D:4      | 22329 ||| Stepping ~*~*~tactically~*~*~ (outnumbered).
 22331 | D:4      | 22331 ||| Stepping ~*~*~tactically~*~*~ (outnumbered).
 22345 | D:4      | 22345 ||| Stepping ~*~*~tactically~*~*~ (outnumbered).
 22349 | D:4      | 22349 ||| Stepping ~*~*~tactically~*~*~ (outnumbered).
 22351 | D:4      | 22351 ||| Stepping ~*~*~tactically~*~*~ (outnumbered).
 22353 | D:4      | 22353 ||| Stepping ~*~*~tactically~*~*~ (outnumbered).
 22355 | D:4      | 22355 ||| Stepping ~*~*~tactically~*~*~ (outnumbered).
 22357 | D:4      | 22357 ||| Stepping ~*~*~tactically~*~*~ (outnumbered).
 22360 | D:4      | 22360 ||| Stepping ~*~*~tactically~*~*~ (outnumbered).
 22371 | D:4      | 22371 ||| Stepping ~*~*~tactically~*~*~ (outnumbered).
 22373 | D:4      | 22373 ||| Stepping ~*~*~tactically~*~*~ (outnumbered).
 22375 | D:4      | 22375 ||| Stepping ~*~*~tactically~*~*~ (outnumbered).
 22377 | D:4      | 22377 ||| FLEEEEING.
 22406 | D:4      | 22406 ||| Stepping ~*~*~tactically~*~*~ (outnumbered).
 22411 | D:4      | 22411 ||| Stepping ~*~*~tactically~*~*~ (outnumbered).
 22413 | D:4      | 22413 ||| Stepping ~*~*~tactically~*~*~ (outnumbered).
 22415 | D:4      | 22415 ||| Stepping ~*~*~tactically~*~*~ (outnumbered).
 22417 | D:4      | 22417 ||| Stepping ~*~*~tactically~*~*~ (outnumbered).
 22419 | D:4      | 22419 ||| Stepping ~*~*~tactically~*~*~ (outnumbered).
 22430 | D:4      | 22430 ||| Stepping ~*~*~tactically~*~*~ (outnumbered).
 22432 | D:4      | 22432 ||| Stepping ~*~*~tactically~*~*~ (outnumbered).
 22434 | D:4      | 22434 ||| Stepping ~*~*~tactically~*~*~ (outnumbered).
 22436 | D:4      | 22436 ||| Stepping ~*~*~tactically~*~*~ (outnumbered).
 22449 | D:4      | 22449 ||| Stepping ~*~*~tactically~*~*~ (outnumbered).
 22451 | D:4      | 22451 ||| Stepping ~*~*~tactically~*~*~ (outnumbered).
 22453 | D:4      | 22453 ||| Stepping ~*~*~tactically~*~*~ (outnumbered).
 22456 | D:4      | 22456 ||| Stepping ~*~*~tactically~*~*~ (outnumbered).
 22458 | D:4      | 22458 ||| FLEEEEING.
 22483 | D:4      | 22483 ||| Stepping ~*~*~tactically~*~*~ (outnumbered).
 22485 | D:4      | 22485 ||| Stepping ~*~*~tactically~*~*~ (outnumbered).
 22487 | D:4      | 22487 ||| Stepping ~*~*~tactically~*~*~ (outnumbered).
 22489 | D:4      | 22489 ||| Stepping ~*~*~tactically~*~*~ (outnumbered).
 22491 | D:4      | 22491 ||| Stepping ~*~*~tactically~*~*~ (outnumbered).
 22493 | D:4      | 22493 ||| Stepping ~*~*~tactically~*~*~ (outnumbered).
 22495 | D:4      | 22495 ||| Stepping ~*~*~tactically~*~*~ (outnumbered).
 22497 | D:4      | 22497 ||| Stepping ~*~*~tactically~*~*~ (outnumbered).
 22499 | D:4      | 22499 ||| Stepping ~*~*~tactically~*~*~ (outnumbered).
 22501 | D:4      | 22501 ||| Stepping ~*~*~tactically~*~*~ (outnumbered).
 22503 | D:4      | 22503 ||| Stepping ~*~*~tactically~*~*~ (outnumbered).
 22515 | D:4      | 22515 ||| Stepping ~*~*~tactically~*~*~ (outnumbered).
 22517 | D:4      | 22517 ||| Stepping ~*~*~tactically~*~*~ (outnumbered).
 22519 | D:4      | 22519 ||| Stepping ~*~*~tactically~*~*~ (outnumbered).
 22523 | D:4      | 22523 ||| Stepping ~*~*~tactically~*~*~ (outnumbered).
 22525 | D:4      | 22525 ||| Stepping ~*~*~tactically~*~*~ (outnumbered).
 22527 | D:4      | 22527 ||| Stepping ~*~*~tactically~*~*~ (outnumbered).
 22529 | D:4      | 22529 ||| Stepping ~*~*~tactically~*~*~ (outnumbered).
 22531 | D:4      | 22531 ||| Stepping ~*~*~tactically~*~*~ (outnumbered).
 22533 | D:4      | 22533 ||| Stepping ~*~*~tactically~*~*~ (outnumbered).
 22537 | D:4      | 22537 ||| Stepping ~*~*~tactically~*~*~ (outnumbered).
 22539 | D:4      | 22539 ||| Stepping ~*~*~tactically~*~*~ (outnumbered).
 22541 | D:4      | 22541 ||| Stepping ~*~*~tactically~*~*~ (outnumbered).
 22543 | D:4      | 22543 ||| Stepping ~*~*~tactically~*~*~ (outnumbered).
 22545 | D:4      | 22545 ||| Stepping ~*~*~tactically~*~*~ (outnumbered).
 22547 | D:4      | 22547 ||| Stepping ~*~*~tactically~*~*~ (outnumbered).
 22549 | D:4      | 22549 ||| Stepping ~*~*~tactically~*~*~ (outnumbered).
 22551 | D:4      | 22551 ||| Stepping ~*~*~tactically~*~*~ (outnumbered).
 22553 | D:4      | 22553 ||| Stepping ~*~*~tactically~*~*~ (outnumbered).
 22556 | D:4      | 22556 ||| Stepping ~*~*~tactically~*~*~ (outnumbered).
 22558 | D:4      | 22558 ||| Stepping ~*~*~tactically~*~*~ (outnumbered).
 22560 | D:4      | 22560 ||| Stepping ~*~*~tactically~*~*~ (outnumbered).
 22571 | D:4      | 22571 ||| Stepping ~*~*~tactically~*~*~ (outnumbered).
 22573 | D:4      | 22573 ||| Stepping ~*~*~tactically~*~*~ (outnumbered).
 22582 | D:4      | 22582 ||| Stepping ~*~*~tactically~*~*~ (outnumbered).
 22584 | D:4      | 22584 ||| Stepping ~*~*~tactically~*~*~ (outnumbered).
 22586 | D:4      | 22586 ||| Stepping ~*~*~tactically~*~*~ (outnumbered).
 22597 | D:4      | 22597 ||| Stepping ~*~*~tactically~*~*~ (outnumbered).
 22604 | D:4      | 22604 ||| Stepping ~*~*~tactically~*~*~ (outnumbered).
 22606 | D:4      | 22606 ||| Stepping ~*~*~tactically~*~*~ (outnumbered).
 22608 | D:4      | 22608 ||| Stepping ~*~*~tactically~*~*~ (outnumbered).
 22610 | D:4      | 22610 ||| FLEEEEING.
 22639 | D:4      | 22639 ||| Stepping ~*~*~tactically~*~*~ (outnumbered).
 22641 | D:4      | 22641 ||| Stepping ~*~*~tactically~*~*~ (outnumbered).
 22643 | D:4      | 22643 ||| Stepping ~*~*~tactically~*~*~ (outnumbered).
 22645 | D:4      | 22645 ||| Stepping ~*~*~tactically~*~*~ (outnumbered).
 22652 | D:4      | 22652 ||| Stepping ~*~*~tactically~*~*~ (outnumbered).
 22654 | D:4      | 22654 ||| Stepping ~*~*~tactically~*~*~ (outnumbered).
 22656 | D:4      | 22656 ||| FLEEEEING.
 22683 | D:4      | 22683 ||| Stepping ~*~*~tactically~*~*~ (outnumbered).
 22697 | D:4      | 22697 ||| Stepping ~*~*~tactically~*~*~ (outnumbered).
 22699 | D:4      | 22699 ||| Stepping ~*~*~tactically~*~*~ (outnumbered).
 22701 | D:4      | 22701 ||| Stepping ~*~*~tactically~*~*~ (outnumbered).
 22703 | D:4      | 22703 ||| Stepping ~*~*~tactically~*~*~ (outnumbered).
 22711 | D:4      | 22711 ||| Stepping ~*~*~tactically~*~*~ (outnumbered).
 22713 | D:4      | 22713 ||| Stepping ~*~*~tactically~*~*~ (outnumbered).
 22715 | D:4      | 22715 ||| Stepping ~*~*~tactically~*~*~ (outnumbered).
 22717 | D:4      | 22717 ||| Stepping ~*~*~tactically~*~*~ (outnumbered).
 22719 | D:4      | 22719 ||| Stepping ~*~*~tactically~*~*~ (outnumbered).
 22721 | D:4      | 22721 ||| FLEEEEING.
 22746 | D:4      | 22746 ||| Stepping ~*~*~tactically~*~*~ (outnumbered).
 22748 | D:4      | 22748 ||| Stepping ~*~*~tactically~*~*~ (outnumbered).
 22750 | D:4      | 22750 ||| Stepping ~*~*~tactically~*~*~ (outnumbered).
 22752 | D:4      | 22752 ||| Stepping ~*~*~tactically~*~*~ (outnumbered).
 22754 | D:4      | 22754 ||| Stepping ~*~*~tactically~*~*~ (outnumbered).
 22756 | D:4      | 22756 ||| Stepping ~*~*~tactically~*~*~ (outnumbered).
 22758 | D:4      | 22758 ||| Stepping ~*~*~tactically~*~*~ (outnumbered).
 22760 | D:4      | 22760 ||| Stepping ~*~*~tactically~*~*~ (outnumbered).
 22762 | D:4      | 22762 ||| Stepping ~*~*~tactically~*~*~ (outnumbered).
 22764 | D:4      | 22764 ||| Stepping ~*~*~tactically~*~*~ (outnumbered).
 22766 | D:4      | 22766 ||| Stepping ~*~*~tactically~*~*~ (outnumbered).
 22771 | D:4      | 22771 ||| Stepping ~*~*~tactically~*~*~ (outnumbered).
 22773 | D:4      | 22773 ||| Stepping ~*~*~tactically~*~*~ (outnumbered).
 22775 | D:4      | 22775 ||| Stepping ~*~*~tactically~*~*~ (outnumbered).
 22777 | D:4      | 22777 ||| Stepping ~*~*~tactically~*~*~ (outnumbered).
 22779 | D:4      | 22779 ||| Stepping ~*~*~tactically~*~*~ (outnumbered).
 22781 | D:4      | 22781 ||| Stepping ~*~*~tactically~*~*~ (outnumbered).
 22783 | D:4      | 22783 ||| Stepping ~*~*~tactically~*~*~ (outnumbered).
 22785 | D:4      | 22785 ||| Stepping ~*~*~tactically~*~*~ (outnumbered).
 22787 | D:4      | 22787 ||| FLEEEEING.
 22813 | D:4      | 22813 ||| Stepping ~*~*~tactically~*~*~ (outnumbered).
 22815 | D:4      | 22815 ||| Stepping ~*~*~tactically~*~*~ (outnumbered).
 22819 | D:4      | 22819 ||| Stepping ~*~*~tactically~*~*~ (outnumbered).
 22821 | D:4      | 22821 ||| Stepping ~*~*~tactically~*~*~ (outnumbered).
 22826 | D:4      | 22826 ||| Stepping ~*~*~tactically~*~*~ (outnumbered).
 22828 | D:4      | 22828 ||| Stepping ~*~*~tactically~*~*~ (outnumbered).
 22830 | D:4      | 22830 ||| Stepping ~*~*~tactically~*~*~ (outnumbered).
 22832 | D:4      | 22832 ||| Stepping ~*~*~tactically~*~*~ (outnumbered).
 22845 | D:4      | 22845 ||| Stepping ~*~*~tactically~*~*~ (outnumbered).
 22847 | D:4      | 22847 ||| Stepping ~*~*~tactically~*~*~ (outnumbered).
 22849 | D:4      | 22849 ||| Stepping ~*~*~tactically~*~*~ (outnumbered).
 22851 | D:4      | 22851 ||| Stepping ~*~*~tactically~*~*~ (outnumbered).
 22856 | D:4      | 22856 ||| Stepping ~*~*~tactically~*~*~ (outnumbered).
 22858 | D:4      | 22858 ||| Stepping ~*~*~tactically~*~*~ (outnumbered).
 22860 | D:4      | 22860 ||| Stepping ~*~*~tactically~*~*~ (outnumbered).
 22871 | D:4      | 22871 ||| Stepping ~*~*~tactically~*~*~ (outnumbered).
 22873 | D:4      | 22873 ||| Stepping ~*~*~tactically~*~*~ (outnumbered).
 22875 | D:4      | 22875 ||| Stepping ~*~*~tactically~*~*~ (outnumbered).
 22877 | D:4      | 22877 ||| Stepping ~*~*~tactically~*~*~ (outnumbered).
 22879 | D:4      | 22879 ||| Stepping ~*~*~tactically~*~*~ (outnumbered).
 22881 | D:4      | 22881 ||| Stepping ~*~*~tactically~*~*~ (outnumbered).
 22883 | D:4      | 22883 ||| Stepping ~*~*~tactically~*~*~ (outnumbered).
 22885 | D:4      | 22885 ||| Stepping ~*~*~tactically~*~*~ (outnumbered).
 22887 | D:4      | 22887 ||| Stepping ~*~*~tactically~*~*~ (outnumbered).
 22889 | D:4      | 22889 ||| Stepping ~*~*~tactically~*~*~ (outnumbered).
 22891 | D:4      | 22891 ||| Stepping ~*~*~tactically~*~*~ (outnumbered).
 22893 | D:4      | 22893 ||| Stepping ~*~*~tactically~*~*~ (outnumbered).
 22895 | D:4      | 22895 ||| Stepping ~*~*~tactically~*~*~ (outnumbered).
 22897 | D:4      | 22897 ||| Stepping ~*~*~tactically~*~*~ (outnumbered).
 22899 | D:4      | 22899 ||| Stepping ~*~*~tactically~*~*~ (outnumbered).
 22901 | D:4      | 22901 ||| Stepping ~*~*~tactically~*~*~ (outnumbered).
 22903 | D:4      | 22903 ||| Stepping ~*~*~tactically~*~*~ (outnumbered).
 22905 | D:4      | 22905 ||| Stepping ~*~*~tactically~*~*~ (outnumbered).
 22907 | D:4      | 22907 ||| Stepping ~*~*~tactically~*~*~ (outnumbered).
 22909 | D:4      | 22909 ||| Stepping ~*~*~tactically~*~*~ (outnumbered).
 22911 | D:4      | 22911 ||| Stepping ~*~*~tactically~*~*~ (outnumbered).
 22913 | D:4      | 22913 ||| FLEEEEING.
 22939 | D:4      | 22939 ||| Stepping ~*~*~tactically~*~*~ (outnumbered).
 22941 | D:4      | 22941 ||| Stepping ~*~*~tactically~*~*~ (outnumbered).
 22943 | D:4      | 22943 ||| Stepping ~*~*~tactically~*~*~ (outnumbered).
 22945 | D:4      | 22945 ||| Stepping ~*~*~tactically~*~*~ (outnumbered).
 22952 | D:4      | 22952 ||| Stepping ~*~*~tactically~*~*~ (outnumbered).
 22956 | D:4      | 22956 ||| Stepping ~*~*~tactically~*~*~ (outnumbered).
 22958 | D:4      | 22958 ||| Stepping ~*~*~tactically~*~*~ (outnumbered).
 22960 | D:4      | 22960 ||| Stepping ~*~*~tactically~*~*~ (outnumbered).
 22962 | D:4      | 22962 ||| Stepping ~*~*~tactically~*~*~ (outnumbered).
 22964 | D:4      | 22964 ||| Stepping ~*~*~tactically~*~*~ (outnumbered).
 22964 | D:4      | Glimpsed the power of Zot.
 22966 | D:4      | 22966 ||| Stepping ~*~*~tactically~*~*~ (outnumbered).
 22968 | D:4      | 22968 ||| Stepping ~*~*~tactically~*~*~ (outnumbered).
 22970 | D:4      | 22970 ||| Stepping ~*~*~tactically~*~*~ (outnumbered).
 22972 | D:4      | 22972 ||| Stepping ~*~*~tactically~*~*~ (outnumbered).
 22974 | D:4      | 22974 ||| Stepping ~*~*~tactically~*~*~ (outnumbered).
 22976 | D:4      | 22976 ||| Stepping ~*~*~tactically~*~*~ (outnumbered).
 22978 | D:4      | 22978 ||| Stepping ~*~*~tactically~*~*~ (outnumbered).
 22980 | D:4      | 22980 ||| Stepping ~*~*~tactically~*~*~ (outnumbered).
 22982 | D:4      | 22982 ||| Stepping ~*~*~tactically~*~*~ (outnumbered).
 22984 | D:4      | 22984 ||| Stepping ~*~*~tactically~*~*~ (outnumbered).
 22993 | D:4      | 22993 ||| Stepping ~*~*~tactically~*~*~ (outnumbered).
 22995 | D:4      | 22995 ||| Stepping ~*~*~tactically~*~*~ (outnumbered).
 22997 | D:4      | 22997 ||| Stepping ~*~*~tactically~*~*~ (outnumbered).
 22999 | D:4      | 22999 ||| Stepping ~*~*~tactically~*~*~ (outnumbered).
 23001 | D:4      | 23001 ||| Stepping ~*~*~tactically~*~*~ (outnumbered).
 23003 | D:4      | 23003 ||| FLEEEEING.
 23032 | D:4      | 23032 ||| Stepping ~*~*~tactically~*~*~ (outnumbered).
 23034 | D:4      | 23034 ||| Stepping ~*~*~tactically~*~*~ (outnumbered).
 23036 | D:4      | 23036 ||| FLEEEEING.
 23065 | D:4      | 23065 ||| Stepping ~*~*~tactically~*~*~ (outnumbered).
 23067 | D:4      | 23067 ||| Stepping ~*~*~tactically~*~*~ (outnumbered).
 23069 | D:4      | 23069 ||| Stepping ~*~*~tactically~*~*~ (outnumbered).
 23071 | D:4      | 23071 ||| Stepping ~*~*~tactically~*~*~ (outnumbered).
 23073 | D:4      | 23073 ||| Stepping ~*~*~tactically~*~*~ (outnumbered).
 23075 | D:4      | 23075 ||| Stepping ~*~*~tactically~*~*~ (outnumbered).
 23077 | D:4      | 23077 ||| Stepping ~*~*~tactically~*~*~ (outnumbered).
 23079 | D:4      | 23079 ||| Stepping ~*~*~tactically~*~*~ (outnumbered).
 23081 | D:4      | 23081 ||| Stepping ~*~*~tactically~*~*~ (outnumbered).
 23083 | D:4      | 23083 ||| Stepping ~*~*~tactically~*~*~ (outnumbered).
 23085 | D:4      | 23085 ||| Stepping ~*~*~tactically~*~*~ (outnumbered).
 23093 | D:4      | 23093 ||| Stepping ~*~*~tactically~*~*~ (outnumbered).
 23095 | D:4      | 23095 ||| Stepping ~*~*~tactically~*~*~ (outnumbered).
 23097 | D:4      | 23097 ||| Stepping ~*~*~tactically~*~*~ (outnumbered).
 23099 | D:4      | 23099 ||| Stepping ~*~*~tactically~*~*~ (outnumbered).
 23101 | D:4      | 23101 ||| Stepping ~*~*~tactically~*~*~ (outnumbered).
 23103 | D:4      | 23103 ||| Stepping ~*~*~tactically~*~*~ (outnumbered).
 23105 | D:4      | 23105 ||| Stepping ~*~*~tactically~*~*~ (outnumbered).
 23107 | D:4      | 23107 ||| Stepping ~*~*~tactically~*~*~ (outnumbered).
 23109 | D:4      | 23109 ||| Stepping ~*~*~tactically~*~*~ (outnumbered).
 23111 | D:4      | 23111 ||| Stepping ~*~*~tactically~*~*~ (outnumbered).
 23113 | D:4      | 23113 ||| Stepping ~*~*~tactically~*~*~ (outnumbered).
 23119 | D:4      | 23119 ||| Stepping ~*~*~tactically~*~*~ (outnumbered).
 23121 | D:4      | 23121 ||| Stepping ~*~*~tactically~*~*~ (outnumbered).
 23123 | D:4      | 23123 ||| Stepping ~*~*~tactically~*~*~ (outnumbered).
 23134 | D:4      | 23134 ||| Stepping ~*~*~tactically~*~*~ (outnumbered).
 23136 | D:4      | 23136 ||| Stepping ~*~*~tactically~*~*~ (outnumbered).
 23138 | D:4      | 23138 ||| Stepping ~*~*~tactically~*~*~ (outnumbered).
 23140 | D:4      | 23140 ||| Stepping ~*~*~tactically~*~*~ (outnumbered).
 23142 | D:4      | 23142 ||| Stepping ~*~*~tactically~*~*~ (outnumbered).
 23144 | D:4      | 23144 ||| Stepping ~*~*~tactically~*~*~ (outnumbered).
 23146 | D:4      | 23146 ||| Stepping ~*~*~tactically~*~*~ (outnumbered).
 23149 | D:4      | 23149 ||| FLEEEEING.
 23176 | D:4      | 23176 ||| Stepping ~*~*~tactically~*~*~ (outnumbered).
 23178 | D:4      | 23178 ||| Stepping ~*~*~tactically~*~*~ (outnumbered).
 23186 | D:4      | 23186 ||| Stepping ~*~*~tactically~*~*~ (outnumbered).
 23188 | D:4      | 23188 ||| Stepping ~*~*~tactically~*~*~ (outnumbered).
 23190 | D:4      | 23190 ||| Stepping ~*~*~tactically~*~*~ (outnumbered).
 23197 | D:4      | 23197 ||| Stepping ~*~*~tactically~*~*~ (outnumbered).
 23199 | D:4      | 23199 ||| Stepping ~*~*~tactically~*~*~ (outnumbered).
 23201 | D:4      | 23201 ||| Stepping ~*~*~tactically~*~*~ (outnumbered).
 23203 | D:4      | 23203 ||| Stepping ~*~*~tactically~*~*~ (outnumbered).
 23205 | D:4      | 23205 ||| Stepping ~*~*~tactically~*~*~ (outnumbered).
 23207 | D:4      | 23207 ||| FLEEEEING.
 23235 | D:4      | 23235 ||| Stepping ~*~*~tactically~*~*~ (outnumbered).
 23237 | D:4      | 23237 ||| Stepping ~*~*~tactically~*~*~ (outnumbered).
 23239 | D:4      | 23239 ||| Stepping ~*~*~tactically~*~*~ (outnumbered).
 23241 | D:4      | 23241 ||| Stepping ~*~*~tactically~*~*~ (outnumbered).
 23243 | D:4      | 23243 ||| Stepping ~*~*~tactically~*~*~ (outnumbered).
 23245 | D:4      | 23245 ||| Stepping ~*~*~tactically~*~*~ (outnumbered).
 23260 | D:4      | 23260 ||| Stepping ~*~*~tactically~*~*~ (outnumbered).
 23262 | D:4      | 23262 ||| Stepping ~*~*~tactically~*~*~ (outnumbered).
 23264 | D:4      | 23264 ||| Stepping ~*~*~tactically~*~*~ (outnumbered).
 23266 | D:4      | 23266 ||| Stepping ~*~*~tactically~*~*~ (outnumbered).
 23282 | D:4      | 23282 ||| Stepping ~*~*~tactically~*~*~ (outnumbered).
 23286 | D:4      | 23286 ||| Stepping ~*~*~tactically~*~*~ (outnumbered).
 23288 | D:4      | 23288 ||| Stepping ~*~*~tactically~*~*~ (outnumbered).
 23290 | D:4      | 23290 ||| Stepping ~*~*~tactically~*~*~ (outnumbered).
 23304 | D:4      | 23304 ||| Stepping ~*~*~tactically~*~*~ (outnumbered).
 23306 | D:4      | 23306 ||| Stepping ~*~*~tactically~*~*~ (outnumbered).
 23308 | D:4      | 23308 ||| Stepping ~*~*~tactically~*~*~ (outnumbered).
 23310 | D:4      | 23310 ||| Stepping ~*~*~tactically~*~*~ (outnumbered).
 23312 | D:4      | 23312 ||| Stepping ~*~*~tactically~*~*~ (outnumbered).
 23314 | D:4      | 23314 ||| Stepping ~*~*~tactically~*~*~ (outnumbered).
 23316 | D:4      | 23316 ||| Stepping ~*~*~tactically~*~*~ (outnumbered).
 23318 | D:4      | 23318 ||| Stepping ~*~*~tactically~*~*~ (outnumbered).
 23320 | D:4      | 23320 ||| Stepping ~*~*~tactically~*~*~ (outnumbered).
 23322 | D:4      | 23322 ||| Stepping ~*~*~tactically~*~*~ (outnumbered).
 23334 | D:4      | 23334 ||| Stepping ~*~*~tactically~*~*~ (outnumbered).
 23336 | D:4      | 23336 ||| Stepping ~*~*~tactically~*~*~ (outnumbered).
 23352 | D:4      | 23352 ||| Stepping ~*~*~tactically~*~*~ (outnumbered).
 23354 | D:4      | 23354 ||| Stepping ~*~*~tactically~*~*~ (outnumbered).
 23356 | D:4      | 23356 ||| Stepping ~*~*~tactically~*~*~ (outnumbered).
 23358 | D:4      | 23358 ||| Stepping ~*~*~tactically~*~*~ (outnumbered).
 23360 | D:4      | 23360 ||| Stepping ~*~*~tactically~*~*~ (outnumbered).
 23362 | D:4      | 23362 ||| Stepping ~*~*~tactically~*~*~ (outnumbered).
 23364 | D:4      | 23364 ||| Stepping ~*~*~tactically~*~*~ (outnumbered).
 23366 | D:4      | 23366 ||| Stepping ~*~*~tactically~*~*~ (outnumbered).
 23368 | D:4      | 23368 ||| Stepping ~*~*~tactically~*~*~ (outnumbered).
 23370 | D:4      | 23370 ||| FLEEEEING.
 23398 | D:4      | 23398 ||| Stepping ~*~*~tactically~*~*~ (outnumbered).
 23400 | D:4      | 23400 ||| Stepping ~*~*~tactically~*~*~ (outnumbered).
 23402 | D:4      | 23402 ||| Stepping ~*~*~tactically~*~*~ (outnumbered).
 23404 | D:4      | 23404 ||| Stepping ~*~*~tactically~*~*~ (outnumbered).
 23419 | D:4      | 23419 ||| Stepping ~*~*~tactically~*~*~ (outnumbered).
 23421 | D:4      | 23421 ||| Stepping ~*~*~tactically~*~*~ (outnumbered).
 23426 | D:4      | 23426 ||| Stepping ~*~*~tactically~*~*~ (outnumbered).
 23428 | D:4      | 23428 ||| Stepping ~*~*~tactically~*~*~ (outnumbered).
 23430 | D:4      | 23430 ||| Stepping ~*~*~tactically~*~*~ (outnumbered).
 23432 | D:4      | 23432 ||| Stepping ~*~*~tactically~*~*~ (outnumbered).
 23434 | D:4      | 23434 ||| Stepping ~*~*~tactically~*~*~ (outnumbered).
 23436 | D:4      | 23436 ||| Stepping ~*~*~tactically~*~*~ (outnumbered).
 23438 | D:4      | 23438 ||| Stepping ~*~*~tactically~*~*~ (outnumbered).
 23440 | D:4      | 23440 ||| Stepping ~*~*~tactically~*~*~ (outnumbered).
 23442 | D:4      | 23442 ||| Stepping ~*~*~tactically~*~*~ (outnumbered).
 23444 | D:4      | 23444 ||| Stepping ~*~*~tactically~*~*~ (outnumbered).
 23446 | D:4      | 23446 ||| Stepping ~*~*~tactically~*~*~ (outnumbered).
 23452 | D:4      | 23452 ||| Stepping ~*~*~tactically~*~*~ (outnumbered).
 23456 | D:4      | 23456 ||| Stepping ~*~*~tactically~*~*~ (outnumbered).
 23460 | D:4      | 23460 ||| Stepping ~*~*~tactically~*~*~ (outnumbered).
 23462 | D:4      | 23462 ||| Stepping ~*~*~tactically~*~*~ (outnumbered).
 23464 | D:4      | 23464 ||| Stepping ~*~*~tactically~*~*~ (outnumbered).
 23464 | D:4      | Glimpsed the power of Zot.
 23466 | D:4      | 23466 ||| Stepping ~*~*~tactically~*~*~ (outnumbered).
 23478 | D:4      | 23478 ||| Stepping ~*~*~tactically~*~*~ (outnumbered).
 23480 | D:4      | 23480 ||| Stepping ~*~*~tactically~*~*~ (outnumbered).
 23482 | D:4      | 23482 ||| Stepping ~*~*~tactically~*~*~ (outnumbered).
 23484 | D:4      | 23484 ||| Stepping ~*~*~tactically~*~*~ (outnumbered).
 23486 | D:4      | 23486 ||| Stepping ~*~*~tactically~*~*~ (outnumbered).
 23493 | D:4      | 23493 ||| Stepping ~*~*~tactically~*~*~ (outnumbered).
 23497 | D:4      | 23497 ||| Stepping ~*~*~tactically~*~*~ (outnumbered).
 23499 | D:4      | 23499 ||| Stepping ~*~*~tactically~*~*~ (outnumbered).
 23501 | D:4      | 23501 ||| Stepping ~*~*~tactically~*~*~ (outnumbered).
 23503 | D:4      | 23503 ||| Stepping ~*~*~tactically~*~*~ (outnumbered).
 23505 | D:4      | 23505 ||| Stepping ~*~*~tactically~*~*~ (outnumbered).
 23507 | D:4      | 23507 ||| Stepping ~*~*~tactically~*~*~ (outnumbered).
 23509 | D:4      | 23509 ||| Stepping ~*~*~tactically~*~*~ (outnumbered).
 23511 | D:4      | 23511 ||| Stepping ~*~*~tactically~*~*~ (outnumbered).
 23513 | D:4      | 23513 ||| Stepping ~*~*~tactically~*~*~ (outnumbered).
 23515 | D:4      | 23515 ||| Stepping ~*~*~tactically~*~*~ (outnumbered).
 23519 | D:4      | 23519 ||| Stepping ~*~*~tactically~*~*~ (outnumbered).
 23521 | D:4      | 23521 ||| Stepping ~*~*~tactically~*~*~ (outnumbered).
 23526 | D:4      | 23526 ||| Stepping ~*~*~tactically~*~*~ (outnumbered).
 23537 | D:4      | 23537 ||| Stepping ~*~*~tactically~*~*~ (outnumbered).
 23539 | D:4      | 23539 ||| Stepping ~*~*~tactically~*~*~ (outnumbered).
 23549 | D:4      | 23549 ||| Stepping ~*~*~tactically~*~*~ (outnumbered).
 23551 | D:4      | 23551 ||| Stepping ~*~*~tactically~*~*~ (outnumbered).
 23553 | D:4      | 23553 ||| Stepping ~*~*~tactically~*~*~ (outnumbered).
 23555 | D:4      | 23555 ||| Stepping ~*~*~tactically~*~*~ (outnumbered).
 23557 | D:4      | 23557 ||| Stepping ~*~*~tactically~*~*~ (outnumbered).
 23559 | D:4      | 23559 ||| Stepping ~*~*~tactically~*~*~ (outnumbered).
 23561 | D:4      | 23561 ||| Stepping ~*~*~tactically~*~*~ (outnumbered).
 23563 | D:4      | 23563 ||| Stepping ~*~*~tactically~*~*~ (outnumbered).
 23567 | D:4      | 23567 ||| Stepping ~*~*~tactically~*~*~ (outnumbered).
 23582 | D:4      | 23582 ||| Stepping ~*~*~tactically~*~*~ (outnumbered).
 23589 | D:4      | 23589 ||| Stepping ~*~*~tactically~*~*~ (outnumbered).
 23591 | D:4      | 23591 ||| Stepping ~*~*~tactically~*~*~ (outnumbered).
 23600 | D:4      | 23600 ||| Stepping ~*~*~tactically~*~*~ (outnumbered).
 23602 | D:4      | 23602 ||| Stepping ~*~*~tactically~*~*~ (outnumbered).
 23604 | D:4      | 23604 ||| Stepping ~*~*~tactically~*~*~ (outnumbered).
 23606 | D:4      | 23606 ||| Stepping ~*~*~tactically~*~*~ (outnumbered).
 23615 | D:4      | 23615 ||| Stepping ~*~*~tactically~*~*~ (outnumbered).
 23617 | D:4      | 23617 ||| Stepping ~*~*~tactically~*~*~ (outnumbered).
 23619 | D:4      | 23619 ||| Stepping ~*~*~tactically~*~*~ (outnumbered).
 23621 | D:4      | 23621 ||| Stepping ~*~*~tactically~*~*~ (outnumbered).
 23630 | D:4      | 23630 ||| Stepping ~*~*~tactically~*~*~ (outnumbered).
 23632 | D:4      | 23632 ||| Stepping ~*~*~tactically~*~*~ (outnumbered).
 23634 | D:4      | 23634 ||| Stepping ~*~*~tactically~*~*~ (outnumbered).
 23636 | D:4      | 23636 ||| Stepping ~*~*~tactically~*~*~ (outnumbered).
 23638 | D:4      | 23638 ||| Stepping ~*~*~tactically~*~*~ (outnumbered).
 23640 | D:4      | 23640 ||| Stepping ~*~*~tactically~*~*~ (outnumbered).
 23652 | D:4      | 23652 ||| Stepping ~*~*~tactically~*~*~ (outnumbered).
 23654 | D:4      | 23654 ||| Stepping ~*~*~tactically~*~*~ (outnumbered).
 23656 | D:4      | 23656 ||| Stepping ~*~*~tactically~*~*~ (outnumbered).
 23658 | D:4      | 23658 ||| Stepping ~*~*~tactically~*~*~ (outnumbered).
 23660 | D:4      | 23660 ||| Stepping ~*~*~tactically~*~*~ (outnumbered).
 23662 | D:4      | 23662 ||| Stepping ~*~*~tactically~*~*~ (outnumbered).
 23664 | D:4      | 23664 ||| Stepping ~*~*~tactically~*~*~ (outnumbered).
 23671 | D:4      | 23671 ||| Stepping ~*~*~tactically~*~*~ (outnumbered).
 23678 | D:4      | 23678 ||| Stepping ~*~*~tactically~*~*~ (outnumbered).
 23680 | D:4      | 23680 ||| Stepping ~*~*~tactically~*~*~ (outnumbered).
 23682 | D:4      | 23682 ||| Stepping ~*~*~tactically~*~*~ (outnumbered).
 23684 | D:4      | 23684 ||| FLEEEEING.
 23709 | D:4      | 23709 ||| Stepping ~*~*~tactically~*~*~ (outnumbered).
 23711 | D:4      | 23711 ||| Stepping ~*~*~tactically~*~*~ (outnumbered).
 23713 | D:4      | 23713 ||| Stepping ~*~*~tactically~*~*~ (outnumbered).
 23715 | D:4      | 23715 ||| Stepping ~*~*~tactically~*~*~ (outnumbered).
 23717 | D:4      | 23717 ||| Stepping ~*~*~tactically~*~*~ (outnumbered).
 23719 | D:4      | 23719 ||| Stepping ~*~*~tactically~*~*~ (outnumbered).
 23721 | D:4      | 23721 ||| Stepping ~*~*~tactically~*~*~ (outnumbered).
 23726 | D:4      | 23726 ||| Stepping ~*~*~tactically~*~*~ (outnumbered).
 23728 | D:4      | 23728 ||| Stepping ~*~*~tactically~*~*~ (outnumbered).
 23730 | D:4      | 23730 ||| Stepping ~*~*~tactically~*~*~ (outnumbered).
 23732 | D:4      | 23732 ||| Stepping ~*~*~tactically~*~*~ (outnumbered).
 23734 | D:4      | 23734 ||| Stepping ~*~*~tactically~*~*~ (outnumbered).
 23736 | D:4      | 23736 ||| Stepping ~*~*~tactically~*~*~ (outnumbered).
 23738 | D:4      | 23738 ||| Stepping ~*~*~tactically~*~*~ (outnumbered).
 23741 | D:4      | 23741 ||| Stepping ~*~*~tactically~*~*~ (outnumbered).
 23743 | D:4      | 23743 ||| Stepping ~*~*~tactically~*~*~ (outnumbered).
 23752 | D:4      | 23752 ||| Stepping ~*~*~tactically~*~*~ (outnumbered).
 23754 | D:4      | 23754 ||| Stepping ~*~*~tactically~*~*~ (outnumbered).
 23756 | D:4      | 23756 ||| Stepping ~*~*~tactically~*~*~ (outnumbered).
 23758 | D:4      | 23758 ||| Stepping ~*~*~tactically~*~*~ (outnumbered).
 23767 | D:4      | 23767 ||| Stepping ~*~*~tactically~*~*~ (outnumbered).
 23769 | D:4      | 23769 ||| Stepping ~*~*~tactically~*~*~ (outnumbered).
 23771 | D:4      | 23771 ||| Stepping ~*~*~tactically~*~*~ (outnumbered).
 23773 | D:4      | 23773 ||| Stepping ~*~*~tactically~*~*~ (outnumbered).
 23778 | D:4      | 23778 ||| Stepping ~*~*~tactically~*~*~ (outnumbered).
 23780 | D:4      | 23780 ||| Stepping ~*~*~tactically~*~*~ (outnumbered).
 23782 | D:4      | 23782 ||| Stepping ~*~*~tactically~*~*~ (outnumbered).
 23784 | D:4      | 23784 ||| Stepping ~*~*~tactically~*~*~ (outnumbered).
 23786 | D:4      | 23786 ||| Stepping ~*~*~tactically~*~*~ (outnumbered).
 23788 | D:4      | 23788 ||| Stepping ~*~*~tactically~*~*~ (outnumbered).
 23797 | D:4      | 23797 ||| Stepping ~*~*~tactically~*~*~ (outnumbered).
 23799 | D:4      | 23799 ||| Stepping ~*~*~tactically~*~*~ (outnumbered).
 23801 | D:4      | 23801 ||| Stepping ~*~*~tactically~*~*~ (outnumbered).
 23803 | D:4      | 23803 ||| Stepping ~*~*~tactically~*~*~ (outnumbered).
 23805 | D:4      | 23805 ||| Stepping ~*~*~tactically~*~*~ (outnumbered).
 23807 | D:4      | 23807 ||| Stepping ~*~*~tactically~*~*~ (outnumbered).
 23809 | D:4      | 23809 ||| Stepping ~*~*~tactically~*~*~ (outnumbered).
 23811 | D:4      | 23811 ||| Stepping ~*~*~tactically~*~*~ (outnumbered).
 23813 | D:4      | 23813 ||| Stepping ~*~*~tactically~*~*~ (outnumbered).
 23815 | D:4      | 23815 ||| Stepping ~*~*~tactically~*~*~ (outnumbered).
 23823 | D:4      | 23823 ||| Stepping ~*~*~tactically~*~*~ (outnumbered).
 23825 | D:4      | 23825 ||| Stepping ~*~*~tactically~*~*~ (outnumbered).
 23827 | D:4      | 23827 ||| Stepping ~*~*~tactically~*~*~ (outnumbered).
 23834 | D:4      | 23834 ||| Stepping ~*~*~tactically~*~*~ (outnumbered).
 23841 | D:4      | 23841 ||| Stepping ~*~*~tactically~*~*~ (outnumbered).
 23843 | D:4      | 23843 ||| Stepping ~*~*~tactically~*~*~ (outnumbered).
 23845 | D:4      | 23845 ||| Stepping ~*~*~tactically~*~*~ (outnumbered).
 23860 | D:4      | 23860 ||| Stepping ~*~*~tactically~*~*~ (outnumbered).
 23862 | D:4      | 23862 ||| Stepping ~*~*~tactically~*~*~ (outnumbered).
 23864 | D:4      | 23864 ||| Stepping ~*~*~tactically~*~*~ (outnumbered).
 23864 | D:4      | Glimpsed the power of Zot.
 23866 | D:4      | 23866 ||| Stepping ~*~*~tactically~*~*~ (outnumbered).
 23868 | D:4      | 23868 ||| Stepping ~*~*~tactically~*~*~ (outnumbered).
 23874 | D:4      | 23874 ||| Stepping ~*~*~tactically~*~*~ (outnumbered).
 23876 | D:4      | 23876 ||| Stepping ~*~*~tactically~*~*~ (outnumbered).
 23878 | D:4      | 23878 ||| Stepping ~*~*~tactically~*~*~ (outnumbered).
 23882 | D:4      | 23882 ||| Stepping ~*~*~tactically~*~*~ (outnumbered).
 23884 | D:4      | 23884 ||| Stepping ~*~*~tactically~*~*~ (outnumbered).
 23886 | D:4      | 23886 ||| Stepping ~*~*~tactically~*~*~ (outnumbered).
 23888 | D:4      | 23888 ||| Stepping ~*~*~tactically~*~*~ (outnumbered).
 23890 | D:4      | 23890 ||| Stepping ~*~*~tactically~*~*~ (outnumbered).
 23892 | D:4      | 23892 ||| Stepping ~*~*~tactically~*~*~ (outnumbered).
 23894 | D:4      | 23894 ||| Stepping ~*~*~tactically~*~*~ (outnumbered).
 23896 | D:4      | 23896 ||| Stepping ~*~*~tactically~*~*~ (outnumbered).
 23898 | D:4      | 23898 ||| Stepping ~*~*~tactically~*~*~ (outnumbered).
 23900 | D:4      | 23900 ||| Stepping ~*~*~tactically~*~*~ (outnumbered).
 23904 | D:4      | 23904 ||| Stepping ~*~*~tactically~*~*~ (outnumbered).
 23906 | D:4      | 23906 ||| Stepping ~*~*~tactically~*~*~ (outnumbered).
 23919 | D:4      | 23919 ||| Stepping ~*~*~tactically~*~*~ (outnumbered).
 23921 | D:4      | 23921 ||| Stepping ~*~*~tactically~*~*~ (outnumbered).
 23923 | D:4      | 23923 ||| Stepping ~*~*~tactically~*~*~ (outnumbered).
 23925 | D:4      | 23925 ||| Stepping ~*~*~tactically~*~*~ (outnumbered).
 23927 | D:4      | 23927 ||| Stepping ~*~*~tactically~*~*~ (outnumbered).
 23929 | D:4      | 23929 ||| Stepping ~*~*~tactically~*~*~ (outnumbered).
 23931 | D:4      | 23931 ||| Stepping ~*~*~tactically~*~*~ (outnumbered).
 23933 | D:4      | 23933 ||| Stepping ~*~*~tactically~*~*~ (outnumbered).
 23935 | D:4      | 23935 ||| Stepping ~*~*~tactically~*~*~ (outnumbered).
 23937 | D:4      | 23937 ||| Stepping ~*~*~tactically~*~*~ (outnumbered).
 23949 | D:4      | 23949 ||| Stepping ~*~*~tactically~*~*~ (outnumbered).
 23951 | D:4      | 23951 ||| Stepping ~*~*~tactically~*~*~ (outnumbered).
 23953 | D:4      | 23953 ||| Stepping ~*~*~tactically~*~*~ (outnumbered).
 23960 | D:4      | 23960 ||| Stepping ~*~*~tactically~*~*~ (outnumbered).
 23962 | D:4      | 23962 ||| Stepping ~*~*~tactically~*~*~ (outnumbered).
 23964 | D:4      | 23964 ||| Stepping ~*~*~tactically~*~*~ (outnumbered).
 23964 | D:4      | Touched by the power of Zot (MHP 46 -> 36)
 23965 | D:4      | Glimpsed the power of Zot.
 23966 | D:4      | 23966 ||| Stepping ~*~*~tactically~*~*~ (outnumbered).
 23968 | D:4      | 23968 ||| Stepping ~*~*~tactically~*~*~ (outnumbered).
 23970 | D:4      | 23970 ||| Stepping ~*~*~tactically~*~*~ (outnumbered).
 23972 | D:4      | 23972 ||| Stepping ~*~*~tactically~*~*~ (outnumbered).
 23975 | D:4      | 23975 ||| Stepping ~*~*~tactically~*~*~ (outnumbered).
 23977 | D:4      | 23977 ||| FLEEEEING.
 24000 | D:4      | 24000 ||| Stepping ~*~*~tactically~*~*~ (outnumbered).
 24002 | D:4      | 24002 ||| Stepping ~*~*~tactically~*~*~ (outnumbered).
 24004 | D:4      | 24004 ||| Stepping ~*~*~tactically~*~*~ (outnumbered).
 24006 | D:4      | 24006 ||| Stepping ~*~*~tactically~*~*~ (outnumbered).
 24008 | D:4      | 24008 ||| Stepping ~*~*~tactically~*~*~ (outnumbered).
 24010 | D:4      | 24010 ||| Stepping ~*~*~tactically~*~*~ (outnumbered).
 24012 | D:4      | 24012 ||| Stepping ~*~*~tactically~*~*~ (outnumbered).
 24014 | D:4      | 24014 ||| Stepping ~*~*~tactically~*~*~ (outnumbered).
 24023 | D:4      | 24023 ||| Stepping ~*~*~tactically~*~*~ (outnumbered).
 24025 | D:4      | 24025 ||| Stepping ~*~*~tactically~*~*~ (outnumbered).
 24031 | D:4      | 24031 ||| Stepping ~*~*~tactically~*~*~ (outnumbered).
 24033 | D:4      | 24033 ||| Stepping ~*~*~tactically~*~*~ (outnumbered).
 24035 | D:4      | 24035 ||| Stepping ~*~*~tactically~*~*~ (outnumbered).
 24037 | D:4      | 24037 ||| Stepping ~*~*~tactically~*~*~ (outnumbered).
 24039 | D:4      | 24039 ||| Stepping ~*~*~tactically~*~*~ (outnumbered).
 24041 | D:4      | 24041 ||| Stepping ~*~*~tactically~*~*~ (outnumbered).
 24043 | D:4      | 24043 ||| Stepping ~*~*~tactically~*~*~ (outnumbered).
 24045 | D:4      | 24045 ||| Stepping ~*~*~tactically~*~*~ (outnumbered).
 24047 | D:4      | 24047 ||| Stepping ~*~*~tactically~*~*~ (outnumbered).
 24049 | D:4      | 24049 ||| Stepping ~*~*~tactically~*~*~ (outnumbered).
 24051 | D:4      | 24051 ||| Stepping ~*~*~tactically~*~*~ (outnumbered).
 24053 | D:4      | 24053 ||| Stepping ~*~*~tactically~*~*~ (outnumbered).
 24055 | D:4      | 24055 ||| Stepping ~*~*~tactically~*~*~ (outnumbered).
 24059 | D:4      | 24059 ||| Stepping ~*~*~tactically~*~*~ (outnumbered).
 24061 | D:4      | 24061 ||| Stepping ~*~*~tactically~*~*~ (outnumbered).
 24067 | D:4      | 24067 ||| Stepping ~*~*~tactically~*~*~ (outnumbered).
 24069 | D:4      | 24069 ||| Stepping ~*~*~tactically~*~*~ (outnumbered).
 24071 | D:4      | 24071 ||| Stepping ~*~*~tactically~*~*~ (outnumbered).
 24079 | D:4      | 24079 ||| Stepping ~*~*~tactically~*~*~ (outnumbered).
 24081 | D:4      | 24081 ||| Stepping ~*~*~tactically~*~*~ (outnumbered).
 24087 | D:4      | 24087 ||| Stepping ~*~*~tactically~*~*~ (outnumbered).
 24091 | D:4      | 24091 ||| Stepping ~*~*~tactically~*~*~ (outnumbered).
 24093 | D:4      | 24093 ||| Stepping ~*~*~tactically~*~*~ (outnumbered).
 24095 | D:4      | 24095 ||| Stepping ~*~*~tactically~*~*~ (outnumbered).
 24097 | D:4      | 24097 ||| Stepping ~*~*~tactically~*~*~ (outnumbered).
 24099 | D:4      | 24099 ||| Stepping ~*~*~tactically~*~*~ (outnumbered).
 24101 | D:4      | 24101 ||| Stepping ~*~*~tactically~*~*~ (outnumbered).
 24103 | D:4      | 24103 ||| Stepping ~*~*~tactically~*~*~ (outnumbered).
 24111 | D:4      | 24111 ||| Stepping ~*~*~tactically~*~*~ (outnumbered).
 24113 | D:4      | 24113 ||| Stepping ~*~*~tactically~*~*~ (outnumbered).
 24115 | D:4      | 24115 ||| Stepping ~*~*~tactically~*~*~ (outnumbered).
 24117 | D:4      | 24117 ||| Stepping ~*~*~tactically~*~*~ (outnumbered).
 24127 | D:4      | 24127 ||| Stepping ~*~*~tactically~*~*~ (outnumbered).
 24135 | D:4      | 24135 ||| Stepping ~*~*~tactically~*~*~ (outnumbered).
 24137 | D:4      | 24137 ||| Stepping ~*~*~tactically~*~*~ (outnumbered).
 24139 | D:4      | 24139 ||| Stepping ~*~*~tactically~*~*~ (outnumbered).
 24147 | D:4      | 24147 ||| Stepping ~*~*~tactically~*~*~ (outnumbered).
 24149 | D:4      | 24149 ||| FLEEEEING.
 24172 | D:4      | 24172 ||| Stepping ~*~*~tactically~*~*~ (outnumbered).
 24174 | D:4      | 24174 ||| Stepping ~*~*~tactically~*~*~ (outnumbered).
 24176 | D:4      | 24176 ||| Stepping ~*~*~tactically~*~*~ (outnumbered).
 24178 | D:4      | 24178 ||| Stepping ~*~*~tactically~*~*~ (outnumbered).
 24180 | D:4      | 24180 ||| Stepping ~*~*~tactically~*~*~ (outnumbered).
 24182 | D:4      | 24182 ||| Stepping ~*~*~tactically~*~*~ (outnumbered).
 24184 | D:4      | 24184 ||| Stepping ~*~*~tactically~*~*~ (outnumbered).
 24186 | D:4      | 24186 ||| Stepping ~*~*~tactically~*~*~ (outnumbered).
 24188 | D:4      | 24188 ||| Stepping ~*~*~tactically~*~*~ (outnumbered).
 24199 | D:4      | 24199 ||| Stepping ~*~*~tactically~*~*~ (outnumbered).
 24201 | D:4      | 24201 ||| Stepping ~*~*~tactically~*~*~ (outnumbered).
 24203 | D:4      | 24203 ||| Stepping ~*~*~tactically~*~*~ (outnumbered).
 24205 | D:4      | 24205 ||| Stepping ~*~*~tactically~*~*~ (outnumbered).
 24211 | D:4      | 24211 ||| Stepping ~*~*~tactically~*~*~ (outnumbered).
 24213 | D:4      | 24213 ||| Stepping ~*~*~tactically~*~*~ (outnumbered).
 24215 | D:4      | 24215 ||| Stepping ~*~*~tactically~*~*~ (outnumbered).
 24217 | D:4      | 24217 ||| Stepping ~*~*~tactically~*~*~ (outnumbered).
 24219 | D:4      | 24219 ||| Stepping ~*~*~tactically~*~*~ (outnumbered).
 24221 | D:4      | 24221 ||| Stepping ~*~*~tactically~*~*~ (outnumbered).
 24223 | D:4      | 24223 ||| Stepping ~*~*~tactically~*~*~ (outnumbered).
 24235 | D:4      | 24235 ||| Stepping ~*~*~tactically~*~*~ (outnumbered).
 24237 | D:4      | 24237 ||| Stepping ~*~*~tactically~*~*~ (outnumbered).
 24239 | D:4      | 24239 ||| FLEEEEING.
 24268 | D:4      | 24268 ||| Stepping ~*~*~tactically~*~*~ (outnumbered).
 24270 | D:4      | 24270 ||| Stepping ~*~*~tactically~*~*~ (outnumbered).
 24272 | D:4      | 24272 ||| Stepping ~*~*~tactically~*~*~ (outnumbered).
 24274 | D:4      | 24274 ||| Stepping ~*~*~tactically~*~*~ (outnumbered).
 24276 | D:4      | 24276 ||| Stepping ~*~*~tactically~*~*~ (outnumbered).
 24283 | D:4      | 24283 ||| Stepping ~*~*~tactically~*~*~ (outnumbered).
 24285 | D:4      | 24285 ||| FLEEEEING.
 24308 | D:4      | 24308 ||| Stepping ~*~*~tactically~*~*~ (outnumbered).
 24310 | D:4      | 24310 ||| Stepping ~*~*~tactically~*~*~ (outnumbered).
 24323 | D:4      | 24323 ||| Stepping ~*~*~tactically~*~*~ (outnumbered).
 24325 | D:4      | 24325 ||| Stepping ~*~*~tactically~*~*~ (outnumbered).
 24327 | D:4      | 24327 ||| Stepping ~*~*~tactically~*~*~ (outnumbered).
 24329 | D:4      | 24329 ||| Stepping ~*~*~tactically~*~*~ (outnumbered).
 24331 | D:4      | 24331 ||| Stepping ~*~*~tactically~*~*~ (outnumbered).
 24333 | D:4      | 24333 ||| Stepping ~*~*~tactically~*~*~ (outnumbered).
 24335 | D:4      | 24335 ||| Stepping ~*~*~tactically~*~*~ (outnumbered).
 24337 | D:4      | 24337 ||| Stepping ~*~*~tactically~*~*~ (outnumbered).
 24339 | D:4      | 24339 ||| Stepping ~*~*~tactically~*~*~ (outnumbered).
 24341 | D:4      | 24341 ||| Stepping ~*~*~tactically~*~*~ (outnumbered).
 24343 | D:4      | 24343 ||| Stepping ~*~*~tactically~*~*~ (outnumbered).
 24355 | D:4      | 24355 ||| Stepping ~*~*~tactically~*~*~ (outnumbered).
 24357 | D:4      | 24357 ||| Stepping ~*~*~tactically~*~*~ (outnumbered).
 24359 | D:4      | 24359 ||| Stepping ~*~*~tactically~*~*~ (outnumbered).
 24361 | D:4      | 24361 ||| Stepping ~*~*~tactically~*~*~ (outnumbered).
 24363 | D:4      | 24363 ||| Stepping ~*~*~tactically~*~*~ (outnumbered).
 24365 | D:4      | 24365 ||| Stepping ~*~*~tactically~*~*~ (outnumbered).
 24367 | D:4      | 24367 ||| Stepping ~*~*~tactically~*~*~ (outnumbered).
 24369 | D:4      | 24369 ||| Stepping ~*~*~tactically~*~*~ (outnumbered).
 24371 | D:4      | 24371 ||| Stepping ~*~*~tactically~*~*~ (outnumbered).
 24373 | D:4      | 24373 ||| Stepping ~*~*~tactically~*~*~ (outnumbered).
 24375 | D:4      | 24375 ||| Stepping ~*~*~tactically~*~*~ (outnumbered).
 24383 | D:4      | 24383 ||| Stepping ~*~*~tactically~*~*~ (outnumbered).
 24385 | D:4      | 24385 ||| Stepping ~*~*~tactically~*~*~ (outnumbered).
 24387 | D:4      | 24387 ||| FLEEEEING.
 24412 | D:4      | 24412 ||| Stepping ~*~*~tactically~*~*~ (outnumbered).
 24414 | D:4      | 24414 ||| Stepping ~*~*~tactically~*~*~ (outnumbered).
 24416 | D:4      | 24416 ||| Stepping ~*~*~tactically~*~*~ (outnumbered).
 24418 | D:4      | 24418 ||| Stepping ~*~*~tactically~*~*~ (outnumbered).
 24420 | D:4      | 24420 ||| Stepping ~*~*~tactically~*~*~ (outnumbered).
 24422 | D:4      | 24422 ||| Stepping ~*~*~tactically~*~*~ (outnumbered).
 24424 | D:4      | 24424 ||| Stepping ~*~*~tactically~*~*~ (outnumbered).
 24427 | D:4      | 24427 ||| Stepping ~*~*~tactically~*~*~ (outnumbered).
 24429 | D:4      | 24429 ||| Stepping ~*~*~tactically~*~*~ (outnumbered).
 24431 | D:4      | 24431 ||| Stepping ~*~*~tactically~*~*~ (outnumbered).
 24433 | D:4      | 24433 ||| Stepping ~*~*~tactically~*~*~ (outnumbered).
 24435 | D:4      | 24435 ||| Stepping ~*~*~tactically~*~*~ (outnumbered).
 24437 | D:4      | 24437 ||| FLEEEEING.
 24464 | D:4      | 24464 ||| Stepping ~*~*~tactically~*~*~ (outnumbered).
 24465 | D:4      | Glimpsed the power of Zot.
 24466 | D:4      | 24466 ||| Stepping ~*~*~tactically~*~*~ (outnumbered).
 24468 | D:4      | 24468 ||| Stepping ~*~*~tactically~*~*~ (outnumbered).
 24470 | D:4      | 24470 ||| Stepping ~*~*~tactically~*~*~ (outnumbered).
 24472 | D:4      | 24472 ||| Stepping ~*~*~tactically~*~*~ (outnumbered).
 24474 | D:4      | 24474 ||| Stepping ~*~*~tactically~*~*~ (outnumbered).
 24476 | D:4      | 24476 ||| Stepping ~*~*~tactically~*~*~ (outnumbered).
 24478 | D:4      | 24478 ||| Stepping ~*~*~tactically~*~*~ (outnumbered).
 24480 | D:4      | 24480 ||| Stepping ~*~*~tactically~*~*~ (outnumbered).
 24482 | D:4      | 24482 ||| Stepping ~*~*~tactically~*~*~ (outnumbered).
 24484 | D:4      | 24484 ||| FLEEEEING.
 24508 | D:4      | 24508 ||| Stepping ~*~*~tactically~*~*~ (outnumbered).
 24510 | D:4      | 24510 ||| Stepping ~*~*~tactically~*~*~ (outnumbered).
 24512 | D:4      | 24512 ||| Stepping ~*~*~tactically~*~*~ (outnumbered).
 24514 | D:4      | 24514 ||| Stepping ~*~*~tactically~*~*~ (outnumbered).
 24516 | D:4      | 24516 ||| Stepping ~*~*~tactically~*~*~ (outnumbered).
 24518 | D:4      | 24518 ||| Stepping ~*~*~tactically~*~*~ (outnumbered).
 24520 | D:4      | 24520 ||| Stepping ~*~*~tactically~*~*~ (outnumbered).
 24522 | D:4      | 24522 ||| Stepping ~*~*~tactically~*~*~ (outnumbered).
 24524 | D:4      | 24524 ||| Stepping ~*~*~tactically~*~*~ (outnumbered).
 24535 | D:4      | 24535 ||| Stepping ~*~*~tactically~*~*~ (outnumbered).
 24537 | D:4      | 24537 ||| Stepping ~*~*~tactically~*~*~ (outnumbered).
 24539 | D:4      | 24539 ||| Stepping ~*~*~tactically~*~*~ (outnumbered).
 24541 | D:4      | 24541 ||| Stepping ~*~*~tactically~*~*~ (outnumbered).
 24543 | D:4      | 24543 ||| Stepping ~*~*~tactically~*~*~ (outnumbered).
 24545 | D:4      | 24545 ||| Stepping ~*~*~tactically~*~*~ (outnumbered).
 24555 | D:4      | 24555 ||| Stepping ~*~*~tactically~*~*~ (outnumbered).
 24557 | D:4      | 24557 ||| FLEEEEING.
 24584 | D:4      | 24584 ||| Stepping ~*~*~tactically~*~*~ (outnumbered).
 24586 | D:4      | 24586 ||| Stepping ~*~*~tactically~*~*~ (outnumbered).
 24588 | D:4      | 24588 ||| Stepping ~*~*~tactically~*~*~ (outnumbered).
 24590 | D:4      | 24590 ||| Stepping ~*~*~tactically~*~*~ (outnumbered).
 24592 | D:4      | 24592 ||| FLEEEEING.
 24616 | D:4      | 24616 ||| Stepping ~*~*~tactically~*~*~ (outnumbered).
 24618 | D:4      | 24618 ||| Stepping ~*~*~tactically~*~*~ (outnumbered).
 24620 | D:4      | 24620 ||| Stepping ~*~*~tactically~*~*~ (outnumbered).
 24622 | D:4      | 24622 ||| Stepping ~*~*~tactically~*~*~ (outnumbered).
 24624 | D:4      | 24624 ||| FLEEEEING.
 24652 | D:4      | 24652 ||| Stepping ~*~*~tactically~*~*~ (outnumbered).
 24654 | D:4      | 24654 ||| Stepping ~*~*~tactically~*~*~ (outnumbered).
 24656 | D:4      | 24656 ||| Stepping ~*~*~tactically~*~*~ (outnumbered).
 24658 | D:4      | 24658 ||| Stepping ~*~*~tactically~*~*~ (outnumbered).
 24660 | D:4      | 24660 ||| FLEEEEING.
 24684 | D:4      | 24684 ||| Stepping ~*~*~tactically~*~*~ (outnumbered).
 24687 | D:4      | 24687 ||| FLEEEEING.
 24712 | D:4      | 24712 ||| Stepping ~*~*~tactically~*~*~ (outnumbered).
 24714 | D:4      | 24714 ||| Stepping ~*~*~tactically~*~*~ (outnumbered).
 24716 | D:4      | 24716 ||| Stepping ~*~*~tactically~*~*~ (outnumbered).
 24718 | D:4      | 24718 ||| Stepping ~*~*~tactically~*~*~ (outnumbered).
 24720 | D:4      | 24720 ||| Stepping ~*~*~tactically~*~*~ (outnumbered).
 24722 | D:4      | 24722 ||| Stepping ~*~*~tactically~*~*~ (outnumbered).
 24727 | D:4      | 24727 ||| Stepping ~*~*~tactically~*~*~ (outnumbered).
 24729 | D:4      | 24729 ||| Stepping ~*~*~tactically~*~*~ (outnumbered).
 24735 | D:4      | 24735 ||| Stepping ~*~*~tactically~*~*~ (outnumbered).
 24743 | D:4      | 24743 ||| Stepping ~*~*~tactically~*~*~ (outnumbered).
 24745 | D:4      | 24745 ||| Stepping ~*~*~tactically~*~*~ (outnumbered).
 24747 | D:4      | 24747 ||| Stepping ~*~*~tactically~*~*~ (outnumbered).
 24749 | D:4      | 24749 ||| Stepping ~*~*~tactically~*~*~ (outnumbered).
 24751 | D:4      | 24751 ||| Stepping ~*~*~tactically~*~*~ (outnumbered).
 24753 | D:4      | 24753 ||| Stepping ~*~*~tactically~*~*~ (outnumbered).
 24755 | D:4      | 24755 ||| Stepping ~*~*~tactically~*~*~ (outnumbered).
 24757 | D:4      | 24757 ||| Stepping ~*~*~tactically~*~*~ (outnumbered).
 24759 | D:4      | 24759 ||| Stepping ~*~*~tactically~*~*~ (outnumbered).
 24761 | D:4      | 24761 ||| FLEEEEING.
 24788 | D:4      | 24788 ||| Stepping ~*~*~tactically~*~*~ (outnumbered).
 24799 | D:4      | 24799 ||| Stepping ~*~*~tactically~*~*~ (outnumbered).
 24801 | D:4      | 24801 ||| Stepping ~*~*~tactically~*~*~ (outnumbered).
 24803 | D:4      | 24803 ||| Stepping ~*~*~tactically~*~*~ (outnumbered).
 24805 | D:4      | 24805 ||| Stepping ~*~*~tactically~*~*~ (outnumbered).
 24807 | D:4      | 24807 ||| Stepping ~*~*~tactically~*~*~ (outnumbered).
 24809 | D:4      | 24809 ||| Stepping ~*~*~tactically~*~*~ (outnumbered).
 24811 | D:4      | 24811 ||| Stepping ~*~*~tactically~*~*~ (outnumbered).
 24813 | D:4      | 24813 ||| Stepping ~*~*~tactically~*~*~ (outnumbered).
 24815 | D:4      | 24815 ||| Stepping ~*~*~tactically~*~*~ (outnumbered).
 24817 | D:4      | 24817 ||| Stepping ~*~*~tactically~*~*~ (outnumbered).
 24819 | D:4      | 24819 ||| Stepping ~*~*~tactically~*~*~ (outnumbered).
 24821 | D:4      | 24821 ||| Stepping ~*~*~tactically~*~*~ (outnumbered).
 24823 | D:4      | 24823 ||| Stepping ~*~*~tactically~*~*~ (outnumbered).
 24825 | D:4      | 24825 ||| Stepping ~*~*~tactically~*~*~ (outnumbered).
 24827 | D:4      | 24827 ||| Stepping ~*~*~tactically~*~*~ (outnumbered).
 24829 | D:4      | 24829 ||| Stepping ~*~*~tactically~*~*~ (outnumbered).
 24831 | D:4      | 24831 ||| Stepping ~*~*~tactically~*~*~ (outnumbered).
 24835 | D:4      | 24835 ||| Stepping ~*~*~tactically~*~*~ (outnumbered).
 24839 | D:4      | 24839 ||| Stepping ~*~*~tactically~*~*~ (outnumbered).
 24841 | D:4      | 24841 ||| Stepping ~*~*~tactically~*~*~ (outnumbered).
 24851 | D:4      | 24851 ||| Stepping ~*~*~tactically~*~*~ (outnumbered).
 24853 | D:4      | 24853 ||| Stepping ~*~*~tactically~*~*~ (outnumbered).
 24855 | D:4      | 24855 ||| Stepping ~*~*~tactically~*~*~ (outnumbered).
 24857 | D:4      | 24857 ||| Stepping ~*~*~tactically~*~*~ (outnumbered).
 24859 | D:4      | 24859 ||| Stepping ~*~*~tactically~*~*~ (outnumbered).
 24861 | D:4      | 24861 ||| FLEEEEING.
 24865 | D:4      | Glimpsed the power of Zot.
 24884 | D:4      | 24884 ||| Stepping ~*~*~tactically~*~*~ (outnumbered).
 24886 | D:4      | 24886 ||| Stepping ~*~*~tactically~*~*~ (outnumbered).
 24888 | D:4      | 24888 ||| Stepping ~*~*~tactically~*~*~ (outnumbered).
 24890 | D:4      | 24890 ||| Stepping ~*~*~tactically~*~*~ (outnumbered).
 24892 | D:4      | 24892 ||| Stepping ~*~*~tactically~*~*~ (outnumbered).
 24895 | D:4      | 24895 ||| Stepping ~*~*~tactically~*~*~ (outnumbered).
 24897 | D:4      | 24897 ||| Stepping ~*~*~tactically~*~*~ (outnumbered).
 24899 | D:4      | 24899 ||| Stepping ~*~*~tactically~*~*~ (outnumbered).
 24907 | D:4      | 24907 ||| Stepping ~*~*~tactically~*~*~ (outnumbered).
 24909 | D:4      | 24909 ||| Stepping ~*~*~tactically~*~*~ (outnumbered).
 24911 | D:4      | 24911 ||| Stepping ~*~*~tactically~*~*~ (outnumbered).
 24913 | D:4      | 24913 ||| Stepping ~*~*~tactically~*~*~ (outnumbered).
 24915 | D:4      | 24915 ||| Stepping ~*~*~tactically~*~*~ (outnumbered).
 24923 | D:4      | 24923 ||| Stepping ~*~*~tactically~*~*~ (outnumbered).
 24925 | D:4      | 24925 ||| Stepping ~*~*~tactically~*~*~ (outnumbered).
 24927 | D:4      | 24927 ||| Stepping ~*~*~tactically~*~*~ (outnumbered).
 24929 | D:4      | 24929 ||| Stepping ~*~*~tactically~*~*~ (outnumbered).
 24931 | D:4      | 24931 ||| Stepping ~*~*~tactically~*~*~ (outnumbered).
 24933 | D:4      | 24933 ||| Stepping ~*~*~tactically~*~*~ (outnumbered).
 24935 | D:4      | 24935 ||| Stepping ~*~*~tactically~*~*~ (outnumbered).
 24937 | D:4      | 24937 ||| Stepping ~*~*~tactically~*~*~ (outnumbered).
 24939 | D:4      | 24939 ||| Stepping ~*~*~tactically~*~*~ (outnumbered).
 24941 | D:4      | 24941 ||| Stepping ~*~*~tactically~*~*~ (outnumbered).
 24943 | D:4      | 24943 ||| Stepping ~*~*~tactically~*~*~ (outnumbered).
 24945 | D:4      | 24945 ||| Stepping ~*~*~tactically~*~*~ (outnumbered).
 24947 | D:4      | 24947 ||| Stepping ~*~*~tactically~*~*~ (outnumbered).
 24949 | D:4      | 24949 ||| Stepping ~*~*~tactically~*~*~ (outnumbered).
 24951 | D:4      | 24951 ||| Stepping ~*~*~tactically~*~*~ (outnumbered).
 24953 | D:4      | 24953 ||| Stepping ~*~*~tactically~*~*~ (outnumbered).
 24959 | D:4      | 24959 ||| Stepping ~*~*~tactically~*~*~ (outnumbered).
 24963 | D:4      | 24963 ||| Stepping ~*~*~tactically~*~*~ (outnumbered).
 24964 | D:4      | Touched by the power of Zot (MHP 35 -> 27)
 24965 | D:4      | Glimpsed the power of Zot.
 24966 | D:4      | 24966 ||| Stepping ~*~*~tactically~*~*~ (outnumbered).
 24968 | D:4      | 24968 ||| Stepping ~*~*~tactically~*~*~ (outnumbered).
 24970 | D:4      | 24970 ||| Stepping ~*~*~tactically~*~*~ (outnumbered).
 24972 | D:4      | 24972 ||| Stepping ~*~*~tactically~*~*~ (outnumbered).
 24974 | D:4      | 24974 ||| Stepping ~*~*~tactically~*~*~ (outnumbered).
 24976 | D:4      | 24976 ||| Stepping ~*~*~tactically~*~*~ (outnumbered).
 24978 | D:4      | 24978 ||| Stepping ~*~*~tactically~*~*~ (outnumbered).
 24980 | D:4      | 24980 ||| Stepping ~*~*~tactically~*~*~ (outnumbered).
 24982 | D:4      | 24982 ||| Stepping ~*~*~tactically~*~*~ (outnumbered).
 24984 | D:4      | 24984 ||| Stepping ~*~*~tactically~*~*~ (outnumbered).
 24986 | D:4      | 24986 ||| Stepping ~*~*~tactically~*~*~ (outnumbered).
 24988 | D:4      | 24988 ||| Stepping ~*~*~tactically~*~*~ (outnumbered).
 24990 | D:4      | 24990 ||| Stepping ~*~*~tactically~*~*~ (outnumbered).
 24992 | D:4      | 24992 ||| Stepping ~*~*~tactically~*~*~ (outnumbered).
 24994 | D:4      | 24994 ||| Stepping ~*~*~tactically~*~*~ (outnumbered).
 24996 | D:4      | 24996 ||| Stepping ~*~*~tactically~*~*~ (outnumbered).
 24998 | D:4      | 24998 ||| Stepping ~*~*~tactically~*~*~ (outnumbered).
 25000 | D:4      | 25000 ||| Stepping ~*~*~tactically~*~*~ (outnumbered).
 25002 | D:4      | 25002 ||| Stepping ~*~*~tactically~*~*~ (outnumbered).
 25004 | D:4      | 25004 ||| Stepping ~*~*~tactically~*~*~ (outnumbered).
 25006 | D:4      | 25006 ||| Stepping ~*~*~tactically~*~*~ (outnumbered).
 25008 | D:4      | 25008 ||| Stepping ~*~*~tactically~*~*~ (outnumbered).
 25010 | D:4      | 25010 ||| Stepping ~*~*~tactically~*~*~ (outnumbered).
 25012 | D:4      | 25012 ||| Stepping ~*~*~tactically~*~*~ (outnumbered).
 25014 | D:4      | 25014 ||| Stepping ~*~*~tactically~*~*~ (outnumbered).
 25017 | D:4      | 25017 ||| Stepping ~*~*~tactically~*~*~ (outnumbered).
 25019 | D:4      | 25019 ||| Stepping ~*~*~tactically~*~*~ (outnumbered).
 25021 | D:4      | 25021 ||| Stepping ~*~*~tactically~*~*~ (outnumbered).
 25023 | D:4      | 25023 ||| FLEEEEING.
 25043 | D:4      | 25043 ||| Stepping ~*~*~tactically~*~*~ (outnumbered).
 25045 | D:4      | 25045 ||| Stepping ~*~*~tactically~*~*~ (outnumbered).
 25047 | D:4      | 25047 ||| Stepping ~*~*~tactically~*~*~ (outnumbered).
 25055 | D:4      | 25055 ||| Stepping ~*~*~tactically~*~*~ (outnumbered).
 25057 | D:4      | 25057 ||| Stepping ~*~*~tactically~*~*~ (outnumbered).
 25059 | D:4      | 25059 ||| Stepping ~*~*~tactically~*~*~ (outnumbered).
 25061 | D:4      | 25061 ||| Stepping ~*~*~tactically~*~*~ (outnumbered).
 25063 | D:4      | 25063 ||| Stepping ~*~*~tactically~*~*~ (outnumbered).
 25065 | D:4      | 25065 ||| Stepping ~*~*~tactically~*~*~ (outnumbered).
 25067 | D:4      | 25067 ||| Stepping ~*~*~tactically~*~*~ (outnumbered).
 25069 | D:4      | 25069 ||| Stepping ~*~*~tactically~*~*~ (outnumbered).
 25071 | D:4      | 25071 ||| Stepping ~*~*~tactically~*~*~ (outnumbered).
 25075 | D:4      | 25075 ||| Stepping ~*~*~tactically~*~*~ (outnumbered).
 25077 | D:4      | 25077 ||| Stepping ~*~*~tactically~*~*~ (outnumbered).
 25079 | D:4      | 25079 ||| Stepping ~*~*~tactically~*~*~ (outnumbered).
 25088 | D:4      | 25088 ||| Stepping ~*~*~tactically~*~*~ (outnumbered).
 25090 | D:4      | 25090 ||| Stepping ~*~*~tactically~*~*~ (outnumbered).
 25092 | D:4      | 25092 ||| Stepping ~*~*~tactically~*~*~ (outnumbered).
 25094 | D:4      | 25094 ||| Stepping ~*~*~tactically~*~*~ (outnumbered).
 25096 | D:4      | 25096 ||| Stepping ~*~*~tactically~*~*~ (outnumbered).
 25098 | D:4      | 25098 ||| Stepping ~*~*~tactically~*~*~ (outnumbered).
 25100 | D:4      | 25100 ||| Stepping ~*~*~tactically~*~*~ (outnumbered).
 25102 | D:4      | 25102 ||| Stepping ~*~*~tactically~*~*~ (outnumbered).
 25104 | D:4      | 25104 ||| Stepping ~*~*~tactically~*~*~ (outnumbered).
 25106 | D:4      | 25106 ||| Stepping ~*~*~tactically~*~*~ (outnumbered).
 25108 | D:4      | 25108 ||| Stepping ~*~*~tactically~*~*~ (outnumbered).
 25110 | D:4      | 25110 ||| Stepping ~*~*~tactically~*~*~ (outnumbered).
 25112 | D:4      | 25112 ||| Stepping ~*~*~tactically~*~*~ (outnumbered).
 25114 | D:4      | 25114 ||| Stepping ~*~*~tactically~*~*~ (outnumbered).
 25116 | D:4      | 25116 ||| Stepping ~*~*~tactically~*~*~ (outnumbered).
 25118 | D:4      | 25118 ||| Stepping ~*~*~tactically~*~*~ (outnumbered).
 25120 | D:4      | 25120 ||| Stepping ~*~*~tactically~*~*~ (outnumbered).
 25122 | D:4      | 25122 ||| Stepping ~*~*~tactically~*~*~ (outnumbered).
 25124 | D:4      | 25124 ||| FLEEEEING.
 25147 | D:4      | 25147 ||| Stepping ~*~*~tactically~*~*~ (outnumbered).
 25155 | D:4      | 25155 ||| Stepping ~*~*~tactically~*~*~ (outnumbered).
 25157 | D:4      | 25157 ||| Stepping ~*~*~tactically~*~*~ (outnumbered).
 25159 | D:4      | 25159 ||| Stepping ~*~*~tactically~*~*~ (outnumbered).
 25161 | D:4      | 25161 ||| Stepping ~*~*~tactically~*~*~ (outnumbered).
 25163 | D:4      | 25163 ||| Stepping ~*~*~tactically~*~*~ (outnumbered).
 25165 | D:4      | 25165 ||| Stepping ~*~*~tactically~*~*~ (outnumbered).
 25167 | D:4      | 25167 ||| Stepping ~*~*~tactically~*~*~ (outnumbered).
 25169 | D:4      | 25169 ||| Stepping ~*~*~tactically~*~*~ (outnumbered).
 25171 | D:4      | 25171 ||| Stepping ~*~*~tactically~*~*~ (outnumbered).
 25173 | D:4      | 25173 ||| Stepping ~*~*~tactically~*~*~ (outnumbered).
 25175 | D:4      | 25175 ||| Stepping ~*~*~tactically~*~*~ (outnumbered).
 25177 | D:4      | 25177 ||| Stepping ~*~*~tactically~*~*~ (outnumbered).
 25179 | D:4      | 25179 ||| Stepping ~*~*~tactically~*~*~ (outnumbered).
 25184 | D:4      | 25184 ||| Stepping ~*~*~tactically~*~*~ (outnumbered).
 25192 | D:4      | 25192 ||| Stepping ~*~*~tactically~*~*~ (outnumbered).
 25194 | D:4      | 25194 ||| Stepping ~*~*~tactically~*~*~ (outnumbered).
 25196 | D:4      | 25196 ||| Stepping ~*~*~tactically~*~*~ (outnumbered).
 25200 | D:4      | 25200 ||| FLEEEEING.
 25226 | D:4      | 25226 ||| Stepping ~*~*~tactically~*~*~ (outnumbered).
 25228 | D:4      | 25228 ||| Stepping ~*~*~tactically~*~*~ (outnumbered).
 25230 | D:4      | 25230 ||| Stepping ~*~*~tactically~*~*~ (outnumbered).
 25232 | D:4      | 25232 ||| Stepping ~*~*~tactically~*~*~ (outnumbered).
 25234 | D:4      | 25234 ||| Stepping ~*~*~tactically~*~*~ (outnumbered).
 25236 | D:4      | 25236 ||| Stepping ~*~*~tactically~*~*~ (outnumbered).
 25238 | D:4      | 25238 ||| Stepping ~*~*~tactically~*~*~ (outnumbered).
 25240 | D:4      | 25240 ||| FLEEEEING.
 25264 | D:4      | 25264 ||| Stepping ~*~*~tactically~*~*~ (outnumbered).
 25266 | D:4      | 25266 ||| Stepping ~*~*~tactically~*~*~ (outnumbered).
 25268 | D:4      | 25268 ||| Stepping ~*~*~tactically~*~*~ (outnumbered).
 25270 | D:4      | 25270 ||| Stepping ~*~*~tactically~*~*~ (outnumbered).
 25272 | D:4      | 25272 ||| Stepping ~*~*~tactically~*~*~ (outnumbered).
 25274 | D:4      | 25274 ||| Stepping ~*~*~tactically~*~*~ (outnumbered).
 25276 | D:4      | 25276 ||| Stepping ~*~*~tactically~*~*~ (outnumbered).
 25278 | D:4      | 25278 ||| Stepping ~*~*~tactically~*~*~ (outnumbered).
 25280 | D:4      | 25280 ||| FLEEEEING.
 25309 | D:4      | 25309 ||| Stepping ~*~*~tactically~*~*~ (outnumbered).
 25311 | D:4      | 25311 ||| Stepping ~*~*~tactically~*~*~ (outnumbered).
 25313 | D:4      | 25313 ||| Stepping ~*~*~tactically~*~*~ (outnumbered).
 25315 | D:4      | 25315 ||| Stepping ~*~*~tactically~*~*~ (outnumbered).
 25317 | D:4      | 25317 ||| Stepping ~*~*~tactically~*~*~ (outnumbered).
 25319 | D:4      | 25319 ||| Stepping ~*~*~tactically~*~*~ (outnumbered).
 25321 | D:4      | 25321 ||| Stepping ~*~*~tactically~*~*~ (outnumbered).
 25323 | D:4      | 25323 ||| Stepping ~*~*~tactically~*~*~ (outnumbered).
 25325 | D:4      | 25325 ||| FLEEEEING.
 25355 | D:4      | 25355 ||| Stepping ~*~*~tactically~*~*~ (outnumbered).
 25357 | D:4      | 25357 ||| Stepping ~*~*~tactically~*~*~ (outnumbered).
 25359 | D:4      | 25359 ||| Stepping ~*~*~tactically~*~*~ (outnumbered).
 25361 | D:4      | 25361 ||| FLEEEEING.
 25384 | D:4      | 25384 ||| Stepping ~*~*~tactically~*~*~ (outnumbered).
 25388 | D:4      | 25388 ||| Stepping ~*~*~tactically~*~*~ (outnumbered).
 25390 | D:4      | 25390 ||| Stepping ~*~*~tactically~*~*~ (outnumbered).
 25392 | D:4      | 25392 ||| Stepping ~*~*~tactically~*~*~ (outnumbered).
 25394 | D:4      | 25394 ||| Stepping ~*~*~tactically~*~*~ (outnumbered).
 25396 | D:4      | 25396 ||| Stepping ~*~*~tactically~*~*~ (outnumbered).
 25400 | D:4      | 25400 ||| FLEEEEING.
 25422 | D:4      | 25422 ||| FLEEEEING.
 25443 | D:4      | 25443 ||| Stepping ~*~*~tactically~*~*~ (outnumbered).
 25445 | D:4      | 25445 ||| Stepping ~*~*~tactically~*~*~ (outnumbered).
 25447 | D:4      | 25447 ||| FLEEEEING.
 25465 | D:4      | Glimpsed the power of Zot.
 25468 | D:4      | 25468 ||| Stepping ~*~*~tactically~*~*~ (outnumbered).
 25470 | D:4      | 25470 ||| Stepping ~*~*~tactically~*~*~ (outnumbered).
 25472 | D:4      | 25472 ||| Stepping ~*~*~tactically~*~*~ (outnumbered).
 25474 | D:4      | 25474 ||| Stepping ~*~*~tactically~*~*~ (outnumbered).
 25476 | D:4      | 25476 ||| Stepping ~*~*~tactically~*~*~ (outnumbered).
 25478 | D:4      | 25478 ||| Stepping ~*~*~tactically~*~*~ (outnumbered).
 25480 | D:4      | 25480 ||| Stepping ~*~*~tactically~*~*~ (outnumbered).
 25482 | D:4      | 25482 ||| FLEEEEING.
 25502 | D:4      | 25502 ||| Stepping ~*~*~tactically~*~*~ (outnumbered).
 25504 | D:4      | 25504 ||| Stepping ~*~*~tactically~*~*~ (outnumbered).
 25506 | D:4      | 25506 ||| Stepping ~*~*~tactically~*~*~ (outnumbered).
 25508 | D:4      | 25508 ||| Stepping ~*~*~tactically~*~*~ (outnumbered).
 25513 | D:4      | 25513 ||| Stepping ~*~*~tactically~*~*~ (outnumbered).
 25515 | D:4      | 25515 ||| Stepping ~*~*~tactically~*~*~ (outnumbered).
 25517 | D:4      | 25517 ||| Stepping ~*~*~tactically~*~*~ (outnumbered).
 25519 | D:4      | 25519 ||| FLEEEEING.
 25539 | D:4      | 25539 ||| Stepping ~*~*~tactically~*~*~ (outnumbered).
 25546 | D:4      | 25546 ||| Stepping ~*~*~tactically~*~*~ (outnumbered).
 25548 | D:4      | 25548 ||| Stepping ~*~*~tactically~*~*~ (outnumbered).
 25550 | D:4      | 25550 ||| Stepping ~*~*~tactically~*~*~ (outnumbered).
 25552 | D:4      | 25552 ||| FLEEEEING.
 25576 | D:4      | 25576 ||| Stepping ~*~*~tactically~*~*~ (outnumbered).
 25578 | D:4      | 25578 ||| Stepping ~*~*~tactically~*~*~ (outnumbered).
 25580 | D:4      | 25580 ||| Stepping ~*~*~tactically~*~*~ (outnumbered).
 25582 | D:4      | 25582 ||| Stepping ~*~*~tactically~*~*~ (outnumbered).
 25584 | D:4      | 25584 ||| Stepping ~*~*~tactically~*~*~ (outnumbered).
 25586 | D:4      | 25586 ||| Stepping ~*~*~tactically~*~*~ (outnumbered).
 25588 | D:4      | 25588 ||| Stepping ~*~*~tactically~*~*~ (outnumbered).
 25590 | D:4      | 25590 ||| Stepping ~*~*~tactically~*~*~ (outnumbered).
 25592 | D:4      | 25592 ||| Stepping ~*~*~tactically~*~*~ (outnumbered).
 25594 | D:4      | 25594 ||| Stepping ~*~*~tactically~*~*~ (outnumbered).
 25596 | D:4      | 25596 ||| Stepping ~*~*~tactically~*~*~ (outnumbered).
 25598 | D:4      | 25598 ||| Stepping ~*~*~tactically~*~*~ (outnumbered).
 25600 | D:4      | 25600 ||| Stepping ~*~*~tactically~*~*~ (outnumbered).
 25609 | D:4      | 25609 ||| Stepping ~*~*~tactically~*~*~ (outnumbered).
 25611 | D:4      | 25611 ||| Stepping ~*~*~tactically~*~*~ (outnumbered).
 25613 | D:4      | 25613 ||| Stepping ~*~*~tactically~*~*~ (outnumbered).
 25615 | D:4      | 25615 ||| Stepping ~*~*~tactically~*~*~ (outnumbered).
 25617 | D:4      | 25617 ||| FLEEEEING.
 25643 | D:4      | 25643 ||| Stepping ~*~*~tactically~*~*~ (outnumbered).
 25646 | D:4      | 25646 ||| Stepping ~*~*~tactically~*~*~ (outnumbered).
 25648 | D:4      | 25648 ||| Stepping ~*~*~tactically~*~*~ (outnumbered).
 25655 | D:4      | 25655 ||| FLEEEEING.
 25676 | D:4      | 25676 ||| Stepping ~*~*~tactically~*~*~ (outnumbered).
 25678 | D:4      | 25678 ||| Stepping ~*~*~tactically~*~*~ (outnumbered).
 25684 | D:4      | 25684 ||| Stepping ~*~*~tactically~*~*~ (outnumbered).
 25686 | D:4      | 25686 ||| Stepping ~*~*~tactically~*~*~ (outnumbered).
 25688 | D:4      | 25688 ||| Stepping ~*~*~tactically~*~*~ (outnumbered).
 25690 | D:4      | 25690 ||| Stepping ~*~*~tactically~*~*~ (outnumbered).
 25692 | D:4      | 25692 ||| Stepping ~*~*~tactically~*~*~ (outnumbered).
 25694 | D:4      | 25694 ||| Stepping ~*~*~tactically~*~*~ (outnumbered).
 25696 | D:4      | 25696 ||| Stepping ~*~*~tactically~*~*~ (outnumbered).
 25698 | D:4      | 25698 ||| Stepping ~*~*~tactically~*~*~ (outnumbered).
 25700 | D:4      | 25700 ||| Stepping ~*~*~tactically~*~*~ (outnumbered).
 25702 | D:4      | 25702 ||| Stepping ~*~*~tactically~*~*~ (outnumbered).
 25704 | D:4      | 25704 ||| Stepping ~*~*~tactically~*~*~ (outnumbered).
 25706 | D:4      | 25706 ||| Stepping ~*~*~tactically~*~*~ (outnumbered).
 25708 | D:4      | 25708 ||| Stepping ~*~*~tactically~*~*~ (outnumbered).
 25713 | D:4      | 25713 ||| Stepping ~*~*~tactically~*~*~ (outnumbered).
 25715 | D:4      | 25715 ||| Stepping ~*~*~tactically~*~*~ (outnumbered).
 25717 | D:4      | 25717 ||| Stepping ~*~*~tactically~*~*~ (outnumbered).
 25719 | D:4      | 25719 ||| FLEEEEING.
 25747 | D:4      | 25747 ||| Stepping ~*~*~tactically~*~*~ (outnumbered).
 25749 | D:4      | 25749 ||| Stepping ~*~*~tactically~*~*~ (outnumbered).
 25759 | D:4      | 25759 ||| Stepping ~*~*~tactically~*~*~ (outnumbered).
 25761 | D:4      | 25761 ||| Stepping ~*~*~tactically~*~*~ (outnumbered).
 25763 | D:4      | 25763 ||| Stepping ~*~*~tactically~*~*~ (outnumbered).
 25765 | D:4      | 25765 ||| Stepping ~*~*~tactically~*~*~ (outnumbered).
 25767 | D:4      | 25767 ||| Stepping ~*~*~tactically~*~*~ (outnumbered).
 25769 | D:4      | 25769 ||| Stepping ~*~*~tactically~*~*~ (outnumbered).
 25771 | D:4      | 25771 ||| Stepping ~*~*~tactically~*~*~ (outnumbered).
 25773 | D:4      | 25773 ||| Stepping ~*~*~tactically~*~*~ (outnumbered).
 25775 | D:4      | 25775 ||| Stepping ~*~*~tactically~*~*~ (outnumbered).
 25777 | D:4      | 25777 ||| Stepping ~*~*~tactically~*~*~ (outnumbered).
 25780 | D:4      | 25780 ||| FLEEEEING.
 25805 | D:4      | 25805 ||| FLEEEEING.
 25830 | D:4      | 25830 ||| Stepping ~*~*~tactically~*~*~ (outnumbered).
 25832 | D:4      | 25832 ||| Stepping ~*~*~tactically~*~*~ (outnumbered).
 25838 | D:4      | 25838 ||| Stepping ~*~*~tactically~*~*~ (outnumbered).
 25840 | D:4      | 25840 ||| Stepping ~*~*~tactically~*~*~ (outnumbered).
 25846 | D:4      | 25846 ||| FLEEEEING.
 25865 | D:4      | Glimpsed the power of Zot.
 25876 | D:4      | 25876 ||| Stepping ~*~*~tactically~*~*~ (outnumbered).
 25878 | D:4      | 25878 ||| Stepping ~*~*~tactically~*~*~ (outnumbered).
 25880 | D:4      | 25880 ||| Stepping ~*~*~tactically~*~*~ (outnumbered).
 25882 | D:4      | 25882 ||| Stepping ~*~*~tactically~*~*~ (outnumbered).
 25884 | D:4      | 25884 ||| Stepping ~*~*~tactically~*~*~ (outnumbered).
 25886 | D:4      | 25886 ||| Stepping ~*~*~tactically~*~*~ (outnumbered).
 25888 | D:4      | 25888 ||| Stepping ~*~*~tactically~*~*~ (outnumbered).
 25890 | D:4      | 25890 ||| Stepping ~*~*~tactically~*~*~ (outnumbered).
 25892 | D:4      | 25892 ||| Stepping ~*~*~tactically~*~*~ (outnumbered).
 25894 | D:4      | 25894 ||| Stepping ~*~*~tactically~*~*~ (outnumbered).
 25896 | D:4      | 25896 ||| Stepping ~*~*~tactically~*~*~ (outnumbered).
 25898 | D:4      | 25898 ||| Stepping ~*~*~tactically~*~*~ (outnumbered).
 25900 | D:4      | 25900 ||| Stepping ~*~*~tactically~*~*~ (outnumbered).
 25902 | D:4      | 25902 ||| Stepping ~*~*~tactically~*~*~ (outnumbered).
 25904 | D:4      | 25904 ||| Stepping ~*~*~tactically~*~*~ (outnumbered).
 25906 | D:4      | 25906 ||| Stepping ~*~*~tactically~*~*~ (outnumbered).
 25908 | D:4      | 25908 ||| FLEEEEING.
 25930 | D:4      | 25930 ||| FLEEEEING.
 25959 | D:4      | 25959 ||| Stepping ~*~*~tactically~*~*~ (outnumbered).
 25964 | D:4      | Touched by the power of Zot (MHP 26 -> 19)
 25965 | D:4      | Glimpsed the power of Zot.
 25966 | D:4      | 25966 ||| Stepping ~*~*~tactically~*~*~ (outnumbered).
 25968 | D:4      | 25968 ||| FLEEEEING.
 25989 | D:4      | 25989 ||| Stepping ~*~*~tactically~*~*~ (outnumbered).
 25991 | D:4      | 25991 ||| Stepping ~*~*~tactically~*~*~ (outnumbered).
 25993 | D:4      | 25993 ||| Stepping ~*~*~tactically~*~*~ (outnumbered).
 25995 | D:4      | 25995 ||| Stepping ~*~*~tactically~*~*~ (outnumbered).
 25997 | D:4      | 25997 ||| FLEEEEING.
 26017 | D:4      | 26017 ||| Stepping ~*~*~tactically~*~*~ (outnumbered).
 26019 | D:4      | 26019 ||| FLEEEEING.
 26039 | D:4      | 26039 ||| Stepping ~*~*~tactically~*~*~ (outnumbered).
 26041 | D:4      | 26041 ||| FLEEEEING.
 26072 | D:4      | 26072 ||| Stepping ~*~*~tactically~*~*~ (outnumbered).
 26074 | D:4      | 26074 ||| Stepping ~*~*~tactically~*~*~ (outnumbered).
 26076 | D:4      | 26076 ||| Stepping ~*~*~tactically~*~*~ (outnumbered).
 26078 | D:4      | 26078 ||| FLEEEEING.
 26107 | D:4      | 26107 ||| FLEEEEING.
 26127 | D:4      | 26127 ||| Stepping ~*~*~tactically~*~*~ (outnumbered).
 26129 | D:4      | 26129 ||| Stepping ~*~*~tactically~*~*~ (outnumbered).
 26131 | D:4      | 26131 ||| Stepping ~*~*~tactically~*~*~ (outnumbered).
 26133 | D:4      | 26133 ||| Stepping ~*~*~tactically~*~*~ (outnumbered).
 26135 | D:4      | 26135 ||| FLEEEEING.
 26155 | D:4      | 26155 ||| Stepping ~*~*~tactically~*~*~ (outnumbered).
 26157 | D:4      | 26157 ||| Stepping ~*~*~tactically~*~*~ (outnumbered).
 26159 | D:4      | 26159 ||| Stepping ~*~*~tactically~*~*~ (outnumbered).
 26161 | D:4      | 26161 ||| Stepping ~*~*~tactically~*~*~ (outnumbered).
 26163 | D:4      | 26163 ||| FLEEEEING.
 26189 | D:4      | 26189 ||| Stepping ~*~*~tactically~*~*~ (outnumbered).
 26191 | D:4      | 26191 ||| Stepping ~*~*~tactically~*~*~ (outnumbered).
 26193 | D:4      | 26193 ||| Stepping ~*~*~tactically~*~*~ (outnumbered).
 26198 | D:4      | 26198 ||| FLEEEEING.
 26218 | D:4      | 26218 ||| FLEEEEING.
 26250 | D:4      | 26250 ||| Stepping ~*~*~tactically~*~*~ (outnumbered).
 26252 | D:4      | 26252 ||| Stepping ~*~*~tactically~*~*~ (outnumbered).
 26254 | D:4      | 26254 ||| FLEEEEING.
 26280 | D:4      | 26280 ||| Stepping ~*~*~tactically~*~*~ (outnumbered).
 26285 | D:4      | 26285 ||| Stepping ~*~*~tactically~*~*~ (outnumbered).
 26287 | D:4      | 26287 ||| Stepping ~*~*~tactically~*~*~ (outnumbered).
 26289 | D:4      | 26289 ||| Stepping ~*~*~tactically~*~*~ (outnumbered).
 26291 | D:4      | 26291 ||| Stepping ~*~*~tactically~*~*~ (outnumbered).
 26293 | D:4      | 26293 ||| Stepping ~*~*~tactically~*~*~ (outnumbered).
 26295 | D:4      | 26295 ||| Stepping ~*~*~tactically~*~*~ (outnumbered).
 26297 | D:4      | 26297 ||| Stepping ~*~*~tactically~*~*~ (outnumbered).
 26299 | D:4      | 26299 ||| Stepping ~*~*~tactically~*~*~ (outnumbered).
 26301 | D:4      | 26301 ||| Stepping ~*~*~tactically~*~*~ (outnumbered).
 26303 | D:4      | 26303 ||| Stepping ~*~*~tactically~*~*~ (outnumbered).
 26305 | D:4      | 26305 ||| Stepping ~*~*~tactically~*~*~ (outnumbered).
 26307 | D:4      | 26307 ||| Stepping ~*~*~tactically~*~*~ (outnumbered).
 26309 | D:4      | 26309 ||| Stepping ~*~*~tactically~*~*~ (outnumbered).
 26311 | D:4      | 26311 ||| Stepping ~*~*~tactically~*~*~ (outnumbered).
 26315 | D:4      | 26315 ||| FLEEEEING.
 26337 | D:4      | 26337 ||| Stepping ~*~*~tactically~*~*~ (outnumbered).
 26339 | D:4      | 26339 ||| Stepping ~*~*~tactically~*~*~ (outnumbered).
 26341 | D:4      | 26341 ||| Stepping ~*~*~tactically~*~*~ (outnumbered).
 26343 | D:4      | 26343 ||| Stepping ~*~*~tactically~*~*~ (outnumbered).
 26345 | D:4      | 26345 ||| FLEEEEING.
 26365 | D:4      | 26365 ||| Stepping ~*~*~tactically~*~*~ (outnumbered).
 26367 | D:4      | 26367 ||| Stepping ~*~*~tactically~*~*~ (outnumbered).
 26369 | D:4      | 26369 ||| Stepping ~*~*~tactically~*~*~ (outnumbered).
 26371 | D:4      | 26371 ||| FLEEEEING.
 26402 | D:4      | 26402 ||| Stepping ~*~*~tactically~*~*~ (outnumbered).
 26404 | D:4      | 26404 ||| Stepping ~*~*~tactically~*~*~ (outnumbered).
 26406 | D:4      | 26406 ||| Stepping ~*~*~tactically~*~*~ (outnumbered).
 26408 | D:4      | 26408 ||| FLEEEEING.
 26437 | D:4      | 26437 ||| FLEEEEING.
 26459 | D:4      | 26459 ||| FLEEEEING.
 26465 | D:4      | Glimpsed the power of Zot.
 26489 | D:4      | 26489 ||| FLEEEEING.
 26515 | D:4      | 26515 ||| Stepping ~*~*~tactically~*~*~ (outnumbered).
 26517 | D:4      | 26517 ||| Stepping ~*~*~tactically~*~*~ (outnumbered).
 26519 | D:4      | 26519 ||| Stepping ~*~*~tactically~*~*~ (outnumbered).
 26521 | D:4      | 26521 ||| Stepping ~*~*~tactically~*~*~ (outnumbered).
 26523 | D:4      | 26523 ||| Stepping ~*~*~tactically~*~*~ (outnumbered).
 26525 | D:4      | 26525 ||| Stepping ~*~*~tactically~*~*~ (outnumbered).
 26527 | D:4      | 26527 ||| FLEEEEING.
 26554 | D:4      | 26554 ||| Stepping ~*~*~tactically~*~*~ (outnumbered).
 26556 | D:4      | 26556 ||| Stepping ~*~*~tactically~*~*~ (outnumbered).
 26558 | D:4      | 26558 ||| Stepping ~*~*~tactically~*~*~ (outnumbered).
 26560 | D:4      | 26560 ||| Stepping ~*~*~tactically~*~*~ (outnumbered).
 26563 | D:4      | 26563 ||| Stepping ~*~*~tactically~*~*~ (outnumbered).
 26565 | D:4      | 26565 ||| Stepping ~*~*~tactically~*~*~ (outnumbered).
 26567 | D:4      | 26567 ||| FLEEEEING.
 26587 | D:4      | 26587 ||| Stepping ~*~*~tactically~*~*~ (outnumbered).
 26589 | D:4      | 26589 ||| Stepping ~*~*~tactically~*~*~ (outnumbered).
 26591 | D:4      | 26591 ||| FLEEEEING.
 26611 | D:4      | 26611 ||| Stepping ~*~*~tactically~*~*~ (outnumbered).
 26613 | D:4      | 26613 ||| FLEEEEING.
 26633 | D:4      | 26633 ||| Stepping ~*~*~tactically~*~*~ (outnumbered).
 26635 | D:4      | 26635 ||| Stepping ~*~*~tactically~*~*~ (outnumbered).
 26637 | D:4      | 26637 ||| Stepping ~*~*~tactically~*~*~ (outnumbered).
 26639 | D:4      | 26639 ||| Stepping ~*~*~tactically~*~*~ (outnumbered).
 26641 | D:4      | 26641 ||| Stepping ~*~*~tactically~*~*~ (outnumbered).
 26643 | D:4      | 26643 ||| Stepping ~*~*~tactically~*~*~ (outnumbered).
 26645 | D:4      | 26645 ||| Stepping ~*~*~tactically~*~*~ (outnumbered).
 26647 | D:4      | 26647 ||| Stepping ~*~*~tactically~*~*~ (outnumbered).
 26649 | D:4      | 26649 ||| Stepping ~*~*~tactically~*~*~ (outnumbered).
 26651 | D:4      | 26651 ||| Stepping ~*~*~tactically~*~*~ (outnumbered).
 26653 | D:4      | 26653 ||| Stepping ~*~*~tactically~*~*~ (outnumbered).
 26658 | D:4      | 26658 ||| Stepping ~*~*~tactically~*~*~ (outnumbered).
 26660 | D:4      | 26660 ||| Stepping ~*~*~tactically~*~*~ (outnumbered).
 26662 | D:4      | 26662 ||| Stepping ~*~*~tactically~*~*~ (outnumbered).
 26664 | D:4      | 26664 ||| Stepping ~*~*~tactically~*~*~ (outnumbered).
 26666 | D:4      | 26666 ||| Stepping ~*~*~tactically~*~*~ (outnumbered).
 26668 | D:4      | 26668 ||| Stepping ~*~*~tactically~*~*~ (outnumbered).
 26671 | D:4      | 26671 ||| Stepping ~*~*~tactically~*~*~ (outnumbered).
 26673 | D:4      | 26673 ||| Stepping ~*~*~tactically~*~*~ (outnumbered).
 26675 | D:4      | 26675 ||| Stepping ~*~*~tactically~*~*~ (outnumbered).
 26677 | D:4      | 26677 ||| Stepping ~*~*~tactically~*~*~ (outnumbered).
 26679 | D:4      | 26679 ||| FLEEEEING.
 26699 | D:4      | 26699 ||| FLEEEEING.
 26719 | D:4      | 26719 ||| Stepping ~*~*~tactically~*~*~ (outnumbered).
 26721 | D:4      | 26721 ||| Stepping ~*~*~tactically~*~*~ (outnumbered).
 26723 | D:4      | 26723 ||| Stepping ~*~*~tactically~*~*~ (outnumbered).
 26725 | D:4      | 26725 ||| FLEEEEING.
 26745 | D:4      | 26745 ||| Stepping ~*~*~tactically~*~*~ (outnumbered).
 26747 | D:4      | 26747 ||| Stepping ~*~*~tactically~*~*~ (outnumbered).
 26749 | D:4      | 26749 ||| Stepping ~*~*~tactically~*~*~ (outnumbered).
 26751 | D:4      | 26751 ||| Stepping ~*~*~tactically~*~*~ (outnumbered).
 26753 | D:4      | 26753 ||| Stepping ~*~*~tactically~*~*~ (outnumbered).
 26758 | D:4      | 26758 ||| Stepping ~*~*~tactically~*~*~ (outnumbered).
 26760 | D:4      | 26760 ||| Stepping ~*~*~tactically~*~*~ (outnumbered).
 26762 | D:4      | 26762 ||| Stepping ~*~*~tactically~*~*~ (outnumbered).
 26764 | D:4      | 26764 ||| Stepping ~*~*~tactically~*~*~ (outnumbered).
 26766 | D:4      | 26766 ||| Stepping ~*~*~tactically~*~*~ (outnumbered).
 26768 | D:4      | 26768 ||| Stepping ~*~*~tactically~*~*~ (outnumbered).
 26770 | D:4      | 26770 ||| Stepping ~*~*~tactically~*~*~ (outnumbered).
 26772 | D:4      | 26772 ||| Stepping ~*~*~tactically~*~*~ (outnumbered).
 26776 | D:4      | 26776 ||| Stepping ~*~*~tactically~*~*~ (outnumbered).
 26778 | D:4      | 26778 ||| Stepping ~*~*~tactically~*~*~ (outnumbered).
 26780 | D:4      | 26780 ||| Stepping ~*~*~tactically~*~*~ (outnumbered).
 26782 | D:4      | 26782 ||| Stepping ~*~*~tactically~*~*~ (outnumbered).
 26784 | D:4      | 26784 ||| Stepping ~*~*~tactically~*~*~ (outnumbered).
 26789 | D:4      | 26789 ||| Stepping ~*~*~tactically~*~*~ (outnumbered).
 26793 | D:4      | 26793 ||| Stepping ~*~*~tactically~*~*~ (outnumbered).
 26795 | D:4      | 26795 ||| FLEEEEING.
 26815 | D:4      | 26815 ||| Stepping ~*~*~tactically~*~*~ (outnumbered).
 26817 | D:4      | 26817 ||| FLEEEEING.
 26837 | D:4      | 26837 ||| Stepping ~*~*~tactically~*~*~ (outnumbered).
 26839 | D:4      | 26839 ||| Stepping ~*~*~tactically~*~*~ (outnumbered).
 26841 | D:4      | 26841 ||| Stepping ~*~*~tactically~*~*~ (outnumbered).
 26843 | D:4      | 26843 ||| Stepping ~*~*~tactically~*~*~ (outnumbered).
 26845 | D:4      | 26845 ||| Stepping ~*~*~tactically~*~*~ (outnumbered).
 26847 | D:4      | 26847 ||| Stepping ~*~*~tactically~*~*~ (outnumbered).
 26849 | D:4      | 26849 ||| FLEEEEING.
 26865 | D:4      | Glimpsed the power of Zot.
 26876 | D:4      | 26876 ||| FLEEEEING.
 26896 | D:4      | 26896 ||| Stepping ~*~*~tactically~*~*~ (outnumbered).
 26898 | D:4      | 26898 ||| Stepping ~*~*~tactically~*~*~ (outnumbered).
 26900 | D:4      | 26900 ||| Stepping ~*~*~tactically~*~*~ (outnumbered).
 26902 | D:4      | 26902 ||| Stepping ~*~*~tactically~*~*~ (outnumbered).
 26904 | D:4      | 26904 ||| Stepping ~*~*~tactically~*~*~ (outnumbered).
 26906 | D:4      | 26906 ||| Stepping ~*~*~tactically~*~*~ (outnumbered).
 26908 | D:4      | 26908 ||| Stepping ~*~*~tactically~*~*~ (outnumbered).
 26910 | D:4      | 26910 ||| Stepping ~*~*~tactically~*~*~ (outnumbered).
 26912 | D:4      | 26912 ||| Stepping ~*~*~tactically~*~*~ (outnumbered).
 26914 | D:4      | 26914 ||| Stepping ~*~*~tactically~*~*~ (outnumbered).
 26916 | D:4      | 26916 ||| FLEEEEING.
 26936 | D:4      | 26936 ||| Stepping ~*~*~tactically~*~*~ (outnumbered).
 26938 | D:4      | 26938 ||| Stepping ~*~*~tactically~*~*~ (outnumbered).
 26940 | D:4      | 26940 ||| Stepping ~*~*~tactically~*~*~ (outnumbered).
 26942 | D:4      | 26942 ||| FLEEEEING.
 26963 | D:4      | 26963 ||| Stepping ~*~*~tactically~*~*~ (outnumbered).
 26964 | D:4      | Touched by the power of Zot (MHP 18 -> 12)
 26965 | D:4      | 26965 ||| Stepping ~*~*~tactically~*~*~ (outnumbered).
 26965 | D:4      | Glimpsed the power of Zot.
 26967 | D:4      | 26967 ||| Stepping ~*~*~tactically~*~*~ (outnumbered).
 26969 | D:4      | 26969 ||| Stepping ~*~*~tactically~*~*~ (outnumbered).
 26971 | D:4      | 26971 ||| Stepping ~*~*~tactically~*~*~ (outnumbered).
 26973 | D:4      | 26973 ||| FLEEEEING.
 26994 | D:4      | 26994 ||| Stepping ~*~*~tactically~*~*~ (outnumbered).
 26996 | D:4      | 26996 ||| Stepping ~*~*~tactically~*~*~ (outnumbered).
 26998 | D:4      | 26998 ||| Stepping ~*~*~tactically~*~*~ (outnumbered).
 27000 | D:4      | 27000 ||| Stepping ~*~*~tactically~*~*~ (outnumbered).
 27002 | D:4      | 27002 ||| Stepping ~*~*~tactically~*~*~ (outnumbered).
 27004 | D:4      | 27004 ||| Stepping ~*~*~tactically~*~*~ (outnumbered).
 27006 | D:4      | 27006 ||| FLEEEEING.
 27026 | D:4      | 27026 ||| Stepping ~*~*~tactically~*~*~ (outnumbered).
 27028 | D:4      | 27028 ||| Stepping ~*~*~tactically~*~*~ (outnumbered).
 27031 | D:4      | 27031 ||| Stepping ~*~*~tactically~*~*~ (outnumbered).
 27033 | D:4      | 27033 ||| Stepping ~*~*~tactically~*~*~ (outnumbered).
 27035 | D:4      | 27035 ||| Stepping ~*~*~tactically~*~*~ (outnumbered).
 27037 | D:4      | 27037 ||| Stepping ~*~*~tactically~*~*~ (outnumbered).
 27039 | D:4      | 27039 ||| Stepping ~*~*~tactically~*~*~ (outnumbered).
 27041 | D:4      | 27041 ||| Stepping ~*~*~tactically~*~*~ (outnumbered).
 27043 | D:4      | 27043 ||| Stepping ~*~*~tactically~*~*~ (outnumbered).
 27045 | D:4      | 27045 ||| Stepping ~*~*~tactically~*~*~ (outnumbered).
 27047 | D:4      | 27047 ||| FLEEEEING.
 27076 | D:4      | 27076 ||| Stepping ~*~*~tactically~*~*~ (outnumbered).
 27078 | D:4      | 27078 ||| Stepping ~*~*~tactically~*~*~ (outnumbered).
 27081 | D:4      | 27081 ||| Stepping ~*~*~tactically~*~*~ (outnumbered).
 27083 | D:4      | 27083 ||| Stepping ~*~*~tactically~*~*~ (outnumbered).
 27085 | D:4      | 27085 ||| FLEEEEING.
 27108 | D:4      | 27108 ||| Stepping ~*~*~tactically~*~*~ (outnumbered).
 27110 | D:4      | 27110 ||| Stepping ~*~*~tactically~*~*~ (outnumbered).
 27112 | D:4      | 27112 ||| Stepping ~*~*~tactically~*~*~ (outnumbered).
 27114 | D:4      | 27114 ||| Stepping ~*~*~tactically~*~*~ (outnumbered).
 27116 | D:4      | 27116 ||| Stepping ~*~*~tactically~*~*~ (outnumbered).
 27118 | D:4      | 27118 ||| Stepping ~*~*~tactically~*~*~ (outnumbered).
 27120 | D:4      | 27120 ||| Stepping ~*~*~tactically~*~*~ (outnumbered).
 27122 | D:4      | 27122 ||| Stepping ~*~*~tactically~*~*~ (outnumbered).
 27124 | D:4      | 27124 ||| FLEEEEING.
 27153 | D:4      | 27153 ||| Stepping ~*~*~tactically~*~*~ (outnumbered).
 27155 | D:4      | 27155 ||| Stepping ~*~*~tactically~*~*~ (outnumbered).
 27157 | D:4      | 27157 ||| FLEEEEING.
 27177 | D:4      | 27177 ||| FLEEEEING.
 27208 | D:4      | 27208 ||| Stepping ~*~*~tactically~*~*~ (outnumbered).
 27210 | D:4      | 27210 ||| Stepping ~*~*~tactically~*~*~ (outnumbered).
 27212 | D:4      | 27212 ||| Stepping ~*~*~tactically~*~*~ (outnumbered).
 27214 | D:4      | 27214 ||| FLEEEEING.
 27235 | D:4      | 27235 ||| Stepping ~*~*~tactically~*~*~ (outnumbered).
 27237 | D:4      | 27237 ||| Stepping ~*~*~tactically~*~*~ (outnumbered).
 27239 | D:4      | 27239 ||| Stepping ~*~*~tactically~*~*~ (outnumbered).
 27241 | D:4      | 27241 ||| Stepping ~*~*~tactically~*~*~ (outnumbered).
 27243 | D:4      | 27243 ||| Stepping ~*~*~tactically~*~*~ (outnumbered).
 27249 | D:4      | 27249 ||| Stepping ~*~*~tactically~*~*~ (outnumbered).
 27251 | D:4      | 27251 ||| Stepping ~*~*~tactically~*~*~ (outnumbered).
 27253 | D:4      | 27253 ||| FLEEEEING.
 27276 | D:4      | 27276 ||| Stepping ~*~*~tactically~*~*~ (outnumbered).
 27278 | D:4      | 27278 ||| Stepping ~*~*~tactically~*~*~ (outnumbered).
 27280 | D:4      | 27280 ||| Stepping ~*~*~tactically~*~*~ (outnumbered).
 27282 | D:4      | 27282 ||| Stepping ~*~*~tactically~*~*~ (outnumbered).
 27284 | D:4      | 27284 ||| Stepping ~*~*~tactically~*~*~ (outnumbered).
 27290 | D:4      | 27290 ||| Stepping ~*~*~tactically~*~*~ (outnumbered).
 27292 | D:4      | 27292 ||| Stepping ~*~*~tactically~*~*~ (outnumbered).
 27294 | D:4      | 27294 ||| Stepping ~*~*~tactically~*~*~ (outnumbered).
 27296 | D:4      | 27296 ||| Stepping ~*~*~tactically~*~*~ (outnumbered).
 27298 | D:4      | 27298 ||| FLEEEEING.
 27322 | D:4      | 27322 ||| Stepping ~*~*~tactically~*~*~ (outnumbered).
 27324 | D:4      | 27324 ||| Stepping ~*~*~tactically~*~*~ (outnumbered).
 27326 | D:4      | 27326 ||| FLEEEEING.
 27358 | D:4      | 27358 ||| Stepping ~*~*~tactically~*~*~ (outnumbered).
 27360 | D:4      | 27360 ||| Stepping ~*~*~tactically~*~*~ (outnumbered).
 27362 | D:4      | 27362 ||| Stepping ~*~*~tactically~*~*~ (outnumbered).
 27367 | D:4      | 27367 ||| Stepping ~*~*~tactically~*~*~ (outnumbered).
 27369 | D:4      | 27369 ||| Stepping ~*~*~tactically~*~*~ (outnumbered).
 27371 | D:4      | 27371 ||| Stepping ~*~*~tactically~*~*~ (outnumbered).
 27373 | D:4      | 27373 ||| FLEEEEING.
 27403 | D:4      | 27403 ||| FLEEEEING.
 27431 | D:4      | 27431 ||| Stepping ~*~*~tactically~*~*~ (outnumbered).
 27433 | D:4      | 27433 ||| FLEEEEING.
 27458 | D:4      | 27458 ||| FLEEEEING.
 27465 | D:4      | Glimpsed the power of Zot.
 27481 | D:4      | 27481 ||| Stepping ~*~*~tactically~*~*~ (outnumbered).
 27483 | D:4      | 27483 ||| Stepping ~*~*~tactically~*~*~ (outnumbered).
 27485 | D:4      | 27485 ||| Stepping ~*~*~tactically~*~*~ (outnumbered).
 27487 | D:4      | 27487 ||| FLEEEEING.
 27507 | D:4      | 27507 ||| Stepping ~*~*~tactically~*~*~ (outnumbered).
 27513 | D:4      | 27513 ||| Stepping ~*~*~tactically~*~*~ (outnumbered).
 27515 | D:4      | 27515 ||| Stepping ~*~*~tactically~*~*~ (outnumbered).
 27517 | D:4      | 27517 ||| Stepping ~*~*~tactically~*~*~ (outnumbered).
 27519 | D:4      | 27519 ||| Stepping ~*~*~tactically~*~*~ (outnumbered).
 27521 | D:4      | 27521 ||| Stepping ~*~*~tactically~*~*~ (outnumbered).
 27523 | D:4      | 27523 ||| Stepping ~*~*~tactically~*~*~ (outnumbered).
 27525 | D:4      | 27525 ||| Stepping ~*~*~tactically~*~*~ (outnumbered).
 27527 | D:4      | 27527 ||| Stepping ~*~*~tactically~*~*~ (outnumbered).
 27529 | D:4      | 27529 ||| Stepping ~*~*~tactically~*~*~ (outnumbered).
 27531 | D:4      | 27531 ||| Stepping ~*~*~tactically~*~*~ (outnumbered).
 27533 | D:4      | 27533 ||| Stepping ~*~*~tactically~*~*~ (outnumbered).
 27535 | D:4      | 27535 ||| FLEEEEING.
 27567 | D:4      | 27567 ||| Stepping ~*~*~tactically~*~*~ (outnumbered).
 27569 | D:4      | 27569 ||| Stepping ~*~*~tactically~*~*~ (outnumbered).
 27571 | D:4      | 27571 ||| Stepping ~*~*~tactically~*~*~ (outnumbered).
 27573 | D:4      | 27573 ||| Stepping ~*~*~tactically~*~*~ (outnumbered).
 27575 | D:4      | 27575 ||| Stepping ~*~*~tactically~*~*~ (outnumbered).
 27577 | D:4      | 27577 ||| Stepping ~*~*~tactically~*~*~ (outnumbered).
 27579 | D:4      | 27579 ||| Stepping ~*~*~tactically~*~*~ (outnumbered).
 27581 | D:4      | 27581 ||| FLEEEEING.
 27608 | D:4      | 27608 ||| Stepping ~*~*~tactically~*~*~ (outnumbered).
 27610 | D:4      | 27610 ||| Stepping ~*~*~tactically~*~*~ (outnumbered).
 27612 | D:4      | 27612 ||| Stepping ~*~*~tactically~*~*~ (outnumbered).
 27614 | D:4      | 27614 ||| Stepping ~*~*~tactically~*~*~ (outnumbered).
 27616 | D:4      | 27616 ||| Stepping ~*~*~tactically~*~*~ (outnumbered).
 27618 | D:4      | 27618 ||| Stepping ~*~*~tactically~*~*~ (outnumbered).
 27620 | D:4      | 27620 ||| Stepping ~*~*~tactically~*~*~ (outnumbered).
 27622 | D:4      | 27622 ||| Stepping ~*~*~tactically~*~*~ (outnumbered).
 27624 | D:4      | 27624 ||| FLEEEEING.
 27644 | D:4      | 27644 ||| Stepping ~*~*~tactically~*~*~ (outnumbered).
 27646 | D:4      | 27646 ||| Stepping ~*~*~tactically~*~*~ (outnumbered).
 27648 | D:4      | 27648 ||| Stepping ~*~*~tactically~*~*~ (outnumbered).
 27650 | D:4      | 27650 ||| Stepping ~*~*~tactically~*~*~ (outnumbered).
 27652 | D:4      | 27652 ||| Stepping ~*~*~tactically~*~*~ (outnumbered).
 27654 | D:4      | 27654 ||| Stepping ~*~*~tactically~*~*~ (outnumbered).
 27656 | D:4      | 27656 ||| Stepping ~*~*~tactically~*~*~ (outnumbered).
 27658 | D:4      | 27658 ||| Stepping ~*~*~tactically~*~*~ (outnumbered).
 27663 | D:4      | 27663 ||| Stepping ~*~*~tactically~*~*~ (outnumbered).
 27667 | D:4      | 27667 ||| Stepping ~*~*~tactically~*~*~ (outnumbered).
 27669 | D:4      | 27669 ||| Stepping ~*~*~tactically~*~*~ (outnumbered).
 27671 | D:4      | 27671 ||| Stepping ~*~*~tactically~*~*~ (outnumbered).
 27673 | D:4      | 27673 ||| Stepping ~*~*~tactically~*~*~ (outnumbered).
 27675 | D:4      | 27675 ||| Stepping ~*~*~tactically~*~*~ (outnumbered).
 27677 | D:4      | 27677 ||| Stepping ~*~*~tactically~*~*~ (outnumbered).
 27679 | D:4      | 27679 ||| FLEEEEING.
 27699 | D:4      | 27699 ||| FLEEEEING.
 27719 | D:4      | 27719 ||| Stepping ~*~*~tactically~*~*~ (outnumbered).
 27721 | D:4      | 27721 ||| Stepping ~*~*~tactically~*~*~ (outnumbered).
 27723 | D:4      | 27723 ||| Stepping ~*~*~tactically~*~*~ (outnumbered).
 27725 | D:4      | 27725 ||| FLEEEEING.
 27745 | D:4      | 27745 ||| Stepping ~*~*~tactically~*~*~ (outnumbered).
 27747 | D:4      | 27747 ||| Stepping ~*~*~tactically~*~*~ (outnumbered).
 27749 | D:4      | 27749 ||| Stepping ~*~*~tactically~*~*~ (outnumbered).
 27751 | D:4      | 27751 ||| Stepping ~*~*~tactically~*~*~ (outnumbered).
 27753 | D:4      | 27753 ||| Stepping ~*~*~tactically~*~*~ (outnumbered).
 27755 | D:4      | 27755 ||| FLEEEEING.
 27781 | D:4      | 27781 ||| Stepping ~*~*~tactically~*~*~ (outnumbered).
 27783 | D:4      | 27783 ||| Stepping ~*~*~tactically~*~*~ (outnumbered).
 27785 | D:4      | 27785 ||| Stepping ~*~*~tactically~*~*~ (outnumbered).
 27787 | D:4      | 27787 ||| Stepping ~*~*~tactically~*~*~ (outnumbered).
 27789 | D:4      | 27789 ||| Stepping ~*~*~tactically~*~*~ (outnumbered).
 27791 | D:4      | 27791 ||| FLEEEEING.
 27811 | D:4      | 27811 ||| FLEEEEING.
 27831 | D:4      | 27831 ||| FLEEEEING.
 27858 | D:4      | 27858 ||| Stepping ~*~*~tactically~*~*~ (outnumbered).
 27863 | D:4      | 27863 ||| Stepping ~*~*~tactically~*~*~ (outnumbered).
 27865 | D:4      | 27865 ||| Stepping ~*~*~tactically~*~*~ (outnumbered).
 27865 | D:4      | Glimpsed the power of Zot.
 27867 | D:4      | 27867 ||| Stepping ~*~*~tactically~*~*~ (outnumbered).
 27869 | D:4      | 27869 ||| Stepping ~*~*~tactically~*~*~ (outnumbered).
 27871 | D:4      | 27871 ||| Stepping ~*~*~tactically~*~*~ (outnumbered).
 27873 | D:4      | 27873 ||| Stepping ~*~*~tactically~*~*~ (outnumbered).
 27875 | D:4      | 27875 ||| Stepping ~*~*~tactically~*~*~ (outnumbered).
 27877 | D:4      | 27877 ||| Stepping ~*~*~tactically~*~*~ (outnumbered).
 27879 | D:4      | 27879 ||| Stepping ~*~*~tactically~*~*~ (outnumbered).
 27881 | D:4      | 27881 ||| Stepping ~*~*~tactically~*~*~ (outnumbered).
 27885 | D:4      | 27885 ||| Stepping ~*~*~tactically~*~*~ (outnumbered).
 27887 | D:4      | 27887 ||| Stepping ~*~*~tactically~*~*~ (outnumbered).
 27889 | D:4      | 27889 ||| Stepping ~*~*~tactically~*~*~ (outnumbered).
 27891 | D:4      | 27891 ||| Stepping ~*~*~tactically~*~*~ (outnumbered).
 27893 | D:4      | 27893 ||| FLEEEEING.
 27917 | D:4      | 27917 ||| Stepping ~*~*~tactically~*~*~ (outnumbered).
 27919 | D:4      | 27919 ||| Stepping ~*~*~tactically~*~*~ (outnumbered).
 27921 | D:4      | 27921 ||| Stepping ~*~*~tactically~*~*~ (outnumbered).
 27923 | D:4      | 27923 ||| Stepping ~*~*~tactically~*~*~ (outnumbered).
 27925 | D:4      | 27925 ||| Stepping ~*~*~tactically~*~*~ (outnumbered).
 27927 | D:4      | 27927 ||| Stepping ~*~*~tactically~*~*~ (outnumbered).
 27929 | D:4      | 27929 ||| Stepping ~*~*~tactically~*~*~ (outnumbered).
 27931 | D:4      | 27931 ||| Stepping ~*~*~tactically~*~*~ (outnumbered).
 27933 | D:4      | 27933 ||| Stepping ~*~*~tactically~*~*~ (outnumbered).
 27935 | D:4      | 27935 ||| Stepping ~*~*~tactically~*~*~ (outnumbered).
 27937 | D:4      | 27937 ||| Stepping ~*~*~tactically~*~*~ (outnumbered).
 27939 | D:4      | 27939 ||| Stepping ~*~*~tactically~*~*~ (outnumbered).
 27944 | D:4      | 27944 ||| Stepping ~*~*~tactically~*~*~ (outnumbered).
 27946 | D:4      | 27946 ||| Stepping ~*~*~tactically~*~*~ (outnumbered).
 27948 | D:4      | 27948 ||| Stepping ~*~*~tactically~*~*~ (outnumbered).
 27950 | D:4      | 27950 ||| Stepping ~*~*~tactically~*~*~ (outnumbered).
 27952 | D:4      | 27952 ||| FLEEEEING.
 27964 | D:4      | Touched by the power of Zot (MHP 12 -> 7)
 27965 | D:4      | Glimpsed the power of Zot.
 27972 | D:4      | 27972 ||| Stepping ~*~*~tactically~*~*~ (outnumbered).
 27974 | D:4      | 27974 ||| FLEEEEING.
 27994 | D:4      | 27994 ||| FLEEEEING.
 28014 | D:4      | 28014 ||| Stepping ~*~*~tactically~*~*~ (outnumbered).
 28016 | D:4      | 28016 ||| Stepping ~*~*~tactically~*~*~ (outnumbered).
 28018 | D:4      | 28018 ||| FLEEEEING.
 28038 | D:4      | 28038 ||| Stepping ~*~*~tactically~*~*~ (outnumbered).
 28040 | D:4      | 28040 ||| FLEEEEING.
 28060 | D:4      | 28060 ||| Stepping ~*~*~tactically~*~*~ (outnumbered).
 28062 | D:4      | 28062 ||| Stepping ~*~*~tactically~*~*~ (outnumbered).
 28077 | D:4      | 28077 ||| FLEEEEING.
 28097 | D:4      | 28097 ||| Stepping ~*~*~tactically~*~*~ (outnumbered).
 28099 | D:4      | 28099 ||| Stepping ~*~*~tactically~*~*~ (outnumbered).
 28101 | D:4      | 28101 ||| Stepping ~*~*~tactically~*~*~ (outnumbered).
 28103 | D:4      | 28103 ||| Stepping ~*~*~tactically~*~*~ (outnumbered).
 28105 | D:4      | 28105 ||| Stepping ~*~*~tactically~*~*~ (outnumbered).
 28107 | D:4      | 28107 ||| Stepping ~*~*~tactically~*~*~ (outnumbered).
 28109 | D:4      | 28109 ||| Stepping ~*~*~tactically~*~*~ (outnumbered).
 28111 | D:4      | 28111 ||| Stepping ~*~*~tactically~*~*~ (outnumbered).
 28112 | D:4      | HP: 1/6 [goblin/+0 spear (5)]
 28113 | D:4      | 28113 ||| Stepping ~*~*~tactically~*~*~ (outnumbered).
 28134 | D:4      | 28134 ||| Stepping ~*~*~tactically~*~*~ (outnumbered).
 28136 | D:4      | 28136 ||| Stepping ~*~*~tactically~*~*~ (outnumbered).
 28138 | D:4      | 28138 ||| Stepping ~*~*~tactically~*~*~ (outnumbered).
 28140 | D:4      | 28140 ||| FLEEEEING.
 28160 | D:4      | 28160 ||| Stepping ~*~*~tactically~*~*~ (outnumbered).
 28162 | D:4      | 28162 ||| Stepping ~*~*~tactically~*~*~ (outnumbered).
 28164 | D:4      | 28164 ||| Stepping ~*~*~tactically~*~*~ (outnumbered).
 28166 | D:4      | 28166 ||| Stepping ~*~*~tactically~*~*~ (outnumbered).
 28168 | D:4      | 28168 ||| Stepping ~*~*~tactically~*~*~ (outnumbered).
 28170 | D:4      | 28170 ||| Stepping ~*~*~tactically~*~*~ (outnumbered).
 28172 | D:4      | 28172 ||| Stepping ~*~*~tactically~*~*~ (outnumbered).
 28174 | D:4      | 28174 ||| Stepping ~*~*~tactically~*~*~ (outnumbered).
 28176 | D:4      | 28176 ||| Stepping ~*~*~tactically~*~*~ (outnumbered).
 28178 | D:4      | 28178 ||| Stepping ~*~*~tactically~*~*~ (outnumbered).
 28180 | D:4      | 28180 ||| Stepping ~*~*~tactically~*~*~ (outnumbered).
 28182 | D:4      | 28182 ||| FLEEEEING.
 28202 | D:4      | 28202 ||| Stepping ~*~*~tactically~*~*~ (outnumbered).
 28204 | D:4      | 28204 ||| Stepping ~*~*~tactically~*~*~ (outnumbered).
 28206 | D:4      | 28206 ||| Stepping ~*~*~tactically~*~*~ (outnumbered).
 28208 | D:4      | 28208 ||| Stepping ~*~*~tactically~*~*~ (outnumbered).
 28210 | D:4      | 28210 ||| Stepping ~*~*~tactically~*~*~ (outnumbered).
 28212 | D:4      | 28212 ||| Stepping ~*~*~tactically~*~*~ (outnumbered).
 28214 | D:4      | 28214 ||| Stepping ~*~*~tactically~*~*~ (outnumbered).
 28216 | D:4      | 28216 ||| Stepping ~*~*~tactically~*~*~ (outnumbered).
 28218 | D:4      | 28218 ||| Stepping ~*~*~tactically~*~*~ (outnumbered).
 28220 | D:4      | 28220 ||| Stepping ~*~*~tactically~*~*~ (outnumbered).
 28222 | D:4      | 28222 ||| Stepping ~*~*~tactically~*~*~ (outnumbered).
 28224 | D:4      | 28224 ||| Stepping ~*~*~tactically~*~*~ (outnumbered).
 28226 | D:4      | 28226 ||| Stepping ~*~*~tactically~*~*~ (outnumbered).
 28228 | D:4      | 28228 ||| Stepping ~*~*~tactically~*~*~ (outnumbered).
 28230 | D:4      | 28230 ||| FLEEEEING.
 28250 | D:4      | 28250 ||| Stepping ~*~*~tactically~*~*~ (outnumbered).
 28267 | D:4      | 28267 ||| Stepping ~*~*~tactically~*~*~ (outnumbered).
 28269 | D:4      | 28269 ||| Stepping ~*~*~tactically~*~*~ (outnumbered).
 28271 | D:4      | 28271 ||| Stepping ~*~*~tactically~*~*~ (outnumbered).
 28273 | D:4      | 28273 ||| Stepping ~*~*~tactically~*~*~ (outnumbered).
 28275 | D:4      | 28275 ||| Stepping ~*~*~tactically~*~*~ (outnumbered).
 28277 | D:4      | 28277 ||| Stepping ~*~*~tactically~*~*~ (outnumbered).
 28279 | D:4      | 28279 ||| FLEEEEING.
 28299 | D:4      | 28299 ||| Stepping ~*~*~tactically~*~*~ (outnumbered).
 28301 | D:4      | 28301 ||| Stepping ~*~*~tactically~*~*~ (outnumbered).
 28303 | D:4      | 28303 ||| Stepping ~*~*~tactically~*~*~ (outnumbered).
 28315 | D:4      | 28315 ||| FLEEEEING.
 28335 | D:4      | 28335 ||| Stepping ~*~*~tactically~*~*~ (outnumbered).
 28336 | D:4      | HP: 1/6 [goblin/+0 spear (5)]
 28337 | D:4      | 28337 ||| Stepping ~*~*~tactically~*~*~ (outnumbered).
 28358 | D:4      | 28358 ||| Stepping ~*~*~tactically~*~*~ (outnumbered).
 28360 | D:4      | 28360 ||| Stepping ~*~*~tactically~*~*~ (outnumbered).
 28377 | D:4      | 28377 ||| Stepping ~*~*~tactically~*~*~ (outnumbered).
 28379 | D:4      | 28379 ||| Stepping ~*~*~tactically~*~*~ (outnumbered).
 28381 | D:4      | 28381 ||| Stepping ~*~*~tactically~*~*~ (outnumbered).
 28383 | D:4      | 28383 ||| FLEEEEING.
 28403 | D:4      | 28403 ||| Stepping ~*~*~tactically~*~*~ (outnumbered).
 28405 | D:4      | 28405 ||| Stepping ~*~*~tactically~*~*~ (outnumbered).
 28407 | D:4      | 28407 ||| Stepping ~*~*~tactically~*~*~ (outnumbered).
 28409 | D:4      | 28409 ||| Stepping ~*~*~tactically~*~*~ (outnumbered).
 28411 | D:4      | 28411 ||| Stepping ~*~*~tactically~*~*~ (outnumbered).
 28429 | D:4      | 28429 ||| Stepping ~*~*~tactically~*~*~ (outnumbered).
 28431 | D:4      | 28431 ||| Stepping ~*~*~tactically~*~*~ (outnumbered).
 28433 | D:4      | 28433 ||| Stepping ~*~*~tactically~*~*~ (outnumbered).
 28434 | D:4      | HP: 1/6 [goblin/+0 spear (5)]
 28435 | D:4      | 28435 ||| Stepping ~*~*~tactically~*~*~ (outnumbered).
 28457 | D:4      | HP: 1/6 [goblin/+0 spear (5)]
 28458 | D:4      | 28458 ||| Stepping ~*~*~tactically~*~*~ (outnumbered).
 28465 | D:4      | Glimpsed the power of Zot.
 28481 | D:4      | 28481 ||| FLEEEEING.
 28501 | D:4      | 28501 ||| FLEEEEING.
 28521 | D:4      | 28521 ||| FLEEEEING.
 28541 | D:4      | 28541 ||| Stepping ~*~*~tactically~*~*~ (outnumbered).
 28543 | D:4      | 28543 ||| Stepping ~*~*~tactically~*~*~ (outnumbered).
 28545 | D:4      | 28545 ||| Stepping ~*~*~tactically~*~*~ (outnumbered).
 28547 | D:4      | 28547 ||| Stepping ~*~*~tactically~*~*~ (outnumbered).
 28549 | D:4      | 28549 ||| Stepping ~*~*~tactically~*~*~ (outnumbered).
 28551 | D:4      | 28551 ||| Stepping ~*~*~tactically~*~*~ (outnumbered).
 28553 | D:4      | 28553 ||| Stepping ~*~*~tactically~*~*~ (outnumbered).
 28555 | D:4      | 28555 ||| FLEEEEING.
 28575 | D:4      | 28575 ||| Stepping ~*~*~tactically~*~*~ (outnumbered).
 28577 | D:4      | 28577 ||| Stepping ~*~*~tactically~*~*~ (outnumbered).
 28579 | D:4      | 28579 ||| FLEEEEING.
 28599 | D:4      | 28599 ||| Stepping ~*~*~tactically~*~*~ (outnumbered).
 28601 | D:4      | 28601 ||| Stepping ~*~*~tactically~*~*~ (outnumbered).
 28603 | D:4      | 28603 ||| Stepping ~*~*~tactically~*~*~ (outnumbered).
 28605 | D:4      | 28605 ||| FLEEEEING.
 28624 | D:4      | HP: 1/6 [goblin/+0 spear (5)]
 28625 | D:4      | 28625 ||| Stepping ~*~*~tactically~*~*~ (outnumbered).
 28648 | D:4      | 28648 ||| Stepping ~*~*~tactically~*~*~ (outnumbered).
 28650 | D:4      | 28650 ||| FLEEEEING.
 28670 | D:4      | 28670 ||| Stepping ~*~*~tactically~*~*~ (outnumbered).
 28672 | D:4      | 28672 ||| Stepping ~*~*~tactically~*~*~ (outnumbered).
 28674 | D:4      | 28674 ||| Stepping ~*~*~tactically~*~*~ (outnumbered).
 28676 | D:4      | 28676 ||| FLEEEEING.
 28696 | D:4      | 28696 ||| Stepping ~*~*~tactically~*~*~ (outnumbered).
 28698 | D:4      | 28698 ||| Stepping ~*~*~tactically~*~*~ (outnumbered).
 28700 | D:4      | 28700 ||| FLEEEEING.
 28720 | D:4      | 28720 ||| Stepping ~*~*~tactically~*~*~ (outnumbered).
 28722 | D:4      | 28722 ||| Stepping ~*~*~tactically~*~*~ (outnumbered).
 28724 | D:4      | 28724 ||| Stepping ~*~*~tactically~*~*~ (outnumbered).
 28726 | D:4      | 28726 ||| Stepping ~*~*~tactically~*~*~ (outnumbered).
 28728 | D:4      | 28728 ||| FLEEEEING.
 28748 | D:4      | 28748 ||| Stepping ~*~*~tactically~*~*~ (outnumbered).
 28750 | D:4      | 28750 ||| Stepping ~*~*~tactically~*~*~ (outnumbered).
 28752 | D:4      | 28752 ||| Stepping ~*~*~tactically~*~*~ (outnumbered).
 28754 | D:4      | 28754 ||| Stepping ~*~*~tactically~*~*~ (outnumbered).
 28756 | D:4      | 28756 ||| Stepping ~*~*~tactically~*~*~ (outnumbered).
 28758 | D:4      | 28758 ||| Stepping ~*~*~tactically~*~*~ (outnumbered).
 28760 | D:4      | 28760 ||| Stepping ~*~*~tactically~*~*~ (outnumbered).
 28762 | D:4      | 28762 ||| Stepping ~*~*~tactically~*~*~ (outnumbered).
 28764 | D:4      | 28764 ||| Stepping ~*~*~tactically~*~*~ (outnumbered).
 28766 | D:4      | 28766 ||| Stepping ~*~*~tactically~*~*~ (outnumbered).
 28768 | D:4      | 28768 ||| Stepping ~*~*~tactically~*~*~ (outnumbered).
 28770 | D:4      | 28770 ||| Stepping ~*~*~tactically~*~*~ (outnumbered).
 28772 | D:4      | 28772 ||| Stepping ~*~*~tactically~*~*~ (outnumbered).
 28774 | D:4      | 28774 ||| Stepping ~*~*~tactically~*~*~ (outnumbered).
 28776 | D:4      | 28776 ||| Stepping ~*~*~tactically~*~*~ (outnumbered).
 28778 | D:4      | 28778 ||| FLEEEEING.
 28798 | D:4      | 28798 ||| Stepping ~*~*~tactically~*~*~ (outnumbered).
 28800 | D:4      | 28800 ||| Stepping ~*~*~tactically~*~*~ (outnumbered).
 28802 | D:4      | 28802 ||| Stepping ~*~*~tactically~*~*~ (outnumbered).
 28804 | D:4      | 28804 ||| FLEEEEING.
 28824 | D:4      | 28824 ||| FLEEEEING.
 28844 | D:4      | 28844 ||| Stepping ~*~*~tactically~*~*~ (outnumbered).
 28846 | D:4      | 28846 ||| Stepping ~*~*~tactically~*~*~ (outnumbered).
 28848 | D:4      | 28848 ||| Stepping ~*~*~tactically~*~*~ (outnumbered).
 28850 | D:4      | 28850 ||| Stepping ~*~*~tactically~*~*~ (outnumbered).
 28852 | D:4      | 28852 ||| Stepping ~*~*~tactically~*~*~ (outnumbered).
 28854 | D:4      | 28854 ||| Stepping ~*~*~tactically~*~*~ (outnumbered).
 28856 | D:4      | 28856 ||| Stepping ~*~*~tactically~*~*~ (outnumbered).
 28858 | D:4      | 28858 ||| Stepping ~*~*~tactically~*~*~ (outnumbered).
 28860 | D:4      | 28860 ||| Stepping ~*~*~tactically~*~*~ (outnumbered).
 28862 | D:4      | 28862 ||| Stepping ~*~*~tactically~*~*~ (outnumbered).
 28864 | D:4      | 28864 ||| Stepping ~*~*~tactically~*~*~ (outnumbered).
 28865 | D:4      | Glimpsed the power of Zot.
 28866 | D:4      | 28866 ||| Stepping ~*~*~tactically~*~*~ (outnumbered).
 28868 | D:4      | 28868 ||| FLEEEEING.
 28888 | D:4      | 28888 ||| Stepping ~*~*~tactically~*~*~ (outnumbered).
 28890 | D:4      | 28890 ||| Stepping ~*~*~tactically~*~*~ (outnumbered).
 28892 | D:4      | 28892 ||| Stepping ~*~*~tactically~*~*~ (outnumbered).
 28894 | D:4      | 28894 ||| Stepping ~*~*~tactically~*~*~ (outnumbered).
 28896 | D:4      | 28896 ||| FLEEEEING.
 28916 | D:4      | 28916 ||| Stepping ~*~*~tactically~*~*~ (outnumbered).
 28929 | D:4      | 28929 ||| Stepping ~*~*~tactically~*~*~ (outnumbered).
 28931 | D:4      | 28931 ||| Stepping ~*~*~tactically~*~*~ (outnumbered).
 28933 | D:4      | 28933 ||| Stepping ~*~*~tactically~*~*~ (outnumbered).
 28935 | D:4      | 28935 ||| Stepping ~*~*~tactically~*~*~ (outnumbered).
 28937 | D:4      | 28937 ||| Stepping ~*~*~tactically~*~*~ (outnumbered).
 28939 | D:4      | 28939 ||| Stepping ~*~*~tactically~*~*~ (outnumbered).
 28941 | D:4      | 28941 ||| Stepping ~*~*~tactically~*~*~ (outnumbered).
 28958 | D:4      | 28958 ||| Stepping ~*~*~tactically~*~*~ (outnumbered).
 28960 | D:4      | 28960 ||| Stepping ~*~*~tactically~*~*~ (outnumbered).
 28962 | D:4      | 28962 ||| Stepping ~*~*~tactically~*~*~ (outnumbered).
 28964 | D:4      | 28964 ||| Stepping ~*~*~tactically~*~*~ (outnumbered).
 28964 | D:4      | Touched by the power of Zot (MHP 6 -> 2)
 28965 | D:4      | Glimpsed the power of Zot.
 28966 | D:4      | 28966 ||| Stepping ~*~*~tactically~*~*~ (outnumbered).
 28968 | D:4      | 28968 ||| Stepping ~*~*~tactically~*~*~ (outnumbered).
 28969 | D:4      | Slain by a goblin

Levels and vault maps discovered:
D:1:      eino_arrival_water_star, layout_basic,
          dreamdust_ecumenical_altar_hidden_monk_grotto, minmay_hexomino_c4
D:2:      layout_basic, hex_large
D:3:      layout_loops_ring, amcnicky_altar_gilded,
          chequers_serial_rivers_room_b
D:4:      layout_loops_ring, kennysheep_okawaru_gauntlet, solitary_fountain,
          minivault_24

Skill      XL: |  1  2  3  4  5 |
---------------+----------------+-----
Ranged Weapons | 5 6 7 |  7.3
Fighting       | 3 4 |  4.0
Dodging        | |  2.1
Stealth        | |  0.7

Action                     |  1- 3 |  4- 6 || total
---------------------------+-------+-------++-------
   Fire: Shortbow          |   118 |   125 ||   243
    Use: Scroll            |     5 |     6 ||    11
         Potion            |       |     1 ||     1
 Armour: Leather armour    |    14 |  2015 ||  2029
  Dodge: Dodged            |    36 |  3236 ||  3272
  Block: Other             |     3 |     1 ||     4

Table legend:
 A = Non-vault XP
 B = Vault XP
 C = Vault XP percentage of total XP
 D = Non-vault monster count
 E = Vault monster count
 F = Vault count percentage of total count
                 A         B        C        D         E       F
            +---------+---------+-------+---------+---------+-------
      Total |     348 |      13 |   3.6 |      78 |       7 |   8.2
            +---------+---------+-------+---------+---------+-------
        D:1 |      54 |      13 |  19.4 |      23 |       7 |  23.3
        D:2 |      49 |       0 |   0.0 |      17 |       0 |   0.0
        D:3 |      90 |       0 |   0.0 |      23 |       0 |   0.0
        D:4 |     155 |       0 |   0.0 |      15 |       0 |   0.0
            +---------+---------+-------+---------+---------+-------
